Workbook

Sheet 別記第1号様式(交付申請)
B1: 別記第１号様式
X3: 令和 | AB3: 年 月 日
C6: 東京都知事 殿
N8: 主たる事務所の所在地
N10: 法人名
M11: 代表者職氏名 | AH11: 印
G14: 令和６年度障害者施設等物価高騰対策支援金交付申請書
C17: 標記の支援金について、下記のとおり申請します。
S19: 記
C21: １ | E21: 申請額 金 | O21: =IFERROR(SUM('別紙1 事業計画書'!92:92),"") -> 0 | X21: 円
C24: ２ | E24: 添付書類
C35: 連絡先 | H35: 担当部署
H36: 担当者
H37: 電 話
H38: e-mail

Sheet 別紙1 事業計画書
B1: 別紙1 | Q1: 別紙1-2 | AF1: 別紙1-3 | AU1: 別紙1-4 | BJ1: 別紙1-5 | BY1: 別紙1-6 | CN1: 別紙1-7 | DC1: 別紙1-8 | DR1: 別紙1-9 | EG1: 別紙1-10 | EV1: 別紙1-11 | FK1: 別紙1-12 | FZ1: 別紙1-13 | GO1: 別紙1-14 | HD1: 別紙1-15 | HS1: 別紙1-16 | IH1: 別紙1-17 | IW1: 別紙1-18 | JL1: 別紙1-19 | KA1: 別紙1-20 | KP1: 別紙1-21 | LE1: 別紙1-22 | LT1: 別紙1-23 | MI1: 別紙1-24 | MX1: 別紙1-25 | NM1: 別紙1-26 | OB1: 別紙1-27 | OQ1: 別紙1-28 | PF1: 別紙1-29 | PU1: 別紙1-30
L2: 法人名 | M2: =IFERROR('別記第1号様式(交付申請)'!$R$10,"") -> 0 | AA2: 法人名 | AB2: =IFERROR('別記第1号様式(交付申請)'!$R$10,"") -> 0 | AP2: 法人名 | AQ2: =IFERROR('別記第1号様式(交付申請)'!$R$10,"") -> 0 | BE2: 法人名 | BF2: =IFERROR('別記第1号様式(交付申請)'!$R$10,"") -> 0 | BT2: 法人名 | BU2: =IFERROR('別記第1号様式(交付申請)'!$R$10,"") -> 0 | CI2: 法人名 | CJ2: =IFERROR('別記第1号様式(交付申請)'!$R$10,"") -> 0 | CX2: 法人名 | CY2: =IFERROR('別記第1号様式(交付申請)'!$R$10,"") -> 0 | DM2: 法人名 | DN2: =IFERROR('別記第1号様式(交付申請)'!$R$10,"") -> 0 | EB2: 法人名 | EC2: =IFERROR('別記第1号様式(交付申請)'!$R$10,"") -> 0 | EQ2: 法人名 | ER2: =IFERROR('別記第1号様式(交付申請)'!$R$10,"") -> 0 | FF2: 法人名 | FG2: =IFERROR('別記第1号様式(交付申請)'!$R$10,"") -> 0 | FU2: 法人名 | FV2: =IFERROR('別記第1号様式(交付申請)'!$R$10,"") -> 0 | GJ2: 法人名 | GK2: =IFERROR('別記第1号様式(交付申請)'!$R$10,"") -> 0 | GY2: 法人名 | GZ2: =IFERROR('別記第1号様式(交付申請)'!$R$10,"") -> 0 | HN2: 法人名 | HO2: =IFERROR('別記第1号様式(交付申請)'!$R$10,"") -> 0 | IC2: 法人名 | ID2: =IFERROR('別記第1号様式(交付申請)'!$R$10,"") -> 0 | IR2: 法人名 | IS2: =IFERROR('別記第1号様式(交付申請)'!$R$10,"") -> 0 | JG2: 法人名 | JH2: =IFERROR('別記第1号様式(交付申請)'!$R$10,"") -> 0 | JV2: 法人名 | JW2: =IFERROR('別記第1号様式(交付申請)'!$R$10,"") -> 0 | KK2: 法人名 | KL2: =IFERROR('別記第1号様式(交付申請)'!$R$10,"") -> 0 | KZ2: 法人名 | LA2: =IFERROR('別記第1号様式(交付申請)'!$R$10,"") -> 0 | LO2: 法人名 | LP2: =IFERROR('別記第1号様式(交付申請)'!$R$10,"") -> 0 | MD2: 法人名 | ME2: =IFERROR('別記第1号様式(交付申請)'!$R$10,"") -> 0 | MS2: 法人名 | MT2: =IFERROR('別記第1号様式(交付申請)'!$R$10,"") -> 0 | NH2: 法人名 | NI2: =IFERROR('別記第1号様式(交付申請)'!$R$10,"") -> 0 | NW2: 法人名 | NX2: =IFERROR('別記第1号様式(交付申請)'!$R$10,"") -> 0 | OL2: 法人名 | OM2: =IFERROR('別記第1号様式(交付申請)'!$R$10,"") -> 0 | PA2: 法人名 | PB2: =IFERROR('別記第1号様式(交付申請)'!$R$10,"") -> 0 | PP2: 法人名 | PQ2: =IFERROR('別記第1号様式(交付申請)'!$R$10,"") -> 0 | QE2: 法人名 | QF2: =IFERROR('別記第1号様式(交付申請)'!$R$10,"") -> 0
L3: 法人番号 | AA3: 法人番号 | AB3: =$M$3 -> 0 | AP3: 法人番号 | AQ3: =$M$3 -> 0 | BE3: 法人番号 | BF3: =$M$3 -> 0 | BT3: 法人番号 | BU3: =$M$3 -> 0 | CI3: 法人番号 | CJ3: =$M$3 -> 0 | CX3: 法人番号 | CY3: =$M$3 -> 0 | DM3: 法人番号 | DN3: =$M$3 -> 0 | EB3: 法人番号 | EC3: =$M$3 -> 0 | EQ3: 法人番号 | ER3: =$M$3 -> 0 | FF3: 法人番号 | FG3: =$M$3 -> 0 | FU3: 法人番号 | FV3: =$M$3 -> 0 | GJ3: 法人番号 | GK3: =$M$3 -> 0 | GY3: 法人番号 | GZ3: =$M$3 -> 0 | HN3: 法人番号 | HO3: =$M$3 -> 0 | IC3: 法人番号 | ID3: =$M$3 -> 0 | IR3: 法人番号 | IS3: =$M$3 -> 0 | JG3: 法人番号 | JH3: =$M$3 -> 0 | JV3: 法人番号 | JW3: =$M$3 -> 0 | KK3: 法人番号 | KL3: =$M$3 -> 0 | KZ3: 法人番号 | LA3: =$M$3 -> 0 | LO3: 法人番号 | LP3: =$M$3 -> 0 | MD3: 法人番号 | ME3: =$M$3 -> 0 | MS3: 法人番号 | MT3: =$M$3 -> 0 | NH3: 法人番号 | NI3: =$M$3 -> 0 | NW3: 法人番号 | NX3: =$M$3 -> 0 | OL3: 法人番号 | OM3: =$M$3 -> 0 | PA3: 法人番号 | PB3: =$M$3 -> 0 | PP3: 法人番号 | PQ3: =$M$3 -> 0 | QE3: 法人番号 | QF3: =$M$3 -> 0
K4: 施設等の名称 | Z4: 施設等の名称 | AO4: 施設等の名称 | BD4: 施設等の名称 | BS4: 施設等の名称 | CH4: 施設等の名称 | CW4: 施設等の名称 | DL4: 施設等の名称 | EA4: 施設等の名称 | EP4: 施設等の名称 | FE4: 施設等の名称 | FT4: 施設等の名称 | GI4: 施設等の名称 | GX4: 施設等の名称 | HM4: 施設等の名称 | IB4: 施設等の名称 | IQ4: 施設等の名称 | JF4: 施設等の名称 | JU4: 施設等の名称 | KJ4: 施設等の名称 | KY4: 施設等の名称 | LN4: 施設等の名称 | MC4: 施設等の名称 | MR4: 施設等の名称 | NG4: 施設等の名称 | NV4: 施設等の名称 | OK4: 施設等の名称 | OZ4: 施設等の名称 | PO4: 施設等の名称 | QD4: 施設等の名称
L5: 施設種別 | AA5: 施設種別 | AP5: 施設種別 | BE5: 施設種別 | BT5: 施設種別 | CI5: 施設種別 | CX5: 施設種別 | DM5: 施設種別 | EB5: 施設種別 | EQ5: 施設種別 | FF5: 施設種別 | FU5: 施設種別 | GJ5: 施設種別 | GY5: 施設種別 | HN5: 施設種別 | IC5: 施設種別 | IR5: 施設種別 | JG5: 施設種別 | JV5: 施設種別 | KK5: 施設種別 | KZ5: 施設種別 | LO5: 施設種別 | MD5: 施設種別 | MS5: 施設種別 | NH5: 施設種別 | NW5: 施設種別 | OL5: 施設種別 | PA5: 施設種別 | PP5: 施設種別 | QE5: 施設種別
L6: 事業所番号 | AA6: 事業所番号 | AP6: 事業所番号 | BE6: 事業所番号 | BT6: 事業所番号 | CI6: 事業所番号 | CX6: 事業所番号 | DM6: 事業所番号 | EB6: 事業所番号 | EQ6: 事業所番号 | FF6: 事業所番号 | FU6: 事業所番号 | GJ6: 事業所番号 | GY6: 事業所番号 | HN6: 事業所番号 | IC6: 事業所番号 | IR6: 事業所番号 | JG6: 事業所番号 | JV6: 事業所番号 | KK6: 事業所番号 | KZ6: 事業所番号 | LO6: 事業所番号 | MD6: 事業所番号 | MS6: 事業所番号 | NH6: 事業所番号 | NW6: 事業所番号 | OL6: 事業所番号 | PA6: 事業所番号 | PP6: 事業所番号 | QE6: 事業所番号
F7: 事業計画書（所要額調書） | U7: 事業計画書（所要額調書） | AJ7: 事業計画書（所要額調書） | AY7: 事業計画書（所要額調書） | BN7: 事業計画書（所要額調書） | CC7: 事業計画書（所要額調書） | CR7: 事業計画書（所要額調書） | DG7: 事業計画書（所要額調書） | DV7: 事業計画書（所要額調書） | EK7: 事業計画書（所要額調書） | EZ7: 事業計画書（所要額調書） | FO7: 事業計画書（所要額調書） | GD7: 事業計画書（所要額調書） | GS7: 事業計画書（所要額調書） | HH7: 事業計画書（所要額調書） | HW7: 事業計画書（所要額調書） | IL7: 事業計画書（所要額調書） | JA7: 事業計画書（所要額調書） | JP7: 事業計画書（所要額調書） | KE7: 事業計画書（所要額調書） | KT7: 事業計画書（所要額調書） | LI7: 事業計画書（所要額調書） | LX7: 事業計画書（所要額調書） | MM7: 事業計画書（所要額調書） | NB7: 事業計画書（所要額調書） | NQ7: 事業計画書（所要額調書） | OF7: 事業計画書（所要額調書） | OU7: 事業計画書（所要額調書） | PJ7: 事業計画書（所要額調書） | PY7: 事業計画書（所要額調書）
N9: （円） | AC9: （円） | AR9: （円） | BG9: （円） | BV9: （円） | CK9: （円） | CZ9: （円） | DO9: （円） | ED9: （円） | ES9: （円） | FH9: （円） | FW9: （円） | GL9: （円） | HA9: （円） | HP9: （円） | IE9: （円） | IT9: （円） | JI9: （円） | JX9: （円） | KM9: （円） | LB9: （円） | LQ9: （円） | MF9: （円） | MU9: （円） | NJ9: （円） | NY9: （円） | ON9: （円） | PC9: （円） | PR9: （円） | QG9: （円）
C10: （A）基準額 | G10: （B）補助率 | K10: （C）積算額 | R10: （A）基準額 | V10: （B）補助率 | Z10: （C）積算額 | AG10: （A）基準額 | AK10: （B）補助率 | AO10: （C）積算額 | AV10: （A）基準額 | AZ10: （B）補助率 | BD10: （C）積算額 | BK10: （A）基準額 | BO10: （B）補助率 | BS10: （C）積算額 | BZ10: （A）基準額 | CD10: （B）補助率 | CH10: （C）積算額 | CO10: （A）基準額 | CS10: （B）補助率 | CW10: （C）積算額 | DD10: （A）基準額 | DH10: （B）補助率 | DL10: （C）積算額 | DS10: （A）基準額 | DW10: （B）補助率 | EA10: （C）積算額 | EH10: （A）基準額 | EL10: （B）補助率 | EP10: （C）積算額 | EW10: （A）基準額 | FA10: （B）補助率 | FE10: （C）積算額 | FL10: （A）基準額 | FP10: （B）補助率 | FT10: （C）積算額 | GA10: （A）基準額 | GE10: （B）補助率 | GI10: （C）積算額 | GP10: （A）基準額 | GT10: （B）補助率 | GX10: （C）積算額 | HE10: （A）基準額 | HI10: （B）補助率 | HM10: （C）積算額 | HT10: （A）基準額 | HX10: （B）補助率 | IB10: （C）積算額 | II10: （A）基準額 | IM10: （B）補助率 | IQ10: （C）積算額 | IX10: （A）基準額 | JB10: （B）補助率 | JF10: （C）積算額 | JM10: （A）基準額 | JQ10: （B）補助率 | JU10: （C）積算額 | KB10: （A）基準額 | KF10: （B）補助率 | KJ10: （C）積算額 | KQ10: （A）基準額 | KU10: （B）補助率 | KY10: （C）積算額 | LF10: （A）基準額 | LJ10: （B）補助率 | LN10: （C）積算額 | LU10: （A）基準額 | LY10: （B）補助率 | MC10: （C）積算額 | MJ10: （A）基準額 | MN10: （B）補助率 | MR10: （C）積算額 | MY10: （A）基準額 | NC10: （B）補助率 | NG10: （C）積算額 | NN10: （A）基準額 | NR10: （B）補助率 | NV10: （C）積算額 | OC10: （A）基準額 | OG10: （B）補助率 | OK10: （C）積算額 | OR10: （A）基準額 | OV10: （B）補助率 | OZ10: （C）積算額 | PG10: （A）基準額 | PK10: （B）補助率 | PO10: （C）積算額 | PV10: （A）基準額 | PZ10: （B）補助率 | QD10: （C）積算額
C11: =IFERROR(VLOOKUP(I64,'別紙1 事業計画書'!C$37:D$62,2,FALSE),"") | G11: 1 | K11: =IFERROR(C11*G11,"") | R11: =IFERROR(VLOOKUP(X64,'別紙1 事業計画書'!R$37:S$62,2,FALSE),"") | V11: 1 | Z11: =IFERROR(R11*V11,"") | AG11: =IFERROR(VLOOKUP(AM64,'別紙1 事業計画書'!AG$37:AH$62,2,FALSE),"") | AK11: 1 | AO11: =IFERROR(AG11*AK11,"") | AV11: =IFERROR(VLOOKUP(BB64,'別紙1 事業計画書'!AV$37:AW$62,2,FALSE),"") | AZ11: 1 | BD11: =IFERROR(AV11*AZ11,"") | BK11: =IFERROR(VLOOKUP(BQ64,'別紙1 事業計画書'!BK$37:BL$62,2,FALSE),"") | BO11: 1 | BS11: =IFERROR(BK11*BO11,"") | BZ11: =IFERROR(VLOOKUP(CF64,'別紙1 事業計画書'!BZ$37:CA$62,2,FALSE),"") | CD11: 1 | CH11: =IFERROR(BZ11*CD11,"") | CO11: =IFERROR(VLOOKUP(CU64,'別紙1 事業計画書'!CO$37:CP$62,2,FALSE),"") | CS11: 1 | CW11: =IFERROR(CO11*CS11,"") | DD11: =IFERROR(VLOOKUP(DJ64,'別紙1 事業計画書'!DD$37:DE$62,2,FALSE),"") | DH11: 1 | DL11: =IFERROR(DD11*DH11,"") | DS11: =IFERROR(VLOOKUP(DY64,'別紙1 事業計画書'!DS$37:DT$62,2,FALSE),"") | DW11: 1 | EA11: =IFERROR(DS11*DW11,"") | EH11: =IFERROR(VLOOKUP(EN64,'別紙1 事業計画書'!EH$37:EI$62,2,FALSE),"") | EL11: 1 | EP11: =IFERROR(EH11*EL11,"") | EW11: =IFERROR(VLOOKUP(FC64,'別紙1 事業計画書'!EW$37:EX$62,2,FALSE),"") | FA11: 1 | FE11: =IFERROR(EW11*FA11,"") | FL11: =IFERROR(VLOOKUP(FR64,'別紙1 事業計画書'!FL$37:FM$62,2,FALSE),"") | FP11: 1 | FT11: =IFERROR(FL11*FP11,"") | GA11: =IFERROR(VLOOKUP(GG64,'別紙1 事業計画書'!GA$37:GB$62,2,FALSE),"") | GE11: 1 | GI11: =IFERROR(GA11*GE11,"") | GP11: =IFERROR(VLOOKUP(GV64,'別紙1 事業計画書'!GP$37:GQ$62,2,FALSE),"") | GT11: 1 | GX11: =IFERROR(GP11*GT11,"") | HE11: =IFERROR(VLOOKUP(HK64,'別紙1 事業計画書'!HE$37:HF$62,2,FALSE),"") | HI11: 1 | HM11: =IFERROR(HE11*HI11,"") | HT11: =IFERROR(VLOOKUP(HZ64,'別紙1 事業計画書'!HT$37:HU$62,2,FALSE),"") | HX11: 1 | IB11: =IFERROR(HT11*HX11,"") | II11: =IFERROR(VLOOKUP(IO64,'別紙1 事業計画書'!II$37:IJ$62,2,FALSE),"") | IM11: 1 | IQ11: =IFERROR(II11*IM11,"") | IX11: =IFERROR(VLOOKUP(JD64,'別紙1 事業計画書'!IX$37:IY$62,2,FALSE),"") | JB11: 1 | JF11: =IFERROR(IX11*JB11,"") | JM11: =IFERROR(VLOOKUP(JS64,'別紙1 事業計画書'!JM$37:JN$62,2,FALSE),"") | JQ11: 1 | JU11: =IFERROR(JM11*JQ11,"") | KB11: =IFERROR(VLOOKUP(KH64,'別紙1 事業計画書'!KB$37:KC$62,2,FALSE),"") | KF11: 1 | KJ11: =IFERROR(KB11*KF11,"") | KQ11: =IFERROR(VLOOKUP(KW64,'別紙1 事業計画書'!KQ$37:KR$62,2,FALSE),"") | KU11: 1 | KY11: =IFERROR(KQ11*KU11,"") | LF11: =IFERROR(VLOOKUP(LL64,'別紙1 事業計画書'!LF$37:LG$62,2,FALSE),"") | LJ11: 1 | LN11: =IFERROR(LF11*LJ11,"") | LU11: =IFERROR(VLOOKUP(MA64,'別紙1 事業計画書'!LU$37:LV$62,2,FALSE),"") | LY11: 1 | MC11: =IFERROR(LU11*LY11,"") | MJ11: =IFERROR(VLOOKUP(MP64,'別紙1 事業計画書'!MJ$37:MK$62,2,FALSE),"") | MN11: 1 | MR11: =IFERROR(MJ11*MN11,"") | MY11: =IFERROR(VLOOKUP(NE64,'別紙1 事業計画書'!MY$37:MZ$62,2,FALSE),"") | NC11: 1 | NG11: =IFERROR(MY11*NC11,"") | NN11: =IFERROR(VLOOKUP(NT64,'別紙1 事業計画書'!NN$37:NO$62,2,FALSE),"") | NR11: 1 | NV11: =IFERROR(NN11*NR11,"") | OC11: =IFERROR(VLOOKUP(OI64,'別紙1 事業計画書'!OC$37:OD$62,2,FALSE),"") | OG11: 1 | OK11: =IFERROR(OC11*OG11,"") | OR11: =IFERROR(VLOOKUP(OX64,'別紙1 事業計画書'!OR$37:OS$62,2,FALSE),"") | OV11: 1 | OZ11: =IFERROR(OR11*OV11,"") | PG11: =IFERROR(VLOOKUP(PM64,'別紙1 事業計画書'!PG$37:PH$62,2,FALSE),"") | PK11: 1 | PO11: =IFERROR(PG11*PK11,"") | PV11: =IFERROR(VLOOKUP(QB64,'別紙1 事業計画書'!PV$37:PW$62,2,FALSE),"") | PZ11: 1 | QD11: =IFERROR(PV11*PZ11,"")
C13: =IFERROR(VLOOKUP(I64,'別紙1 事業計画書'!$C$37:$E$62,3,FALSE),"①") -> ① | R13: =IFERROR(VLOOKUP(X64,'別紙1 事業計画書'!$C$37:$E$62,3,FALSE),"①") -> ① | AG13: =IFERROR(VLOOKUP(AM64,'別紙1 事業計画書'!$C$37:$E$62,3,FALSE),"①") -> ① | AV13: =IFERROR(VLOOKUP(BB64,'別紙1 事業計画書'!$C$37:$E$62,3,FALSE),"①") -> ① | BK13: =IFERROR(VLOOKUP(BQ64,'別紙1 事業計画書'!$C$37:$E$62,3,FALSE),"①") -> ① | BZ13: =IFERROR(VLOOKUP(CF64,'別紙1 事業計画書'!$C$37:$E$62,3,FALSE),"①") -> ① | CO13: =IFERROR(VLOOKUP(CU64,'別紙1 事業計画書'!$C$37:$E$62,3,FALSE),"①") -> ① | DD13: =IFERROR(VLOOKUP(DJ64,'別紙1 事業計画書'!$C$37:$E$62,3,FALSE),"①") -> ① | DS13: =IFERROR(VLOOKUP(DY64,'別紙1 事業計画書'!$C$37:$E$62,3,FALSE),"①") -> ① | EH13: =IFERROR(VLOOKUP(EN64,'別紙1 事業計画書'!$C$37:$E$62,3,FALSE),"①") -> ① | EW13: =IFERROR(VLOOKUP(FC64,'別紙1 事業計画書'!$C$37:$E$62,3,FALSE),"①") -> ① | FL13: =IFERROR(VLOOKUP(FR64,'別紙1 事業計画書'!$C$37:$E$62,3,FALSE),"①") -> ① | GA13: =IFERROR(VLOOKUP(GG64,'別紙1 事業計画書'!$C$37:$E$62,3,FALSE),"①") -> ① | GP13: =IFERROR(VLOOKUP(GV64,'別紙1 事業計画書'!$C$37:$E$62,3,FALSE),"①") -> ① | HE13: =IFERROR(VLOOKUP(HK64,'別紙1 事業計画書'!$C$37:$E$62,3,FALSE),"①") -> ① | HT13: =IFERROR(VLOOKUP(HZ64,'別紙1 事業計画書'!$C$37:$E$62,3,FALSE),"①") -> ① | II13: =IFERROR(VLOOKUP(IO64,'別紙1 事業計画書'!$C$37:$E$62,3,FALSE),"①") -> ① | IX13: =IFERROR(VLOOKUP(JD64,'別紙1 事業計画書'!$C$37:$E$62,3,FALSE),"①") -> ① | JM13: =IFERROR(VLOOKUP(JS64,'別紙1 事業計画書'!$C$37:$E$62,3,FALSE),"①") -> ① | KB13: =IFERROR(VLOOKUP(KH64,'別紙1 事業計画書'!$C$37:$E$62,3,FALSE),"①") -> ① | KQ13: =IFERROR(VLOOKUP(KW64,'別紙1 事業計画書'!$C$37:$E$62,3,FALSE),"①") -> ① | LF13: =IFERROR(VLOOKUP(LL64,'別紙1 事業計画書'!$C$37:$E$62,3,FALSE),"①") -> ① | LU13: =IFERROR(VLOOKUP(MA64,'別紙1 事業計画書'!$C$37:$E$62,3,FALSE),"①") -> ① | MJ13: =IFERROR(VLOOKUP(MP64,'別紙1 事業計画書'!$C$37:$E$62,3,FALSE),"①") -> ① | MY13: =IFERROR(VLOOKUP(NE64,'別紙1 事業計画書'!$C$37:$E$62,3,FALSE),"①") -> ① | NN13: =IFERROR(VLOOKUP(NT64,'別紙1 事業計画書'!$C$37:$E$62,3,FALSE),"①") -> ① | OC13: =IFERROR(VLOOKUP(OI64,'別紙1 事業計画書'!$C$37:$E$62,3,FALSE),"①") -> ① | OR13: =IFERROR(VLOOKUP(OX64,'別紙1 事業計画書'!$C$37:$E$62,3,FALSE),"①") -> ① | PG13: =IFERROR(VLOOKUP(PM64,'別紙1 事業計画書'!$C$37:$E$62,3,FALSE),"①") -> ① | PV13: =IFERROR(VLOOKUP(QB64,'別紙1 事業計画書'!$C$37:$E$62,3,FALSE),"①") -> ①
C18: =IFERROR(VLOOKUP(I64,'別紙1 事業計画書'!$C$37:$G$62,5,FALSE),"error") -> error | R18: =IFERROR(VLOOKUP(X64,'別紙1 事業計画書'!$C$37:$G$62,5,FALSE),"error") -> error | AG18: =IFERROR(VLOOKUP(AM64,'別紙1 事業計画書'!$C$37:$G$62,5,FALSE),"error") -> error | AV18: =IFERROR(VLOOKUP(BB64,'別紙1 事業計画書'!$C$37:$G$62,5,FALSE),"error") -> error | BK18: =IFERROR(VLOOKUP(BQ64,'別紙1 事業計画書'!$C$37:$G$62,5,FALSE),"error") -> error | BZ18: =IFERROR(VLOOKUP(CF64,'別紙1 事業計画書'!$C$37:$G$62,5,FALSE),"error") -> error | CO18: =IFERROR(VLOOKUP(CU64,'別紙1 事業計画書'!$C$37:$G$62,5,FALSE),"error") -> error | DD18: =IFERROR(VLOOKUP(DJ64,'別紙1 事業計画書'!$C$37:$G$62,5,FALSE),"error") -> error | DS18: =IFERROR(VLOOKUP(DY64,'別紙1 事業計画書'!$C$37:$G$62,5,FALSE),"error") -> error | EH18: =IFERROR(VLOOKUP(EN64,'別紙1 事業計画書'!$C$37:$G$62,5,FALSE),"error") -> error | EW18: =IFERROR(VLOOKUP(FC64,'別紙1 事業計画書'!$C$37:$G$62,5,FALSE),"error") -> error | FL18: =IFERROR(VLOOKUP(FR64,'別紙1 事業計画書'!$C$37:$G$62,5,FALSE),"error") -> error | GA18: =IFERROR(VLOOKUP(GG64,'別紙1 事業計画書'!$C$37:$G$62,5,FALSE),"error") -> error | GP18: =IFERROR(VLOOKUP(GV64,'別紙1 事業計画書'!$C$37:$G$62,5,FALSE),"error") -> error | HE18: =IFERROR(VLOOKUP(HK64,'別紙1 事業計画書'!$C$37:$G$62,5,FALSE),"error") -> error | HT18: =IFERROR(VLOOKUP(HZ64,'別紙1 事業計画書'!$C$37:$G$62,5,FALSE),"error") -> error | II18: =IFERROR(VLOOKUP(IO64,'別紙1 事業計画書'!$C$37:$G$62,5,FALSE),"error") -> error | IX18: =IFERROR(VLOOKUP(JD64,'別紙1 事業計画書'!$C$37:$G$62,5,FALSE),"error") -> error | JM18: =IFERROR(VLOOKUP(JS64,'別紙1 事業計画書'!$C$37:$G$62,5,FALSE),"error") -> error | KB18: =IFERROR(VLOOKUP(KH64,'別紙1 事業計画書'!$C$37:$G$62,5,FALSE),"error") -> error | KQ18: =IFERROR(VLOOKUP(KW64,'別紙1 事業計画書'!$C$37:$G$62,5,FALSE),"error") -> error | LF18: =IFERROR(VLOOKUP(LL64,'別紙1 事業計画書'!$C$37:$G$62,5,FALSE),"error") -> error | LU18: =IFERROR(VLOOKUP(MA64,'別紙1 事業計画書'!$C$37:$G$62,5,FALSE),"error") -> error | MJ18: =IFERROR(VLOOKUP(MP64,'別紙1 事業計画書'!$C$37:$G$62,5,FALSE),"error") -> error | MY18: =IFERROR(VLOOKUP(NE64,'別紙1 事業計画書'!$C$37:$G$62,5,FALSE),"error") -> error | NN18: =IFERROR(VLOOKUP(NT64,'別紙1 事業計画書'!$C$37:$G$62,5,FALSE),"error") -> error | OC18: =IFERROR(VLOOKUP(OI64,'別紙1 事業計画書'!$C$37:$G$62,5,FALSE),"error") -> error | OR18: =IFERROR(VLOOKUP(OX64,'別紙1 事業計画書'!$C$37:$G$62,5,FALSE),"error") -> error | PG18: =IFERROR(VLOOKUP(PM64,'別紙1 事業計画書'!$C$37:$G$62,5,FALSE),"error") -> error | PV18: =IFERROR(VLOOKUP(QB64,'別紙1 事業計画書'!$C$37:$G$62,5,FALSE),"error") -> error
C19: =IFERROR(VLOOKUP(I64,'別紙1 事業計画書'!$C$37:$F$62,4,FALSE),"error") -> error | R19: =IFERROR(VLOOKUP(X64,'別紙1 事業計画書'!$C$37:$F$62,4,FALSE),"error") -> error | AG19: =IFERROR(VLOOKUP(AM64,'別紙1 事業計画書'!$C$37:$F$62,4,FALSE),"error") -> error | AV19: =IFERROR(VLOOKUP(BB64,'別紙1 事業計画書'!$C$37:$F$62,4,FALSE),"error") -> error | BK19: =IFERROR(VLOOKUP(BQ64,'別紙1 事業計画書'!$C$37:$F$62,4,FALSE),"error") -> error | BZ19: =IFERROR(VLOOKUP(CF64,'別紙1 事業計画書'!$C$37:$F$62,4,FALSE),"error") -> error | CO19: =IFERROR(VLOOKUP(CU64,'別紙1 事業計画書'!$C$37:$F$62,4,FALSE),"error") -> error | DD19: =IFERROR(VLOOKUP(DJ64,'別紙1 事業計画書'!$C$37:$F$62,4,FALSE),"error") -> error | DS19: =IFERROR(VLOOKUP(DY64,'別紙1 事業計画書'!$C$37:$F$62,4,FALSE),"error") -> error | EH19: =IFERROR(VLOOKUP(EN64,'別紙1 事業計画書'!$C$37:$F$62,4,FALSE),"error") -> error | EW19: =IFERROR(VLOOKUP(FC64,'別紙1 事業計画書'!$C$37:$F$62,4,FALSE),"error") -> error | FL19: =IFERROR(VLOOKUP(FR64,'別紙1 事業計画書'!$C$37:$F$62,4,FALSE),"error") -> error | GA19: =IFERROR(VLOOKUP(GG64,'別紙1 事業計画書'!$C$37:$F$62,4,FALSE),"error") -> error | GP19: =IFERROR(VLOOKUP(GV64,'別紙1 事業計画書'!$C$37:$F$62,4,FALSE),"error") -> error | HE19: =IFERROR(VLOOKUP(HK64,'別紙1 事業計画書'!$C$37:$F$62,4,FALSE),"error") -> error | HT19: =IFERROR(VLOOKUP(HZ64,'別紙1 事業計画書'!$C$37:$F$62,4,FALSE),"error") -> error | II19: =IFERROR(VLOOKUP(IO64,'別紙1 事業計画書'!$C$37:$F$62,4,FALSE),"error") -> error | IX19: =IFERROR(VLOOKUP(JD64,'別紙1 事業計画書'!$C$37:$F$62,4,FALSE),"error") -> error | JM19: =IFERROR(VLOOKUP(JS64,'別紙1 事業計画書'!$C$37:$F$62,4,FALSE),"error") -> error | KB19: =IFERROR(VLOOKUP(KH64,'別紙1 事業計画書'!$C$37:$F$62,4,FALSE),"error") -> error | KQ19: =IFERROR(VLOOKUP(KW64,'別紙1 事業計画書'!$C$37:$F$62,4,FALSE),"error") -> error | LF19: =IFERROR(VLOOKUP(LL64,'別紙1 事業計画書'!$C$37:$F$62,4,FALSE),"error") -> error | LU19: =IFERROR(VLOOKUP(MA64,'別紙1 事業計画書'!$C$37:$F$62,4,FALSE),"error") -> error | MJ19: =IFERROR(VLOOKUP(MP64,'別紙1 事業計画書'!$C$37:$F$62,4,FALSE),"error") -> error | MY19: =IFERROR(VLOOKUP(NE64,'別紙1 事業計画書'!$C$37:$F$62,4,FALSE),"error") -> error | NN19: =IFERROR(VLOOKUP(NT64,'別紙1 事業計画書'!$C$37:$F$62,4,FALSE),"error") -> error | OC19: =IFERROR(VLOOKUP(OI64,'別紙1 事業計画書'!$C$37:$F$62,4,FALSE),"error") -> error | OR19: =IFERROR(VLOOKUP(OX64,'別紙1 事業計画書'!$C$37:$F$62,4,FALSE),"error") -> error | PG19: =IFERROR(VLOOKUP(PM64,'別紙1 事業計画書'!$C$37:$F$62,4,FALSE),"error") -> error | PV19: =IFERROR(VLOOKUP(QB64,'別紙1 事業計画書'!$C$37:$F$62,4,FALSE),"error") -> error
D20: 10月 | E20: 11月 | F20: 12月 | G20: １月 | H20: ２月 | I20: ３月 | S20: 10月 | T20: 11月 | U20: 12月 | V20: １月 | W20: ２月 | X20: ３月 | AH20: 10月 | AI20: 11月 | AJ20: 12月 | AK20: １月 | AL20: ２月 | AM20: ３月 | AW20: 10月 | AX20: 11月 | AY20: 12月 | AZ20: １月 | BA20: ２月 | BB20: ３月 | BL20: 10月 | BM20: 11月 | BN20: 12月 | BO20: １月 | BP20: ２月 | BQ20: ３月 | CA20: 10月 | CB20: 11月 | CC20: 12月 | CD20: １月 | CE20: ２月 | CF20: ３月 | CP20: 10月 | CQ20: 11月 | CR20: 12月 | CS20: １月 | CT20: ２月 | CU20: ３月 | DE20: 10月 | DF20: 11月 | DG20: 12月 | DH20: １月 | DI20: ２月 | DJ20: ３月 | DT20: 10月 | DU20: 11月 | DV20: 12月 | DW20: １月 | DX20: ２月 | DY20: ３月 | EI20: 10月 | EJ20: 11月 | EK20: 12月 | EL20: １月 | EM20: ２月 | EN20: ３月 | EX20: 10月 | EY20: 11月 | EZ20: 12月 | FA20: １月 | FB20: ２月 | FC20: ３月 | FM20: 10月 | FN20: 11月 | FO20: 12月 | FP20: １月 | FQ20: ２月 | FR20: ３月 | GB20: 10月 | GC20: 11月 | GD20: 12月 | GE20: １月 | GF20: ２月 | GG20: ３月 | GQ20: 10月 | GR20: 11月 | GS20: 12月 | GT20: １月 | GU20: ２月 | GV20: ３月 | HF20: 10月 | HG20: 11月 | HH20: 12月 | HI20: １月 | HJ20: ２月 | HK20: ３月 | HU20: 10月 | HV20: 11月 | HW20: 12月 | HX20: １月 | HY20: ２月 | HZ20: ３月 | IJ20: 10月 | IK20: 11月 | IL20: 12月 | IM20: １月 | IN20: ２月 | IO20: ３月 | IY20: 10月 | IZ20: 11月 | JA20: 12月 | JB20: １月 | JC20: ２月 | JD20: ３月 | JN20: 10月 | JO20: 11月 | JP20: 12月 | JQ20: １月 | JR20: ２月 | JS20: ３月 | KC20: 10月 | KD20: 11月 | KE20: 12月 | KF20: １月 | KG20: ２月 | KH20: ３月 | KR20: 10月 | KS20: 11月 | KT20: 12月 | KU20: １月 | KV20: ２月 | KW20: ３月 | LG20: 10月 | LH20: 11月 | LI20: 12月 | LJ20: １月 | LK20: ２月 | LL20: ３月 | LV20: 10月 | LW20: 11月 | LX20: 12月 | LY20: １月 | LZ20: ２月 | MA20: ３月 | MK20: 10月 | ML20: 11月 | MM20: 12月 | MN20: １月 | MO20: ２月 | MP20: ３月 | MZ20: 10月 | NA20: 11月 | NB20: 12月 | NC20: １月 | ND20: ２月 | NE20: ３月 | NO20: 10月 | NP20: 11月 | NQ20: 12月 | NR20: １月 | NS20: ２月 | NT20: ３月 | OD20: 10月 | OE20: 11月 | OF20: 12月 | OG20: １月 | OH20: ２月 | OI20: ３月 | OS20: 10月 | OT20: 11月 | OU20: 12月 | OV20: １月 | OW20: ２月 | OX20: ３月 | PH20: 10月 | PI20: 11月 | PJ20: 12月 | PK20: １月 | PL20: ２月 | PM20: ３月 | PW20: 10月 | PX20: 11月 | PY20: 12月 | PZ20: １月 | QA20: ２月 | QB20: ３月
C21: =IFERROR(VLOOKUP(I64,'別紙1 事業計画書'!$C$37:$H$62,6,FALSE),"error") -> error | R21: =IFERROR(VLOOKUP(X64,'別紙1 事業計画書'!$C$37:$H$62,6,FALSE),"error") -> error | AG21: =IFERROR(VLOOKUP(AM64,'別紙1 事業計画書'!$C$37:$H$62,6,FALSE),"error") -> error | AV21: =IFERROR(VLOOKUP(BB64,'別紙1 事業計画書'!$C$37:$H$62,6,FALSE),"error") -> error | BK21: =IFERROR(VLOOKUP(BQ64,'別紙1 事業計画書'!$C$37:$H$62,6,FALSE),"error") -> error | BZ21: =IFERROR(VLOOKUP(CF64,'別紙1 事業計画書'!$C$37:$H$62,6,FALSE),"error") -> error | CO21: =IFERROR(VLOOKUP(CU64,'別紙1 事業計画書'!$C$37:$H$62,6,FALSE),"error") -> error | DD21: =IFERROR(VLOOKUP(DJ64,'別紙1 事業計画書'!$C$37:$H$62,6,FALSE),"error") -> error | DS21: =IFERROR(VLOOKUP(DY64,'別紙1 事業計画書'!$C$37:$H$62,6,FALSE),"error") -> error | EH21: =IFERROR(VLOOKUP(EN64,'別紙1 事業計画書'!$C$37:$H$62,6,FALSE),"error") -> error | EW21: =IFERROR(VLOOKUP(FC64,'別紙1 事業計画書'!$C$37:$H$62,6,FALSE),"error") -> error | FL21: =IFERROR(VLOOKUP(FR64,'別紙1 事業計画書'!$C$37:$H$62,6,FALSE),"error") -> error | GA21: =IFERROR(VLOOKUP(GG64,'別紙1 事業計画書'!$C$37:$H$62,6,FALSE),"error") -> error | GP21: =IFERROR(VLOOKUP(GV64,'別紙1 事業計画書'!$C$37:$H$62,6,FALSE),"error") -> error | HE21: =IFERROR(VLOOKUP(HK64,'別紙1 事業計画書'!$C$37:$H$62,6,FALSE),"error") -> error | HT21: =IFERROR(VLOOKUP(HZ64,'別紙1 事業計画書'!$C$37:$H$62,6,FALSE),"error") -> error | II21: =IFERROR(VLOOKUP(IO64,'別紙1 事業計画書'!$C$37:$H$62,6,FALSE),"error") -> error | IX21: =IFERROR(VLOOKUP(JD64,'別紙1 事業計画書'!$C$37:$H$62,6,FALSE),"error") -> error | JM21: =IFERROR(VLOOKUP(JS64,'別紙1 事業計画書'!$C$37:$H$62,6,FALSE),"error") -> error | KB21: =IFERROR(VLOOKUP(KH64,'別紙1 事業計画書'!$C$37:$H$62,6,FALSE),"error") -> error | KQ21: =IFERROR(VLOOKUP(KW64,'別紙1 事業計画書'!$C$37:$H$62,6,FALSE),"error") -> error | LF21: =IFERROR(VLOOKUP(LL64,'別紙1 事業計画書'!$C$37:$H$62,6,FALSE),"error") -> error | LU21: =IFERROR(VLOOKUP(MA64,'別紙1 事業計画書'!$C$37:$H$62,6,FALSE),"error") -> error | MJ21: =IFERROR(VLOOKUP(MP64,'別紙1 事業計画書'!$C$37:$H$62,6,FALSE),"error") -> error | MY21: =IFERROR(VLOOKUP(NE64,'別紙1 事業計画書'!$C$37:$H$62,6,FALSE),"error") -> error | NN21: =IFERROR(VLOOKUP(NT64,'別紙1 事業計画書'!$C$37:$H$62,6,FALSE),"error") -> error | OC21: =IFERROR(VLOOKUP(OI64,'別紙1 事業計画書'!$C$37:$H$62,6,FALSE),"error") -> error | OR21: =IFERROR(VLOOKUP(OX64,'別紙1 事業計画書'!$C$37:$H$62,6,FALSE),"error") -> error | PG21: =IFERROR(VLOOKUP(PM64,'別紙1 事業計画書'!$C$37:$H$62,6,FALSE),"error") -> error | PV21: =IFERROR(VLOOKUP(QB64,'別紙1 事業計画書'!$C$37:$H$62,6,FALSE),"error") -> error
B24: 別表1(入所系) | C24: 補助基準額 | D24: 2962 | Q24: 別表1(入所系) | R24: 補助基準額 | S24: 2962 | AF24: 別表1(入所系) | AG24: 補助基準額 | AH24: 2962 | AU24: 別表1(入所系) | AV24: 補助基準額 | AW24: 2962 | BJ24: 別表1(入所系) | BK24: 補助基準額 | BL24: 2962 | BY24: 別表1(入所系) | BZ24: 補助基準額 | CA24: 2962 | CN24: 別表1(入所系) | CO24: 補助基準額 | CP24: 2962 | DC24: 別表1(入所系) | DD24: 補助基準額 | DE24: 2962 | DR24: 別表1(入所系) | DS24: 補助基準額 | DT24: 2962 | EG24: 別表1(入所系) | EH24: 補助基準額 | EI24: 2962 | EV24: 別表1(入所系) | EW24: 補助基準額 | EX24: 2962 | FK24: 別表1(入所系) | FL24: 補助基準額 | FM24: 2962 | FZ24: 別表1(入所系) | GA24: 補助基準額 | GB24: 2962 | GO24: 別表1(入所系) | GP24: 補助基準額 | GQ24: 2962 | HD24: 別表1(入所系) | HE24: 補助基準額 | HF24: 2962 | HS24: 別表1(入所系) | HT24: 補助基準額 | HU24: 2962 | IH24: 別表1(入所系) | II24: 補助基準額 | IJ24: 2962 | IW24: 別表1(入所系) | IX24: 補助基準額 | IY24: 2962 | JL24: 別表1(入所系) | JM24: 補助基準額 | JN24: 2962 | KA24: 別表1(入所系) | KB24: 補助基準額 | KC24: 2962 | KP24: 別表1(入所系) | KQ24: 補助基準額 | KR24: 2962 | LE24: 別表1(入所系) | LF24: 補助基準額 | LG24: 2962 | LT24: 別表1(入所系) | LU24: 補助基準額 | LV24: 2962 | MI24: 別表1(入所系) | MJ24: 補助基準額 | MK24: 2962 | MX24: 別表1(入所系) | MY24: 補助基準額 | MZ24: 2962 | NM24: 別表1(入所系) | NN24: 補助基準額 | NO24: 2962 | OB24: 別表1(入所系) | OC24: 補助基準額 | OD24: 2962 | OQ24: 別表1(入所系) | OR24: 補助基準額 | OS24: 2962 | PF24: 別表1(入所系) | PG24: 補助基準額 | PH24: 2962 | PU24: 別表1(入所系) | PV24: 補助基準額 | PW24: 2962
B25: 1～6 | C25: 基準額×定員数 | D25: =D21*$D$24 -> 0 | E25: =E21*$D$24 -> 0 | F25: =F21*$D$24 -> 0 | G25: =G21*$D$24 -> 0 | H25: =H21*$D$24 -> 0 | I25: =I21*$D$24 -> 0 | Q25: 1～6 | R25: 基準額×定員数 | S25: =S21*$D$24 -> 0 | T25: =T21*$D$24 -> 0 | U25: =U21*$D$24 -> 0 | V25: =V21*$D$24 -> 0 | W25: =W21*$D$24 -> 0 | X25: =X21*$D$24 -> 0 | AF25: 1～6 | AG25: 基準額×定員数 | AH25: =AH21*$D$24 -> 0 | AI25: =AI21*$D$24 -> 0 | AJ25: =AJ21*$D$24 -> 0 | AK25: =AK21*$D$24 -> 0 | AL25: =AL21*$D$24 -> 0 | AM25: =AM21*$D$24 -> 0 | AU25: 1～6 | AV25: 基準額×定員数 | AW25: =AW21*$D$24 -> 0 | AX25: =AX21*$D$24 -> 0 | AY25: =AY21*$D$24 -> 0 | AZ25: =AZ21*$D$24 -> 0 | BA25: =BA21*$D$24 -> 0 | BB25: =BB21*$D$24 -> 0 | BJ25: 1～6 | BK25: 基準額×定員数 | BL25: =BL21*$D$24 -> 0 | BM25: =BM21*$D$24 -> 0 | BN25: =BN21*$D$24 -> 0 | BO25: =BO21*$D$24 -> 0 | BP25: =BP21*$D$24 -> 0 | BQ25: =BQ21*$D$24 -> 0 | BY25: 1～6 | BZ25: 基準額×定員数 | CA25: =CA21*$D$24 -> 0 | CB25: =CB21*$D$24 -> 0 | CC25: =CC21*$D$24 -> 0 | CD25: =CD21*$D$24 -> 0 | CE25: =CE21*$D$24 -> 0 | CF25: =CF21*$D$24 -> 0 | CN25: 1～6 | CO25: 基準額×定員数 | CP25: =CP21*$D$24 -> 0 | CQ25: =CQ21*$D$24 -> 0 | CR25: =CR21*$D$24 -> 0 | CS25: =CS21*$D$24 -> 0 | CT25: =CT21*$D$24 -> 0 | CU25: =CU21*$D$24 -> 0 | DC25: 1～6 | DD25: 基準額×定員数 | DE25: =DE21*$D$24 -> 0 | DF25: =DF21*$D$24 -> 0 | DG25: =DG21*$D$24 -> 0 | DH25: =DH21*$D$24 -> 0 | DI25: =DI21*$D$24 -> 0 | DJ25: =DJ21*$D$24 -> 0 | DR25: 1～6 | DS25: 基準額×定員数 | DT25: =DT21*$D$24 -> 0 | DU25: =DU21*$D$24 -> 0 | DV25: =DV21*$D$24 -> 0 | DW25: =DW21*$D$24 -> 0 | DX25: =DX21*$D$24 -> 0 | DY25: =DY21*$D$24 -> 0 | EG25: 1～6 | EH25: 基準額×定員数 | EI25: =EI21*$D$24 -> 0 | EJ25: =EJ21*$D$24 -> 0 | EK25: =EK21*$D$24 -> 0 | EL25: =EL21*$D$24 -> 0 | EM25: =EM21*$D$24 -> 0 | EN25: =EN21*$D$24 -> 0 | EV25: 1～6 | EW25: 基準額×定員数 | EX25: =EX21*$D$24 -> 0 | EY25: =EY21*$D$24 -> 0 | EZ25: =EZ21*$D$24 -> 0 | FA25: =FA21*$D$24 -> 0 | FB25: =FB21*$D$24 -> 0 | FC25: =FC21*$D$24 -> 0 | FK25: 1～6 | FL25: 基準額×定員数 | FM25: =FM21*$D$24 -> 0 | FN25: =FN21*$D$24 -> 0 | FO25: =FO21*$D$24 -> 0 | FP25: =FP21*$D$24 -> 0 | FQ25: =FQ21*$D$24 -> 0 | FR25: =FR21*$D$24 -> 0 | FZ25: 1～6 | GA25: 基準額×定員数 | GB25: =GB21*$D$24 -> 0 | GC25: =GC21*$D$24 -> 0 | GD25: =GD21*$D$24 -> 0 | GE25: =GE21*$D$24 -> 0 | GF25: =GF21*$D$24 -> 0 | GG25: =GG21*$D$24 -> 0 | GO25: 1～6 | GP25: 基準額×定員数 | GQ25: =GQ21*$D$24 -> 0 | GR25: =GR21*$D$24 -> 0 | GS25: =GS21*$D$24 -> 0 | GT25: =GT21*$D$24 -> 0 | GU25: =GU21*$D$24 -> 0 | GV25: =GV21*$D$24 -> 0 | HD25: 1～6 | HE25: 基準額×定員数 | HF25: =HF21*$D$24 -> 0 | HG25: =HG21*$D$24 -> 0 | HH25: =HH21*$D$24 -> 0 | HI25: =HI21*$D$24 -> 0 | HJ25: =HJ21*$D$24 -> 0 | HK25: =HK21*$D$24 -> 0 | HS25: 1～6 | HT25: 基準額×定員数 | HU25: =HU21*$D$24 -> 0 | HV25: =HV21*$D$24 -> 0 | HW25: =HW21*$D$24 -> 0 | HX25: =HX21*$D$24 -> 0 | HY25: =HY21*$D$24 -> 0 | HZ25: =HZ21*$D$24 -> 0 | IH25: 1～6 | II25: 基準額×定員数 | IJ25: =IJ21*$D$24 -> 0 | IK25: =IK21*$D$24 -> 0 | IL25: =IL21*$D$24 -> 0 | IM25: =IM21*$D$24 -> 0 | IN25: =IN21*$D$24 -> 0 | IO25: =IO21*$D$24 -> 0 | IW25: 1～6 | IX25: 基準額×定員数 | IY25: =IY21*$D$24 -> 0 | IZ25: =IZ21*$D$24 -> 0 | JA25: =JA21*$D$24 -> 0 | JB25: =JB21*$D$24 -> 0 | JC25: =JC21*$D$24 -> 0 | JD25: =JD21*$D$24 -> 0 | JL25: 1～6 | JM25: 基準額×定員数 | JN25: =JN21*$D$24 -> 0 | JO25: =JO21*$D$24 -> 0 | JP25: =JP21*$D$24 -> 0 | JQ25: =JQ21*$D$24 -> 0 | JR25: =JR21*$D$24 -> 0 | JS25: =JS21*$D$24 -> 0 | KA25: 1～6 | KB25: 基準額×定員数 | KC25: =KC21*$D$24 -> 0 | KD25: =KD21*$D$24 -> 0 | KE25: =KE21*$D$24 -> 0 | KF25: =KF21*$D$24 -> 0 | KG25: =KG21*$D$24 -> 0 | KH25: =KH21*$D$24 -> 0 | KP25: 1～6 | KQ25: 基準額×定員数 | KR25: =KR21*$D$24 -> 0 | KS25: =KS21*$D$24 -> 0 | KT25: =KT21*$D$24 -> 0 | KU25: =KU21*$D$24 -> 0 | KV25: =KV21*$D$24 -> 0 | KW25: =KW21*$D$24 -> 0 | LE25: 1～6 | LF25: 基準額×定員数 | LG25: =LG21*$D$24 -> 0 | LH25: =LH21*$D$24 -> 0 | LI25: =LI21*$D$24 -> 0 | LJ25: =LJ21*$D$24 -> 0 | LK25: =LK21*$D$24 -> 0 | LL25: =LL21*$D$24 -> 0 | LT25: 1～6 | LU25: 基準額×定員数 | LV25: =LV21*$D$24 -> 0 | LW25: =LW21*$D$24 -> 0 | LX25: =LX21*$D$24 -> 0 | LY25: =LY21*$D$24 -> 0 | LZ25: =LZ21*$D$24 -> 0 | MA25: =MA21*$D$24 -> 0 | MI25: 1～6 | MJ25: 基準額×定員数 | MK25: =MK21*$D$24 -> 0 | ML25: =ML21*$D$24 -> 0 | MM25: =MM21*$D$24 -> 0 | MN25: =MN21*$D$24 -> 0 | MO25: =MO21*$D$24 -> 0 | MP25: =MP21*$D$24 -> 0 | MX25: 1～6 | MY25: 基準額×定員数 | MZ25: =MZ21*$D$24 -> 0 | NA25: =NA21*$D$24 -> 0 | NB25: =NB21*$D$24 -> 0 | NC25: =NC21*$D$24 -> 0 | ND25: =ND21*$D$24 -> 0 | NE25: =NE21*$D$24 -> 0 | NM25: 1～6 | NN25: 基準額×定員数 | NO25: =NO21*$D$24 -> 0 | NP25: =NP21*$D$24 -> 0 | NQ25: =NQ21*$D$24 -> 0 | NR25: =NR21*$D$24 -> 0 | NS25: =NS21*$D$24 -> 0 | NT25: =NT21*$D$24 -> 0 | OB25: 1～6 | OC25: 基準額×定員数 | OD25: =OD21*$D$24 -> 0 | OE25: =OE21*$D$24 -> 0 | OF25: =OF21*$D$24 -> 0 | OG25: =OG21*$D$24 -> 0 | OH25: =OH21*$D$24 -> 0 | OI25: =OI21*$D$24 -> 0 | OQ25: 1～6 | OR25: 基準額×定員数 | OS25: =OS21*$D$24 -> 0 | OT25: =OT21*$D$24 -> 0 | OU25: =OU21*$D$24 -> 0 | OV25: =OV21*$D$24 -> 0 | OW25: =OW21*$D$24 -> 0 | OX25: =OX21*$D$24 -> 0 | PF25: 1～6 | PG25: 基準額×定員数 | PH25: =PH21*$D$24 -> 0 | PI25: =PI21*$D$24 -> 0 | PJ25: =PJ21*$D$24 -> 0 | PK25: =PK21*$D$24 -> 0 | PL25: =PL21*$D$24 -> 0 | PM25: =PM21*$D$24 -> 0 | PU25: 1～6 | PV25: 基準額×定員数 | PW25: =PW21*$D$24 -> 0 | PX25: =PX21*$D$24 -> 0 | PY25: =PY21*$D$24 -> 0 | PZ25: =PZ21*$D$24 -> 0 | QA25: =QA21*$D$24 -> 0 | QB25: =QB21*$D$24 -> 0
C26: 計 | D26: =SUM(D25:I25) -> 0 | R26: 計 | S26: =SUM(S25:X25) -> 0 | AG26: 計 | AH26: =SUM(AH25:AM25) -> 0 | AV26: 計 | AW26: =SUM(AW25:BB25) -> 0 | BK26: 計 | BL26: =SUM(BL25:BQ25) -> 0 | BZ26: 計 | CA26: =SUM(CA25:CF25) -> 0 | CO26: 計 | CP26: =SUM(CP25:CU25) -> 0 | DD26: 計 | DE26: =SUM(DE25:DJ25) -> 0 | DS26: 計 | DT26: =SUM(DT25:DY25) -> 0 | EH26: 計 | EI26: =SUM(EI25:EN25) -> 0 | EW26: 計 | EX26: =SUM(EX25:FC25) -> 0 | FL26: 計 | FM26: =SUM(FM25:FR25) -> 0 | GA26: 計 | GB26: =SUM(GB25:GG25) -> 0 | GP26: 計 | GQ26: =SUM(GQ25:GV25) -> 0 | HE26: 計 | HF26: =SUM(HF25:HK25) -> 0 | HT26: 計 | HU26: =SUM(HU25:HZ25) -> 0 | II26: 計 | IJ26: =SUM(IJ25:IO25) -> 0 | IX26: 計 | IY26: =SUM(IY25:JD25) -> 0 | JM26: 計 | JN26: =SUM(JN25:JS25) -> 0 | KB26: 計 | KC26: =SUM(KC25:KH25) -> 0 | KQ26: 計 | KR26: =SUM(KR25:KW25) -> 0 | LF26: 計 | LG26: =SUM(LG25:LL25) -> 0 | LU26: 計 | LV26: =SUM(LV25:MA25) -> 0 | MJ26: 計 | MK26: =SUM(MK25:MP25) -> 0 | MY26: 計 | MZ26: =SUM(MZ25:NE25) -> 0 | NN26: 計 | NO26: =SUM(NO25:NT25) -> 0 | OC26: 計 | OD26: =SUM(OD25:OI25) -> 0 | OR26: 計 | OS26: =SUM(OS25:OX25) -> 0 | PG26: 計 | PH26: =SUM(PH25:PM25) -> 0 | PV26: 計 | PW26: =SUM(PW25:QB25) -> 0
B27: 別表2(通所系) | C27: 補助基準額 | D27: 1312 | Q27: 別表2(通所系) | R27: 補助基準額 | S27: 1312 | AF27: 別表2(通所系) | AG27: 補助基準額 | AH27: 1312 | AU27: 別表2(通所系) | AV27: 補助基準額 | AW27: 1312 | BJ27: 別表2(通所系) | BK27: 補助基準額 | BL27: 1312 | BY27: 別表2(通所系) | BZ27: 補助基準額 | CA27: 1312 | CN27: 別表2(通所系) | CO27: 補助基準額 | CP27: 1312 | DC27: 別表2(通所系) | DD27: 補助基準額 | DE27: 1312 | DR27: 別表2(通所系) | DS27: 補助基準額 | DT27: 1312 | EG27: 別表2(通所系) | EH27: 補助基準額 | EI27: 1312 | EV27: 別表2(通所系) | EW27: 補助基準額 | EX27: 1312 | FK27: 別表2(通所系) | FL27: 補助基準額 | FM27: 1312 | FZ27: 別表2(通所系) | GA27: 補助基準額 | GB27: 1312 | GO27: 別表2(通所系) | GP27: 補助基準額 | GQ27: 1312 | HD27: 別表2(通所系) | HE27: 補助基準額 | HF27: 1312 | HS27: 別表2(通所系) | HT27: 補助基準額 | HU27: 1312 | IH27: 別表2(通所系) | II27: 補助基準額 | IJ27: 1312 | IW27: 別表2(通所系) | IX27: 補助基準額 | IY27: 1312 | JL27: 別表2(通所系) | JM27: 補助基準額 | JN27: 1312 | KA27: 別表2(通所系) | KB27: 補助基準額 | KC27: 1312 | KP27: 別表2(通所系) | KQ27: 補助基準額 | KR27: 1312 | LE27: 別表2(通所系) | LF27: 補助基準額 | LG27: 1312 | LT27: 別表2(通所系) | LU27: 補助基準額 | LV27: 1312 | MI27: 別表2(通所系) | MJ27: 補助基準額 | MK27: 1312 | MX27: 別表2(通所系) | MY27: 補助基準額 | MZ27: 1312 | NM27: 別表2(通所系) | NN27: 補助基準額 | NO27: 1312 | OB27: 別表2(通所系) | OC27: 補助基準額 | OD27: 1312 | OQ27: 別表2(通所系) | OR27: 補助基準額 | OS27: 1312 | PF27: 別表2(通所系) | PG27: 補助基準額 | PH27: 1312 | PU27: 別表2(通所系) | PV27: 補助基準額 | PW27: 1312
B28: 7～14 | C28: 基準額×定員数 | D28: =D21*$D$27 -> 0 | E28: =E21*$D$27 -> 0 | F28: =F21*$D$27 -> 0 | G28: =G21*$D$27 -> 0 | H28: =H21*$D$27 -> 0 | I28: =I21*$D$27 -> 0 | Q28: 7～14 | R28: 基準額×定員数 | S28: =S21*$D$27 -> 0 | T28: =T21*$D$27 -> 0 | U28: =U21*$D$27 -> 0 | V28: =V21*$D$27 -> 0 | W28: =W21*$D$27 -> 0 | X28: =X21*$D$27 -> 0 | AF28: 7～14 | AG28: 基準額×定員数 | AH28: =AH21*$D$27 -> 0 | AI28: =AI21*$D$27 -> 0 | AJ28: =AJ21*$D$27 -> 0 | AK28: =AK21*$D$27 -> 0 | AL28: =AL21*$D$27 -> 0 | AM28: =AM21*$D$27 -> 0 | AU28: 7～14 | AV28: 基準額×定員数 | AW28: =AW21*$D$27 -> 0 | AX28: =AX21*$D$27 -> 0 | AY28: =AY21*$D$27 -> 0 | AZ28: =AZ21*$D$27 -> 0 | BA28: =BA21*$D$27 -> 0 | BB28: =BB21*$D$27 -> 0 | BJ28: 7～14 | BK28: 基準額×定員数 | BL28: =BL21*$D$27 -> 0 | BM28: =BM21*$D$27 -> 0 | BN28: =BN21*$D$27 -> 0 | BO28: =BO21*$D$27 -> 0 | BP28: =BP21*$D$27 -> 0 | BQ28: =BQ21*$D$27 -> 0 | BY28: 7～14 | BZ28: 基準額×定員数 | CA28: =CA21*$D$27 -> 0 | CB28: =CB21*$D$27 -> 0 | CC28: =CC21*$D$27 -> 0 | CD28: =CD21*$D$27 -> 0 | CE28: =CE21*$D$27 -> 0 | CF28: =CF21*$D$27 -> 0 | CN28: 7～14 | CO28: 基準額×定員数 | CP28: =CP21*$D$27 -> 0 | CQ28: =CQ21*$D$27 -> 0 | CR28: =CR21*$D$27 -> 0 | CS28: =CS21*$D$27 -> 0 | CT28: =CT21*$D$27 -> 0 | CU28: =CU21*$D$27 -> 0 | DC28: 7～14 | DD28: 基準額×定員数 | DE28: =DE21*$D$27 -> 0 | DF28: =DF21*$D$27 -> 0 | DG28: =DG21*$D$27 -> 0 | DH28: =DH21*$D$27 -> 0 | DI28: =DI21*$D$27 -> 0 | DJ28: =DJ21*$D$27 -> 0 | DR28: 7～14 | DS28: 基準額×定員数 | DT28: =DT21*$D$27 -> 0 | DU28: =DU21*$D$27 -> 0 | DV28: =DV21*$D$27 -> 0 | DW28: =DW21*$D$27 -> 0 | DX28: =DX21*$D$27 -> 0 | DY28: =DY21*$D$27 -> 0 | EG28: 7～14 | EH28: 基準額×定員数 | EI28: =EI21*$D$27 -> 0 | EJ28: =EJ21*$D$27 -> 0 | EK28: =EK21*$D$27 -> 0 | EL28: =EL21*$D$27 -> 0 | EM28: =EM21*$D$27 -> 0 | EN28: =EN21*$D$27 -> 0 | EV28: 7～14 | EW28: 基準額×定員数 | EX28: =EX21*$D$27 -> 0 | EY28: =EY21*$D$27 -> 0 | EZ28: =EZ21*$D$27 -> 0 | FA28: =FA21*$D$27 -> 0 | FB28: =FB21*$D$27 -> 0 | FC28: =FC21*$D$27 -> 0 | FK28: 7～14 | FL28: 基準額×定員数 | FM28: =FM21*$D$27 -> 0 | FN28: =FN21*$D$27 -> 0 | FO28: =FO21*$D$27 -> 0 | FP28: =FP21*$D$27 -> 0 | FQ28: =FQ21*$D$27 -> 0 | FR28: =FR21*$D$27 -> 0 | FZ28: 7～14 | GA28: 基準額×定員数 | GB28: =GB21*$D$27 -> 0 | GC28: =GC21*$D$27 -> 0 | GD28: =GD21*$D$27 -> 0 | GE28: =GE21*$D$27 -> 0 | GF28: =GF21*$D$27 -> 0 | GG28: =GG21*$D$27 -> 0 | GO28: 7～14 | GP28: 基準額×定員数 | GQ28: =GQ21*$D$27 -> 0 | GR28: =GR21*$D$27 -> 0 | GS28: =GS21*$D$27 -> 0 | GT28: =GT21*$D$27 -> 0 | GU28: =GU21*$D$27 -> 0 | GV28: =GV21*$D$27 -> 0 | HD28: 7～14 | HE28: 基準額×定員数 | HF28: =HF21*$D$27 -> 0 | HG28: =HG21*$D$27 -> 0 | HH28: =HH21*$D$27 -> 0 | HI28: =HI21*$D$27 -> 0 | HJ28: =HJ21*$D$27 -> 0 | HK28: =HK21*$D$27 -> 0 | HS28: 7～14 | HT28: 基準額×定員数 | HU28: =HU21*$D$27 -> 0 | HV28: =HV21*$D$27 -> 0 | HW28: =HW21*$D$27 -> 0 | HX28: =HX21*$D$27 -> 0 | HY28: =HY21*$D$27 -> 0 | HZ28: =HZ21*$D$27 -> 0 | IH28: 7～14 | II28: 基準額×定員数 | IJ28: =IJ21*$D$27 -> 0 | IK28: =IK21*$D$27 -> 0 | IL28: =IL21*$D$27 -> 0 | IM28: =IM21*$D$27 -> 0 | IN28: =IN21*$D$27 -> 0 | IO28: =IO21*$D$27 -> 0 | IW28: 7～14 | IX28: 基準額×定員数 | IY28: =IY21*$D$27 -> 0 | IZ28: =IZ21*$D$27 -> 0 | JA28: =JA21*$D$27 -> 0 | JB28: =JB21*$D$27 -> 0 | JC28: =JC21*$D$27 -> 0 | JD28: =JD21*$D$27 -> 0 | JL28: 7～14 | JM28: 基準額×定員数 | JN28: =JN21*$D$27 -> 0 | JO28: =JO21*$D$27 -> 0 | JP28: =JP21*$D$27 -> 0 | JQ28: =JQ21*$D$27 -> 0 | JR28: =JR21*$D$27 -> 0 | JS28: =JS21*$D$27 -> 0 | KA28: 7～14 | KB28: 基準額×定員数 | KC28: =KC21*$D$27 -> 0 | KD28: =KD21*$D$27 -> 0 | KE28: =KE21*$D$27 -> 0 | KF28: =KF21*$D$27 -> 0 | KG28: =KG21*$D$27 -> 0 | KH28: =KH21*$D$27 -> 0 | KP28: 7～14 | KQ28: 基準額×定員数 | KR28: =KR21*$D$27 -> 0 | KS28: =KS21*$D$27 -> 0 | KT28: =KT21*$D$27 -> 0 | KU28: =KU21*$D$27 -> 0 | KV28: =KV21*$D$27 -> 0 | KW28: =KW21*$D$27 -> 0 | LE28: 7～14 | LF28: 基準額×定員数 | LG28: =LG21*$D$27 -> 0 | LH28: =LH21*$D$27 -> 0 | LI28: =LI21*$D$27 -> 0 | LJ28: =LJ21*$D$27 -> 0 | LK28: =LK21*$D$27 -> 0 | LL28: =LL21*$D$27 -> 0 | LT28: 7～14 | LU28: 基準額×定員数 | LV28: =LV21*$D$27 -> 0 | LW28: =LW21*$D$27 -> 0 | LX28: =LX21*$D$27 -> 0 | LY28: =LY21*$D$27 -> 0 | LZ28: =LZ21*$D$27 -> 0 | MA28: =MA21*$D$27 -> 0 | MI28: 7～14 | MJ28: 基準額×定員数 | MK28: =MK21*$D$27 -> 0 | ML28: =ML21*$D$27 -> 0 | MM28: =MM21*$D$27 -> 0 | MN28: =MN21*$D$27 -> 0 | MO28: =MO21*$D$27 -> 0 | MP28: =MP21*$D$27 -> 0 | MX28: 7～14 | MY28: 基準額×定員数 | MZ28: =MZ21*$D$27 -> 0 | NA28: =NA21*$D$27 -> 0 | NB28: =NB21*$D$27 -> 0 | NC28: =NC21*$D$27 -> 0 | ND28: =ND21*$D$27 -> 0 | NE28: =NE21*$D$27 -> 0 | NM28: 7～14 | NN28: 基準額×定員数 | NO28: =NO21*$D$27 -> 0 | NP28: =NP21*$D$27 -> 0 | NQ28: =NQ21*$D$27 -> 0 | NR28: =NR21*$D$27 -> 0 | NS28: =NS21*$D$27 -> 0 | NT28: =NT21*$D$27 -> 0 | OB28: 7～14 | OC28: 基準額×定員数 | OD28: =OD21*$D$27 -> 0 | OE28: =OE21*$D$27 -> 0 | OF28: =OF21*$D$27 -> 0 | OG28: =OG21*$D$27 -> 0 | OH28: =OH21*$D$27 -> 0 | OI28: =OI21*$D$27 -> 0 | OQ28: 7～14 | OR28: 基準額×定員数 | OS28: =OS21*$D$27 -> 0 | OT28: =OT21*$D$27 -> 0 | OU28: =OU21*$D$27 -> 0 | OV28: =OV21*$D$27 -> 0 | OW28: =OW21*$D$27 -> 0 | OX28: =OX21*$D$27 -> 0 | PF28: 7～14 | PG28: 基準額×定員数 | PH28: =PH21*$D$27 -> 0 | PI28: =PI21*$D$27 -> 0 | PJ28: =PJ21*$D$27 -> 0 | PK28: =PK21*$D$27 -> 0 | PL28: =PL21*$D$27 -> 0 | PM28: =PM21*$D$27 -> 0 | PU28: 7～14 | PV28: 基準額×定員数 | PW28: =PW21*$D$27 -> 0 | PX28: =PX21*$D$27 -> 0 | PY28: =PY21*$D$27 -> 0 | PZ28: =PZ21*$D$27 -> 0 | QA28: =QA21*$D$27 -> 0 | QB28: =QB21*$D$27 -> 0
C29: 計 | D29: =SUM(D28:I28) -> 0 | R29: 計 | S29: =SUM(S28:X28) -> 0 | AG29: 計 | AH29: =SUM(AH28:AM28) -> 0 | AV29: 計 | AW29: =SUM(AW28:BB28) -> 0 | BK29: 計 | BL29: =SUM(BL28:BQ28) -> 0 | BZ29: 計 | CA29: =SUM(CA28:CF28) -> 0 | CO29: 計 | CP29: =SUM(CP28:CU28) -> 0 | DD29: 計 | DE29: =SUM(DE28:DJ28) -> 0 | DS29: 計 | DT29: =SUM(DT28:DY28) -> 0 | EH29: 計 | EI29: =SUM(EI28:EN28) -> 0 | EW29: 計 | EX29: =SUM(EX28:FC28) -> 0 | FL29: 計 | FM29: =SUM(FM28:FR28) -> 0 | GA29: 計 | GB29: =SUM(GB28:GG28) -> 0 | GP29: 計 | GQ29: =SUM(GQ28:GV28) -> 0 | HE29: 計 | HF29: =SUM(HF28:HK28) -> 0 | HT29: 計 | HU29: =SUM(HU28:HZ28) -> 0 | II29: 計 | IJ29: =SUM(IJ28:IO28) -> 0 | IX29: 計 | IY29: =SUM(IY28:JD28) -> 0 | JM29: 計 | JN29: =SUM(JN28:JS28) -> 0 | KB29: 計 | KC29: =SUM(KC28:KH28) -> 0 | KQ29: 計 | KR29: =SUM(KR28:KW28) -> 0 | LF29: 計 | LG29: =SUM(LG28:LL28) -> 0 | LU29: 計 | LV29: =SUM(LV28:MA28) -> 0 | MJ29: 計 | MK29: =SUM(MK28:MP28) -> 0 | MY29: 計 | MZ29: =SUM(MZ28:NE28) -> 0 | NN29: 計 | NO29: =SUM(NO28:NT28) -> 0 | OC29: 計 | OD29: =SUM(OD28:OI28) -> 0 | OR29: 計 | OS29: =SUM(OS28:OX28) -> 0 | PG29: 計 | PH29: =SUM(PH28:PM28) -> 0 | PV29: 計 | PW29: =SUM(PW28:QB28) -> 0
B30: 別表2(訪問系) | C30: 補助基準額 | D30: 39500 | E30: 32920 | F30: 26330 | G30: 19750 | H30: 13170 | I30: 6580 | Q30: 別表2(訪問系) | R30: 補助基準額 | S30: 39500 | T30: 32920 | U30: 26330 | V30: 19750 | W30: 13170 | X30: 6580 | AF30: 別表2(訪問系) | AG30: 補助基準額 | AH30: 39500 | AI30: 32920 | AJ30: 26330 | AK30: 19750 | AL30: 13170 | AM30: 6580 | AU30: 別表2(訪問系) | AV30: 補助基準額 | AW30: 39500 | AX30: 32920 | AY30: 26330 | AZ30: 19750 | BA30: 13170 | BB30: 6580 | BJ30: 別表2(訪問系) | BK30: 補助基準額 | BL30: 39500 | BM30: 32920 | BN30: 26330 | BO30: 19750 | BP30: 13170 | BQ30: 6580 | BY30: 別表2(訪問系) | BZ30: 補助基準額 | CA30: 39500 | CB30: 32920 | CC30: 26330 | CD30: 19750 | CE30: 13170 | CF30: 6580 | CN30: 別表2(訪問系) | CO30: 補助基準額 | CP30: 39500 | CQ30: 32920 | CR30: 26330 | CS30: 19750 | CT30: 13170 | CU30: 6580 | DC30: 別表2(訪問系) | DD30: 補助基準額 | DE30: 39500 | DF30: 32920 | DG30: 26330 | DH30: 19750 | DI30: 13170 | DJ30: 6580 | DR30: 別表2(訪問系) | DS30: 補助基準額 | DT30: 39500 | DU30: 32920 | DV30: 26330 | DW30: 19750 | DX30: 13170 | DY30: 6580 | EG30: 別表2(訪問系) | EH30: 補助基準額 | EI30: 39500 | EJ30: 32920 | EK30: 26330 | EL30: 19750 | EM30: 13170 | EN30: 6580 | EV30: 別表2(訪問系) | EW30: 補助基準額 | EX30: 39500 | EY30: 32920 | EZ30: 26330 | FA30: 19750 | FB30: 13170 | FC30: 6580 | FK30: 別表2(訪問系) | FL30: 補助基準額 | FM30: 39500 | FN30: 32920 | FO30: 26330 | FP30: 19750 | FQ30: 13170 | FR30: 6580 | FZ30: 別表2(訪問系) | GA30: 補助基準額 | GB30: 39500 | GC30: 32920 | GD30: 26330 | GE30: 19750 | GF30: 13170 | GG30: 6580 | GO30: 別表2(訪問系) | GP30: 補助基準額 | GQ30: 39500 | GR30: 32920 | GS30: 26330 | GT30: 19750 | GU30: 13170 | GV30: 6580 | HD30: 別表2(訪問系) | HE30: 補助基準額 | HF30: 39500 | HG30: 32920 | HH30: 26330 | HI30: 19750 | HJ30: 13170 | HK30: 6580 | HS30: 別表2(訪問系) | HT30: 補助基準額 | HU30: 39500 | HV30: 32920 | HW30: 26330 | HX30: 19750 | HY30: 13170 | HZ30: 6580 | IH30: 別表2(訪問系) | II30: 補助基準額 | IJ30: 39500 | IK30: 32920 | IL30: 26330 | IM30: 19750 | IN30: 13170 | IO30: 6580 | IW30: 別表2(訪問系) | IX30: 補助基準額 | IY30: 39500 | IZ30: 32920 | JA30: 26330 | JB30: 19750 | JC30: 13170 | JD30: 6580 | JL30: 別表2(訪問系) | JM30: 補助基準額 | JN30: 39500 | JO30: 32920 | JP30: 26330 | JQ30: 19750 | JR30: 13170 | JS30: 6580 | KA30: 別表2(訪問系) | KB30: 補助基準額 | KC30: 39500 | KD30: 32920 | KE30: 26330 | KF30: 19750 | KG30: 13170 | KH30: 6580 | KP30: 別表2(訪問系) | KQ30: 補助基準額 | KR30: 39500 | KS30: 32920 | KT30: 26330 | KU30: 19750 | KV30: 13170 | KW30: 6580 | LE30: 別表2(訪問系) | LF30: 補助基準額 | LG30: 39500 | LH30: 32920 | LI30: 26330 | LJ30: 19750 | LK30: 13170 | LL30: 6580 | LT30: 別表2(訪問系) | LU30: 補助基準額 | LV30: 39500 | LW30: 32920 | LX30: 26330 | LY30: 19750 | LZ30: 13170 | MA30: 6580 | MI30: 別表2(訪問系) | MJ30: 補助基準額 | MK30: 39500 | ML30: 32920 | MM30: 26330 | MN30: 19750 | MO30: 13170 | MP30: 6580 | MX30: 別表2(訪問系) | MY30: 補助基準額 | MZ30: 39500 | NA30: 32920 | NB30: 26330 | NC30: 19750 | ND30: 13170 | NE30: 6580 | NM30: 別表2(訪問系) | NN30: 補助基準額 | NO30: 39500 | NP30: 32920 | NQ30: 26330 | NR30: 19750 | NS30: 13170 | NT30: 6580 | OB30: 別表2(訪問系) | OC30: 補助基準額 | OD30: 39500 | OE30: 32920 | OF30: 26330 | OG30: 19750 | OH30: 13170 | OI30: 6580 | OQ30: 別表2(訪問系) | OR30: 補助基準額 | OS30: 39500 | OT30: 32920 | OU30: 26330 | OV30: 19750 | OW30: 13170 | OX30: 6580 | PF30: 別表2(訪問系) | PG30: 補助基準額 | PH30: 39500 | PI30: 32920 | PJ30: 26330 | PK30: 19750 | PL30: 13170 | PM30: 6580 | PU30: 別表2(訪問系) | PV30: 補助基準額 | PW30: 39500 | PX30: 32920 | PY30: 26330 | PZ30: 19750 | QA30: 13170 | QB30: 6580
B31: 15～21 | C31: 補助額 | D31: =D30 -> 39500 | E31: =IF(ISBLANK(E$21),"",E$30) | F31: =IF(ISBLANK(F$21),"",F$30) | G31: =IF(ISBLANK(G$21),"",G$30) | H31: =IF(ISBLANK(H$21),"",H$30) | I31: =IF(ISBLANK(I$21),"",I$30) | Q31: 15～21 | R31: 補助額 | S31: =S30 -> 39500 | T31: =IF(ISBLANK(T$21),"",T$30) | U31: =IF(ISBLANK(U$21),"",U$30) | V31: =IF(ISBLANK(V$21),"",V$30) | W31: =IF(ISBLANK(W$21),"",W$30) | X31: =IF(ISBLANK(X$21),"",X$30) | AF31: 15～21 | AG31: 補助額 | AH31: =AH30 -> 39500 | AI31: =IF(ISBLANK(AI$21),"",AI$30) | AJ31: =IF(ISBLANK(AJ$21),"",AJ$30) | AK31: =IF(ISBLANK(AK$21),"",AK$30) | AL31: =IF(ISBLANK(AL$21),"",AL$30) | AM31: =IF(ISBLANK(AM$21),"",AM$30) | AU31: 15～21 | AV31: 補助額 | AW31: =AW30 -> 39500 | AX31: =IF(ISBLANK(AX$21),"",AX$30) | AY31: =IF(ISBLANK(AY$21),"",AY$30) | AZ31: =IF(ISBLANK(AZ$21),"",AZ$30) | BA31: =IF(ISBLANK(BA$21),"",BA$30) | BB31: =IF(ISBLANK(BB$21),"",BB$30) | BJ31: 15～21 | BK31: 補助額 | BL31: =BL30 -> 39500 | BM31: =IF(ISBLANK(BM$21),"",BM$30) | BN31: =IF(ISBLANK(BN$21),"",BN$30) | BO31: =IF(ISBLANK(BO$21),"",BO$30) | BP31: =IF(ISBLANK(BP$21),"",BP$30) | BQ31: =IF(ISBLANK(BQ$21),"",BQ$30) | BY31: 15～21 | BZ31: 補助額 | CA31: =CA30 -> 39500 | CB31: =IF(ISBLANK(CB$21),"",CB$30) | CC31: =IF(ISBLANK(CC$21),"",CC$30) | CD31: =IF(ISBLANK(CD$21),"",CD$30) | CE31: =IF(ISBLANK(CE$21),"",CE$30) | CF31: =IF(ISBLANK(CF$21),"",CF$30) | CN31: 15～21 | CO31: 補助額 | CP31: =CP30 -> 39500 | CQ31: =IF(ISBLANK(CQ$21),"",CQ$30) | CR31: =IF(ISBLANK(CR$21),"",CR$30) | CS31: =IF(ISBLANK(CS$21),"",CS$30) | CT31: =IF(ISBLANK(CT$21),"",CT$30) | CU31: =IF(ISBLANK(CU$21),"",CU$30) | DC31: 15～21 | DD31: 補助額 | DE31: =DE30 -> 39500 | DF31: =IF(ISBLANK(DF$21),"",DF$30) | DG31: =IF(ISBLANK(DG$21),"",DG$30) | DH31: =IF(ISBLANK(DH$21),"",DH$30) | DI31: =IF(ISBLANK(DI$21),"",DI$30) | DJ31: =IF(ISBLANK(DJ$21),"",DJ$30) | DR31: 15～21 | DS31: 補助額 | DT31: =DT30 -> 39500 | DU31: =IF(ISBLANK(DU$21),"",DU$30) | DV31: =IF(ISBLANK(DV$21),"",DV$30) | DW31: =IF(ISBLANK(DW$21),"",DW$30) | DX31: =IF(ISBLANK(DX$21),"",DX$30) | DY31: =IF(ISBLANK(DY$21),"",DY$30) | EG31: 15～21 | EH31: 補助額 | EI31: =EI30 -> 39500 | EJ31: =IF(ISBLANK(EJ$21),"",EJ$30) | EK31: =IF(ISBLANK(EK$21),"",EK$30) | EL31: =IF(ISBLANK(EL$21),"",EL$30) | EM31: =IF(ISBLANK(EM$21),"",EM$30) | EN31: =IF(ISBLANK(EN$21),"",EN$30) | EV31: 15～21 | EW31: 補助額 | EX31: =EX30 -> 39500 | EY31: =IF(ISBLANK(EY$21),"",EY$30) | EZ31: =IF(ISBLANK(EZ$21),"",EZ$30) | FA31: =IF(ISBLANK(FA$21),"",FA$30) | FB31: =IF(ISBLANK(FB$21),"",FB$30) | FC31: =IF(ISBLANK(FC$21),"",FC$30) | FK31: 15～21 | FL31: 補助額 | FM31: =FM30 -> 39500 | FN31: =IF(ISBLANK(FN$21),"",FN$30) | FO31: =IF(ISBLANK(FO$21),"",FO$30) | FP31: =IF(ISBLANK(FP$21),"",FP$30) | FQ31: =IF(ISBLANK(FQ$21),"",FQ$30) | FR31: =IF(ISBLANK(FR$21),"",FR$30) | FZ31: 15～21 | GA31: 補助額 | GB31: =GB30 -> 39500 | GC31: =IF(ISBLANK(GC$21),"",GC$30) | GD31: =IF(ISBLANK(GD$21),"",GD$30) | GE31: =IF(ISBLANK(GE$21),"",GE$30) | GF31: =IF(ISBLANK(GF$21),"",GF$30) | GG31: =IF(ISBLANK(GG$21),"",GG$30) | GO31: 15～21 | GP31: 補助額 | GQ31: =GQ30 -> 39500 | GR31: =IF(ISBLANK(GR$21),"",GR$30) | GS31: =IF(ISBLANK(GS$21),"",GS$30) | GT31: =IF(ISBLANK(GT$21),"",GT$30) | GU31: =IF(ISBLANK(GU$21),"",GU$30) | GV31: =IF(ISBLANK(GV$21),"",GV$30) | HD31: 15～21 | HE31: 補助額 | HF31: =HF30 -> 39500 | HG31: =IF(ISBLANK(HG$21),"",HG$30) | HH31: =IF(ISBLANK(HH$21),"",HH$30) | HI31: =IF(ISBLANK(HI$21),"",HI$30) | HJ31: =IF(ISBLANK(HJ$21),"",HJ$30) | HK31: =IF(ISBLANK(HK$21),"",HK$30) | HS31: 15～21 | HT31: 補助額 | HU31: =HU30 -> 39500 | HV31: =IF(ISBLANK(HV$21),"",HV$30) | HW31: =IF(ISBLANK(HW$21),"",HW$30) | HX31: =IF(ISBLANK(HX$21),"",HX$30) | HY31: =IF(ISBLANK(HY$21),"",HY$30) | HZ31: =IF(ISBLANK(HZ$21),"",HZ$30) | IH31: 15～21 | II31: 補助額 | IJ31: =IJ30 -> 39500 | IK31: =IF(ISBLANK(IK$21),"",IK$30) | IL31: =IF(ISBLANK(IL$21),"",IL$30) | IM31: =IF(ISBLANK(IM$21),"",IM$30) | IN31: =IF(ISBLANK(IN$21),"",IN$30) | IO31: =IF(ISBLANK(IO$21),"",IO$30) | IW31: 15～21 | IX31: 補助額 | IY31: =IY30 -> 39500 | IZ31: =IF(ISBLANK(IZ$21),"",IZ$30) | JA31: =IF(ISBLANK(JA$21),"",JA$30) | JB31: =IF(ISBLANK(JB$21),"",JB$30) | JC31: =IF(ISBLANK(JC$21),"",JC$30) | JD31: =IF(ISBLANK(JD$21),"",JD$30) | JL31: 15～21 | JM31: 補助額 | JN31: =JN30 -> 39500 | JO31: =IF(ISBLANK(JO$21),"",JO$30) | JP31: =IF(ISBLANK(JP$21),"",JP$30) | JQ31: =IF(ISBLANK(JQ$21),"",JQ$30) | JR31: =IF(ISBLANK(JR$21),"",JR$30) | JS31: =IF(ISBLANK(JS$21),"",JS$30) | KA31: 15～21 | KB31: 補助額 | KC31: =KC30 -> 39500 | KD31: =IF(ISBLANK(KD$21),"",KD$30) | KE31: =IF(ISBLANK(KE$21),"",KE$30) | KF31: =IF(ISBLANK(KF$21),"",KF$30) | KG31: =IF(ISBLANK(KG$21),"",KG$30) | KH31: =IF(ISBLANK(KH$21),"",KH$30) | KP31: 15～21 | KQ31: 補助額 | KR31: =KR30 -> 39500 | KS31: =IF(ISBLANK(KS$21),"",KS$30) | KT31: =IF(ISBLANK(KT$21),"",KT$30) | KU31: =IF(ISBLANK(KU$21),"",KU$30) | KV31: =IF(ISBLANK(KV$21),"",KV$30) | KW31: =IF(ISBLANK(KW$21),"",KW$30) | LE31: 15～21 | LF31: 補助額 | LG31: =LG30 -> 39500 | LH31: =IF(ISBLANK(LH$21),"",LH$30) | LI31: =IF(ISBLANK(LI$21),"",LI$30) | LJ31: =IF(ISBLANK(LJ$21),"",LJ$30) | LK31: =IF(ISBLANK(LK$21),"",LK$30) | LL31: =IF(ISBLANK(LL$21),"",LL$30) | LT31: 15～21 | LU31: 補助額 | LV31: =LV30 -> 39500 | LW31: =IF(ISBLANK(LW$21),"",LW$30) | LX31: =IF(ISBLANK(LX$21),"",LX$30) | LY31: =IF(ISBLANK(LY$21),"",LY$30) | LZ31: =IF(ISBLANK(LZ$21),"",LZ$30) | MA31: =IF(ISBLANK(MA$21),"",MA$30) | MI31: 15～21 | MJ31: 補助額 | MK31: =MK30 -> 39500 | ML31: =IF(ISBLANK(ML$21),"",ML$30) | MM31: =IF(ISBLANK(MM$21),"",MM$30) | MN31: =IF(ISBLANK(MN$21),"",MN$30) | MO31: =IF(ISBLANK(MO$21),"",MO$30) | MP31: =IF(ISBLANK(MP$21),"",MP$30) | MX31: 15～21 | MY31: 補助額 | MZ31: =MZ30 -> 39500 | NA31: =IF(ISBLANK(NA$21),"",NA$30) | NB31: =IF(ISBLANK(NB$21),"",NB$30) | NC31: =IF(ISBLANK(NC$21),"",NC$30) | ND31: =IF(ISBLANK(ND$21),"",ND$30) | NE31: =IF(ISBLANK(NE$21),"",NE$30) | NM31: 15～21 | NN31: 補助額 | NO31: =NO30 -> 39500 | NP31: =IF(ISBLANK(NP$21),"",NP$30) | NQ31: =IF(ISBLANK(NQ$21),"",NQ$30) | NR31: =IF(ISBLANK(NR$21),"",NR$30) | NS31: =IF(ISBLANK(NS$21),"",NS$30) | NT31: =IF(ISBLANK(NT$21),"",NT$30) | OB31: 15～21 | OC31: 補助額 | OD31: =OD30 -> 39500 | OE31: =IF(ISBLANK(OE$21),"",OE$30) | OF31: =IF(ISBLANK(OF$21),"",OF$30) | OG31: =IF(ISBLANK(OG$21),"",OG$30) | OH31: =IF(ISBLANK(OH$21),"",OH$30) | OI31: =IF(ISBLANK(OI$21),"",OI$30) | OQ31: 15～21 | OR31: 補助額 | OS31: =OS30 -> 39500 | OT31: =IF(ISBLANK(OT$21),"",OT$30) | OU31: =IF(ISBLANK(OU$21),"",OU$30) | OV31: =IF(ISBLANK(OV$21),"",OV$30) | OW31: =IF(ISBLANK(OW$21),"",OW$30) | OX31: =IF(ISBLANK(OX$21),"",OX$30) | PF31: 15～21 | PG31: 補助額 | PH31: =PH30 -> 39500 | PI31: =IF(ISBLANK(PI$21),"",PI$30) | PJ31: =IF(ISBLANK(PJ$21),"",PJ$30) | PK31: =IF(ISBLANK(PK$21),"",PK$30) | PL31: =IF(ISBLANK(PL$21),"",PL$30) | PM31: =IF(ISBLANK(PM$21),"",PM$30) | PU31: 15～21 | PV31: 補助額 | PW31: =PW30 -> 39500 | PX31: =IF(ISBLANK(PX$21),"",PX$30) | PY31: =IF(ISBLANK(PY$21),"",PY$30) | PZ31: =IF(ISBLANK(PZ$21),"",PZ$30) | QA31: =IF(ISBLANK(QA$21),"",QA$30) | QB31: =IF(ISBLANK(QB$21),"",QB$30)
C32: 計 | D32: =MIN(D31:I31) -> 39500 | R32: 計 | S32: =MIN(S31:X31) -> 39500 | AG32: 計 | AH32: =MIN(AH31:AM31) -> 39500 | AV32: 計 | AW32: =MIN(AW31:BB31) -> 39500 | BK32: 計 | BL32: =MIN(BL31:BQ31) -> 39500 | BZ32: 計 | CA32: =MIN(CA31:CF31) -> 39500 | CO32: 計 | CP32: =MIN(CP31:CU31) -> 39500 | DD32: 計 | DE32: =MIN(DE31:DJ31) -> 39500 | DS32: 計 | DT32: =MIN(DT31:DY31) -> 39500 | EH32: 計 | EI32: =MIN(EI31:EN31) -> 39500 | EW32: 計 | EX32: =MIN(EX31:FC31) -> 39500 | FL32: 計 | FM32: =MIN(FM31:FR31) -> 39500 | GA32: 計 | GB32: =MIN(GB31:GG31) -> 39500 | GP32: 計 | GQ32: =MIN(GQ31:GV31) -> 39500 | HE32: 計 | HF32: =MIN(HF31:HK31) -> 39500 | HT32: 計 | HU32: =MIN(HU31:HZ31) -> 39500 | II32: 計 | IJ32: =MIN(IJ31:IO31) -> 39500 | IX32: 計 | IY32: =MIN(IY31:JD31) -> 39500 | JM32: 計 | JN32: =MIN(JN31:JS31) -> 39500 | KB32: 計 | KC32: =MIN(KC31:KH31) -> 39500 | KQ32: 計 | KR32: =MIN(KR31:KW31) -> 39500 | LF32: 計 | LG32: =MIN(LG31:LL31) -> 39500 | LU32: 計 | LV32: =MIN(LV31:MA31) -> 39500 | MJ32: 計 | MK32: =MIN(MK31:MP31) -> 39500 | MY32: 計 | MZ32: =MIN(MZ31:NE31) -> 39500 | NN32: 計 | NO32: =MIN(NO31:NT31) -> 39500 | OC32: 計 | OD32: =MIN(OD31:OI31) -> 39500 | OR32: 計 | OS32: =MIN(OS31:OX31) -> 39500 | PG32: 計 | PH32: =MIN(PH31:PM31) -> 39500 | PV32: 計 | PW32: =MIN(PW31:QB31) -> 39500
B33: 別表2(相談系) | C33: 補助基準額 | D33: 15800 | E33: 13170 | F33: 10530 | G33: 7900 | H33: 5270 | I33: 2630 | Q33: 別表2(相談系) | R33: 補助基準額 | S33: 15800 | T33: 13170 | U33: 10530 | V33: 7900 | W33: 5270 | X33: 2630 | AF33: 別表2(相談系) | AG33: 補助基準額 | AH33: 15800 | AI33: 13170 | AJ33: 10530 | AK33: 7900 | AL33: 5270 | AM33: 2630 | AU33: 別表2(相談系) | AV33: 補助基準額 | AW33: 15800 | AX33: 13170 | AY33: 10530 | AZ33: 7900 | BA33: 5270 | BB33: 2630 | BJ33: 別表2(相談系) | BK33: 補助基準額 | BL33: 15800 | BM33: 13170 | BN33: 10530 | BO33: 7900 | BP33: 5270 | BQ33: 2630 | BY33: 別表2(相談系) | BZ33: 補助基準額 | CA33: 15800 | CB33: 13170 | CC33: 10530 | CD33: 7900 | CE33: 5270 | CF33: 2630 | CN33: 別表2(相談系) | CO33: 補助基準額 | CP33: 15800 | CQ33: 13170 | CR33: 10530 | CS33: 7900 | CT33: 5270 | CU33: 2630 | DC33: 別表2(相談系) | DD33: 補助基準額 | DE33: 15800 | DF33: 13170 | DG33: 10530 | DH33: 7900 | DI33: 5270 | DJ33: 2630 | DR33: 別表2(相談系) | DS33: 補助基準額 | DT33: 15800 | DU33: 13170 | DV33: 10530 | DW33: 7900 | DX33: 5270 | DY33: 2630 | EG33: 別表2(相談系) | EH33: 補助基準額 | EI33: 15800 | EJ33: 13170 | EK33: 10530 | EL33: 7900 | EM33: 5270 | EN33: 2630 | EV33: 別表2(相談系) | EW33: 補助基準額 | EX33: 15800 | EY33: 13170 | EZ33: 10530 | FA33: 7900 | FB33: 5270 | FC33: 2630 | FK33: 別表2(相談系) | FL33: 補助基準額 | FM33: 15800 | FN33: 13170 | FO33: 10530 | FP33: 7900 | FQ33: 5270 | FR33: 2630 | FZ33: 別表2(相談系) | GA33: 補助基準額 | GB33: 15800 | GC33: 13170 | GD33: 10530 | GE33: 7900 | GF33: 5270 | GG33: 2630 | GO33: 別表2(相談系) | GP33: 補助基準額 | GQ33: 15800 | GR33: 13170 | GS33: 10530 | GT33: 7900 | GU33: 5270 | GV33: 2630 | HD33: 別表2(相談系) | HE33: 補助基準額 | HF33: 15800 | HG33: 13170 | HH33: 10530 | HI33: 7900 | HJ33: 5270 | HK33: 2630 | HS33: 別表2(相談系) | HT33: 補助基準額 | HU33: 15800 | HV33: 13170 | HW33: 10530 | HX33: 7900 | HY33: 5270 | HZ33: 2630 | IH33: 別表2(相談系) | II33: 補助基準額 | IJ33: 15800 | IK33: 13170 | IL33: 10530 | IM33: 7900 | IN33: 5270 | IO33: 2630 | IW33: 別表2(相談系) | IX33: 補助基準額 | IY33: 15800 | IZ33: 13170 | JA33: 10530 | JB33: 7900 | JC33: 5270 | JD33: 2630 | JL33: 別表2(相談系) | JM33: 補助基準額 | JN33: 15800 | JO33: 13170 | JP33: 10530 | JQ33: 7900 | JR33: 5270 | JS33: 2630 | KA33: 別表2(相談系) | KB33: 補助基準額 | KC33: 15800 | KD33: 13170 | KE33: 10530 | KF33: 7900 | KG33: 5270 | KH33: 2630 | KP33: 別表2(相談系) | KQ33: 補助基準額 | KR33: 15800 | KS33: 13170 | KT33: 10530 | KU33: 7900 | KV33: 5270 | KW33: 2630 | LE33: 別表2(相談系) | LF33: 補助基準額 | LG33: 15800 | LH33: 13170 | LI33: 10530 | LJ33: 7900 | LK33: 5270 | LL33: 2630 | LT33: 別表2(相談系) | LU33: 補助基準額 | LV33: 15800 | LW33: 13170 | LX33: 10530 | LY33: 7900 | LZ33: 5270 | MA33: 2630 | MI33: 別表2(相談系) | MJ33: 補助基準額 | MK33: 15800 | ML33: 13170 | MM33: 10530 | MN33: 7900 | MO33: 5270 | MP33: 2630 | MX33: 別表2(相談系) | MY33: 補助基準額 | MZ33: 15800 | NA33: 13170 | NB33: 10530 | NC33: 7900 | ND33: 5270 | NE33: 2630 | NM33: 別表2(相談系) | NN33: 補助基準額 | NO33: 15800 | NP33: 13170 | NQ33: 10530 | NR33: 7900 | NS33: 5270 | NT33: 2630 | OB33: 別表2(相談系) | OC33: 補助基準額 | OD33: 15800 | OE33: 13170 | OF33: 10530 | OG33: 7900 | OH33: 5270 | OI33: 2630 | OQ33: 別表2(相談系) | OR33: 補助基準額 | OS33: 15800 | OT33: 13170 | OU33: 10530 | OV33: 7900 | OW33: 5270 | OX33: 2630 | PF33: 別表2(相談系) | PG33: 補助基準額 | PH33: 15800 | PI33: 13170 | PJ33: 10530 | PK33: 7900 | PL33: 5270 | PM33: 2630 | PU33: 別表2(相談系) | PV33: 補助基準額 | PW33: 15800 | PX33: 13170 | PY33: 10530 | PZ33: 7900 | QA33: 5270 | QB33: 2630
B34: 22～26 | C34: 補助額 | D34: =D33 -> 15800 | E34: =IF(ISBLANK(E$21),"",E$33) | F34: =IF(ISBLANK(F$21),"",F$33) | G34: =IF(ISBLANK(G$21),"",G$33) | H34: =IF(ISBLANK(H$21),"",H$33) | I34: =IF(ISBLANK(I$21),"",I$33) | Q34: 22～26 | R34: 補助額 | S34: =S33 -> 15800 | T34: =IF(ISBLANK(T$21),"",T$33) | U34: =IF(ISBLANK(U$21),"",U$33) | V34: =IF(ISBLANK(V$21),"",V$33) | W34: =IF(ISBLANK(W$21),"",W$33) | X34: =IF(ISBLANK(X$21),"",X$33) | AF34: 22～26 | AG34: 補助額 | AH34: =AH33 -> 15800 | AI34: =IF(ISBLANK(AI$21),"",AI$33) | AJ34: =IF(ISBLANK(AJ$21),"",AJ$33) | AK34: =IF(ISBLANK(AK$21),"",AK$33) | AL34: =IF(ISBLANK(AL$21),"",AL$33) | AM34: =IF(ISBLANK(AM$21),"",AM$33) | AU34: 22～26 | AV34: 補助額 | AW34: =AW33 -> 15800 | AX34: =IF(ISBLANK(AX$21),"",AX$33) | AY34: =IF(ISBLANK(AY$21),"",AY$33) | AZ34: =IF(ISBLANK(AZ$21),"",AZ$33) | BA34: =IF(ISBLANK(BA$21),"",BA$33) | BB34: =IF(ISBLANK(BB$21),"",BB$33) | BJ34: 22～26 | BK34: 補助額 | BL34: =BL33 -> 15800 | BM34: =IF(ISBLANK(BM$21),"",BM$33) | BN34: =IF(ISBLANK(BN$21),"",BN$33) | BO34: =IF(ISBLANK(BO$21),"",BO$33) | BP34: =IF(ISBLANK(BP$21),"",BP$33) | BQ34: =IF(ISBLANK(BQ$21),"",BQ$33) | BY34: 22～26 | BZ34: 補助額 | CA34: =CA33 -> 15800 | CB34: =IF(ISBLANK(CB$21),"",CB$33) | CC34: =IF(ISBLANK(CC$21),"",CC$33) | CD34: =IF(ISBLANK(CD$21),"",CD$33) | CE34: =IF(ISBLANK(CE$21),"",CE$33) | CF34: =IF(ISBLANK(CF$21),"",CF$33) | CN34: 22～26 | CO34: 補助額 | CP34: =CP33 -> 15800 | CQ34: =IF(ISBLANK(CQ$21),"",CQ$33) | CR34: =IF(ISBLANK(CR$21),"",CR$33) | CS34: =IF(ISBLANK(CS$21),"",CS$33) | CT34: =IF(ISBLANK(CT$21),"",CT$33) | CU34: =IF(ISBLANK(CU$21),"",CU$33) | DC34: 22～26 | DD34: 補助額 | DE34: =DE33 -> 15800 | DF34: =IF(ISBLANK(DF$21),"",DF$33) | DG34: =IF(ISBLANK(DG$21),"",DG$33) | DH34: =IF(ISBLANK(DH$21),"",DH$33) | DI34: =IF(ISBLANK(DI$21),"",DI$33) | DJ34: =IF(ISBLANK(DJ$21),"",DJ$33) | DR34: 22～26 | DS34: 補助額 | DT34: =DT33 -> 15800 | DU34: =IF(ISBLANK(DU$21),"",DU$33) | DV34: =IF(ISBLANK(DV$21),"",DV$33) | DW34: =IF(ISBLANK(DW$21),"",DW$33) | DX34: =IF(ISBLANK(DX$21),"",DX$33) | DY34: =IF(ISBLANK(DY$21),"",DY$33) | EG34: 22～26 | EH34: 補助額 | EI34: =EI33 -> 15800 | EJ34: =IF(ISBLANK(EJ$21),"",EJ$33) | EK34: =IF(ISBLANK(EK$21),"",EK$33) | EL34: =IF(ISBLANK(EL$21),"",EL$33) | EM34: =IF(ISBLANK(EM$21),"",EM$33) | EN34: =IF(ISBLANK(EN$21),"",EN$33) | EV34: 22～26 | EW34: 補助額 | EX34: =EX33 -> 15800 | EY34: =IF(ISBLANK(EY$21),"",EY$33) | EZ34: =IF(ISBLANK(EZ$21),"",EZ$33) | FA34: =IF(ISBLANK(FA$21),"",FA$33) | FB34: =IF(ISBLANK(FB$21),"",FB$33) | FC34: =IF(ISBLANK(FC$21),"",FC$33) | FK34: 22～26 | FL34: 補助額 | FM34: =FM33 -> 15800 | FN34: =IF(ISBLANK(FN$21),"",FN$33) | FO34: =IF(ISBLANK(FO$21),"",FO$33) | FP34: =IF(ISBLANK(FP$21),"",FP$33) | FQ34: =IF(ISBLANK(FQ$21),"",FQ$33) | FR34: =IF(ISBLANK(FR$21),"",FR$33) | FZ34: 22～26 | GA34: 補助額 | GB34: =GB33 -> 15800 | GC34: =IF(ISBLANK(GC$21),"",GC$33) | GD34: =IF(ISBLANK(GD$21),"",GD$33) | GE34: =IF(ISBLANK(GE$21),"",GE$33) | GF34: =IF(ISBLANK(GF$21),"",GF$33) | GG34: =IF(ISBLANK(GG$21),"",GG$33) | GO34: 22～26 | GP34: 補助額 | GQ34: =GQ33 -> 15800 | GR34: =IF(ISBLANK(GR$21),"",GR$33) | GS34: =IF(ISBLANK(GS$21),"",GS$33) | GT34: =IF(ISBLANK(GT$21),"",GT$33) | GU34: =IF(ISBLANK(GU$21),"",GU$33) | GV34: =IF(ISBLANK(GV$21),"",GV$33) | HD34: 22～26 | HE34: 補助額 | HF34: =HF33 -> 15800 | HG34: =IF(ISBLANK(HG$21),"",HG$33) | HH34: =IF(ISBLANK(HH$21),"",HH$33) | HI34: =IF(ISBLANK(HI$21),"",HI$33) | HJ34: =IF(ISBLANK(HJ$21),"",HJ$33) | HK34: =IF(ISBLANK(HK$21),"",HK$33) | HS34: 22～26 | HT34: 補助額 | HU34: =HU33 -> 15800 | HV34: =IF(ISBLANK(HV$21),"",HV$33) | HW34: =IF(ISBLANK(HW$21),"",HW$33) | HX34: =IF(ISBLANK(HX$21),"",HX$33) | HY34: =IF(ISBLANK(HY$21),"",HY$33) | HZ34: =IF(ISBLANK(HZ$21),"",HZ$33) | IH34: 22～26 | II34: 補助額 | IJ34: =IJ33 -> 15800 | IK34: =IF(ISBLANK(IK$21),"",IK$33) | IL34: =IF(ISBLANK(IL$21),"",IL$33) | IM34: =IF(ISBLANK(IM$21),"",IM$33) | IN34: =IF(ISBLANK(IN$21),"",IN$33) | IO34: =IF(ISBLANK(IO$21),"",IO$33) | IW34: 22～26 | IX34: 補助額 | IY34: =IY33 -> 15800 | IZ34: =IF(ISBLANK(IZ$21),"",IZ$33) | JA34: =IF(ISBLANK(JA$21),"",JA$33) | JB34: =IF(ISBLANK(JB$21),"",JB$33) | JC34: =IF(ISBLANK(JC$21),"",JC$33) | JD34: =IF(ISBLANK(JD$21),"",JD$33) | JL34: 22～26 | JM34: 補助額 | JN34: =JN33 -> 15800 | JO34: =IF(ISBLANK(JO$21),"",JO$33) | JP34: =IF(ISBLANK(JP$21),"",JP$33) | JQ34: =IF(ISBLANK(JQ$21),"",JQ$33) | JR34: =IF(ISBLANK(JR$21),"",JR$33) | JS34: =IF(ISBLANK(JS$21),"",JS$33) | KA34: 22～26 | KB34: 補助額 | KC34: =KC33 -> 15800 | KD34: =IF(ISBLANK(KD$21),"",KD$33) | KE34: =IF(ISBLANK(KE$21),"",KE$33) | KF34: =IF(ISBLANK(KF$21),"",KF$33) | KG34: =IF(ISBLANK(KG$21),"",KG$33) | KH34: =IF(ISBLANK(KH$21),"",KH$33) | KP34: 22～26 | KQ34: 補助額 | KR34: =KR33 -> 15800 | KS34: =IF(ISBLANK(KS$21),"",KS$33) | KT34: =IF(ISBLANK(KT$21),"",KT$33) | KU34: =IF(ISBLANK(KU$21),"",KU$33) | KV34: =IF(ISBLANK(KV$21),"",KV$33) | KW34: =IF(ISBLANK(KW$21),"",KW$33) | LE34: 22～26 | LF34: 補助額 | LG34: =LG33 -> 15800 | LH34: =IF(ISBLANK(LH$21),"",LH$33) | LI34: =IF(ISBLANK(LI$21),"",LI$33) | LJ34: =IF(ISBLANK(LJ$21),"",LJ$33) | LK34: =IF(ISBLANK(LK$21),"",LK$33) | LL34: =IF(ISBLANK(LL$21),"",LL$33) | LT34: 22～26 | LU34: 補助額 | LV34: =LV33 -> 15800 | LW34: =IF(ISBLANK(LW$21),"",LW$33) | LX34: =IF(ISBLANK(LX$21),"",LX$33) | LY34: =IF(ISBLANK(LY$21),"",LY$33) | LZ34: =IF(ISBLANK(LZ$21),"",LZ$33) | MA34: =IF(ISBLANK(MA$21),"",MA$33) | MI34: 22～26 | MJ34: 補助額 | MK34: =MK33 -> 15800 | ML34: =IF(ISBLANK(ML$21),"",ML$33) | MM34: =IF(ISBLANK(MM$21),"",MM$33) | MN34: =IF(ISBLANK(MN$21),"",MN$33) | MO34: =IF(ISBLANK(MO$21),"",MO$33) | MP34: =IF(ISBLANK(MP$21),"",MP$33) | MX34: 22～26 | MY34: 補助額 | MZ34: =MZ33 -> 15800 | NA34: =IF(ISBLANK(NA$21),"",NA$33) | NB34: =IF(ISBLANK(NB$21),"",NB$33) | NC34: =IF(ISBLANK(NC$21),"",NC$33) | ND34: =IF(ISBLANK(ND$21),"",ND$33) | NE34: =IF(ISBLANK(NE$21),"",NE$33) | NM34: 22～26 | NN34: 補助額 | NO34: =NO33 -> 15800 | NP34: =IF(ISBLANK(NP$21),"",NP$33) | NQ34: =IF(ISBLANK(NQ$21),"",NQ$33) | NR34: =IF(ISBLANK(NR$21),"",NR$33) | NS34: =IF(ISBLANK(NS$21),"",NS$33) | NT34: =IF(ISBLANK(NT$21),"",NT$33) | OB34: 22～26 | OC34: 補助額 | OD34: =OD33 -> 15800 | OE34: =IF(ISBLANK(OE$21),"",OE$33) | OF34: =IF(ISBLANK(OF$21),"",OF$33) | OG34: =IF(ISBLANK(OG$21),"",OG$33) | OH34: =IF(ISBLANK(OH$21),"",OH$33) | OI34: =IF(ISBLANK(OI$21),"",OI$33) | OQ34: 22～26 | OR34: 補助額 | OS34: =OS33 -> 15800 | OT34: =IF(ISBLANK(OT$21),"",OT$33) | OU34: =IF(ISBLANK(OU$21),"",OU$33) | OV34: =IF(ISBLANK(OV$21),"",OV$33) | OW34: =IF(ISBLANK(OW$21),"",OW$33) | OX34: =IF(ISBLANK(OX$21),"",OX$33) | PF34: 22～26 | PG34: 補助額 | PH34: =PH33 -> 15800 | PI34: =IF(ISBLANK(PI$21),"",PI$33) | PJ34: =IF(ISBLANK(PJ$21),"",PJ$33) | PK34: =IF(ISBLANK(PK$21),"",PK$33) | PL34: =IF(ISBLANK(PL$21),"",PL$33) | PM34: =IF(ISBLANK(PM$21),"",PM$33) | PU34: 22～26 | PV34: 補助額 | PW34: =PW33 -> 15800 | PX34: =IF(ISBLANK(PX$21),"",PX$33) | PY34: =IF(ISBLANK(PY$21),"",PY$33) | PZ34: =IF(ISBLANK(PZ$21),"",PZ$33) | QA34: =IF(ISBLANK(QA$21),"",QA$33) | QB34: =IF(ISBLANK(QB$21),"",QB$33)
C35: 計 | D35: =MIN(D34:I34) -> 15800 | R35: 計 | S35: =MIN(S34:X34) -> 15800 | AG35: 計 | AH35: =MIN(AH34:AM34) -> 15800 | AV35: 計 | AW35: =MIN(AW34:BB34) -> 15800 | BK35: 計 | BL35: =MIN(BL34:BQ34) -> 15800 | BZ35: 計 | CA35: =MIN(CA34:CF34) -> 15800 | CO35: 計 | CP35: =MIN(CP34:CU34) -> 15800 | DD35: 計 | DE35: =MIN(DE34:DJ34) -> 15800 | DS35: 計 | DT35: =MIN(DT34:DY34) -> 15800 | EH35: 計 | EI35: =MIN(EI34:EN34) -> 15800 | EW35: 計 | EX35: =MIN(EX34:FC34) -> 15800 | FL35: 計 | FM35: =MIN(FM34:FR34) -> 15800 | GA35: 計 | GB35: =MIN(GB34:GG34) -> 15800 | GP35: 計 | GQ35: =MIN(GQ34:GV34) -> 15800 | HE35: 計 | HF35: =MIN(HF34:HK34) -> 15800 | HT35: 計 | HU35: =MIN(HU34:HZ34) -> 15800 | II35: 計 | IJ35: =MIN(IJ34:IO34) -> 15800 | IX35: 計 | IY35: =MIN(IY34:JD34) -> 15800 | JM35: 計 | JN35: =MIN(JN34:JS34) -> 15800 | KB35: 計 | KC35: =MIN(KC34:KH34) -> 15800 | KQ35: 計 | KR35: =MIN(KR34:KW34) -> 15800 | LF35: 計 | LG35: =MIN(LG34:LL34) -> 15800 | LU35: 計 | LV35: =MIN(LV34:MA34) -> 15800 | MJ35: 計 | MK35: =MIN(MK34:MP34) -> 15800 | MY35: 計 | MZ35: =MIN(MZ34:NE34) -> 15800 | NN35: 計 | NO35: =MIN(NO34:NT34) -> 15800 | OC35: 計 | OD35: =MIN(OD34:OI34) -> 15800 | OR35: 計 | OS35: =MIN(OS34:OX34) -> 15800 | PG35: 計 | PH35: =MIN(PH34:PM34) -> 15800 | PV35: 計 | PW35: =MIN(PW34:QB34) -> 15800
C37: 1 | D37: =D$26 -> 0 | E37: ①令和６年10月から令和７年３月の各月１日時点における定員数に補助基準額（2,962円）を乗じて得た額の合計を基準額（Ａ）とする。 | F37: 令和６年度 各月１日時点の定員数（名） | H37: 定員数 | I37: 食材費 | R37: 1 | S37: =S$26 -> 0 | T37: ①令和６年10月から令和７年３月の各月１日時点における定員数に補助基準額（2,962円）を乗じて得た額の合計を基準額（Ａ）とする。 | U37: 令和６年度 各月１日時点の定員数（名） | W37: 定員数 | X37: 食材費 | AG37: 1 | AH37: =AH$26 -> 0 | AI37: ①令和６年10月から令和７年３月の各月１日時点における定員数に補助基準額（2,962円）を乗じて得た額の合計を基準額（Ａ）とする。 | AJ37: 令和６年度 各月１日時点の定員数（名） | AL37: 定員数 | AM37: 食材費 | AV37: 1 | AW37: =AW$26 -> 0 | AX37: ①令和６年10月から令和７年３月の各月１日時点における定員数に補助基準額（2,962円）を乗じて得た額の合計を基準額（Ａ）とする。 | AY37: 令和６年度 各月１日時点の定員数（名） | BA37: 定員数 | BB37: 食材費 | BK37: 1 | BL37: =BL$26 -> 0 | BM37: ①令和６年10月から令和７年３月の各月１日時点における定員数に補助基準額（2,962円）を乗じて得た額の合計を基準額（Ａ）とする。 | BN37: 令和６年度 各月１日時点の定員数（名） | BP37: 定員数 | BQ37: 食材費 | BZ37: 1 | CA37: =CA$26 -> 0 | CB37: ①令和６年10月から令和７年３月の各月１日時点における定員数に補助基準額（2,962円）を乗じて得た額の合計を基準額（Ａ）とする。 | CC37: 令和６年度 各月１日時点の定員数（名） | CE37: 定員数 | CF37: 食材費 | CO37: 1 | CP37: =CP$26 -> 0 | CQ37: ①令和６年10月から令和７年３月の各月１日時点における定員数に補助基準額（2,962円）を乗じて得た額の合計を基準額（Ａ）とする。 | CR37: 令和６年度 各月１日時点の定員数（名） | CT37: 定員数 | CU37: 食材費 | DD37: 1 | DE37: =DE$26 -> 0 | DF37: ①令和６年10月から令和７年３月の各月１日時点における定員数に補助基準額（2,962円）を乗じて得た額の合計を基準額（Ａ）とする。 | DG37: 令和６年度 各月１日時点の定員数（名） | DI37: 定員数 | DJ37: 食材費 | DS37: 1 | DT37: =DT$26 -> 0 | DU37: ①令和６年10月から令和７年３月の各月１日時点における定員数に補助基準額（2,962円）を乗じて得た額の合計を基準額（Ａ）とする。 | DV37: 令和６年度 各月１日時点の定員数（名） | DX37: 定員数 | DY37: 食材費 | EH37: 1 | EI37: =EI$26 -> 0 | EJ37: ①令和６年10月から令和７年３月の各月１日時点における定員数に補助基準額（2,962円）を乗じて得た額の合計を基準額（Ａ）とする。 | EK37: 令和６年度 各月１日時点の定員数（名） | EM37: 定員数 | EN37: 食材費 | EW37: 1 | EX37: =EX$26 -> 0 | EY37: ①令和６年10月から令和７年３月の各月１日時点における定員数に補助基準額（2,962円）を乗じて得た額の合計を基準額（Ａ）とする。 | EZ37: 令和６年度 各月１日時点の定員数（名） | FB37: 定員数 | FC37: 食材費 | FL37: 1 | FM37: =FM$26 -> 0 | FN37: ①令和６年10月から令和７年３月の各月１日時点における定員数に補助基準額（2,962円）を乗じて得た額の合計を基準額（Ａ）とする。 | FO37: 令和６年度 各月１日時点の定員数（名） | FQ37: 定員数 | FR37: 食材費 | GA37: 1 | GB37: =GB$26 -> 0 | GC37: ①令和６年10月から令和７年３月の各月１日時点における定員数に補助基準額（2,962円）を乗じて得た額の合計を基準額（Ａ）とする。 | GD37: 令和６年度 各月１日時点の定員数（名） | GF37: 定員数 | GG37: 食材費 | GP37: 1 | GQ37: =GQ$26 -> 0 | GR37: ①令和６年10月から令和７年３月の各月１日時点における定員数に補助基準額（2,962円）を乗じて得た額の合計を基準額（Ａ）とする。 | GS37: 令和６年度 各月１日時点の定員数（名） | GU37: 定員数 | GV37: 食材費 | HE37: 1 | HF37: =HF$26 -> 0 | HG37: ①令和６年10月から令和７年３月の各月１日時点における定員数に補助基準額（2,962円）を乗じて得た額の合計を基準額（Ａ）とする。 | HH37: 令和６年度 各月１日時点の定員数（名） | HJ37: 定員数 | HK37: 食材費 | HT37: 1 | HU37: =HU$26 -> 0 | HV37: ①令和６年10月から令和７年３月の各月１日時点における定員数に補助基準額（2,962円）を乗じて得た額の合計を基準額（Ａ）とする。 | HW37: 令和６年度 各月１日時点の定員数（名） | HY37: 定員数 | HZ37: 食材費 | II37: 1 | IJ37: =IJ$26 -> 0 | IK37: ①令和６年10月から令和７年３月の各月１日時点における定員数に補助基準額（2,962円）を乗じて得た額の合計を基準額（Ａ）とする。 | IL37: 令和６年度 各月１日時点の定員数（名） | IN37: 定員数 | IO37: 食材費 | IX37: 1 | IY37: =IY$26 -> 0 | IZ37: ①令和６年10月から令和７年３月の各月１日時点における定員数に補助基準額（2,962円）を乗じて得た額の合計を基準額（Ａ）とする。 | JA37: 令和６年度 各月１日時点の定員数（名） | JC37: 定員数 | JD37: 食材費 | JM37: 1 | JN37: =JN$26 -> 0 | JO37: ①令和６年10月から令和７年３月の各月１日時点における定員数に補助基準額（2,962円）を乗じて得た額の合計を基準額（Ａ）とする。 | JP37: 令和６年度 各月１日時点の定員数（名） | JR37: 定員数 | JS37: 食材費 | KB37: 1 | KC37: =KC$26 -> 0 | KD37: ①令和６年10月から令和７年３月の各月１日時点における定員数に補助基準額（2,962円）を乗じて得た額の合計を基準額（Ａ）とする。 | KE37: 令和６年度 各月１日時点の定員数（名） | KG37: 定員数 | KH37: 食材費 | KQ37: 1 | KR37: =KR$26 -> 0 | KS37: ①令和６年10月から令和７年３月の各月１日時点における定員数に補助基準額（2,962円）を乗じて得た額の合計を基準額（Ａ）とする。 | KT37: 令和６年度 各月１日時点の定員数（名） | KV37: 定員数 | KW37: 食材費 | LF37: 1 | LG37: =LG$26 -> 0 | LH37: ①令和６年10月から令和７年３月の各月１日時点における定員数に補助基準額（2,962円）を乗じて得た額の合計を基準額（Ａ）とする。 | LI37: 令和６年度 各月１日時点の定員数（名） | LK37: 定員数 | LL37: 食材費 | LU37: 1 | LV37: =LV$26 -> 0 | LW37: ①令和６年10月から令和７年３月の各月１日時点における定員数に補助基準額（2,962円）を乗じて得た額の合計を基準額（Ａ）とする。 | LX37: 令和６年度 各月１日時点の定員数（名） | LZ37: 定員数 | MA37: 食材費 | MJ37: 1 | MK37: =MK$26 -> 0 | ML37: ①令和６年10月から令和７年３月の各月１日時点における定員数に補助基準額（2,962円）を乗じて得た額の合計を基準額（Ａ）とする。 | MM37: 令和６年度 各月１日時点の定員数（名） | MO37: 定員数 | MP37: 食材費 | MY37: 1 | MZ37: =MZ$26 -> 0 | NA37: ①令和６年10月から令和７年３月の各月１日時点における定員数に補助基準額（2,962円）を乗じて得た額の合計を基準額（Ａ）とする。 | NB37: 令和６年度 各月１日時点の定員数（名） | ND37: 定員数 | NE37: 食材費 | NN37: 1 | NO37: =NO$26 -> 0 | NP37: ①令和６年10月から令和７年３月の各月１日時点における定員数に補助基準額（2,962円）を乗じて得た額の合計を基準額（Ａ）とする。 | NQ37: 令和６年度 各月１日時点の定員数（名） | NS37: 定員数 | NT37: 食材費 | OC37: 1 | OD37: =OD$26 -> 0 | OE37: ①令和６年10月から令和７年３月の各月１日時点における定員数に補助基準額（2,962円）を乗じて得た額の合計を基準額（Ａ）とする。 | OF37: 令和６年度 各月１日時点の定員数（名） | OH37: 定員数 | OI37: 食材費 | OR37: 1 | OS37: =OS$26 -> 0 | OT37: ①令和６年10月から令和７年３月の各月１日時点における定員数に補助基準額（2,962円）を乗じて得た額の合計を基準額（Ａ）とする。 | OU37: 令和６年度 各月１日時点の定員数（名） | OW37: 定員数 | OX37: 食材費 | PG37: 1 | PH37: =PH$26 -> 0 | PI37: ①令和６年10月から令和７年３月の各月１日時点における定員数に補助基準額（2,962円）を乗じて得た額の合計を基準額（Ａ）とする。 | PJ37: 令和６年度 各月１日時点の定員数（名） | PL37: 定員数 | PM37: 食材費 | PV37: 1 | PW37: =PW$26 -> 0 | PX37: ①令和６年10月から令和７年３月の各月１日時点における定員数に補助基準額（2,962円）を乗じて得た額の合計を基準額（Ａ）とする。 | PY37: 令和６年度 各月１日時点の定員数（名） | QA37: 定員数 | QB37: 食材費
C38: 2 | D38: =D$26 -> 0 | E38: ①令和６年10月から令和７年３月の各月１日時点における定員数に補助基準額（2,962円）を乗じて得た額の合計を基準額（Ａ）とする。 | F38: 令和６年度 各月１日時点の定員数（名） | H38: 定員数 | I38: 食材費 | R38: 2 | S38: =S$26 -> 0 | T38: ①令和６年10月から令和７年３月の各月１日時点における定員数に補助基準額（2,962円）を乗じて得た額の合計を基準額（Ａ）とする。 | U38: 令和６年度 各月１日時点の定員数（名） | W38: 定員数 | X38: 食材費 | AG38: 2 | AH38: =AH$26 -> 0 | AI38: ①令和６年10月から令和７年３月の各月１日時点における定員数に補助基準額（2,962円）を乗じて得た額の合計を基準額（Ａ）とする。 | AJ38: 令和６年度 各月１日時点の定員数（名） | AL38: 定員数 | AM38: 食材費 | AV38: 2 | AW38: =AW$26 -> 0 | AX38: ①令和６年10月から令和７年３月の各月１日時点における定員数に補助基準額（2,962円）を乗じて得た額の合計を基準額（Ａ）とする。 | AY38: 令和６年度 各月１日時点の定員数（名） | BA38: 定員数 | BB38: 食材費 | BK38: 2 | BL38: =BL$26 -> 0 | BM38: ①令和６年10月から令和７年３月の各月１日時点における定員数に補助基準額（2,962円）を乗じて得た額の合計を基準額（Ａ）とする。 | BN38: 令和６年度 各月１日時点の定員数（名） | BP38: 定員数 | BQ38: 食材費 | BZ38: 2 | CA38: =CA$26 -> 0 | CB38: ①令和６年10月から令和７年３月の各月１日時点における定員数に補助基準額（2,962円）を乗じて得た額の合計を基準額（Ａ）とする。 | CC38: 令和６年度 各月１日時点の定員数（名） | CE38: 定員数 | CF38: 食材費 | CO38: 2 | CP38: =CP$26 -> 0 | CQ38: ①令和６年10月から令和７年３月の各月１日時点における定員数に補助基準額（2,962円）を乗じて得た額の合計を基準額（Ａ）とする。 | CR38: 令和６年度 各月１日時点の定員数（名） | CT38: 定員数 | CU38: 食材費 | DD38: 2 | DE38: =DE$26 -> 0 | DF38: ①令和６年10月から令和７年３月の各月１日時点における定員数に補助基準額（2,962円）を乗じて得た額の合計を基準額（Ａ）とする。 | DG38: 令和６年度 各月１日時点の定員数（名） | DI38: 定員数 | DJ38: 食材費 | DS38: 2 | DT38: =DT$26 -> 0 | DU38: ①令和６年10月から令和７年３月の各月１日時点における定員数に補助基準額（2,962円）を乗じて得た額の合計を基準額（Ａ）とする。 | DV38: 令和６年度 各月１日時点の定員数（名） | DX38: 定員数 | DY38: 食材費 | EH38: 2 | EI38: =EI$26 -> 0 | EJ38: ①令和６年10月から令和７年３月の各月１日時点における定員数に補助基準額（2,962円）を乗じて得た額の合計を基準額（Ａ）とする。 | EK38: 令和６年度 各月１日時点の定員数（名） | EM38: 定員数 | EN38: 食材費 | EW38: 2 | EX38: =EX$26 -> 0 | EY38: ①令和６年10月から令和７年３月の各月１日時点における定員数に補助基準額（2,962円）を乗じて得た額の合計を基準額（Ａ）とする。 | EZ38: 令和６年度 各月１日時点の定員数（名） | FB38: 定員数 | FC38: 食材費 | FL38: 2 | FM38: =FM$26 -> 0 | FN38: ①令和６年10月から令和７年３月の各月１日時点における定員数に補助基準額（2,962円）を乗じて得た額の合計を基準額（Ａ）とする。 | FO38: 令和６年度 各月１日時点の定員数（名） | FQ38: 定員数 | FR38: 食材費 | GA38: 2 | GB38: =GB$26 -> 0 | GC38: ①令和６年10月から令和７年３月の各月１日時点における定員数に補助基準額（2,962円）を乗じて得た額の合計を基準額（Ａ）とする。 | GD38: 令和６年度 各月１日時点の定員数（名） | GF38: 定員数 | GG38: 食材費 | GP38: 2 | GQ38: =GQ$26 -> 0 | GR38: ①令和６年10月から令和７年３月の各月１日時点における定員数に補助基準額（2,962円）を乗じて得た額の合計を基準額（Ａ）とする。 | GS38: 令和６年度 各月１日時点の定員数（名） | GU38: 定員数 | GV38: 食材費 | HE38: 2 | HF38: =HF$26 -> 0 | HG38: ①令和６年10月から令和７年３月の各月１日時点における定員数に補助基準額（2,962円）を乗じて得た額の合計を基準額（Ａ）とする。 | HH38: 令和６年度 各月１日時点の定員数（名） | HJ38: 定員数 | HK38: 食材費 | HT38: 2 | HU38: =HU$26 -> 0 | HV38: ①令和６年10月から令和７年３月の各月１日時点における定員数に補助基準額（2,962円）を乗じて得た額の合計を基準額（Ａ）とする。 | HW38: 令和６年度 各月１日時点の定員数（名） | HY38: 定員数 | HZ38: 食材費 | II38: 2 | IJ38: =IJ$26 -> 0 | IK38: ①令和６年10月から令和７年３月の各月１日時点における定員数に補助基準額（2,962円）を乗じて得た額の合計を基準額（Ａ）とする。 | IL38: 令和６年度 各月１日時点の定員数（名） | IN38: 定員数 | IO38: 食材費 | IX38: 2 | IY38: =IY$26 -> 0 | IZ38: ①令和６年10月から令和７年３月の各月１日時点における定員数に補助基準額（2,962円）を乗じて得た額の合計を基準額（Ａ）とする。 | JA38: 令和６年度 各月１日時点の定員数（名） | JC38: 定員数 | JD38: 食材費 | JM38: 2 | JN38: =JN$26 -> 0 | JO38: ①令和６年10月から令和７年３月の各月１日時点における定員数に補助基準額（2,962円）を乗じて得た額の合計を基準額（Ａ）とする。 | JP38: 令和６年度 各月１日時点の定員数（名） | JR38: 定員数 | JS38: 食材費 | KB38: 2 | KC38: =KC$26 -> 0 | KD38: ①令和６年10月から令和７年３月の各月１日時点における定員数に補助基準額（2,962円）を乗じて得た額の合計を基準額（Ａ）とする。 | KE38: 令和６年度 各月１日時点の定員数（名） | KG38: 定員数 | KH38: 食材費 | KQ38: 2 | KR38: =KR$26 -> 0 | KS38: ①令和６年10月から令和７年３月の各月１日時点における定員数に補助基準額（2,962円）を乗じて得た額の合計を基準額（Ａ）とする。 | KT38: 令和６年度 各月１日時点の定員数（名） | KV38: 定員数 | KW38: 食材費 | LF38: 2 | LG38: =LG$26 -> 0 | LH38: ①令和６年10月から令和７年３月の各月１日時点における定員数に補助基準額（2,962円）を乗じて得た額の合計を基準額（Ａ）とする。 | LI38: 令和６年度 各月１日時点の定員数（名） | LK38: 定員数 | LL38: 食材費 | LU38: 2 | LV38: =LV$26 -> 0 | LW38: ①令和６年10月から令和７年３月の各月１日時点における定員数に補助基準額（2,962円）を乗じて得た額の合計を基準額（Ａ）とする。 | LX38: 令和６年度 各月１日時点の定員数（名） | LZ38: 定員数 | MA38: 食材費 | MJ38: 2 | MK38: =MK$26 -> 0 | ML38: ①令和６年10月から令和７年３月の各月１日時点における定員数に補助基準額（2,962円）を乗じて得た額の合計を基準額（Ａ）とする。 | MM38: 令和６年度 各月１日時点の定員数（名） | MO38: 定員数 | MP38: 食材費 | MY38: 2 | MZ38: =MZ$26 -> 0 | NA38: ①令和６年10月から令和７年３月の各月１日時点における定員数に補助基準額（2,962円）を乗じて得た額の合計を基準額（Ａ）とする。 | NB38: 令和６年度 各月１日時点の定員数（名） | ND38: 定員数 | NE38: 食材費 | NN38: 2 | NO38: =NO$26 -> 0 | NP38: ①令和６年10月から令和７年３月の各月１日時点における定員数に補助基準額（2,962円）を乗じて得た額の合計を基準額（Ａ）とする。 | NQ38: 令和６年度 各月１日時点の定員数（名） | NS38: 定員数 | NT38: 食材費 | OC38: 2 | OD38: =OD$26 -> 0 | OE38: ①令和６年10月から令和７年３月の各月１日時点における定員数に補助基準額（2,962円）を乗じて得た額の合計を基準額（Ａ）とする。 | OF38: 令和６年度 各月１日時点の定員数（名） | OH38: 定員数 | OI38: 食材費 | OR38: 2 | OS38: =OS$26 -> 0 | OT38: ①令和６年10月から令和７年３月の各月１日時点における定員数に補助基準額（2,962円）を乗じて得た額の合計を基準額（Ａ）とする。 | OU38: 令和６年度 各月１日時点の定員数（名） | OW38: 定員数 | OX38: 食材費 | PG38: 2 | PH38: =PH$26 -> 0 | PI38: ①令和６年10月から令和７年３月の各月１日時点における定員数に補助基準額（2,962円）を乗じて得た額の合計を基準額（Ａ）とする。 | PJ38: 令和６年度 各月１日時点の定員数（名） | PL38: 定員数 | PM38: 食材費 | PV38: 2 | PW38: =PW$26 -> 0 | PX38: ①令和６年10月から令和７年３月の各月１日時点における定員数に補助基準額（2,962円）を乗じて得た額の合計を基準額（Ａ）とする。 | PY38: 令和６年度 各月１日時点の定員数（名） | QA38: 定員数 | QB38: 食材費
C39: 3 | D39: =D$26 -> 0 | E39: ①令和６年10月から令和７年３月の各月１日時点における定員数に補助基準額（2,962円）を乗じて得た額の合計を基準額（Ａ）とする。 | F39: 令和６年度 各月１日時点の定員数（名） | H39: 定員数 | I39: 食材費 | R39: 3 | S39: =S$26 -> 0 | T39: ①令和６年10月から令和７年３月の各月１日時点における定員数に補助基準額（2,962円）を乗じて得た額の合計を基準額（Ａ）とする。 | U39: 令和６年度 各月１日時点の定員数（名） | W39: 定員数 | X39: 食材費 | AG39: 3 | AH39: =AH$26 -> 0 | AI39: ①令和６年10月から令和７年３月の各月１日時点における定員数に補助基準額（2,962円）を乗じて得た額の合計を基準額（Ａ）とする。 | AJ39: 令和６年度 各月１日時点の定員数（名） | AL39: 定員数 | AM39: 食材費 | AV39: 3 | AW39: =AW$26 -> 0 | AX39: ①令和６年10月から令和７年３月の各月１日時点における定員数に補助基準額（2,962円）を乗じて得た額の合計を基準額（Ａ）とする。 | AY39: 令和６年度 各月１日時点の定員数（名） | BA39: 定員数 | BB39: 食材費 | BK39: 3 | BL39: =BL$26 -> 0 | BM39: ①令和６年10月から令和７年３月の各月１日時点における定員数に補助基準額（2,962円）を乗じて得た額の合計を基準額（Ａ）とする。 | BN39: 令和６年度 各月１日時点の定員数（名） | BP39: 定員数 | BQ39: 食材費 | BZ39: 3 | CA39: =CA$26 -> 0 | CB39: ①令和６年10月から令和７年３月の各月１日時点における定員数に補助基準額（2,962円）を乗じて得た額の合計を基準額（Ａ）とする。 | CC39: 令和６年度 各月１日時点の定員数（名） | CE39: 定員数 | CF39: 食材費 | CO39: 3 | CP39: =CP$26 -> 0 | CQ39: ①令和６年10月から令和７年３月の各月１日時点における定員数に補助基準額（2,962円）を乗じて得た額の合計を基準額（Ａ）とする。 | CR39: 令和６年度 各月１日時点の定員数（名） | CT39: 定員数 | CU39: 食材費 | DD39: 3 | DE39: =DE$26 -> 0 | DF39: ①令和６年10月から令和７年３月の各月１日時点における定員数に補助基準額（2,962円）を乗じて得た額の合計を基準額（Ａ）とする。 | DG39: 令和６年度 各月１日時点の定員数（名） | DI39: 定員数 | DJ39: 食材費 | DS39: 3 | DT39: =DT$26 -> 0 | DU39: ①令和６年10月から令和７年３月の各月１日時点における定員数に補助基準額（2,962円）を乗じて得た額の合計を基準額（Ａ）とする。 | DV39: 令和６年度 各月１日時点の定員数（名） | DX39: 定員数 | DY39: 食材費 | EH39: 3 | EI39: =EI$26 -> 0 | EJ39: ①令和６年10月から令和７年３月の各月１日時点における定員数に補助基準額（2,962円）を乗じて得た額の合計を基準額（Ａ）とする。 | EK39: 令和６年度 各月１日時点の定員数（名） | EM39: 定員数 | EN39: 食材費 | EW39: 3 | EX39: =EX$26 -> 0 | EY39: ①令和６年10月から令和７年３月の各月１日時点における定員数に補助基準額（2,962円）を乗じて得た額の合計を基準額（Ａ）とする。 | EZ39: 令和６年度 各月１日時点の定員数（名） | FB39: 定員数 | FC39: 食材費 | FL39: 3 | FM39: =FM$26 -> 0 | FN39: ①令和６年10月から令和７年３月の各月１日時点における定員数に補助基準額（2,962円）を乗じて得た額の合計を基準額（Ａ）とする。 | FO39: 令和６年度 各月１日時点の定員数（名） | FQ39: 定員数 | FR39: 食材費 | GA39: 3 | GB39: =GB$26 -> 0 | GC39: ①令和６年10月から令和７年３月の各月１日時点における定員数に補助基準額（2,962円）を乗じて得た額の合計を基準額（Ａ）とする。 | GD39: 令和６年度 各月１日時点の定員数（名） | GF39: 定員数 | GG39: 食材費 | GP39: 3 | GQ39: =GQ$26 -> 0 | GR39: ①令和６年10月から令和７年３月の各月１日時点における定員数に補助基準額（2,962円）を乗じて得た額の合計を基準額（Ａ）とする。 | GS39: 令和６年度 各月１日時点の定員数（名） | GU39: 定員数 | GV39: 食材費 | HE39: 3 | HF39: =HF$26 -> 0 | HG39: ①令和６年10月から令和７年３月の各月１日時点における定員数に補助基準額（2,962円）を乗じて得た額の合計を基準額（Ａ）とする。 | HH39: 令和６年度 各月１日時点の定員数（名） | HJ39: 定員数 | HK39: 食材費 | HT39: 3 | HU39: =HU$26 -> 0 | HV39: ①令和６年10月から令和７年３月の各月１日時点における定員数に補助基準額（2,962円）を乗じて得た額の合計を基準額（Ａ）とする。 | HW39: 令和６年度 各月１日時点の定員数（名） | HY39: 定員数 | HZ39: 食材費 | II39: 3 | IJ39: =IJ$26 -> 0 | IK39: ①令和６年10月から令和７年３月の各月１日時点における定員数に補助基準額（2,962円）を乗じて得た額の合計を基準額（Ａ）とする。 | IL39: 令和６年度 各月１日時点の定員数（名） | IN39: 定員数 | IO39: 食材費 | IX39: 3 | IY39: =IY$26 -> 0 | IZ39: ①令和６年10月から令和７年３月の各月１日時点における定員数に補助基準額（2,962円）を乗じて得た額の合計を基準額（Ａ）とする。 | JA39: 令和６年度 各月１日時点の定員数（名） | JC39: 定員数 | JD39: 食材費 | JM39: 3 | JN39: =JN$26 -> 0 | JO39: ①令和６年10月から令和７年３月の各月１日時点における定員数に補助基準額（2,962円）を乗じて得た額の合計を基準額（Ａ）とする。 | JP39: 令和６年度 各月１日時点の定員数（名） | JR39: 定員数 | JS39: 食材費 | KB39: 3 | KC39: =KC$26 -> 0 | KD39: ①令和６年10月から令和７年３月の各月１日時点における定員数に補助基準額（2,962円）を乗じて得た額の合計を基準額（Ａ）とする。 | KE39: 令和６年度 各月１日時点の定員数（名） | KG39: 定員数 | KH39: 食材費 | KQ39: 3 | KR39: =KR$26 -> 0 | KS39: ①令和６年10月から令和７年３月の各月１日時点における定員数に補助基準額（2,962円）を乗じて得た額の合計を基準額（Ａ）とする。 | KT39: 令和６年度 各月１日時点の定員数（名） | KV39: 定員数 | KW39: 食材費 | LF39: 3 | LG39: =LG$26 -> 0 | LH39: ①令和６年10月から令和７年３月の各月１日時点における定員数に補助基準額（2,962円）を乗じて得た額の合計を基準額（Ａ）とする。 | LI39: 令和６年度 各月１日時点の定員数（名） | LK39: 定員数 | LL39: 食材費 | LU39: 3 | LV39: =LV$26 -> 0 | LW39: ①令和６年10月から令和７年３月の各月１日時点における定員数に補助基準額（2,962円）を乗じて得た額の合計を基準額（Ａ）とする。 | LX39: 令和６年度 各月１日時点の定員数（名） | LZ39: 定員数 | MA39: 食材費 | MJ39: 3 | MK39: =MK$26 -> 0 | ML39: ①令和６年10月から令和７年３月の各月１日時点における定員数に補助基準額（2,962円）を乗じて得た額の合計を基準額（Ａ）とする。 | MM39: 令和６年度 各月１日時点の定員数（名） | MO39: 定員数 | MP39: 食材費 | MY39: 3 | MZ39: =MZ$26 -> 0 | NA39: ①令和６年10月から令和７年３月の各月１日時点における定員数に補助基準額（2,962円）を乗じて得た額の合計を基準額（Ａ）とする。 | NB39: 令和６年度 各月１日時点の定員数（名） | ND39: 定員数 | NE39: 食材費 | NN39: 3 | NO39: =NO$26 -> 0 | NP39: ①令和６年10月から令和７年３月の各月１日時点における定員数に補助基準額（2,962円）を乗じて得た額の合計を基準額（Ａ）とする。 | NQ39: 令和６年度 各月１日時点の定員数（名） | NS39: 定員数 | NT39: 食材費 | OC39: 3 | OD39: =OD$26 -> 0 | OE39: ①令和６年10月から令和７年３月の各月１日時点における定員数に補助基準額（2,962円）を乗じて得た額の合計を基準額（Ａ）とする。 | OF39: 令和６年度 各月１日時点の定員数（名） | OH39: 定員数 | OI39: 食材費 | OR39: 3 | OS39: =OS$26 -> 0 | OT39: ①令和６年10月から令和７年３月の各月１日時点における定員数に補助基準額（2,962円）を乗じて得た額の合計を基準額（Ａ）とする。 | OU39: 令和６年度 各月１日時点の定員数（名） | OW39: 定員数 | OX39: 食材費 | PG39: 3 | PH39: =PH$26 -> 0 | PI39: ①令和６年10月から令和７年３月の各月１日時点における定員数に補助基準額（2,962円）を乗じて得た額の合計を基準額（Ａ）とする。 | PJ39: 令和６年度 各月１日時点の定員数（名） | PL39: 定員数 | PM39: 食材費 | PV39: 3 | PW39: =PW$26 -> 0 | PX39: ①令和６年10月から令和７年３月の各月１日時点における定員数に補助基準額（2,962円）を乗じて得た額の合計を基準額（Ａ）とする。 | PY39: 令和６年度 各月１日時点の定員数（名） | QA39: 定員数 | QB39: 食材費
C40: 4 | D40: =D$26 -> 0 | E40: ①令和６年10月から令和７年３月の各月１日時点における定員数に補助基準額（2,962円）を乗じて得た額の合計を基準額（Ａ）とする。 | F40: 令和６年度 各月１日時点の定員数（名） | H40: 定員数 | I40: 食材費 | R40: 4 | S40: =S$26 -> 0 | T40: ①令和６年10月から令和７年３月の各月１日時点における定員数に補助基準額（2,962円）を乗じて得た額の合計を基準額（Ａ）とする。 | U40: 令和６年度 各月１日時点の定員数（名） | W40: 定員数 | X40: 食材費 | AG40: 4 | AH40: =AH$26 -> 0 | AI40: ①令和６年10月から令和７年３月の各月１日時点における定員数に補助基準額（2,962円）を乗じて得た額の合計を基準額（Ａ）とする。 | AJ40: 令和６年度 各月１日時点の定員数（名） | AL40: 定員数 | AM40: 食材費 | AV40: 4 | AW40: =AW$26 -> 0 | AX40: ①令和６年10月から令和７年３月の各月１日時点における定員数に補助基準額（2,962円）を乗じて得た額の合計を基準額（Ａ）とする。 | AY40: 令和６年度 各月１日時点の定員数（名） | BA40: 定員数 | BB40: 食材費 | BK40: 4 | BL40: =BL$26 -> 0 | BM40: ①令和６年10月から令和７年３月の各月１日時点における定員数に補助基準額（2,962円）を乗じて得た額の合計を基準額（Ａ）とする。 | BN40: 令和６年度 各月１日時点の定員数（名） | BP40: 定員数 | BQ40: 食材費 | BZ40: 4 | CA40: =CA$26 -> 0 | CB40: ①令和６年10月から令和７年３月の各月１日時点における定員数に補助基準額（2,962円）を乗じて得た額の合計を基準額（Ａ）とする。 | CC40: 令和６年度 各月１日時点の定員数（名） | CE40: 定員数 | CF40: 食材費 | CO40: 4 | CP40: =CP$26 -> 0 | CQ40: ①令和６年10月から令和７年３月の各月１日時点における定員数に補助基準額（2,962円）を乗じて得た額の合計を基準額（Ａ）とする。 | CR40: 令和６年度 各月１日時点の定員数（名） | CT40: 定員数 | CU40: 食材費 | DD40: 4 | DE40: =DE$26 -> 0 | DF40: ①令和６年10月から令和７年３月の各月１日時点における定員数に補助基準額（2,962円）を乗じて得た額の合計を基準額（Ａ）とする。 | DG40: 令和６年度 各月１日時点の定員数（名） | DI40: 定員数 | DJ40: 食材費 | DS40: 4 | DT40: =DT$26 -> 0 | DU40: ①令和６年10月から令和７年３月の各月１日時点における定員数に補助基準額（2,962円）を乗じて得た額の合計を基準額（Ａ）とする。 | DV40: 令和６年度 各月１日時点の定員数（名） | DX40: 定員数 | DY40: 食材費 | EH40: 4 | EI40: =EI$26 -> 0 | EJ40: ①令和６年10月から令和７年３月の各月１日時点における定員数に補助基準額（2,962円）を乗じて得た額の合計を基準額（Ａ）とする。 | EK40: 令和６年度 各月１日時点の定員数（名） | EM40: 定員数 | EN40: 食材費 | EW40: 4 | EX40: =EX$26 -> 0 | EY40: ①令和６年10月から令和７年３月の各月１日時点における定員数に補助基準額（2,962円）を乗じて得た額の合計を基準額（Ａ）とする。 | EZ40: 令和６年度 各月１日時点の定員数（名） | FB40: 定員数 | FC40: 食材費 | FL40: 4 | FM40: =FM$26 -> 0 | FN40: ①令和６年10月から令和７年３月の各月１日時点における定員数に補助基準額（2,962円）を乗じて得た額の合計を基準額（Ａ）とする。 | FO40: 令和６年度 各月１日時点の定員数（名） | FQ40: 定員数 | FR40: 食材費 | GA40: 4 | GB40: =GB$26 -> 0 | GC40: ①令和６年10月から令和７年３月の各月１日時点における定員数に補助基準額（2,962円）を乗じて得た額の合計を基準額（Ａ）とする。 | GD40: 令和６年度 各月１日時点の定員数（名） | GF40: 定員数 | GG40: 食材費 | GP40: 4 | GQ40: =GQ$26 -> 0 | GR40: ①令和６年10月から令和７年３月の各月１日時点における定員数に補助基準額（2,962円）を乗じて得た額の合計を基準額（Ａ）とする。 | GS40: 令和６年度 各月１日時点の定員数（名） | GU40: 定員数 | GV40: 食材費 | HE40: 4 | HF40: =HF$26 -> 0 | HG40: ①令和６年10月から令和７年３月の各月１日時点における定員数に補助基準額（2,962円）を乗じて得た額の合計を基準額（Ａ）とする。 | HH40: 令和６年度 各月１日時点の定員数（名） | HJ40: 定員数 | HK40: 食材費 | HT40: 4 | HU40: =HU$26 -> 0 | HV40: ①令和６年10月から令和７年３月の各月１日時点における定員数に補助基準額（2,962円）を乗じて得た額の合計を基準額（Ａ）とする。 | HW40: 令和６年度 各月１日時点の定員数（名） | HY40: 定員数 | HZ40: 食材費 | II40: 4 | IJ40: =IJ$26 -> 0 | IK40: ①令和６年10月から令和７年３月の各月１日時点における定員数に補助基準額（2,962円）を乗じて得た額の合計を基準額（Ａ）とする。 | IL40: 令和６年度 各月１日時点の定員数（名） | IN40: 定員数 | IO40: 食材費 | IX40: 4 | IY40: =IY$26 -> 0 | IZ40: ①令和６年10月から令和７年３月の各月１日時点における定員数に補助基準額（2,962円）を乗じて得た額の合計を基準額（Ａ）とする。 | JA40: 令和６年度 各月１日時点の定員数（名） | JC40: 定員数 | JD40: 食材費 | JM40: 4 | JN40: =JN$26 -> 0 | JO40: ①令和６年10月から令和７年３月の各月１日時点における定員数に補助基準額（2,962円）を乗じて得た額の合計を基準額（Ａ）とする。 | JP40: 令和６年度 各月１日時点の定員数（名） | JR40: 定員数 | JS40: 食材費 | KB40: 4 | KC40: =KC$26 -> 0 | KD40: ①令和６年10月から令和７年３月の各月１日時点における定員数に補助基準額（2,962円）を乗じて得た額の合計を基準額（Ａ）とする。 | KE40: 令和６年度 各月１日時点の定員数（名） | KG40: 定員数 | KH40: 食材費 | KQ40: 4 | KR40: =KR$26 -> 0 | KS40: ①令和６年10月から令和７年３月の各月１日時点における定員数に補助基準額（2,962円）を乗じて得た額の合計を基準額（Ａ）とする。 | KT40: 令和６年度 各月１日時点の定員数（名） | KV40: 定員数 | KW40: 食材費 | LF40: 4 | LG40: =LG$26 -> 0 | LH40: ①令和６年10月から令和７年３月の各月１日時点における定員数に補助基準額（2,962円）を乗じて得た額の合計を基準額（Ａ）とする。 | LI40: 令和６年度 各月１日時点の定員数（名） | LK40: 定員数 | LL40: 食材費 | LU40: 4 | LV40: =LV$26 -> 0 | LW40: ①令和６年10月から令和７年３月の各月１日時点における定員数に補助基準額（2,962円）を乗じて得た額の合計を基準額（Ａ）とする。 | LX40: 令和６年度 各月１日時点の定員数（名） | LZ40: 定員数 | MA40: 食材費 | MJ40: 4 | MK40: =MK$26 -> 0 | ML40: ①令和６年10月から令和７年３月の各月１日時点における定員数に補助基準額（2,962円）を乗じて得た額の合計を基準額（Ａ）とする。 | MM40: 令和６年度 各月１日時点の定員数（名） | MO40: 定員数 | MP40: 食材費 | MY40: 4 | MZ40: =MZ$26 -> 0 | NA40: ①令和６年10月から令和７年３月の各月１日時点における定員数に補助基準額（2,962円）を乗じて得た額の合計を基準額（Ａ）とする。 | NB40: 令和６年度 各月１日時点の定員数（名） | ND40: 定員数 | NE40: 食材費 | NN40: 4 | NO40: =NO$26 -> 0 | NP40: ①令和６年10月から令和７年３月の各月１日時点における定員数に補助基準額（2,962円）を乗じて得た額の合計を基準額（Ａ）とする。 | NQ40: 令和６年度 各月１日時点の定員数（名） | NS40: 定員数 | NT40: 食材費 | OC40: 4 | OD40: =OD$26 -> 0 | OE40: ①令和６年10月から令和７年３月の各月１日時点における定員数に補助基準額（2,962円）を乗じて得た額の合計を基準額（Ａ）とする。 | OF40: 令和６年度 各月１日時点の定員数（名） | OH40: 定員数 | OI40: 食材費 | OR40: 4 | OS40: =OS$26 -> 0 | OT40: ①令和６年10月から令和７年３月の各月１日時点における定員数に補助基準額（2,962円）を乗じて得た額の合計を基準額（Ａ）とする。 | OU40: 令和６年度 各月１日時点の定員数（名） | OW40: 定員数 | OX40: 食材費 | PG40: 4 | PH40: =PH$26 -> 0 | PI40: ①令和６年10月から令和７年３月の各月１日時点における定員数に補助基準額（2,962円）を乗じて得た額の合計を基準額（Ａ）とする。 | PJ40: 令和６年度 各月１日時点の定員数（名） | PL40: 定員数 | PM40: 食材費 | PV40: 4 | PW40: =PW$26 -> 0 | PX40: ①令和６年10月から令和７年３月の各月１日時点における定員数に補助基準額（2,962円）を乗じて得た額の合計を基準額（Ａ）とする。 | PY40: 令和６年度 各月１日時点の定員数（名） | QA40: 定員数 | QB40: 食材費
C41: 5 | D41: =D$26 -> 0 | E41: ①令和６年10月から令和７年３月の各月１日時点における定員数に補助基準額（2,962円）を乗じて得た額の合計を基準額（Ａ）とする。 | F41: 令和６年度 各月１日時点の定員数（名） | H41: 定員数 | I41: 食材費 | R41: 5 | S41: =S$26 -> 0 | T41: ①令和６年10月から令和７年３月の各月１日時点における定員数に補助基準額（2,962円）を乗じて得た額の合計を基準額（Ａ）とする。 | U41: 令和６年度 各月１日時点の定員数（名） | W41: 定員数 | X41: 食材費 | AG41: 5 | AH41: =AH$26 -> 0 | AI41: ①令和６年10月から令和７年３月の各月１日時点における定員数に補助基準額（2,962円）を乗じて得た額の合計を基準額（Ａ）とする。 | AJ41: 令和６年度 各月１日時点の定員数（名） | AL41: 定員数 | AM41: 食材費 | AV41: 5 | AW41: =AW$26 -> 0 | AX41: ①令和６年10月から令和７年３月の各月１日時点における定員数に補助基準額（2,962円）を乗じて得た額の合計を基準額（Ａ）とする。 | AY41: 令和６年度 各月１日時点の定員数（名） | BA41: 定員数 | BB41: 食材費 | BK41: 5 | BL41: =BL$26 -> 0 | BM41: ①令和６年10月から令和７年３月の各月１日時点における定員数に補助基準額（2,962円）を乗じて得た額の合計を基準額（Ａ）とする。 | BN41: 令和６年度 各月１日時点の定員数（名） | BP41: 定員数 | BQ41: 食材費 | BZ41: 5 | CA41: =CA$26 -> 0 | CB41: ①令和６年10月から令和７年３月の各月１日時点における定員数に補助基準額（2,962円）を乗じて得た額の合計を基準額（Ａ）とする。 | CC41: 令和６年度 各月１日時点の定員数（名） | CE41: 定員数 | CF41: 食材費 | CO41: 5 | CP41: =CP$26 -> 0 | CQ41: ①令和６年10月から令和７年３月の各月１日時点における定員数に補助基準額（2,962円）を乗じて得た額の合計を基準額（Ａ）とする。 | CR41: 令和６年度 各月１日時点の定員数（名） | CT41: 定員数 | CU41: 食材費 | DD41: 5 | DE41: =DE$26 -> 0 | DF41: ①令和６年10月から令和７年３月の各月１日時点における定員数に補助基準額（2,962円）を乗じて得た額の合計を基準額（Ａ）とする。 | DG41: 令和６年度 各月１日時点の定員数（名） | DI41: 定員数 | DJ41: 食材費 | DS41: 5 | DT41: =DT$26 -> 0 | DU41: ①令和６年10月から令和７年３月の各月１日時点における定員数に補助基準額（2,962円）を乗じて得た額の合計を基準額（Ａ）とする。 | DV41: 令和６年度 各月１日時点の定員数（名） | DX41: 定員数 | DY41: 食材費 | EH41: 5 | EI41: =EI$26 -> 0 | EJ41: ①令和６年10月から令和７年３月の各月１日時点における定員数に補助基準額（2,962円）を乗じて得た額の合計を基準額（Ａ）とする。 | EK41: 令和６年度 各月１日時点の定員数（名） | EM41: 定員数 | EN41: 食材費 | EW41: 5 | EX41: =EX$26 -> 0 | EY41: ①令和６年10月から令和７年３月の各月１日時点における定員数に補助基準額（2,962円）を乗じて得た額の合計を基準額（Ａ）とする。 | EZ41: 令和６年度 各月１日時点の定員数（名） | FB41: 定員数 | FC41: 食材費 | FL41: 5 | FM41: =FM$26 -> 0 | FN41: ①令和６年10月から令和７年３月の各月１日時点における定員数に補助基準額（2,962円）を乗じて得た額の合計を基準額（Ａ）とする。 | FO41: 令和６年度 各月１日時点の定員数（名） | FQ41: 定員数 | FR41: 食材費 | GA41: 5 | GB41: =GB$26 -> 0 | GC41: ①令和６年10月から令和７年３月の各月１日時点における定員数に補助基準額（2,962円）を乗じて得た額の合計を基準額（Ａ）とする。 | GD41: 令和６年度 各月１日時点の定員数（名） | GF41: 定員数 | GG41: 食材費 | GP41: 5 | GQ41: =GQ$26 -> 0 | GR41: ①令和６年10月から令和７年３月の各月１日時点における定員数に補助基準額（2,962円）を乗じて得た額の合計を基準額（Ａ）とする。 | GS41: 令和６年度 各月１日時点の定員数（名） | GU41: 定員数 | GV41: 食材費 | HE41: 5 | HF41: =HF$26 -> 0 | HG41: ①令和６年10月から令和７年３月の各月１日時点における定員数に補助基準額（2,962円）を乗じて得た額の合計を基準額（Ａ）とする。 | HH41: 令和６年度 各月１日時点の定員数（名） | HJ41: 定員数 | HK41: 食材費 | HT41: 5 | HU41: =HU$26 -> 0 | HV41: ①令和６年10月から令和７年３月の各月１日時点における定員数に補助基準額（2,962円）を乗じて得た額の合計を基準額（Ａ）とする。 | HW41: 令和６年度 各月１日時点の定員数（名） | HY41: 定員数 | HZ41: 食材費 | II41: 5 | IJ41: =IJ$26 -> 0 | IK41: ①令和６年10月から令和７年３月の各月１日時点における定員数に補助基準額（2,962円）を乗じて得た額の合計を基準額（Ａ）とする。 | IL41: 令和６年度 各月１日時点の定員数（名） | IN41: 定員数 | IO41: 食材費 | IX41: 5 | IY41: =IY$26 -> 0 | IZ41: ①令和６年10月から令和７年３月の各月１日時点における定員数に補助基準額（2,962円）を乗じて得た額の合計を基準額（Ａ）とする。 | JA41: 令和６年度 各月１日時点の定員数（名） | JC41: 定員数 | JD41: 食材費 | JM41: 5 | JN41: =JN$26 -> 0 | JO41: ①令和６年10月から令和７年３月の各月１日時点における定員数に補助基準額（2,962円）を乗じて得た額の合計を基準額（Ａ）とする。 | JP41: 令和６年度 各月１日時点の定員数（名） | JR41: 定員数 | JS41: 食材費 | KB41: 5 | KC41: =KC$26 -> 0 | KD41: ①令和６年10月から令和７年３月の各月１日時点における定員数に補助基準額（2,962円）を乗じて得た額の合計を基準額（Ａ）とする。 | KE41: 令和６年度 各月１日時点の定員数（名） | KG41: 定員数 | KH41: 食材費 | KQ41: 5 | KR41: =KR$26 -> 0 | KS41: ①令和６年10月から令和７年３月の各月１日時点における定員数に補助基準額（2,962円）を乗じて得た額の合計を基準額（Ａ）とする。 | KT41: 令和６年度 各月１日時点の定員数（名） | KV41: 定員数 | KW41: 食材費 | LF41: 5 | LG41: =LG$26 -> 0 | LH41: ①令和６年10月から令和７年３月の各月１日時点における定員数に補助基準額（2,962円）を乗じて得た額の合計を基準額（Ａ）とする。 | LI41: 令和６年度 各月１日時点の定員数（名） | LK41: 定員数 | LL41: 食材費 | LU41: 5 | LV41: =LV$26 -> 0 | LW41: ①令和６年10月から令和７年３月の各月１日時点における定員数に補助基準額（2,962円）を乗じて得た額の合計を基準額（Ａ）とする。 | LX41: 令和６年度 各月１日時点の定員数（名） | LZ41: 定員数 | MA41: 食材費 | MJ41: 5 | MK41: =MK$26 -> 0 | ML41: ①令和６年10月から令和７年３月の各月１日時点における定員数に補助基準額（2,962円）を乗じて得た額の合計を基準額（Ａ）とする。 | MM41: 令和６年度 各月１日時点の定員数（名） | MO41: 定員数 | MP41: 食材費 | MY41: 5 | MZ41: =MZ$26 -> 0 | NA41: ①令和６年10月から令和７年３月の各月１日時点における定員数に補助基準額（2,962円）を乗じて得た額の合計を基準額（Ａ）とする。 | NB41: 令和６年度 各月１日時点の定員数（名） | ND41: 定員数 | NE41: 食材費 | NN41: 5 | NO41: =NO$26 -> 0 | NP41: ①令和６年10月から令和７年３月の各月１日時点における定員数に補助基準額（2,962円）を乗じて得た額の合計を基準額（Ａ）とする。 | NQ41: 令和６年度 各月１日時点の定員数（名） | NS41: 定員数 | NT41: 食材費 | OC41: 5 | OD41: =OD$26 -> 0 | OE41: ①令和６年10月から令和７年３月の各月１日時点における定員数に補助基準額（2,962円）を乗じて得た額の合計を基準額（Ａ）とする。 | OF41: 令和６年度 各月１日時点の定員数（名） | OH41: 定員数 | OI41: 食材費 | OR41: 5 | OS41: =OS$26 -> 0 | OT41: ①令和６年10月から令和７年３月の各月１日時点における定員数に補助基準額（2,962円）を乗じて得た額の合計を基準額（Ａ）とする。 | OU41: 令和６年度 各月１日時点の定員数（名） | OW41: 定員数 | OX41: 食材費 | PG41: 5 | PH41: =PH$26 -> 0 | PI41: ①令和６年10月から令和７年３月の各月１日時点における定員数に補助基準額（2,962円）を乗じて得た額の合計を基準額（Ａ）とする。 | PJ41: 令和６年度 各月１日時点の定員数（名） | PL41: 定員数 | PM41: 食材費 | PV41: 5 | PW41: =PW$26 -> 0 | PX41: ①令和６年10月から令和７年３月の各月１日時点における定員数に補助基準額（2,962円）を乗じて得た額の合計を基準額（Ａ）とする。 | PY41: 令和６年度 各月１日時点の定員数（名） | QA41: 定員数 | QB41: 食材費
C42: 6 | D42: =D$26 -> 0 | E42: ①令和６年10月から令和７年３月の各月１日時点における定員数に補助基準額（2,962円）を乗じて得た額の合計を基準額（Ａ）とする。 | F42: 令和６年度 各月１日時点の定員数（名） | H42: 定員数 | I42: 食材費 | R42: 6 | S42: =S$26 -> 0 | T42: ①令和６年10月から令和７年３月の各月１日時点における定員数に補助基準額（2,962円）を乗じて得た額の合計を基準額（Ａ）とする。 | U42: 令和６年度 各月１日時点の定員数（名） | W42: 定員数 | X42: 食材費 | AG42: 6 | AH42: =AH$26 -> 0 | AI42: ①令和６年10月から令和７年３月の各月１日時点における定員数に補助基準額（2,962円）を乗じて得た額の合計を基準額（Ａ）とする。 | AJ42: 令和６年度 各月１日時点の定員数（名） | AL42: 定員数 | AM42: 食材費 | AV42: 6 | AW42: =AW$26 -> 0 | AX42: ①令和６年10月から令和７年３月の各月１日時点における定員数に補助基準額（2,962円）を乗じて得た額の合計を基準額（Ａ）とする。 | AY42: 令和６年度 各月１日時点の定員数（名） | BA42: 定員数 | BB42: 食材費 | BK42: 6 | BL42: =BL$26 -> 0 | BM42: ①令和６年10月から令和７年３月の各月１日時点における定員数に補助基準額（2,962円）を乗じて得た額の合計を基準額（Ａ）とする。 | BN42: 令和６年度 各月１日時点の定員数（名） | BP42: 定員数 | BQ42: 食材費 | BZ42: 6 | CA42: =CA$26 -> 0 | CB42: ①令和６年10月から令和７年３月の各月１日時点における定員数に補助基準額（2,962円）を乗じて得た額の合計を基準額（Ａ）とする。 | CC42: 令和６年度 各月１日時点の定員数（名） | CE42: 定員数 | CF42: 食材費 | CO42: 6 | CP42: =CP$26 -> 0 | CQ42: ①令和６年10月から令和７年３月の各月１日時点における定員数に補助基準額（2,962円）を乗じて得た額の合計を基準額（Ａ）とする。 | CR42: 令和６年度 各月１日時点の定員数（名） | CT42: 定員数 | CU42: 食材費 | DD42: 6 | DE42: =DE$26 -> 0 | DF42: ①令和６年10月から令和７年３月の各月１日時点における定員数に補助基準額（2,962円）を乗じて得た額の合計を基準額（Ａ）とする。 | DG42: 令和６年度 各月１日時点の定員数（名） | DI42: 定員数 | DJ42: 食材費 | DS42: 6 | DT42: =DT$26 -> 0 | DU42: ①令和６年10月から令和７年３月の各月１日時点における定員数に補助基準額（2,962円）を乗じて得た額の合計を基準額（Ａ）とする。 | DV42: 令和６年度 各月１日時点の定員数（名） | DX42: 定員数 | DY42: 食材費 | EH42: 6 | EI42: =EI$26 -> 0 | EJ42: ①令和６年10月から令和７年３月の各月１日時点における定員数に補助基準額（2,962円）を乗じて得た額の合計を基準額（Ａ）とする。 | EK42: 令和６年度 各月１日時点の定員数（名） | EM42: 定員数 | EN42: 食材費 | EW42: 6 | EX42: =EX$26 -> 0 | EY42: ①令和６年10月から令和７年３月の各月１日時点における定員数に補助基準額（2,962円）を乗じて得た額の合計を基準額（Ａ）とする。 | EZ42: 令和６年度 各月１日時点の定員数（名） | FB42: 定員数 | FC42: 食材費 | FL42: 6 | FM42: =FM$26 -> 0 | FN42: ①令和６年10月から令和７年３月の各月１日時点における定員数に補助基準額（2,962円）を乗じて得た額の合計を基準額（Ａ）とする。 | FO42: 令和６年度 各月１日時点の定員数（名） | FQ42: 定員数 | FR42: 食材費 | GA42: 6 | GB42: =GB$26 -> 0 | GC42: ①令和６年10月から令和７年３月の各月１日時点における定員数に補助基準額（2,962円）を乗じて得た額の合計を基準額（Ａ）とする。 | GD42: 令和６年度 各月１日時点の定員数（名） | GF42: 定員数 | GG42: 食材費 | GP42: 6 | GQ42: =GQ$26 -> 0 | GR42: ①令和６年10月から令和７年３月の各月１日時点における定員数に補助基準額（2,962円）を乗じて得た額の合計を基準額（Ａ）とする。 | GS42: 令和６年度 各月１日時点の定員数（名） | GU42: 定員数 | GV42: 食材費 | HE42: 6 | HF42: =HF$26 -> 0 | HG42: ①令和６年10月から令和７年３月の各月１日時点における定員数に補助基準額（2,962円）を乗じて得た額の合計を基準額（Ａ）とする。 | HH42: 令和６年度 各月１日時点の定員数（名） | HJ42: 定員数 | HK42: 食材費 | HT42: 6 | HU42: =HU$26 -> 0 | HV42: ①令和６年10月から令和７年３月の各月１日時点における定員数に補助基準額（2,962円）を乗じて得た額の合計を基準額（Ａ）とする。 | HW42: 令和６年度 各月１日時点の定員数（名） | HY42: 定員数 | HZ42: 食材費 | II42: 6 | IJ42: =IJ$26 -> 0 | IK42: ①令和６年10月から令和７年３月の各月１日時点における定員数に補助基準額（2,962円）を乗じて得た額の合計を基準額（Ａ）とする。 | IL42: 令和６年度 各月１日時点の定員数（名） | IN42: 定員数 | IO42: 食材費 | IX42: 6 | IY42: =IY$26 -> 0 | IZ42: ①令和６年10月から令和７年３月の各月１日時点における定員数に補助基準額（2,962円）を乗じて得た額の合計を基準額（Ａ）とする。 | JA42: 令和６年度 各月１日時点の定員数（名） | JC42: 定員数 | JD42: 食材費 | JM42: 6 | JN42: =JN$26 -> 0 | JO42: ①令和６年10月から令和７年３月の各月１日時点における定員数に補助基準額（2,962円）を乗じて得た額の合計を基準額（Ａ）とする。 | JP42: 令和６年度 各月１日時点の定員数（名） | JR42: 定員数 | JS42: 食材費 | KB42: 6 | KC42: =KC$26 -> 0 | KD42: ①令和６年10月から令和７年３月の各月１日時点における定員数に補助基準額（2,962円）を乗じて得た額の合計を基準額（Ａ）とする。 | KE42: 令和６年度 各月１日時点の定員数（名） | KG42: 定員数 | KH42: 食材費 | KQ42: 6 | KR42: =KR$26 -> 0 | KS42: ①令和６年10月から令和７年３月の各月１日時点における定員数に補助基準額（2,962円）を乗じて得た額の合計を基準額（Ａ）とする。 | KT42: 令和６年度 各月１日時点の定員数（名） | KV42: 定員数 | KW42: 食材費 | LF42: 6 | LG42: =LG$26 -> 0 | LH42: ①令和６年10月から令和７年３月の各月１日時点における定員数に補助基準額（2,962円）を乗じて得た額の合計を基準額（Ａ）とする。 | LI42: 令和６年度 各月１日時点の定員数（名） | LK42: 定員数 | LL42: 食材費 | LU42: 6 | LV42: =LV$26 -> 0 | LW42: ①令和６年10月から令和７年３月の各月１日時点における定員数に補助基準額（2,962円）を乗じて得た額の合計を基準額（Ａ）とする。 | LX42: 令和６年度 各月１日時点の定員数（名） | LZ42: 定員数 | MA42: 食材費 | MJ42: 6 | MK42: =MK$26 -> 0 | ML42: ①令和６年10月から令和７年３月の各月１日時点における定員数に補助基準額（2,962円）を乗じて得た額の合計を基準額（Ａ）とする。 | MM42: 令和６年度 各月１日時点の定員数（名） | MO42: 定員数 | MP42: 食材費 | MY42: 6 | MZ42: =MZ$26 -> 0 | NA42: ①令和６年10月から令和７年３月の各月１日時点における定員数に補助基準額（2,962円）を乗じて得た額の合計を基準額（Ａ）とする。 | NB42: 令和６年度 各月１日時点の定員数（名） | ND42: 定員数 | NE42: 食材費 | NN42: 6 | NO42: =NO$26 -> 0 | NP42: ①令和６年10月から令和７年３月の各月１日時点における定員数に補助基準額（2,962円）を乗じて得た額の合計を基準額（Ａ）とする。 | NQ42: 令和６年度 各月１日時点の定員数（名） | NS42: 定員数 | NT42: 食材費 | OC42: 6 | OD42: =OD$26 -> 0 | OE42: ①令和６年10月から令和７年３月の各月１日時点における定員数に補助基準額（2,962円）を乗じて得た額の合計を基準額（Ａ）とする。 | OF42: 令和６年度 各月１日時点の定員数（名） | OH42: 定員数 | OI42: 食材費 | OR42: 6 | OS42: =OS$26 -> 0 | OT42: ①令和６年10月から令和７年３月の各月１日時点における定員数に補助基準額（2,962円）を乗じて得た額の合計を基準額（Ａ）とする。 | OU42: 令和６年度 各月１日時点の定員数（名） | OW42: 定員数 | OX42: 食材費 | PG42: 6 | PH42: =PH$26 -> 0 | PI42: ①令和６年10月から令和７年３月の各月１日時点における定員数に補助基準額（2,962円）を乗じて得た額の合計を基準額（Ａ）とする。 | PJ42: 令和６年度 各月１日時点の定員数（名） | PL42: 定員数 | PM42: 食材費 | PV42: 6 | PW42: =PW$26 -> 0 | PX42: ①令和６年10月から令和７年３月の各月１日時点における定員数に補助基準額（2,962円）を乗じて得た額の合計を基準額（Ａ）とする。 | PY42: 令和６年度 各月１日時点の定員数（名） | QA42: 定員数 | QB42: 食材費
C43: 7 | D43: =D$29 -> 0 | E43: ①令和６年10月から令和７年３月の各月１日時点における定員数に補助基準額（1,312円）を乗じて得た額の合計を基準額（Ａ）とする。 | F43: 令和６年度 各月１日時点の定員数（名） | H43: 定員数 | I43: 燃料費 | R43: 7 | S43: =S$29 -> 0 | T43: ①令和６年10月から令和７年３月の各月１日時点における定員数に補助基準額（1,312円）を乗じて得た額の合計を基準額（Ａ）とする。 | U43: 令和６年度 各月１日時点の定員数（名） | W43: 定員数 | X43: 燃料費 | AG43: 7 | AH43: =AH$29 -> 0 | AI43: ①令和６年10月から令和７年３月の各月１日時点における定員数に補助基準額（1,312円）を乗じて得た額の合計を基準額（Ａ）とする。 | AJ43: 令和６年度 各月１日時点の定員数（名） | AL43: 定員数 | AM43: 燃料費 | AV43: 7 | AW43: =AW$29 -> 0 | AX43: ①令和６年10月から令和７年３月の各月１日時点における定員数に補助基準額（1,312円）を乗じて得た額の合計を基準額（Ａ）とする。 | AY43: 令和６年度 各月１日時点の定員数（名） | BA43: 定員数 | BB43: 燃料費 | BK43: 7 | BL43: =BL$29 -> 0 | BM43: ①令和６年10月から令和７年３月の各月１日時点における定員数に補助基準額（1,312円）を乗じて得た額の合計を基準額（Ａ）とする。 | BN43: 令和６年度 各月１日時点の定員数（名） | BP43: 定員数 | BQ43: 燃料費 | BZ43: 7 | CA43: =CA$29 -> 0 | CB43: ①令和６年10月から令和７年３月の各月１日時点における定員数に補助基準額（1,312円）を乗じて得た額の合計を基準額（Ａ）とする。 | CC43: 令和６年度 各月１日時点の定員数（名） | CE43: 定員数 | CF43: 燃料費 | CO43: 7 | CP43: =CP$29 -> 0 | CQ43: ①令和６年10月から令和７年３月の各月１日時点における定員数に補助基準額（1,312円）を乗じて得た額の合計を基準額（Ａ）とする。 | CR43: 令和６年度 各月１日時点の定員数（名） | CT43: 定員数 | CU43: 燃料費 | DD43: 7 | DE43: =DE$29 -> 0 | DF43: ①令和６年10月から令和７年３月の各月１日時点における定員数に補助基準額（1,312円）を乗じて得た額の合計を基準額（Ａ）とする。 | DG43: 令和６年度 各月１日時点の定員数（名） | DI43: 定員数 | DJ43: 燃料費 | DS43: 7 | DT43: =DT$29 -> 0 | DU43: ①令和６年10月から令和７年３月の各月１日時点における定員数に補助基準額（1,312円）を乗じて得た額の合計を基準額（Ａ）とする。 | DV43: 令和６年度 各月１日時点の定員数（名） | DX43: 定員数 | DY43: 燃料費 | EH43: 7 | EI43: =EI$29 -> 0 | EJ43: ①令和６年10月から令和７年３月の各月１日時点における定員数に補助基準額（1,312円）を乗じて得た額の合計を基準額（Ａ）とする。 | EK43: 令和６年度 各月１日時点の定員数（名） | EM43: 定員数 | EN43: 燃料費 | EW43: 7 | EX43: =EX$29 -> 0 | EY43: ①令和６年10月から令和７年３月の各月１日時点における定員数に補助基準額（1,312円）を乗じて得た額の合計を基準額（Ａ）とする。 | EZ43: 令和６年度 各月１日時点の定員数（名） | FB43: 定員数 | FC43: 燃料費 | FL43: 7 | FM43: =FM$29 -> 0 | FN43: ①令和６年10月から令和７年３月の各月１日時点における定員数に補助基準額（1,312円）を乗じて得た額の合計を基準額（Ａ）とする。 | FO43: 令和６年度 各月１日時点の定員数（名） | FQ43: 定員数 | FR43: 燃料費 | GA43: 7 | GB43: =GB$29 -> 0 | GC43: ①令和６年10月から令和７年３月の各月１日時点における定員数に補助基準額（1,312円）を乗じて得た額の合計を基準額（Ａ）とする。 | GD43: 令和６年度 各月１日時点の定員数（名） | GF43: 定員数 | GG43: 燃料費 | GP43: 7 | GQ43: =GQ$29 -> 0 | GR43: ①令和６年10月から令和７年３月の各月１日時点における定員数に補助基準額（1,312円）を乗じて得た額の合計を基準額（Ａ）とする。 | GS43: 令和６年度 各月１日時点の定員数（名） | GU43: 定員数 | GV43: 燃料費 | HE43: 7 | HF43: =HF$29 -> 0 | HG43: ①令和６年10月から令和７年３月の各月１日時点における定員数に補助基準額（1,312円）を乗じて得た額の合計を基準額（Ａ）とする。 | HH43: 令和６年度 各月１日時点の定員数（名） | HJ43: 定員数 | HK43: 燃料費 | HT43: 7 | HU43: =HU$29 -> 0 | HV43: ①令和６年10月から令和７年３月の各月１日時点における定員数に補助基準額（1,312円）を乗じて得た額の合計を基準額（Ａ）とする。 | HW43: 令和６年度 各月１日時点の定員数（名） | HY43: 定員数 | HZ43: 燃料費 | II43: 7 | IJ43: =IJ$29 -> 0 | IK43: ①令和６年10月から令和７年３月の各月１日時点における定員数に補助基準額（1,312円）を乗じて得た額の合計を基準額（Ａ）とする。 | IL43: 令和６年度 各月１日時点の定員数（名） | IN43: 定員数 | IO43: 燃料費 | IX43: 7 | IY43: =IY$29 -> 0 | IZ43: ①令和６年10月から令和７年３月の各月１日時点における定員数に補助基準額（1,312円）を乗じて得た額の合計を基準額（Ａ）とする。 | JA43: 令和６年度 各月１日時点の定員数（名） | JC43: 定員数 | JD43: 燃料費 | JM43: 7 | JN43: =JN$29 -> 0 | JO43: ①令和６年10月から令和７年３月の各月１日時点における定員数に補助基準額（1,312円）を乗じて得た額の合計を基準額（Ａ）とする。 | JP43: 令和６年度 各月１日時点の定員数（名） | JR43: 定員数 | JS43: 燃料費 | KB43: 7 | KC43: =KC$29 -> 0 | KD43: ①令和６年10月から令和７年３月の各月１日時点における定員数に補助基準額（1,312円）を乗じて得た額の合計を基準額（Ａ）とする。 | KE43: 令和６年度 各月１日時点の定員数（名） | KG43: 定員数 | KH43: 燃料費 | KQ43: 7 | KR43: =KR$29 -> 0 | KS43: ①令和６年10月から令和７年３月の各月１日時点における定員数に補助基準額（1,312円）を乗じて得た額の合計を基準額（Ａ）とする。 | KT43: 令和６年度 各月１日時点の定員数（名） | KV43: 定員数 | KW43: 燃料費 | LF43: 7 | LG43: =LG$29 -> 0 | LH43: ①令和６年10月から令和７年３月の各月１日時点における定員数に補助基準額（1,312円）を乗じて得た額の合計を基準額（Ａ）とする。 | LI43: 令和６年度 各月１日時点の定員数（名） | LK43: 定員数 | LL43: 燃料費 | LU43: 7 | LV43: =LV$29 -> 0 | LW43: ①令和６年10月から令和７年３月の各月１日時点における定員数に補助基準額（1,312円）を乗じて得た額の合計を基準額（Ａ）とする。 | LX43: 令和６年度 各月１日時点の定員数（名） | LZ43: 定員数 | MA43: 燃料費 | MJ43: 7 | MK43: =MK$29 -> 0 | ML43: ①令和６年10月から令和７年３月の各月１日時点における定員数に補助基準額（1,312円）を乗じて得た額の合計を基準額（Ａ）とする。 | MM43: 令和６年度 各月１日時点の定員数（名） | MO43: 定員数 | MP43: 燃料費 | MY43: 7 | MZ43: =MZ$29 -> 0 | NA43: ①令和６年10月から令和７年３月の各月１日時点における定員数に補助基準額（1,312円）を乗じて得た額の合計を基準額（Ａ）とする。 | NB43: 令和６年度 各月１日時点の定員数（名） | ND43: 定員数 | NE43: 燃料費 | NN43: 7 | NO43: =NO$29 -> 0 | NP43: ①令和６年10月から令和７年３月の各月１日時点における定員数に補助基準額（1,312円）を乗じて得た額の合計を基準額（Ａ）とする。 | NQ43: 令和６年度 各月１日時点の定員数（名） | NS43: 定員数 | NT43: 燃料費 | OC43: 7 | OD43: =OD$29 -> 0 | OE43: ①令和６年10月から令和７年３月の各月１日時点における定員数に補助基準額（1,312円）を乗じて得た額の合計を基準額（Ａ）とする。 | OF43: 令和６年度 各月１日時点の定員数（名） | OH43: 定員数 | OI43: 燃料費 | OR43: 7 | OS43: =OS$29 -> 0 | OT43: ①令和６年10月から令和７年３月の各月１日時点における定員数に補助基準額（1,312円）を乗じて得た額の合計を基準額（Ａ）とする。 | OU43: 令和６年度 各月１日時点の定員数（名） | OW43: 定員数 | OX43: 燃料費 | PG43: 7 | PH43: =PH$29 -> 0 | PI43: ①令和６年10月から令和７年３月の各月１日時点における定員数に補助基準額（1,312円）を乗じて得た額の合計を基準額（Ａ）とする。 | PJ43: 令和６年度 各月１日時点の定員数（名） | PL43: 定員数 | PM43: 燃料費 | PV43: 7 | PW43: =PW$29 -> 0 | PX43: ①令和６年10月から令和７年３月の各月１日時点における定員数に補助基準額（1,312円）を乗じて得た額の合計を基準額（Ａ）とする。 | PY43: 令和６年度 各月１日時点の定員数（名） | QA43: 定員数 | QB43: 燃料費
C44: 8 | D44: =D$29 -> 0 | E44: ①令和６年10月から令和７年３月の各月１日時点における定員数に補助基準額（1,312円）を乗じて得た額の合計を基準額（Ａ）とする。 | F44: 令和６年度 各月１日時点の定員数（名） | H44: 定員数 | I44: 燃料費 | R44: 8 | S44: =S$29 -> 0 | T44: ①令和６年10月から令和７年３月の各月１日時点における定員数に補助基準額（1,312円）を乗じて得た額の合計を基準額（Ａ）とする。 | U44: 令和６年度 各月１日時点の定員数（名） | W44: 定員数 | X44: 燃料費 | AG44: 8 | AH44: =AH$29 -> 0 | AI44: ①令和６年10月から令和７年３月の各月１日時点における定員数に補助基準額（1,312円）を乗じて得た額の合計を基準額（Ａ）とする。 | AJ44: 令和６年度 各月１日時点の定員数（名） | AL44: 定員数 | AM44: 燃料費 | AV44: 8 | AW44: =AW$29 -> 0 | AX44: ①令和６年10月から令和７年３月の各月１日時点における定員数に補助基準額（1,312円）を乗じて得た額の合計を基準額（Ａ）とする。 | AY44: 令和６年度 各月１日時点の定員数（名） | BA44: 定員数 | BB44: 燃料費 | BK44: 8 | BL44: =BL$29 -> 0 | BM44: ①令和６年10月から令和７年３月の各月１日時点における定員数に補助基準額（1,312円）を乗じて得た額の合計を基準額（Ａ）とする。 | BN44: 令和６年度 各月１日時点の定員数（名） | BP44: 定員数 | BQ44: 燃料費 | BZ44: 8 | CA44: =CA$29 -> 0 | CB44: ①令和６年10月から令和７年３月の各月１日時点における定員数に補助基準額（1,312円）を乗じて得た額の合計を基準額（Ａ）とする。 | CC44: 令和６年度 各月１日時点の定員数（名） | CE44: 定員数 | CF44: 燃料費 | CO44: 8 | CP44: =CP$29 -> 0 | CQ44: ①令和６年10月から令和７年３月の各月１日時点における定員数に補助基準額（1,312円）を乗じて得た額の合計を基準額（Ａ）とする。 | CR44: 令和６年度 各月１日時点の定員数（名） | CT44: 定員数 | CU44: 燃料費 | DD44: 8 | DE44: =DE$29 -> 0 | DF44: ①令和６年10月から令和７年３月の各月１日時点における定員数に補助基準額（1,312円）を乗じて得た額の合計を基準額（Ａ）とする。 | DG44: 令和６年度 各月１日時点の定員数（名） | DI44: 定員数 | DJ44: 燃料費 | DS44: 8 | DT44: =DT$29 -> 0 | DU44: ①令和６年10月から令和７年３月の各月１日時点における定員数に補助基準額（1,312円）を乗じて得た額の合計を基準額（Ａ）とする。 | DV44: 令和６年度 各月１日時点の定員数（名） | DX44: 定員数 | DY44: 燃料費 | EH44: 8 | EI44: =EI$29 -> 0 | EJ44: ①令和６年10月から令和７年３月の各月１日時点における定員数に補助基準額（1,312円）を乗じて得た額の合計を基準額（Ａ）とする。 | EK44: 令和６年度 各月１日時点の定員数（名） | EM44: 定員数 | EN44: 燃料費 | EW44: 8 | EX44: =EX$29 -> 0 | EY44: ①令和６年10月から令和７年３月の各月１日時点における定員数に補助基準額（1,312円）を乗じて得た額の合計を基準額（Ａ）とする。 | EZ44: 令和６年度 各月１日時点の定員数（名） | FB44: 定員数 | FC44: 燃料費 | FL44: 8 | FM44: =FM$29 -> 0 | FN44: ①令和６年10月から令和７年３月の各月１日時点における定員数に補助基準額（1,312円）を乗じて得た額の合計を基準額（Ａ）とする。 | FO44: 令和６年度 各月１日時点の定員数（名） | FQ44: 定員数 | FR44: 燃料費 | GA44: 8 | GB44: =GB$29 -> 0 | GC44: ①令和６年10月から令和７年３月の各月１日時点における定員数に補助基準額（1,312円）を乗じて得た額の合計を基準額（Ａ）とする。 | GD44: 令和６年度 各月１日時点の定員数（名） | GF44: 定員数 | GG44: 燃料費 | GP44: 8 | GQ44: =GQ$29 -> 0 | GR44: ①令和６年10月から令和７年３月の各月１日時点における定員数に補助基準額（1,312円）を乗じて得た額の合計を基準額（Ａ）とする。 | GS44: 令和６年度 各月１日時点の定員数（名） | GU44: 定員数 | GV44: 燃料費 | HE44: 8 | HF44: =HF$29 -> 0 | HG44: ①令和６年10月から令和７年３月の各月１日時点における定員数に補助基準額（1,312円）を乗じて得た額の合計を基準額（Ａ）とする。 | HH44: 令和６年度 各月１日時点の定員数（名） | HJ44: 定員数 | HK44: 燃料費 | HT44: 8 | HU44: =HU$29 -> 0 | HV44: ①令和６年10月から令和７年３月の各月１日時点における定員数に補助基準額（1,312円）を乗じて得た額の合計を基準額（Ａ）とする。 | HW44: 令和６年度 各月１日時点の定員数（名） | HY44: 定員数 | HZ44: 燃料費 | II44: 8 | IJ44: =IJ$29 -> 0 | IK44: ①令和６年10月から令和７年３月の各月１日時点における定員数に補助基準額（1,312円）を乗じて得た額の合計を基準額（Ａ）とする。 | IL44: 令和６年度 各月１日時点の定員数（名） | IN44: 定員数 | IO44: 燃料費 | IX44: 8 | IY44: =IY$29 -> 0 | IZ44: ①令和６年10月から令和７年３月の各月１日時点における定員数に補助基準額（1,312円）を乗じて得た額の合計を基準額（Ａ）とする。 | JA44: 令和６年度 各月１日時点の定員数（名） | JC44: 定員数 | JD44: 燃料費 | JM44: 8 | JN44: =JN$29 -> 0 | JO44: ①令和６年10月から令和７年３月の各月１日時点における定員数に補助基準額（1,312円）を乗じて得た額の合計を基準額（Ａ）とする。 | JP44: 令和６年度 各月１日時点の定員数（名） | JR44: 定員数 | JS44: 燃料費 | KB44: 8 | KC44: =KC$29 -> 0 | KD44: ①令和６年10月から令和７年３月の各月１日時点における定員数に補助基準額（1,312円）を乗じて得た額の合計を基準額（Ａ）とする。 | KE44: 令和６年度 各月１日時点の定員数（名） | KG44: 定員数 | KH44: 燃料費 | KQ44: 8 | KR44: =KR$29 -> 0 | KS44: ①令和６年10月から令和７年３月の各月１日時点における定員数に補助基準額（1,312円）を乗じて得た額の合計を基準額（Ａ）とする。 | KT44: 令和６年度 各月１日時点の定員数（名） | KV44: 定員数 | KW44: 燃料費 | LF44: 8 | LG44: =LG$29 -> 0 | LH44: ①令和６年10月から令和７年３月の各月１日時点における定員数に補助基準額（1,312円）を乗じて得た額の合計を基準額（Ａ）とする。 | LI44: 令和６年度 各月１日時点の定員数（名） | LK44: 定員数 | LL44: 燃料費 | LU44: 8 | LV44: =LV$29 -> 0 | LW44: ①令和６年10月から令和７年３月の各月１日時点における定員数に補助基準額（1,312円）を乗じて得た額の合計を基準額（Ａ）とする。 | LX44: 令和６年度 各月１日時点の定員数（名） | LZ44: 定員数 | MA44: 燃料費 | MJ44: 8 | MK44: =MK$29 -> 0 | ML44: ①令和６年10月から令和７年３月の各月１日時点における定員数に補助基準額（1,312円）を乗じて得た額の合計を基準額（Ａ）とする。 | MM44: 令和６年度 各月１日時点の定員数（名） | MO44: 定員数 | MP44: 燃料費 | MY44: 8 | MZ44: =MZ$29 -> 0 | NA44: ①令和６年10月から令和７年３月の各月１日時点における定員数に補助基準額（1,312円）を乗じて得た額の合計を基準額（Ａ）とする。 | NB44: 令和６年度 各月１日時点の定員数（名） | ND44: 定員数 | NE44: 燃料費 | NN44: 8 | NO44: =NO$29 -> 0 | NP44: ①令和６年10月から令和７年３月の各月１日時点における定員数に補助基準額（1,312円）を乗じて得た額の合計を基準額（Ａ）とする。 | NQ44: 令和６年度 各月１日時点の定員数（名） | NS44: 定員数 | NT44: 燃料費 | OC44: 8 | OD44: =OD$29 -> 0 | OE44: ①令和６年10月から令和７年３月の各月１日時点における定員数に補助基準額（1,312円）を乗じて得た額の合計を基準額（Ａ）とする。 | OF44: 令和６年度 各月１日時点の定員数（名） | OH44: 定員数 | OI44: 燃料費 | OR44: 8 | OS44: =OS$29 -> 0 | OT44: ①令和６年10月から令和７年３月の各月１日時点における定員数に補助基準額（1,312円）を乗じて得た額の合計を基準額（Ａ）とする。 | OU44: 令和６年度 各月１日時点の定員数（名） | OW44: 定員数 | OX44: 燃料費 | PG44: 8 | PH44: =PH$29 -> 0 | PI44: ①令和６年10月から令和７年３月の各月１日時点における定員数に補助基準額（1,312円）を乗じて得た額の合計を基準額（Ａ）とする。 | PJ44: 令和６年度 各月１日時点の定員数（名） | PL44: 定員数 | PM44: 燃料費 | PV44: 8 | PW44: =PW$29 -> 0 | PX44: ①令和６年10月から令和７年３月の各月１日時点における定員数に補助基準額（1,312円）を乗じて得た額の合計を基準額（Ａ）とする。 | PY44: 令和６年度 各月１日時点の定員数（名） | QA44: 定員数 | QB44: 燃料費
C45: 9 | D45: =D$29 -> 0 | E45: ①令和６年10月から令和７年３月の各月１日時点における定員数に補助基準額（1,312円）を乗じて得た額の合計を基準額（Ａ）とする。 | F45: 令和６年度 各月１日時点の定員数（名） | H45: 定員数 | I45: 燃料費 | R45: 9 | S45: =S$29 -> 0 | T45: ①令和６年10月から令和７年３月の各月１日時点における定員数に補助基準額（1,312円）を乗じて得た額の合計を基準額（Ａ）とする。 | U45: 令和６年度 各月１日時点の定員数（名） | W45: 定員数 | X45: 燃料費 | AG45: 9 | AH45: =AH$29 -> 0 | AI45: ①令和６年10月から令和７年３月の各月１日時点における定員数に補助基準額（1,312円）を乗じて得た額の合計を基準額（Ａ）とする。 | AJ45: 令和６年度 各月１日時点の定員数（名） | AL45: 定員数 | AM45: 燃料費 | AV45: 9 | AW45: =AW$29 -> 0 | AX45: ①令和６年10月から令和７年３月の各月１日時点における定員数に補助基準額（1,312円）を乗じて得た額の合計を基準額（Ａ）とする。 | AY45: 令和６年度 各月１日時点の定員数（名） | BA45: 定員数 | BB45: 燃料費 | BK45: 9 | BL45: =BL$29 -> 0 | BM45: ①令和６年10月から令和７年３月の各月１日時点における定員数に補助基準額（1,312円）を乗じて得た額の合計を基準額（Ａ）とする。 | BN45: 令和６年度 各月１日時点の定員数（名） | BP45: 定員数 | BQ45: 燃料費 | BZ45: 9 | CA45: =CA$29 -> 0 | CB45: ①令和６年10月から令和７年３月の各月１日時点における定員数に補助基準額（1,312円）を乗じて得た額の合計を基準額（Ａ）とする。 | CC45: 令和６年度 各月１日時点の定員数（名） | CE45: 定員数 | CF45: 燃料費 | CO45: 9 | CP45: =CP$29 -> 0 | CQ45: ①令和６年10月から令和７年３月の各月１日時点における定員数に補助基準額（1,312円）を乗じて得た額の合計を基準額（Ａ）とする。 | CR45: 令和６年度 各月１日時点の定員数（名） | CT45: 定員数 | CU45: 燃料費 | DD45: 9 | DE45: =DE$29 -> 0 | DF45: ①令和６年10月から令和７年３月の各月１日時点における定員数に補助基準額（1,312円）を乗じて得た額の合計を基準額（Ａ）とする。 | DG45: 令和６年度 各月１日時点の定員数（名） | DI45: 定員数 | DJ45: 燃料費 | DS45: 9 | DT45: =DT$29 -> 0 | DU45: ①令和６年10月から令和７年３月の各月１日時点における定員数に補助基準額（1,312円）を乗じて得た額の合計を基準額（Ａ）とする。 | DV45: 令和６年度 各月１日時点の定員数（名） | DX45: 定員数 | DY45: 燃料費 | EH45: 9 | EI45: =EI$29 -> 0 | EJ45: ①令和６年10月から令和７年３月の各月１日時点における定員数に補助基準額（1,312円）を乗じて得た額の合計を基準額（Ａ）とする。 | EK45: 令和６年度 各月１日時点の定員数（名） | EM45: 定員数 | EN45: 燃料費 | EW45: 9 | EX45: =EX$29 -> 0 | EY45: ①令和６年10月から令和７年３月の各月１日時点における定員数に補助基準額（1,312円）を乗じて得た額の合計を基準額（Ａ）とする。 | EZ45: 令和６年度 各月１日時点の定員数（名） | FB45: 定員数 | FC45: 燃料費 | FL45: 9 | FM45: =FM$29 -> 0 | FN45: ①令和６年10月から令和７年３月の各月１日時点における定員数に補助基準額（1,312円）を乗じて得た額の合計を基準額（Ａ）とする。 | FO45: 令和６年度 各月１日時点の定員数（名） | FQ45: 定員数 | FR45: 燃料費 | GA45: 9 | GB45: =GB$29 -> 0 | GC45: ①令和６年10月から令和７年３月の各月１日時点における定員数に補助基準額（1,312円）を乗じて得た額の合計を基準額（Ａ）とする。 | GD45: 令和６年度 各月１日時点の定員数（名） | GF45: 定員数 | GG45: 燃料費 | GP45: 9 | GQ45: =GQ$29 -> 0 | GR45: ①令和６年10月から令和７年３月の各月１日時点における定員数に補助基準額（1,312円）を乗じて得た額の合計を基準額（Ａ）とする。 | GS45: 令和６年度 各月１日時点の定員数（名） | GU45: 定員数 | GV45: 燃料費 | HE45: 9 | HF45: =HF$29 -> 0 | HG45: ①令和６年10月から令和７年３月の各月１日時点における定員数に補助基準額（1,312円）を乗じて得た額の合計を基準額（Ａ）とする。 | HH45: 令和６年度 各月１日時点の定員数（名） | HJ45: 定員数 | HK45: 燃料費 | HT45: 9 | HU45: =HU$29 -> 0 | HV45: ①令和６年10月から令和７年３月の各月１日時点における定員数に補助基準額（1,312円）を乗じて得た額の合計を基準額（Ａ）とする。 | HW45: 令和６年度 各月１日時点の定員数（名） | HY45: 定員数 | HZ45: 燃料費 | II45: 9 | IJ45: =IJ$29 -> 0 | IK45: ①令和６年10月から令和７年３月の各月１日時点における定員数に補助基準額（1,312円）を乗じて得た額の合計を基準額（Ａ）とする。 | IL45: 令和６年度 各月１日時点の定員数（名） | IN45: 定員数 | IO45: 燃料費 | IX45: 9 | IY45: =IY$29 -> 0 | IZ45: ①令和６年10月から令和７年３月の各月１日時点における定員数に補助基準額（1,312円）を乗じて得た額の合計を基準額（Ａ）とする。 | JA45: 令和６年度 各月１日時点の定員数（名） | JC45: 定員数 | JD45: 燃料費 | JM45: 9 | JN45: =JN$29 -> 0 | JO45: ①令和６年10月から令和７年３月の各月１日時点における定員数に補助基準額（1,312円）を乗じて得た額の合計を基準額（Ａ）とする。 | JP45: 令和６年度 各月１日時点の定員数（名） | JR45: 定員数 | JS45: 燃料費 | KB45: 9 | KC45: =KC$29 -> 0 | KD45: ①令和６年10月から令和７年３月の各月１日時点における定員数に補助基準額（1,312円）を乗じて得た額の合計を基準額（Ａ）とする。 | KE45: 令和６年度 各月１日時点の定員数（名） | KG45: 定員数 | KH45: 燃料費 | KQ45: 9 | KR45: =KR$29 -> 0 | KS45: ①令和６年10月から令和７年３月の各月１日時点における定員数に補助基準額（1,312円）を乗じて得た額の合計を基準額（Ａ）とする。 | KT45: 令和６年度 各月１日時点の定員数（名） | KV45: 定員数 | KW45: 燃料費 | LF45: 9 | LG45: =LG$29 -> 0 | LH45: ①令和６年10月から令和７年３月の各月１日時点における定員数に補助基準額（1,312円）を乗じて得た額の合計を基準額（Ａ）とする。 | LI45: 令和６年度 各月１日時点の定員数（名） | LK45: 定員数 | LL45: 燃料費 | LU45: 9 | LV45: =LV$29 -> 0 | LW45: ①令和６年10月から令和７年３月の各月１日時点における定員数に補助基準額（1,312円）を乗じて得た額の合計を基準額（Ａ）とする。 | LX45: 令和６年度 各月１日時点の定員数（名） | LZ45: 定員数 | MA45: 燃料費 | MJ45: 9 | MK45: =MK$29 -> 0 | ML45: ①令和６年10月から令和７年３月の各月１日時点における定員数に補助基準額（1,312円）を乗じて得た額の合計を基準額（Ａ）とする。 | MM45: 令和６年度 各月１日時点の定員数（名） | MO45: 定員数 | MP45: 燃料費 | MY45: 9 | MZ45: =MZ$29 -> 0 | NA45: ①令和６年10月から令和７年３月の各月１日時点における定員数に補助基準額（1,312円）を乗じて得た額の合計を基準額（Ａ）とする。 | NB45: 令和６年度 各月１日時点の定員数（名） | ND45: 定員数 | NE45: 燃料費 | NN45: 9 | NO45: =NO$29 -> 0 | NP45: ①令和６年10月から令和７年３月の各月１日時点における定員数に補助基準額（1,312円）を乗じて得た額の合計を基準額（Ａ）とする。 | NQ45: 令和６年度 各月１日時点の定員数（名） | NS45: 定員数 | NT45: 燃料費 | OC45: 9 | OD45: =OD$29 -> 0 | OE45: ①令和６年10月から令和７年３月の各月１日時点における定員数に補助基準額（1,312円）を乗じて得た額の合計を基準額（Ａ）とする。 | OF45: 令和６年度 各月１日時点の定員数（名） | OH45: 定員数 | OI45: 燃料費 | OR45: 9 | OS45: =OS$29 -> 0 | OT45: ①令和６年10月から令和７年３月の各月１日時点における定員数に補助基準額（1,312円）を乗じて得た額の合計を基準額（Ａ）とする。 | OU45: 令和６年度 各月１日時点の定員数（名） | OW45: 定員数 | OX45: 燃料費 | PG45: 9 | PH45: =PH$29 -> 0 | PI45: ①令和６年10月から令和７年３月の各月１日時点における定員数に補助基準額（1,312円）を乗じて得た額の合計を基準額（Ａ）とする。 | PJ45: 令和６年度 各月１日時点の定員数（名） | PL45: 定員数 | PM45: 燃料費 | PV45: 9 | PW45: =PW$29 -> 0 | PX45: ①令和６年10月から令和７年３月の各月１日時点における定員数に補助基準額（1,312円）を乗じて得た額の合計を基準額（Ａ）とする。 | PY45: 令和６年度 各月１日時点の定員数（名） | QA45: 定員数 | QB45: 燃料費
C46: 10 | D46: =D$29 -> 0 | E46: ①令和６年10月から令和７年３月の各月１日時点における定員数に補助基準額（1,312円）を乗じて得た額の合計を基準額（Ａ）とする。 | F46: 令和６年度 各月１日時点の定員数（名） | H46: 定員数 | I46: 燃料費 | R46: 10 | S46: =S$29 -> 0 | T46: ①令和６年10月から令和７年３月の各月１日時点における定員数に補助基準額（1,312円）を乗じて得た額の合計を基準額（Ａ）とする。 | U46: 令和６年度 各月１日時点の定員数（名） | W46: 定員数 | X46: 燃料費 | AG46: 10 | AH46: =AH$29 -> 0 | AI46: ①令和６年10月から令和７年３月の各月１日時点における定員数に補助基準額（1,312円）を乗じて得た額の合計を基準額（Ａ）とする。 | AJ46: 令和６年度 各月１日時点の定員数（名） | AL46: 定員数 | AM46: 燃料費 | AV46: 10 | AW46: =AW$29 -> 0 | AX46: ①令和６年10月から令和７年３月の各月１日時点における定員数に補助基準額（1,312円）を乗じて得た額の合計を基準額（Ａ）とする。 | AY46: 令和６年度 各月１日時点の定員数（名） | BA46: 定員数 | BB46: 燃料費 | BK46: 10 | BL46: =BL$29 -> 0 | BM46: ①令和６年10月から令和７年３月の各月１日時点における定員数に補助基準額（1,312円）を乗じて得た額の合計を基準額（Ａ）とする。 | BN46: 令和６年度 各月１日時点の定員数（名） | BP46: 定員数 | BQ46: 燃料費 | BZ46: 10 | CA46: =CA$29 -> 0 | CB46: ①令和６年10月から令和７年３月の各月１日時点における定員数に補助基準額（1,312円）を乗じて得た額の合計を基準額（Ａ）とする。 | CC46: 令和６年度 各月１日時点の定員数（名） | CE46: 定員数 | CF46: 燃料費 | CO46: 10 | CP46: =CP$29 -> 0 | CQ46: ①令和６年10月から令和７年３月の各月１日時点における定員数に補助基準額（1,312円）を乗じて得た額の合計を基準額（Ａ）とする。 | CR46: 令和６年度 各月１日時点の定員数（名） | CT46: 定員数 | CU46: 燃料費 | DD46: 10 | DE46: =DE$29 -> 0 | DF46: ①令和６年10月から令和７年３月の各月１日時点における定員数に補助基準額（1,312円）を乗じて得た額の合計を基準額（Ａ）とする。 | DG46: 令和６年度 各月１日時点の定員数（名） | DI46: 定員数 | DJ46: 燃料費 | DS46: 10 | DT46: =DT$29 -> 0 | DU46: ①令和６年10月から令和７年３月の各月１日時点における定員数に補助基準額（1,312円）を乗じて得た額の合計を基準額（Ａ）とする。 | DV46: 令和６年度 各月１日時点の定員数（名） | DX46: 定員数 | DY46: 燃料費 | EH46: 10 | EI46: =EI$29 -> 0 | EJ46: ①令和６年10月から令和７年３月の各月１日時点における定員数に補助基準額（1,312円）を乗じて得た額の合計を基準額（Ａ）とする。 | EK46: 令和６年度 各月１日時点の定員数（名） | EM46: 定員数 | EN46: 燃料費 | EW46: 10 | EX46: =EX$29 -> 0 | EY46: ①令和６年10月から令和７年３月の各月１日時点における定員数に補助基準額（1,312円）を乗じて得た額の合計を基準額（Ａ）とする。 | EZ46: 令和６年度 各月１日時点の定員数（名） | FB46: 定員数 | FC46: 燃料費 | FL46: 10 | FM46: =FM$29 -> 0 | FN46: ①令和６年10月から令和７年３月の各月１日時点における定員数に補助基準額（1,312円）を乗じて得た額の合計を基準額（Ａ）とする。 | FO46: 令和６年度 各月１日時点の定員数（名） | FQ46: 定員数 | FR46: 燃料費 | GA46: 10 | GB46: =GB$29 -> 0 | GC46: ①令和６年10月から令和７年３月の各月１日時点における定員数に補助基準額（1,312円）を乗じて得た額の合計を基準額（Ａ）とする。 | GD46: 令和６年度 各月１日時点の定員数（名） | GF46: 定員数 | GG46: 燃料費 | GP46: 10 | GQ46: =GQ$29 -> 0 | GR46: ①令和６年10月から令和７年３月の各月１日時点における定員数に補助基準額（1,312円）を乗じて得た額の合計を基準額（Ａ）とする。 | GS46: 令和６年度 各月１日時点の定員数（名） | GU46: 定員数 | GV46: 燃料費 | HE46: 10 | HF46: =HF$29 -> 0 | HG46: ①令和６年10月から令和７年３月の各月１日時点における定員数に補助基準額（1,312円）を乗じて得た額の合計を基準額（Ａ）とする。 | HH46: 令和６年度 各月１日時点の定員数（名） | HJ46: 定員数 | HK46: 燃料費 | HT46: 10 | HU46: =HU$29 -> 0 | HV46: ①令和６年10月から令和７年３月の各月１日時点における定員数に補助基準額（1,312円）を乗じて得た額の合計を基準額（Ａ）とする。 | HW46: 令和６年度 各月１日時点の定員数（名） | HY46: 定員数 | HZ46: 燃料費 | II46: 10 | IJ46: =IJ$29 -> 0 | IK46: ①令和６年10月から令和７年３月の各月１日時点における定員数に補助基準額（1,312円）を乗じて得た額の合計を基準額（Ａ）とする。 | IL46: 令和６年度 各月１日時点の定員数（名） | IN46: 定員数 | IO46: 燃料費 | IX46: 10 | IY46: =IY$29 -> 0 | IZ46: ①令和６年10月から令和７年３月の各月１日時点における定員数に補助基準額（1,312円）を乗じて得た額の合計を基準額（Ａ）とする。 | JA46: 令和６年度 各月１日時点の定員数（名） | JC46: 定員数 | JD46: 燃料費 | JM46: 10 | JN46: =JN$29 -> 0 | JO46: ①令和６年10月から令和７年３月の各月１日時点における定員数に補助基準額（1,312円）を乗じて得た額の合計を基準額（Ａ）とする。 | JP46: 令和６年度 各月１日時点の定員数（名） | JR46: 定員数 | JS46: 燃料費 | KB46: 10 | KC46: =KC$29 -> 0 | KD46: ①令和６年10月から令和７年３月の各月１日時点における定員数に補助基準額（1,312円）を乗じて得た額の合計を基準額（Ａ）とする。 | KE46: 令和６年度 各月１日時点の定員数（名） | KG46: 定員数 | KH46: 燃料費 | KQ46: 10 | KR46: =KR$29 -> 0 | KS46: ①令和６年10月から令和７年３月の各月１日時点における定員数に補助基準額（1,312円）を乗じて得た額の合計を基準額（Ａ）とする。 | KT46: 令和６年度 各月１日時点の定員数（名） | KV46: 定員数 | KW46: 燃料費 | LF46: 10 | LG46: =LG$29 -> 0 | LH46: ①令和６年10月から令和７年３月の各月１日時点における定員数に補助基準額（1,312円）を乗じて得た額の合計を基準額（Ａ）とする。 | LI46: 令和６年度 各月１日時点の定員数（名） | LK46: 定員数 | LL46: 燃料費 | LU46: 10 | LV46: =LV$29 -> 0 | LW46: ①令和６年10月から令和７年３月の各月１日時点における定員数に補助基準額（1,312円）を乗じて得た額の合計を基準額（Ａ）とする。 | LX46: 令和６年度 各月１日時点の定員数（名） | LZ46: 定員数 | MA46: 燃料費 | MJ46: 10 | MK46: =MK$29 -> 0 | ML46: ①令和６年10月から令和７年３月の各月１日時点における定員数に補助基準額（1,312円）を乗じて得た額の合計を基準額（Ａ）とする。 | MM46: 令和６年度 各月１日時点の定員数（名） | MO46: 定員数 | MP46: 燃料費 | MY46: 10 | MZ46: =MZ$29 -> 0 | NA46: ①令和６年10月から令和７年３月の各月１日時点における定員数に補助基準額（1,312円）を乗じて得た額の合計を基準額（Ａ）とする。 | NB46: 令和６年度 各月１日時点の定員数（名） | ND46: 定員数 | NE46: 燃料費 | NN46: 10 | NO46: =NO$29 -> 0 | NP46: ①令和６年10月から令和７年３月の各月１日時点における定員数に補助基準額（1,312円）を乗じて得た額の合計を基準額（Ａ）とする。 | NQ46: 令和６年度 各月１日時点の定員数（名） | NS46: 定員数 | NT46: 燃料費 | OC46: 10 | OD46: =OD$29 -> 0 | OE46: ①令和６年10月から令和７年３月の各月１日時点における定員数に補助基準額（1,312円）を乗じて得た額の合計を基準額（Ａ）とする。 | OF46: 令和６年度 各月１日時点の定員数（名） | OH46: 定員数 | OI46: 燃料費 | OR46: 10 | OS46: =OS$29 -> 0 | OT46: ①令和６年10月から令和７年３月の各月１日時点における定員数に補助基準額（1,312円）を乗じて得た額の合計を基準額（Ａ）とする。 | OU46: 令和６年度 各月１日時点の定員数（名） | OW46: 定員数 | OX46: 燃料費 | PG46: 10 | PH46: =PH$29 -> 0 | PI46: ①令和６年10月から令和７年３月の各月１日時点における定員数に補助基準額（1,312円）を乗じて得た額の合計を基準額（Ａ）とする。 | PJ46: 令和６年度 各月１日時点の定員数（名） | PL46: 定員数 | PM46: 燃料費 | PV46: 10 | PW46: =PW$29 -> 0 | PX46: ①令和６年10月から令和７年３月の各月１日時点における定員数に補助基準額（1,312円）を乗じて得た額の合計を基準額（Ａ）とする。 | PY46: 令和６年度 各月１日時点の定員数（名） | QA46: 定員数 | QB46: 燃料費
C47: 11 | D47: =D$29 -> 0 | E47: ①令和６年10月から令和７年３月の各月１日時点における定員数に補助基準額（1,312円）を乗じて得た額の合計を基準額（Ａ）とする。 | F47: 令和６年度 各月１日時点の定員数（名） | H47: 定員数 | I47: 燃料費 | R47: 11 | S47: =S$29 -> 0 | T47: ①令和６年10月から令和７年３月の各月１日時点における定員数に補助基準額（1,312円）を乗じて得た額の合計を基準額（Ａ）とする。 | U47: 令和６年度 各月１日時点の定員数（名） | W47: 定員数 | X47: 燃料費 | AG47: 11 | AH47: =AH$29 -> 0 | AI47: ①令和６年10月から令和７年３月の各月１日時点における定員数に補助基準額（1,312円）を乗じて得た額の合計を基準額（Ａ）とする。 | AJ47: 令和６年度 各月１日時点の定員数（名） | AL47: 定員数 | AM47: 燃料費 | AV47: 11 | AW47: =AW$29 -> 0 | AX47: ①令和６年10月から令和７年３月の各月１日時点における定員数に補助基準額（1,312円）を乗じて得た額の合計を基準額（Ａ）とする。 | AY47: 令和６年度 各月１日時点の定員数（名） | BA47: 定員数 | BB47: 燃料費 | BK47: 11 | BL47: =BL$29 -> 0 | BM47: ①令和６年10月から令和７年３月の各月１日時点における定員数に補助基準額（1,312円）を乗じて得た額の合計を基準額（Ａ）とする。 | BN47: 令和６年度 各月１日時点の定員数（名） | BP47: 定員数 | BQ47: 燃料費 | BZ47: 11 | CA47: =CA$29 -> 0 | CB47: ①令和６年10月から令和７年３月の各月１日時点における定員数に補助基準額（1,312円）を乗じて得た額の合計を基準額（Ａ）とする。 | CC47: 令和６年度 各月１日時点の定員数（名） | CE47: 定員数 | CF47: 燃料費 | CO47: 11 | CP47: =CP$29 -> 0 | CQ47: ①令和６年10月から令和７年３月の各月１日時点における定員数に補助基準額（1,312円）を乗じて得た額の合計を基準額（Ａ）とする。 | CR47: 令和６年度 各月１日時点の定員数（名） | CT47: 定員数 | CU47: 燃料費 | DD47: 11 | DE47: =DE$29 -> 0 | DF47: ①令和６年10月から令和７年３月の各月１日時点における定員数に補助基準額（1,312円）を乗じて得た額の合計を基準額（Ａ）とする。 | DG47: 令和６年度 各月１日時点の定員数（名） | DI47: 定員数 | DJ47: 燃料費 | DS47: 11 | DT47: =DT$29 -> 0 | DU47: ①令和６年10月から令和７年３月の各月１日時点における定員数に補助基準額（1,312円）を乗じて得た額の合計を基準額（Ａ）とする。 | DV47: 令和６年度 各月１日時点の定員数（名） | DX47: 定員数 | DY47: 燃料費 | EH47: 11 | EI47: =EI$29 -> 0 | EJ47: ①令和６年10月から令和７年３月の各月１日時点における定員数に補助基準額（1,312円）を乗じて得た額の合計を基準額（Ａ）とする。 | EK47: 令和６年度 各月１日時点の定員数（名） | EM47: 定員数 | EN47: 燃料費 | EW47: 11 | EX47: =EX$29 -> 0 | EY47: ①令和６年10月から令和７年３月の各月１日時点における定員数に補助基準額（1,312円）を乗じて得た額の合計を基準額（Ａ）とする。 | EZ47: 令和６年度 各月１日時点の定員数（名） | FB47: 定員数 | FC47: 燃料費 | FL47: 11 | FM47: =FM$29 -> 0 | FN47: ①令和６年10月から令和７年３月の各月１日時点における定員数に補助基準額（1,312円）を乗じて得た額の合計を基準額（Ａ）とする。 | FO47: 令和６年度 各月１日時点の定員数（名） | FQ47: 定員数 | FR47: 燃料費 | GA47: 11 | GB47: =GB$29 -> 0 | GC47: ①令和６年10月から令和７年３月の各月１日時点における定員数に補助基準額（1,312円）を乗じて得た額の合計を基準額（Ａ）とする。 | GD47: 令和６年度 各月１日時点の定員数（名） | GF47: 定員数 | GG47: 燃料費 | GP47: 11 | GQ47: =GQ$29 -> 0 | GR47: ①令和６年10月から令和７年３月の各月１日時点における定員数に補助基準額（1,312円）を乗じて得た額の合計を基準額（Ａ）とする。 | GS47: 令和６年度 各月１日時点の定員数（名） | GU47: 定員数 | GV47: 燃料費 | HE47: 11 | HF47: =HF$29 -> 0 | HG47: ①令和６年10月から令和７年３月の各月１日時点における定員数に補助基準額（1,312円）を乗じて得た額の合計を基準額（Ａ）とする。 | HH47: 令和６年度 各月１日時点の定員数（名） | HJ47: 定員数 | HK47: 燃料費 | HT47: 11 | HU47: =HU$29 -> 0 | HV47: ①令和６年10月から令和７年３月の各月１日時点における定員数に補助基準額（1,312円）を乗じて得た額の合計を基準額（Ａ）とする。 | HW47: 令和６年度 各月１日時点の定員数（名） | HY47: 定員数 | HZ47: 燃料費 | II47: 11 | IJ47: =IJ$29 -> 0 | IK47: ①令和６年10月から令和７年３月の各月１日時点における定員数に補助基準額（1,312円）を乗じて得た額の合計を基準額（Ａ）とする。 | IL47: 令和６年度 各月１日時点の定員数（名） | IN47: 定員数 | IO47: 燃料費 | IX47: 11 | IY47: =IY$29 -> 0 | IZ47: ①令和６年10月から令和７年３月の各月１日時点における定員数に補助基準額（1,312円）を乗じて得た額の合計を基準額（Ａ）とする。 | JA47: 令和６年度 各月１日時点の定員数（名） | JC47: 定員数 | JD47: 燃料費 | JM47: 11 | JN47: =JN$29 -> 0 | JO47: ①令和６年10月から令和７年３月の各月１日時点における定員数に補助基準額（1,312円）を乗じて得た額の合計を基準額（Ａ）とする。 | JP47: 令和６年度 各月１日時点の定員数（名） | JR47: 定員数 | JS47: 燃料費 | KB47: 11 | KC47: =KC$29 -> 0 | KD47: ①令和６年10月から令和７年３月の各月１日時点における定員数に補助基準額（1,312円）を乗じて得た額の合計を基準額（Ａ）とする。 | KE47: 令和６年度 各月１日時点の定員数（名） | KG47: 定員数 | KH47: 燃料費 | KQ47: 11 | KR47: =KR$29 -> 0 | KS47: ①令和６年10月から令和７年３月の各月１日時点における定員数に補助基準額（1,312円）を乗じて得た額の合計を基準額（Ａ）とする。 | KT47: 令和６年度 各月１日時点の定員数（名） | KV47: 定員数 | KW47: 燃料費 | LF47: 11 | LG47: =LG$29 -> 0 | LH47: ①令和６年10月から令和７年３月の各月１日時点における定員数に補助基準額（1,312円）を乗じて得た額の合計を基準額（Ａ）とする。 | LI47: 令和６年度 各月１日時点の定員数（名） | LK47: 定員数 | LL47: 燃料費 | LU47: 11 | LV47: =LV$29 -> 0 | LW47: ①令和６年10月から令和７年３月の各月１日時点における定員数に補助基準額（1,312円）を乗じて得た額の合計を基準額（Ａ）とする。 | LX47: 令和６年度 各月１日時点の定員数（名） | LZ47: 定員数 | MA47: 燃料費 | MJ47: 11 | MK47: =MK$29 -> 0 | ML47: ①令和６年10月から令和７年３月の各月１日時点における定員数に補助基準額（1,312円）を乗じて得た額の合計を基準額（Ａ）とする。 | MM47: 令和６年度 各月１日時点の定員数（名） | MO47: 定員数 | MP47: 燃料費 | MY47: 11 | MZ47: =MZ$29 -> 0 | NA47: ①令和６年10月から令和７年３月の各月１日時点における定員数に補助基準額（1,312円）を乗じて得た額の合計を基準額（Ａ）とする。 | NB47: 令和６年度 各月１日時点の定員数（名） | ND47: 定員数 | NE47: 燃料費 | NN47: 11 | NO47: =NO$29 -> 0 | NP47: ①令和６年10月から令和７年３月の各月１日時点における定員数に補助基準額（1,312円）を乗じて得た額の合計を基準額（Ａ）とする。 | NQ47: 令和６年度 各月１日時点の定員数（名） | NS47: 定員数 | NT47: 燃料費 | OC47: 11 | OD47: =OD$29 -> 0 | OE47: ①令和６年10月から令和７年３月の各月１日時点における定員数に補助基準額（1,312円）を乗じて得た額の合計を基準額（Ａ）とする。 | OF47: 令和６年度 各月１日時点の定員数（名） | OH47: 定員数 | OI47: 燃料費 | OR47: 11 | OS47: =OS$29 -> 0 | OT47: ①令和６年10月から令和７年３月の各月１日時点における定員数に補助基準額（1,312円）を乗じて得た額の合計を基準額（Ａ）とする。 | OU47: 令和６年度 各月１日時点の定員数（名） | OW47: 定員数 | OX47: 燃料費 | PG47: 11 | PH47: =PH$29 -> 0 | PI47: ①令和６年10月から令和７年３月の各月１日時点における定員数に補助基準額（1,312円）を乗じて得た額の合計を基準額（Ａ）とする。 | PJ47: 令和６年度 各月１日時点の定員数（名） | PL47: 定員数 | PM47: 燃料費 | PV47: 11 | PW47: =PW$29 -> 0 | PX47: ①令和６年10月から令和７年３月の各月１日時点における定員数に補助基準額（1,312円）を乗じて得た額の合計を基準額（Ａ）とする。 | PY47: 令和６年度 各月１日時点の定員数（名） | QA47: 定員数 | QB47: 燃料費
C48: 12 | D48: =D$29 -> 0 | E48: ①令和６年10月から令和７年３月の各月１日時点における定員数に補助基準額（1,312円）を乗じて得た額の合計を基準額（Ａ）とする。 | F48: 令和６年度 各月１日時点の定員数（名） | H48: 定員数 | I48: 燃料費 | R48: 12 | S48: =S$29 -> 0 | T48: ①令和６年10月から令和７年３月の各月１日時点における定員数に補助基準額（1,312円）を乗じて得た額の合計を基準額（Ａ）とする。 | U48: 令和６年度 各月１日時点の定員数（名） | W48: 定員数 | X48: 燃料費 | AG48: 12 | AH48: =AH$29 -> 0 | AI48: ①令和６年10月から令和７年３月の各月１日時点における定員数に補助基準額（1,312円）を乗じて得た額の合計を基準額（Ａ）とする。 | AJ48: 令和６年度 各月１日時点の定員数（名） | AL48: 定員数 | AM48: 燃料費 | AV48: 12 | AW48: =AW$29 -> 0 | AX48: ①令和６年10月から令和７年３月の各月１日時点における定員数に補助基準額（1,312円）を乗じて得た額の合計を基準額（Ａ）とする。 | AY48: 令和６年度 各月１日時点の定員数（名） | BA48: 定員数 | BB48: 燃料費 | BK48: 12 | BL48: =BL$29 -> 0 | BM48: ①令和６年10月から令和７年３月の各月１日時点における定員数に補助基準額（1,312円）を乗じて得た額の合計を基準額（Ａ）とする。 | BN48: 令和６年度 各月１日時点の定員数（名） | BP48: 定員数 | BQ48: 燃料費 | BZ48: 12 | CA48: =CA$29 -> 0 | CB48: ①令和６年10月から令和７年３月の各月１日時点における定員数に補助基準額（1,312円）を乗じて得た額の合計を基準額（Ａ）とする。 | CC48: 令和６年度 各月１日時点の定員数（名） | CE48: 定員数 | CF48: 燃料費 | CO48: 12 | CP48: =CP$29 -> 0 | CQ48: ①令和６年10月から令和７年３月の各月１日時点における定員数に補助基準額（1,312円）を乗じて得た額の合計を基準額（Ａ）とする。 | CR48: 令和６年度 各月１日時点の定員数（名） | CT48: 定員数 | CU48: 燃料費 | DD48: 12 | DE48: =DE$29 -> 0 | DF48: ①令和６年10月から令和７年３月の各月１日時点における定員数に補助基準額（1,312円）を乗じて得た額の合計を基準額（Ａ）とする。 | DG48: 令和６年度 各月１日時点の定員数（名） | DI48: 定員数 | DJ48: 燃料費 | DS48: 12 | DT48: =DT$29 -> 0 | DU48: ①令和６年10月から令和７年３月の各月１日時点における定員数に補助基準額（1,312円）を乗じて得た額の合計を基準額（Ａ）とする。 | DV48: 令和６年度 各月１日時点の定員数（名） | DX48: 定員数 | DY48: 燃料費 | EH48: 12 | EI48: =EI$29 -> 0 | EJ48: ①令和６年10月から令和７年３月の各月１日時点における定員数に補助基準額（1,312円）を乗じて得た額の合計を基準額（Ａ）とする。 | EK48: 令和６年度 各月１日時点の定員数（名） | EM48: 定員数 | EN48: 燃料費 | EW48: 12 | EX48: =EX$29 -> 0 | EY48: ①令和６年10月から令和７年３月の各月１日時点における定員数に補助基準額（1,312円）を乗じて得た額の合計を基準額（Ａ）とする。 | EZ48: 令和６年度 各月１日時点の定員数（名） | FB48: 定員数 | FC48: 燃料費 | FL48: 12 | FM48: =FM$29 -> 0 | FN48: ①令和６年10月から令和７年３月の各月１日時点における定員数に補助基準額（1,312円）を乗じて得た額の合計を基準額（Ａ）とする。 | FO48: 令和６年度 各月１日時点の定員数（名） | FQ48: 定員数 | FR48: 燃料費 | GA48: 12 | GB48: =GB$29 -> 0 | GC48: ①令和６年10月から令和７年３月の各月１日時点における定員数に補助基準額（1,312円）を乗じて得た額の合計を基準額（Ａ）とする。 | GD48: 令和６年度 各月１日時点の定員数（名） | GF48: 定員数 | GG48: 燃料費 | GP48: 12 | GQ48: =GQ$29 -> 0 | GR48: ①令和６年10月から令和７年３月の各月１日時点における定員数に補助基準額（1,312円）を乗じて得た額の合計を基準額（Ａ）とする。 | GS48: 令和６年度 各月１日時点の定員数（名） | GU48: 定員数 | GV48: 燃料費 | HE48: 12 | HF48: =HF$29 -> 0 | HG48: ①令和６年10月から令和７年３月の各月１日時点における定員数に補助基準額（1,312円）を乗じて得た額の合計を基準額（Ａ）とする。 | HH48: 令和６年度 各月１日時点の定員数（名） | HJ48: 定員数 | HK48: 燃料費 | HT48: 12 | HU48: =HU$29 -> 0 | HV48: ①令和６年10月から令和７年３月の各月１日時点における定員数に補助基準額（1,312円）を乗じて得た額の合計を基準額（Ａ）とする。 | HW48: 令和６年度 各月１日時点の定員数（名） | HY48: 定員数 | HZ48: 燃料費 | II48: 12 | IJ48: =IJ$29 -> 0 | IK48: ①令和６年10月から令和７年３月の各月１日時点における定員数に補助基準額（1,312円）を乗じて得た額の合計を基準額（Ａ）とする。 | IL48: 令和６年度 各月１日時点の定員数（名） | IN48: 定員数 | IO48: 燃料費 | IX48: 12 | IY48: =IY$29 -> 0 | IZ48: ①令和６年10月から令和７年３月の各月１日時点における定員数に補助基準額（1,312円）を乗じて得た額の合計を基準額（Ａ）とする。 | JA48: 令和６年度 各月１日時点の定員数（名） | JC48: 定員数 | JD48: 燃料費 | JM48: 12 | JN48: =JN$29 -> 0 | JO48: ①令和６年10月から令和７年３月の各月１日時点における定員数に補助基準額（1,312円）を乗じて得た額の合計を基準額（Ａ）とする。 | JP48: 令和６年度 各月１日時点の定員数（名） | JR48: 定員数 | JS48: 燃料費 | KB48: 12 | KC48: =KC$29 -> 0 | KD48: ①令和６年10月から令和７年３月の各月１日時点における定員数に補助基準額（1,312円）を乗じて得た額の合計を基準額（Ａ）とする。 | KE48: 令和６年度 各月１日時点の定員数（名） | KG48: 定員数 | KH48: 燃料費 | KQ48: 12 | KR48: =KR$29 -> 0 | KS48: ①令和６年10月から令和７年３月の各月１日時点における定員数に補助基準額（1,312円）を乗じて得た額の合計を基準額（Ａ）とする。 | KT48: 令和６年度 各月１日時点の定員数（名） | KV48: 定員数 | KW48: 燃料費 | LF48: 12 | LG48: =LG$29 -> 0 | LH48: ①令和６年10月から令和７年３月の各月１日時点における定員数に補助基準額（1,312円）を乗じて得た額の合計を基準額（Ａ）とする。 | LI48: 令和６年度 各月１日時点の定員数（名） | LK48: 定員数 | LL48: 燃料費 | LU48: 12 | LV48: =LV$29 -> 0 | LW48: ①令和６年10月から令和７年３月の各月１日時点における定員数に補助基準額（1,312円）を乗じて得た額の合計を基準額（Ａ）とする。 | LX48: 令和６年度 各月１日時点の定員数（名） | LZ48: 定員数 | MA48: 燃料費 | MJ48: 12 | MK48: =MK$29 -> 0 | ML48: ①令和６年10月から令和７年３月の各月１日時点における定員数に補助基準額（1,312円）を乗じて得た額の合計を基準額（Ａ）とする。 | MM48: 令和６年度 各月１日時点の定員数（名） | MO48: 定員数 | MP48: 燃料費 | MY48: 12 | MZ48: =MZ$29 -> 0 | NA48: ①令和６年10月から令和７年３月の各月１日時点における定員数に補助基準額（1,312円）を乗じて得た額の合計を基準額（Ａ）とする。 | NB48: 令和６年度 各月１日時点の定員数（名） | ND48: 定員数 | NE48: 燃料費 | NN48: 12 | NO48: =NO$29 -> 0 | NP48: ①令和６年10月から令和７年３月の各月１日時点における定員数に補助基準額（1,312円）を乗じて得た額の合計を基準額（Ａ）とする。 | NQ48: 令和６年度 各月１日時点の定員数（名） | NS48: 定員数 | NT48: 燃料費 | OC48: 12 | OD48: =OD$29 -> 0 | OE48: ①令和６年10月から令和７年３月の各月１日時点における定員数に補助基準額（1,312円）を乗じて得た額の合計を基準額（Ａ）とする。 | OF48: 令和６年度 各月１日時点の定員数（名） | OH48: 定員数 | OI48: 燃料費 | OR48: 12 | OS48: =OS$29 -> 0 | OT48: ①令和６年10月から令和７年３月の各月１日時点における定員数に補助基準額（1,312円）を乗じて得た額の合計を基準額（Ａ）とする。 | OU48: 令和６年度 各月１日時点の定員数（名） | OW48: 定員数 | OX48: 燃料費 | PG48: 12 | PH48: =PH$29 -> 0 | PI48: ①令和６年10月から令和７年３月の各月１日時点における定員数に補助基準額（1,312円）を乗じて得た額の合計を基準額（Ａ）とする。 | PJ48: 令和６年度 各月１日時点の定員数（名） | PL48: 定員数 | PM48: 燃料費 | PV48: 12 | PW48: =PW$29 -> 0 | PX48: ①令和６年10月から令和７年３月の各月１日時点における定員数に補助基準額（1,312円）を乗じて得た額の合計を基準額（Ａ）とする。 | PY48: 令和６年度 各月１日時点の定員数（名） | QA48: 定員数 | QB48: 燃料費
C49: 13 | D49: =D$29 -> 0 | E49: ①令和６年10月から令和７年３月の各月１日時点における定員数に補助基準額（1,312円）を乗じて得た額の合計を基準額（Ａ）とする。 | F49: 令和６年度 各月１日時点の定員数（名） | H49: 定員数 | I49: 燃料費 | R49: 13 | S49: =S$29 -> 0 | T49: ①令和６年10月から令和７年３月の各月１日時点における定員数に補助基準額（1,312円）を乗じて得た額の合計を基準額（Ａ）とする。 | U49: 令和６年度 各月１日時点の定員数（名） | W49: 定員数 | X49: 燃料費 | AG49: 13 | AH49: =AH$29 -> 0 | AI49: ①令和６年10月から令和７年３月の各月１日時点における定員数に補助基準額（1,312円）を乗じて得た額の合計を基準額（Ａ）とする。 | AJ49: 令和６年度 各月１日時点の定員数（名） | AL49: 定員数 | AM49: 燃料費 | AV49: 13 | AW49: =AW$29 -> 0 | AX49: ①令和６年10月から令和７年３月の各月１日時点における定員数に補助基準額（1,312円）を乗じて得た額の合計を基準額（Ａ）とする。 | AY49: 令和６年度 各月１日時点の定員数（名） | BA49: 定員数 | BB49: 燃料費 | BK49: 13 | BL49: =BL$29 -> 0 | BM49: ①令和６年10月から令和７年３月の各月１日時点における定員数に補助基準額（1,312円）を乗じて得た額の合計を基準額（Ａ）とする。 | BN49: 令和６年度 各月１日時点の定員数（名） | BP49: 定員数 | BQ49: 燃料費 | BZ49: 13 | CA49: =CA$29 -> 0 | CB49: ①令和６年10月から令和７年３月の各月１日時点における定員数に補助基準額（1,312円）を乗じて得た額の合計を基準額（Ａ）とする。 | CC49: 令和６年度 各月１日時点の定員数（名） | CE49: 定員数 | CF49: 燃料費 | CO49: 13 | CP49: =CP$29 -> 0 | CQ49: ①令和６年10月から令和７年３月の各月１日時点における定員数に補助基準額（1,312円）を乗じて得た額の合計を基準額（Ａ）とする。 | CR49: 令和６年度 各月１日時点の定員数（名） | CT49: 定員数 | CU49: 燃料費 | DD49: 13 | DE49: =DE$29 -> 0 | DF49: ①令和６年10月から令和７年３月の各月１日時点における定員数に補助基準額（1,312円）を乗じて得た額の合計を基準額（Ａ）とする。 | DG49: 令和６年度 各月１日時点の定員数（名） | DI49: 定員数 | DJ49: 燃料費 | DS49: 13 | DT49: =DT$29 -> 0 | DU49: ①令和６年10月から令和７年３月の各月１日時点における定員数に補助基準額（1,312円）を乗じて得た額の合計を基準額（Ａ）とする。 | DV49: 令和６年度 各月１日時点の定員数（名） | DX49: 定員数 | DY49: 燃料費 | EH49: 13 | EI49: =EI$29 -> 0 | EJ49: ①令和６年10月から令和７年３月の各月１日時点における定員数に補助基準額（1,312円）を乗じて得た額の合計を基準額（Ａ）とする。 | EK49: 令和６年度 各月１日時点の定員数（名） | EM49: 定員数 | EN49: 燃料費 | EW49: 13 | EX49: =EX$29 -> 0 | EY49: ①令和６年10月から令和７年３月の各月１日時点における定員数に補助基準額（1,312円）を乗じて得た額の合計を基準額（Ａ）とする。 | EZ49: 令和６年度 各月１日時点の定員数（名） | FB49: 定員数 | FC49: 燃料費 | FL49: 13 | FM49: =FM$29 -> 0 | FN49: ①令和６年10月から令和７年３月の各月１日時点における定員数に補助基準額（1,312円）を乗じて得た額の合計を基準額（Ａ）とする。 | FO49: 令和６年度 各月１日時点の定員数（名） | FQ49: 定員数 | FR49: 燃料費 | GA49: 13 | GB49: =GB$29 -> 0 | GC49: ①令和６年10月から令和７年３月の各月１日時点における定員数に補助基準額（1,312円）を乗じて得た額の合計を基準額（Ａ）とする。 | GD49: 令和６年度 各月１日時点の定員数（名） | GF49: 定員数 | GG49: 燃料費 | GP49: 13 | GQ49: =GQ$29 -> 0 | GR49: ①令和６年10月から令和７年３月の各月１日時点における定員数に補助基準額（1,312円）を乗じて得た額の合計を基準額（Ａ）とする。 | GS49: 令和６年度 各月１日時点の定員数（名） | GU49: 定員数 | GV49: 燃料費 | HE49: 13 | HF49: =HF$29 -> 0 | HG49: ①令和６年10月から令和７年３月の各月１日時点における定員数に補助基準額（1,312円）を乗じて得た額の合計を基準額（Ａ）とする。 | HH49: 令和６年度 各月１日時点の定員数（名） | HJ49: 定員数 | HK49: 燃料費 | HT49: 13 | HU49: =HU$29 -> 0 | HV49: ①令和６年10月から令和７年３月の各月１日時点における定員数に補助基準額（1,312円）を乗じて得た額の合計を基準額（Ａ）とする。 | HW49: 令和６年度 各月１日時点の定員数（名） | HY49: 定員数 | HZ49: 燃料費 | II49: 13 | IJ49: =IJ$29 -> 0 | IK49: ①令和６年10月から令和７年３月の各月１日時点における定員数に補助基準額（1,312円）を乗じて得た額の合計を基準額（Ａ）とする。 | IL49: 令和６年度 各月１日時点の定員数（名） | IN49: 定員数 | IO49: 燃料費 | IX49: 13 | IY49: =IY$29 -> 0 | IZ49: ①令和６年10月から令和７年３月の各月１日時点における定員数に補助基準額（1,312円）を乗じて得た額の合計を基準額（Ａ）とする。 | JA49: 令和６年度 各月１日時点の定員数（名） | JC49: 定員数 | JD49: 燃料費 | JM49: 13 | JN49: =JN$29 -> 0 | JO49: ①令和６年10月から令和７年３月の各月１日時点における定員数に補助基準額（1,312円）を乗じて得た額の合計を基準額（Ａ）とする。 | JP49: 令和６年度 各月１日時点の定員数（名） | JR49: 定員数 | JS49: 燃料費 | KB49: 13 | KC49: =KC$29 -> 0 | KD49: ①令和６年10月から令和７年３月の各月１日時点における定員数に補助基準額（1,312円）を乗じて得た額の合計を基準額（Ａ）とする。 | KE49: 令和６年度 各月１日時点の定員数（名） | KG49: 定員数 | KH49: 燃料費 | KQ49: 13 | KR49: =KR$29 -> 0 | KS49: ①令和６年10月から令和７年３月の各月１日時点における定員数に補助基準額（1,312円）を乗じて得た額の合計を基準額（Ａ）とする。 | KT49: 令和６年度 各月１日時点の定員数（名） | KV49: 定員数 | KW49: 燃料費 | LF49: 13 | LG49: =LG$29 -> 0 | LH49: ①令和６年10月から令和７年３月の各月１日時点における定員数に補助基準額（1,312円）を乗じて得た額の合計を基準額（Ａ）とする。 | LI49: 令和６年度 各月１日時点の定員数（名） | LK49: 定員数 | LL49: 燃料費 | LU49: 13 | LV49: =LV$29 -> 0 | LW49: ①令和６年10月から令和７年３月の各月１日時点における定員数に補助基準額（1,312円）を乗じて得た額の合計を基準額（Ａ）とする。 | LX49: 令和６年度 各月１日時点の定員数（名） | LZ49: 定員数 | MA49: 燃料費 | MJ49: 13 | MK49: =MK$29 -> 0 | ML49: ①令和６年10月から令和７年３月の各月１日時点における定員数に補助基準額（1,312円）を乗じて得た額の合計を基準額（Ａ）とする。 | MM49: 令和６年度 各月１日時点の定員数（名） | MO49: 定員数 | MP49: 燃料費 | MY49: 13 | MZ49: =MZ$29 -> 0 | NA49: ①令和６年10月から令和７年３月の各月１日時点における定員数に補助基準額（1,312円）を乗じて得た額の合計を基準額（Ａ）とする。 | NB49: 令和６年度 各月１日時点の定員数（名） | ND49: 定員数 | NE49: 燃料費 | NN49: 13 | NO49: =NO$29 -> 0 | NP49: ①令和６年10月から令和７年３月の各月１日時点における定員数に補助基準額（1,312円）を乗じて得た額の合計を基準額（Ａ）とする。 | NQ49: 令和６年度 各月１日時点の定員数（名） | NS49: 定員数 | NT49: 燃料費 | OC49: 13 | OD49: =OD$29 -> 0 | OE49: ①令和６年10月から令和７年３月の各月１日時点における定員数に補助基準額（1,312円）を乗じて得た額の合計を基準額（Ａ）とする。 | OF49: 令和６年度 各月１日時点の定員数（名） | OH49: 定員数 | OI49: 燃料費 | OR49: 13 | OS49: =OS$29 -> 0 | OT49: ①令和６年10月から令和７年３月の各月１日時点における定員数に補助基準額（1,312円）を乗じて得た額の合計を基準額（Ａ）とする。 | OU49: 令和６年度 各月１日時点の定員数（名） | OW49: 定員数 | OX49: 燃料費 | PG49: 13 | PH49: =PH$29 -> 0 | PI49: ①令和６年10月から令和７年３月の各月１日時点における定員数に補助基準額（1,312円）を乗じて得た額の合計を基準額（Ａ）とする。 | PJ49: 令和６年度 各月１日時点の定員数（名） | PL49: 定員数 | PM49: 燃料費 | PV49: 13 | PW49: =PW$29 -> 0 | PX49: ①令和６年10月から令和７年３月の各月１日時点における定員数に補助基準額（1,312円）を乗じて得た額の合計を基準額（Ａ）とする。 | PY49: 令和６年度 各月１日時点の定員数（名） | QA49: 定員数 | QB49: 燃料費
C50: 14 | D50: =D$29 -> 0 | E50: ①令和６年10月から令和７年３月の各月１日時点における定員数に補助基準額（1,312円）を乗じて得た額の合計を基準額（Ａ）とする。 | F50: 令和６年度 各月１日時点の定員数（名） | H50: 定員数 | I50: 燃料費 | R50: 14 | S50: =S$29 -> 0 | T50: ①令和６年10月から令和７年３月の各月１日時点における定員数に補助基準額（1,312円）を乗じて得た額の合計を基準額（Ａ）とする。 | U50: 令和６年度 各月１日時点の定員数（名） | W50: 定員数 | X50: 燃料費 | AG50: 14 | AH50: =AH$29 -> 0 | AI50: ①令和６年10月から令和７年３月の各月１日時点における定員数に補助基準額（1,312円）を乗じて得た額の合計を基準額（Ａ）とする。 | AJ50: 令和６年度 各月１日時点の定員数（名） | AL50: 定員数 | AM50: 燃料費 | AV50: 14 | AW50: =AW$29 -> 0 | AX50: ①令和６年10月から令和７年３月の各月１日時点における定員数に補助基準額（1,312円）を乗じて得た額の合計を基準額（Ａ）とする。 | AY50: 令和６年度 各月１日時点の定員数（名） | BA50: 定員数 | BB50: 燃料費 | BK50: 14 | BL50: =BL$29 -> 0 | BM50: ①令和６年10月から令和７年３月の各月１日時点における定員数に補助基準額（1,312円）を乗じて得た額の合計を基準額（Ａ）とする。 | BN50: 令和６年度 各月１日時点の定員数（名） | BP50: 定員数 | BQ50: 燃料費 | BZ50: 14 | CA50: =CA$29 -> 0 | CB50: ①令和６年10月から令和７年３月の各月１日時点における定員数に補助基準額（1,312円）を乗じて得た額の合計を基準額（Ａ）とする。 | CC50: 令和６年度 各月１日時点の定員数（名） | CE50: 定員数 | CF50: 燃料費 | CO50: 14 | CP50: =CP$29 -> 0 | CQ50: ①令和６年10月から令和７年３月の各月１日時点における定員数に補助基準額（1,312円）を乗じて得た額の合計を基準額（Ａ）とする。 | CR50: 令和６年度 各月１日時点の定員数（名） | CT50: 定員数 | CU50: 燃料費 | DD50: 14 | DE50: =DE$29 -> 0 | DF50: ①令和６年10月から令和７年３月の各月１日時点における定員数に補助基準額（1,312円）を乗じて得た額の合計を基準額（Ａ）とする。 | DG50: 令和６年度 各月１日時点の定員数（名） | DI50: 定員数 | DJ50: 燃料費 | DS50: 14 | DT50: =DT$29 -> 0 | DU50: ①令和６年10月から令和７年３月の各月１日時点における定員数に補助基準額（1,312円）を乗じて得た額の合計を基準額（Ａ）とする。 | DV50: 令和６年度 各月１日時点の定員数（名） | DX50: 定員数 | DY50: 燃料費 | EH50: 14 | EI50: =EI$29 -> 0 | EJ50: ①令和６年10月から令和７年３月の各月１日時点における定員数に補助基準額（1,312円）を乗じて得た額の合計を基準額（Ａ）とする。 | EK50: 令和６年度 各月１日時点の定員数（名） | EM50: 定員数 | EN50: 燃料費 | EW50: 14 | EX50: =EX$29 -> 0 | EY50: ①令和６年10月から令和７年３月の各月１日時点における定員数に補助基準額（1,312円）を乗じて得た額の合計を基準額（Ａ）とする。 | EZ50: 令和６年度 各月１日時点の定員数（名） | FB50: 定員数 | FC50: 燃料費 | FL50: 14 | FM50: =FM$29 -> 0 | FN50: ①令和６年10月から令和７年３月の各月１日時点における定員数に補助基準額（1,312円）を乗じて得た額の合計を基準額（Ａ）とする。 | FO50: 令和６年度 各月１日時点の定員数（名） | FQ50: 定員数 | FR50: 燃料費 | GA50: 14 | GB50: =GB$29 -> 0 | GC50: ①令和６年10月から令和７年３月の各月１日時点における定員数に補助基準額（1,312円）を乗じて得た額の合計を基準額（Ａ）とする。 | GD50: 令和６年度 各月１日時点の定員数（名） | GF50: 定員数 | GG50: 燃料費 | GP50: 14 | GQ50: =GQ$29 -> 0 | GR50: ①令和６年10月から令和７年３月の各月１日時点における定員数に補助基準額（1,312円）を乗じて得た額の合計を基準額（Ａ）とする。 | GS50: 令和６年度 各月１日時点の定員数（名） | GU50: 定員数 | GV50: 燃料費 | HE50: 14 | HF50: =HF$29 -> 0 | HG50: ①令和６年10月から令和７年３月の各月１日時点における定員数に補助基準額（1,312円）を乗じて得た額の合計を基準額（Ａ）とする。 | HH50: 令和６年度 各月１日時点の定員数（名） | HJ50: 定員数 | HK50: 燃料費 | HT50: 14 | HU50: =HU$29 -> 0 | HV50: ①令和６年10月から令和７年３月の各月１日時点における定員数に補助基準額（1,312円）を乗じて得た額の合計を基準額（Ａ）とする。 | HW50: 令和６年度 各月１日時点の定員数（名） | HY50: 定員数 | HZ50: 燃料費 | II50: 14 | IJ50: =IJ$29 -> 0 | IK50: ①令和６年10月から令和７年３月の各月１日時点における定員数に補助基準額（1,312円）を乗じて得た額の合計を基準額（Ａ）とする。 | IL50: 令和６年度 各月１日時点の定員数（名） | IN50: 定員数 | IO50: 燃料費 | IX50: 14 | IY50: =IY$29 -> 0 | IZ50: ①令和６年10月から令和７年３月の各月１日時点における定員数に補助基準額（1,312円）を乗じて得た額の合計を基準額（Ａ）とする。 | JA50: 令和６年度 各月１日時点の定員数（名） | JC50: 定員数 | JD50: 燃料費 | JM50: 14 | JN50: =JN$29 -> 0 | JO50: ①令和６年10月から令和７年３月の各月１日時点における定員数に補助基準額（1,312円）を乗じて得た額の合計を基準額（Ａ）とする。 | JP50: 令和６年度 各月１日時点の定員数（名） | JR50: 定員数 | JS50: 燃料費 | KB50: 14 | KC50: =KC$29 -> 0 | KD50: ①令和６年10月から令和７年３月の各月１日時点における定員数に補助基準額（1,312円）を乗じて得た額の合計を基準額（Ａ）とする。 | KE50: 令和６年度 各月１日時点の定員数（名） | KG50: 定員数 | KH50: 燃料費 | KQ50: 14 | KR50: =KR$29 -> 0 | KS50: ①令和６年10月から令和７年３月の各月１日時点における定員数に補助基準額（1,312円）を乗じて得た額の合計を基準額（Ａ）とする。 | KT50: 令和６年度 各月１日時点の定員数（名） | KV50: 定員数 | KW50: 燃料費 | LF50: 14 | LG50: =LG$29 -> 0 | LH50: ①令和６年10月から令和７年３月の各月１日時点における定員数に補助基準額（1,312円）を乗じて得た額の合計を基準額（Ａ）とする。 | LI50: 令和６年度 各月１日時点の定員数（名） | LK50: 定員数 | LL50: 燃料費 | LU50: 14 | LV50: =LV$29 -> 0 | LW50: ①令和６年10月から令和７年３月の各月１日時点における定員数に補助基準額（1,312円）を乗じて得た額の合計を基準額（Ａ）とする。 | LX50: 令和６年度 各月１日時点の定員数（名） | LZ50: 定員数 | MA50: 燃料費 | MJ50: 14 | MK50: =MK$29 -> 0 | ML50: ①令和６年10月から令和７年３月の各月１日時点における定員数に補助基準額（1,312円）を乗じて得た額の合計を基準額（Ａ）とする。 | MM50: 令和６年度 各月１日時点の定員数（名） | MO50: 定員数 | MP50: 燃料費 | MY50: 14 | MZ50: =MZ$29 -> 0 | NA50: ①令和６年10月から令和７年３月の各月１日時点における定員数に補助基準額（1,312円）を乗じて得た額の合計を基準額（Ａ）とする。 | NB50: 令和６年度 各月１日時点の定員数（名） | ND50: 定員数 | NE50: 燃料費 | NN50: 14 | NO50: =NO$29 -> 0 | NP50: ①令和６年10月から令和７年３月の各月１日時点における定員数に補助基準額（1,312円）を乗じて得た額の合計を基準額（Ａ）とする。 | NQ50: 令和６年度 各月１日時点の定員数（名） | NS50: 定員数 | NT50: 燃料費 | OC50: 14 | OD50: =OD$29 -> 0 | OE50: ①令和６年10月から令和７年３月の各月１日時点における定員数に補助基準額（1,312円）を乗じて得た額の合計を基準額（Ａ）とする。 | OF50: 令和６年度 各月１日時点の定員数（名） | OH50: 定員数 | OI50: 燃料費 | OR50: 14 | OS50: =OS$29 -> 0 | OT50: ①令和６年10月から令和７年３月の各月１日時点における定員数に補助基準額（1,312円）を乗じて得た額の合計を基準額（Ａ）とする。 | OU50: 令和６年度 各月１日時点の定員数（名） | OW50: 定員数 | OX50: 燃料費 | PG50: 14 | PH50: =PH$29 -> 0 | PI50: ①令和６年10月から令和７年３月の各月１日時点における定員数に補助基準額（1,312円）を乗じて得た額の合計を基準額（Ａ）とする。 | PJ50: 令和６年度 各月１日時点の定員数（名） | PL50: 定員数 | PM50: 燃料費 | PV50: 14 | PW50: =PW$29 -> 0 | PX50: ①令和６年10月から令和７年３月の各月１日時点における定員数に補助基準額（1,312円）を乗じて得た額の合計を基準額（Ａ）とする。 | PY50: 令和６年度 各月１日時点の定員数（名） | QA50: 定員数 | QB50: 燃料費
C51: 15 | D51: =D$32 -> 39500 | E51: ①交付要綱別表２第４欄に定める補助基準額を基準額（Ａ）とする。 | F51: 指定を受けた日の属する月に〇を記入 | G51: 【補助対象期間の途中において、都知事又は都内区市町村長の指定を受けた事業所等のみ記入】 | H51: 令和６年度 | I51: 燃料費 | R51: 15 | S51: =S$32 -> 39500 | T51: ①交付要綱別表２第４欄に定める補助基準額を基準額（Ａ）とする。 | U51: 指定を受けた日の属する月に〇を記入 | V51: 【補助対象期間の途中において、都知事又は都内区市町村長の指定を受けた事業所等のみ記入】 | W51: 令和６年度 | X51: 燃料費 | AG51: 15 | AH51: =AH$32 -> 39500 | AI51: ①交付要綱別表２第４欄に定める補助基準額を基準額（Ａ）とする。 | AJ51: 指定を受けた日の属する月に〇を記入 | AK51: 【補助対象期間の途中において、都知事又は都内区市町村長の指定を受けた事業所等のみ記入】 | AL51: 令和６年度 | AM51: 燃料費 | AV51: 15 | AW51: =AW$32 -> 39500 | AX51: ①交付要綱別表２第４欄に定める補助基準額を基準額（Ａ）とする。 | AY51: 指定を受けた日の属する月に〇を記入 | AZ51: 【補助対象期間の途中において、都知事又は都内区市町村長の指定を受けた事業所等のみ記入】 | BA51: 令和６年度 | BB51: 燃料費 | BK51: 15 | BL51: =BL$32 -> 39500 | BM51: ①交付要綱別表２第４欄に定める補助基準額を基準額（Ａ）とする。 | BN51: 指定を受けた日の属する月に〇を記入 | BO51: 【補助対象期間の途中において、都知事又は都内区市町村長の指定を受けた事業所等のみ記入】 | BP51: 令和６年度 | BQ51: 燃料費 | BZ51: 15 | CA51: =CA$32 -> 39500 | CB51: ①交付要綱別表２第４欄に定める補助基準額を基準額（Ａ）とする。 | CC51: 指定を受けた日の属する月に〇を記入 | CD51: 【補助対象期間の途中において、都知事又は都内区市町村長の指定を受けた事業所等のみ記入】 | CE51: 令和６年度 | CF51: 燃料費 | CO51: 15 | CP51: =CP$32 -> 39500 | CQ51: ①交付要綱別表２第４欄に定める補助基準額を基準額（Ａ）とする。 | CR51: 指定を受けた日の属する月に〇を記入 | CS51: 【補助対象期間の途中において、都知事又は都内区市町村長の指定を受けた事業所等のみ記入】 | CT51: 令和６年度 | CU51: 燃料費 | DD51: 15 | DE51: =DE$32 -> 39500 | DF51: ①交付要綱別表２第４欄に定める補助基準額を基準額（Ａ）とする。 | DG51: 指定を受けた日の属する月に〇を記入 | DH51: 【補助対象期間の途中において、都知事又は都内区市町村長の指定を受けた事業所等のみ記入】 | DI51: 令和６年度 | DJ51: 燃料費 | DS51: 15 | DT51: =DT$32 -> 39500 | DU51: ①交付要綱別表２第４欄に定める補助基準額を基準額（Ａ）とする。 | DV51: 指定を受けた日の属する月に〇を記入 | DW51: 【補助対象期間の途中において、都知事又は都内区市町村長の指定を受けた事業所等のみ記入】 | DX51: 令和６年度 | DY51: 燃料費 | EH51: 15 | EI51: =EI$32 -> 39500 | EJ51: ①交付要綱別表２第４欄に定める補助基準額を基準額（Ａ）とする。 | EK51: 指定を受けた日の属する月に〇を記入 | EL51: 【補助対象期間の途中において、都知事又は都内区市町村長の指定を受けた事業所等のみ記入】 | EM51: 令和６年度 | EN51: 燃料費 | EW51: 15 | EX51: =EX$32 -> 39500 | EY51: ①交付要綱別表２第４欄に定める補助基準額を基準額（Ａ）とする。 | EZ51: 指定を受けた日の属する月に〇を記入 | FA51: 【補助対象期間の途中において、都知事又は都内区市町村長の指定を受けた事業所等のみ記入】 | FB51: 令和６年度 | FC51: 燃料費 | FL51: 15 | FM51: =FM$32 -> 39500 | FN51: ①交付要綱別表２第４欄に定める補助基準額を基準額（Ａ）とする。 | FO51: 指定を受けた日の属する月に〇を記入 | FP51: 【補助対象期間の途中において、都知事又は都内区市町村長の指定を受けた事業所等のみ記入】 | FQ51: 令和６年度 | FR51: 燃料費 | GA51: 15 | GB51: =GB$32 -> 39500 | GC51: ①交付要綱別表２第４欄に定める補助基準額を基準額（Ａ）とする。 | GD51: 指定を受けた日の属する月に〇を記入 | GE51: 【補助対象期間の途中において、都知事又は都内区市町村長の指定を受けた事業所等のみ記入】 | GF51: 令和６年度 | GG51: 燃料費 | GP51: 15 | GQ51: =GQ$32 -> 39500 | GR51: ①交付要綱別表２第４欄に定める補助基準額を基準額（Ａ）とする。 | GS51: 指定を受けた日の属する月に〇を記入 | GT51: 【補助対象期間の途中において、都知事又は都内区市町村長の指定を受けた事業所等のみ記入】 | GU51: 令和６年度 | GV51: 燃料費 | HE51: 15 | HF51: =HF$32 -> 39500 | HG51: ①交付要綱別表２第４欄に定める補助基準額を基準額（Ａ）とする。 | HH51: 指定を受けた日の属する月に〇を記入 | HI51: 【補助対象期間の途中において、都知事又は都内区市町村長の指定を受けた事業所等のみ記入】 | HJ51: 令和６年度 | HK51: 燃料費 | HT51: 15 | HU51: =HU$32 -> 39500 | HV51: ①交付要綱別表２第４欄に定める補助基準額を基準額（Ａ）とする。 | HW51: 指定を受けた日の属する月に〇を記入 | HX51: 【補助対象期間の途中において、都知事又は都内区市町村長の指定を受けた事業所等のみ記入】 | HY51: 令和６年度 | HZ51: 燃料費 | II51: 15 | IJ51: =IJ$32 -> 39500 | IK51: ①交付要綱別表２第４欄に定める補助基準額を基準額（Ａ）とする。 | IL51: 指定を受けた日の属する月に〇を記入 | IM51: 【補助対象期間の途中において、都知事又は都内区市町村長の指定を受けた事業所等のみ記入】 | IN51: 令和６年度 | IO51: 燃料費 | IX51: 15 | IY51: =IY$32 -> 39500 | IZ51: ①交付要綱別表２第４欄に定める補助基準額を基準額（Ａ）とする。 | JA51: 指定を受けた日の属する月に〇を記入 | JB51: 【補助対象期間の途中において、都知事又は都内区市町村長の指定を受けた事業所等のみ記入】 | JC51: 令和６年度 | JD51: 燃料費 | JM51: 15 | JN51: =JN$32 -> 39500 | JO51: ①交付要綱別表２第４欄に定める補助基準額を基準額（Ａ）とする。 | JP51: 指定を受けた日の属する月に〇を記入 | JQ51: 【補助対象期間の途中において、都知事又は都内区市町村長の指定を受けた事業所等のみ記入】 | JR51: 令和６年度 | JS51: 燃料費 | KB51: 15 | KC51: =KC$32 -> 39500 | KD51: ①交付要綱別表２第４欄に定める補助基準額を基準額（Ａ）とする。 | KE51: 指定を受けた日の属する月に〇を記入 | KF51: 【補助対象期間の途中において、都知事又は都内区市町村長の指定を受けた事業所等のみ記入】 | KG51: 令和６年度 | KH51: 燃料費 | KQ51: 15 | KR51: =KR$32 -> 39500 | KS51: ①交付要綱別表２第４欄に定める補助基準額を基準額（Ａ）とする。 | KT51: 指定を受けた日の属する月に〇を記入 | KU51: 【補助対象期間の途中において、都知事又は都内区市町村長の指定を受けた事業所等のみ記入】 | KV51: 令和６年度 | KW51: 燃料費 | LF51: 15 | LG51: =LG$32 -> 39500 | LH51: ①交付要綱別表２第４欄に定める補助基準額を基準額（Ａ）とする。 | LI51: 指定を受けた日の属する月に〇を記入 | LJ51: 【補助対象期間の途中において、都知事又は都内区市町村長の指定を受けた事業所等のみ記入】 | LK51: 令和６年度 | LL51: 燃料費 | LU51: 15 | LV51: =LV$32 -> 39500 | LW51: ①交付要綱別表２第４欄に定める補助基準額を基準額（Ａ）とする。 | LX51: 指定を受けた日の属する月に〇を記入 | LY51: 【補助対象期間の途中において、都知事又は都内区市町村長の指定を受けた事業所等のみ記入】 | LZ51: 令和６年度 | MA51: 燃料費 | MJ51: 15 | MK51: =MK$32 -> 39500 | ML51: ①交付要綱別表２第４欄に定める補助基準額を基準額（Ａ）とする。 | MM51: 指定を受けた日の属する月に〇を記入 | MN51: 【補助対象期間の途中において、都知事又は都内区市町村長の指定を受けた事業所等のみ記入】 | MO51: 令和６年度 | MP51: 燃料費 | MY51: 15 | MZ51: =MZ$32 -> 39500 | NA51: ①交付要綱別表２第４欄に定める補助基準額を基準額（Ａ）とする。 | NB51: 指定を受けた日の属する月に〇を記入 | NC51: 【補助対象期間の途中において、都知事又は都内区市町村長の指定を受けた事業所等のみ記入】 | ND51: 令和６年度 | NE51: 燃料費 | NN51: 15 | NO51: =NO$32 -> 39500 | NP51: ①交付要綱別表２第４欄に定める補助基準額を基準額（Ａ）とする。 | NQ51: 指定を受けた日の属する月に〇を記入 | NR51: 【補助対象期間の途中において、都知事又は都内区市町村長の指定を受けた事業所等のみ記入】 | NS51: 令和６年度 | NT51: 燃料費 | OC51: 15 | OD51: =OD$32 -> 39500 | OE51: ①交付要綱別表２第４欄に定める補助基準額を基準額（Ａ）とする。 | OF51: 指定を受けた日の属する月に〇を記入 | OG51: 【補助対象期間の途中において、都知事又は都内区市町村長の指定を受けた事業所等のみ記入】 | OH51: 令和６年度 | OI51: 燃料費 | OR51: 15 | OS51: =OS$32 -> 39500 | OT51: ①交付要綱別表２第４欄に定める補助基準額を基準額（Ａ）とする。 | OU51: 指定を受けた日の属する月に〇を記入 | OV51: 【補助対象期間の途中において、都知事又は都内区市町村長の指定を受けた事業所等のみ記入】 | OW51: 令和６年度 | OX51: 燃料費 | PG51: 15 | PH51: =PH$32 -> 39500 | PI51: ①交付要綱別表２第４欄に定める補助基準額を基準額（Ａ）とする。 | PJ51: 指定を受けた日の属する月に〇を記入 | PK51: 【補助対象期間の途中において、都知事又は都内区市町村長の指定を受けた事業所等のみ記入】 | PL51: 令和６年度 | PM51: 燃料費 | PV51: 15 | PW51: =PW$32 -> 39500 | PX51: ①交付要綱別表２第４欄に定める補助基準額を基準額（Ａ）とする。 | PY51: 指定を受けた日の属する月に〇を記入 | PZ51: 【補助対象期間の途中において、都知事又は都内区市町村長の指定を受けた事業所等のみ記入】 | QA51: 令和６年度 | QB51: 燃料費
C52: 16 | D52: =D$32 -> 39500 | E52: ①交付要綱別表２第４欄に定める補助基準額を基準額（Ａ）とする。 | F52: 指定を受けた日の属する月に〇を記入 | G52: 【補助対象期間の途中において、都知事又は都内区市町村長の指定を受けた事業所等のみ記入】 | H52: 令和６年度 | I52: 燃料費 | R52: 16 | S52: =S$32 -> 39500 | T52: ①交付要綱別表２第４欄に定める補助基準額を基準額（Ａ）とする。 | U52: 指定を受けた日の属する月に〇を記入 | V52: 【補助対象期間の途中において、都知事又は都内区市町村長の指定を受けた事業所等のみ記入】 | W52: 令和６年度 | X52: 燃料費 | AG52: 16 | AH52: =AH$32 -> 39500 | AI52: ①交付要綱別表２第４欄に定める補助基準額を基準額（Ａ）とする。 | AJ52: 指定を受けた日の属する月に〇を記入 | AK52: 【補助対象期間の途中において、都知事又は都内区市町村長の指定を受けた事業所等のみ記入】 | AL52: 令和６年度 | AM52: 燃料費 | AV52: 16 | AW52: =AW$32 -> 39500 | AX52: ①交付要綱別表２第４欄に定める補助基準額を基準額（Ａ）とする。 | AY52: 指定を受けた日の属する月に〇を記入 | AZ52: 【補助対象期間の途中において、都知事又は都内区市町村長の指定を受けた事業所等のみ記入】 | BA52: 令和６年度 | BB52: 燃料費 | BK52: 16 | BL52: =BL$32 -> 39500 | BM52: ①交付要綱別表２第４欄に定める補助基準額を基準額（Ａ）とする。 | BN52: 指定を受けた日の属する月に〇を記入 | BO52: 【補助対象期間の途中において、都知事又は都内区市町村長の指定を受けた事業所等のみ記入】 | BP52: 令和６年度 | BQ52: 燃料費 | BZ52: 16 | CA52: =CA$32 -> 39500 | CB52: ①交付要綱別表２第４欄に定める補助基準額を基準額（Ａ）とする。 | CC52: 指定を受けた日の属する月に〇を記入 | CD52: 【補助対象期間の途中において、都知事又は都内区市町村長の指定を受けた事業所等のみ記入】 | CE52: 令和６年度 | CF52: 燃料費 | CO52: 16 | CP52: =CP$32 -> 39500 | CQ52: ①交付要綱別表２第４欄に定める補助基準額を基準額（Ａ）とする。 | CR52: 指定を受けた日の属する月に〇を記入 | CS52: 【補助対象期間の途中において、都知事又は都内区市町村長の指定を受けた事業所等のみ記入】 | CT52: 令和６年度 | CU52: 燃料費 | DD52: 16 | DE52: =DE$32 -> 39500 | DF52: ①交付要綱別表２第４欄に定める補助基準額を基準額（Ａ）とする。 | DG52: 指定を受けた日の属する月に〇を記入 | DH52: 【補助対象期間の途中において、都知事又は都内区市町村長の指定を受けた事業所等のみ記入】 | DI52: 令和６年度 | DJ52: 燃料費 | DS52: 16 | DT52: =DT$32 -> 39500 | DU52: ①交付要綱別表２第４欄に定める補助基準額を基準額（Ａ）とする。 | DV52: 指定を受けた日の属する月に〇を記入 | DW52: 【補助対象期間の途中において、都知事又は都内区市町村長の指定を受けた事業所等のみ記入】 | DX52: 令和６年度 | DY52: 燃料費 | EH52: 16 | EI52: =EI$32 -> 39500 | EJ52: ①交付要綱別表２第４欄に定める補助基準額を基準額（Ａ）とする。 | EK52: 指定を受けた日の属する月に〇を記入 | EL52: 【補助対象期間の途中において、都知事又は都内区市町村長の指定を受けた事業所等のみ記入】 | EM52: 令和６年度 | EN52: 燃料費 | EW52: 16 | EX52: =EX$32 -> 39500 | EY52: ①交付要綱別表２第４欄に定める補助基準額を基準額（Ａ）とする。 | EZ52: 指定を受けた日の属する月に〇を記入 | FA52: 【補助対象期間の途中において、都知事又は都内区市町村長の指定を受けた事業所等のみ記入】 | FB52: 令和６年度 | FC52: 燃料費 | FL52: 16 | FM52: =FM$32 -> 39500 | FN52: ①交付要綱別表２第４欄に定める補助基準額を基準額（Ａ）とする。 | FO52: 指定を受けた日の属する月に〇を記入 | FP52: 【補助対象期間の途中において、都知事又は都内区市町村長の指定を受けた事業所等のみ記入】 | FQ52: 令和６年度 | FR52: 燃料費 | GA52: 16 | GB52: =GB$32 -> 39500 | GC52: ①交付要綱別表２第４欄に定める補助基準額を基準額（Ａ）とする。 | GD52: 指定を受けた日の属する月に〇を記入 | GE52: 【補助対象期間の途中において、都知事又は都内区市町村長の指定を受けた事業所等のみ記入】 | GF52: 令和６年度 | GG52: 燃料費 | GP52: 16 | GQ52: =GQ$32 -> 39500 | GR52: ①交付要綱別表２第４欄に定める補助基準額を基準額（Ａ）とする。 | GS52: 指定を受けた日の属する月に〇を記入 | GT52: 【補助対象期間の途中において、都知事又は都内区市町村長の指定を受けた事業所等のみ記入】 | GU52: 令和６年度 | GV52: 燃料費 | HE52: 16 | HF52: =HF$32 -> 39500 | HG52: ①交付要綱別表２第４欄に定める補助基準額を基準額（Ａ）とする。 | HH52: 指定を受けた日の属する月に〇を記入 | HI52: 【補助対象期間の途中において、都知事又は都内区市町村長の指定を受けた事業所等のみ記入】 | HJ52: 令和６年度 | HK52: 燃料費 | HT52: 16 | HU52: =HU$32 -> 39500 | HV52: ①交付要綱別表２第４欄に定める補助基準額を基準額（Ａ）とする。 | HW52: 指定を受けた日の属する月に〇を記入 | HX52: 【補助対象期間の途中において、都知事又は都内区市町村長の指定を受けた事業所等のみ記入】 | HY52: 令和６年度 | HZ52: 燃料費 | II52: 16 | IJ52: =IJ$32 -> 39500 | IK52: ①交付要綱別表２第４欄に定める補助基準額を基準額（Ａ）とする。 | IL52: 指定を受けた日の属する月に〇を記入 | IM52: 【補助対象期間の途中において、都知事又は都内区市町村長の指定を受けた事業所等のみ記入】 | IN52: 令和６年度 | IO52: 燃料費 | IX52: 16 | IY52: =IY$32 -> 39500 | IZ52: ①交付要綱別表２第４欄に定める補助基準額を基準額（Ａ）とする。 | JA52: 指定を受けた日の属する月に〇を記入 | JB52: 【補助対象期間の途中において、都知事又は都内区市町村長の指定を受けた事業所等のみ記入】 | JC52: 令和６年度 | JD52: 燃料費 | JM52: 16 | JN52: =JN$32 -> 39500 | JO52: ①交付要綱別表２第４欄に定める補助基準額を基準額（Ａ）とする。 | JP52: 指定を受けた日の属する月に〇を記入 | JQ52: 【補助対象期間の途中において、都知事又は都内区市町村長の指定を受けた事業所等のみ記入】 | JR52: 令和６年度 | JS52: 燃料費 | KB52: 16 | KC52: =KC$32 -> 39500 | KD52: ①交付要綱別表２第４欄に定める補助基準額を基準額（Ａ）とする。 | KE52: 指定を受けた日の属する月に〇を記入 | KF52: 【補助対象期間の途中において、都知事又は都内区市町村長の指定を受けた事業所等のみ記入】 | KG52: 令和６年度 | KH52: 燃料費 | KQ52: 16 | KR52: =KR$32 -> 39500 | KS52: ①交付要綱別表２第４欄に定める補助基準額を基準額（Ａ）とする。 | KT52: 指定を受けた日の属する月に〇を記入 | KU52: 【補助対象期間の途中において、都知事又は都内区市町村長の指定を受けた事業所等のみ記入】 | KV52: 令和６年度 | KW52: 燃料費 | LF52: 16 | LG52: =LG$32 -> 39500 | LH52: ①交付要綱別表２第４欄に定める補助基準額を基準額（Ａ）とする。 | LI52: 指定を受けた日の属する月に〇を記入 | LJ52: 【補助対象期間の途中において、都知事又は都内区市町村長の指定を受けた事業所等のみ記入】 | LK52: 令和６年度 | LL52: 燃料費 | LU52: 16 | LV52: =LV$32 -> 39500 | LW52: ①交付要綱別表２第４欄に定める補助基準額を基準額（Ａ）とする。 | LX52: 指定を受けた日の属する月に〇を記入 | LY52: 【補助対象期間の途中において、都知事又は都内区市町村長の指定を受けた事業所等のみ記入】 | LZ52: 令和６年度 | MA52: 燃料費 | MJ52: 16 | MK52: =MK$32 -> 39500 | ML52: ①交付要綱別表２第４欄に定める補助基準額を基準額（Ａ）とする。 | MM52: 指定を受けた日の属する月に〇を記入 | MN52: 【補助対象期間の途中において、都知事又は都内区市町村長の指定を受けた事業所等のみ記入】 | MO52: 令和６年度 | MP52: 燃料費 | MY52: 16 | MZ52: =MZ$32 -> 39500 | NA52: ①交付要綱別表２第４欄に定める補助基準額を基準額（Ａ）とする。 | NB52: 指定を受けた日の属する月に〇を記入 | NC52: 【補助対象期間の途中において、都知事又は都内区市町村長の指定を受けた事業所等のみ記入】 | ND52: 令和６年度 | NE52: 燃料費 | NN52: 16 | NO52: =NO$32 -> 39500 | NP52: ①交付要綱別表２第４欄に定める補助基準額を基準額（Ａ）とする。 | NQ52: 指定を受けた日の属する月に〇を記入 | NR52: 【補助対象期間の途中において、都知事又は都内区市町村長の指定を受けた事業所等のみ記入】 | NS52: 令和６年度 | NT52: 燃料費 | OC52: 16 | OD52: =OD$32 -> 39500 | OE52: ①交付要綱別表２第４欄に定める補助基準額を基準額（Ａ）とする。 | OF52: 指定を受けた日の属する月に〇を記入 | OG52: 【補助対象期間の途中において、都知事又は都内区市町村長の指定を受けた事業所等のみ記入】 | OH52: 令和６年度 | OI52: 燃料費 | OR52: 16 | OS52: =OS$32 -> 39500 | OT52: ①交付要綱別表２第４欄に定める補助基準額を基準額（Ａ）とする。 | OU52: 指定を受けた日の属する月に〇を記入 | OV52: 【補助対象期間の途中において、都知事又は都内区市町村長の指定を受けた事業所等のみ記入】 | OW52: 令和６年度 | OX52: 燃料費 | PG52: 16 | PH52: =PH$32 -> 39500 | PI52: ①交付要綱別表２第４欄に定める補助基準額を基準額（Ａ）とする。 | PJ52: 指定を受けた日の属する月に〇を記入 | PK52: 【補助対象期間の途中において、都知事又は都内区市町村長の指定を受けた事業所等のみ記入】 | PL52: 令和６年度 | PM52: 燃料費 | PV52: 16 | PW52: =PW$32 -> 39500 | PX52: ①交付要綱別表２第４欄に定める補助基準額を基準額（Ａ）とする。 | PY52: 指定を受けた日の属する月に〇を記入 | PZ52: 【補助対象期間の途中において、都知事又は都内区市町村長の指定を受けた事業所等のみ記入】 | QA52: 令和６年度 | QB52: 燃料費
C53: 17 | D53: =D$32 -> 39500 | E53: ①交付要綱別表２第４欄に定める補助基準額を基準額（Ａ）とする。 | F53: 指定を受けた日の属する月に〇を記入 | G53: 【補助対象期間の途中において、都知事又は都内区市町村長の指定を受けた事業所等のみ記入】 | H53: 令和６年度 | I53: 燃料費 | R53: 17 | S53: =S$32 -> 39500 | T53: ①交付要綱別表２第４欄に定める補助基準額を基準額（Ａ）とする。 | U53: 指定を受けた日の属する月に〇を記入 | V53: 【補助対象期間の途中において、都知事又は都内区市町村長の指定を受けた事業所等のみ記入】 | W53: 令和６年度 | X53: 燃料費 | AG53: 17 | AH53: =AH$32 -> 39500 | AI53: ①交付要綱別表２第４欄に定める補助基準額を基準額（Ａ）とする。 | AJ53: 指定を受けた日の属する月に〇を記入 | AK53: 【補助対象期間の途中において、都知事又は都内区市町村長の指定を受けた事業所等のみ記入】 | AL53: 令和６年度 | AM53: 燃料費 | AV53: 17 | AW53: =AW$32 -> 39500 | AX53: ①交付要綱別表２第４欄に定める補助基準額を基準額（Ａ）とする。 | AY53: 指定を受けた日の属する月に〇を記入 | AZ53: 【補助対象期間の途中において、都知事又は都内区市町村長の指定を受けた事業所等のみ記入】 | BA53: 令和６年度 | BB53: 燃料費 | BK53: 17 | BL53: =BL$32 -> 39500 | BM53: ①交付要綱別表２第４欄に定める補助基準額を基準額（Ａ）とする。 | BN53: 指定を受けた日の属する月に〇を記入 | BO53: 【補助対象期間の途中において、都知事又は都内区市町村長の指定を受けた事業所等のみ記入】 | BP53: 令和６年度 | BQ53: 燃料費 | BZ53: 17 | CA53: =CA$32 -> 39500 | CB53: ①交付要綱別表２第４欄に定める補助基準額を基準額（Ａ）とする。 | CC53: 指定を受けた日の属する月に〇を記入 | CD53: 【補助対象期間の途中において、都知事又は都内区市町村長の指定を受けた事業所等のみ記入】 | CE53: 令和６年度 | CF53: 燃料費 | CO53: 17 | CP53: =CP$32 -> 39500 | CQ53: ①交付要綱別表２第４欄に定める補助基準額を基準額（Ａ）とする。 | CR53: 指定を受けた日の属する月に〇を記入 | CS53: 【補助対象期間の途中において、都知事又は都内区市町村長の指定を受けた事業所等のみ記入】 | CT53: 令和６年度 | CU53: 燃料費 | DD53: 17 | DE53: =DE$32 -> 39500 | DF53: ①交付要綱別表２第４欄に定める補助基準額を基準額（Ａ）とする。 | DG53: 指定を受けた日の属する月に〇を記入 | DH53: 【補助対象期間の途中において、都知事又は都内区市町村長の指定を受けた事業所等のみ記入】 | DI53: 令和６年度 | DJ53: 燃料費 | DS53: 17 | DT53: =DT$32 -> 39500 | DU53: ①交付要綱別表２第４欄に定める補助基準額を基準額（Ａ）とする。 | DV53: 指定を受けた日の属する月に〇を記入 | DW53: 【補助対象期間の途中において、都知事又は都内区市町村長の指定を受けた事業所等のみ記入】 | DX53: 令和６年度 | DY53: 燃料費 | EH53: 17 | EI53: =EI$32 -> 39500 | EJ53: ①交付要綱別表２第４欄に定める補助基準額を基準額（Ａ）とする。 | EK53: 指定を受けた日の属する月に〇を記入 | EL53: 【補助対象期間の途中において、都知事又は都内区市町村長の指定を受けた事業所等のみ記入】 | EM53: 令和６年度 | EN53: 燃料費 | EW53: 17 | EX53: =EX$32 -> 39500 | EY53: ①交付要綱別表２第４欄に定める補助基準額を基準額（Ａ）とする。 | EZ53: 指定を受けた日の属する月に〇を記入 | FA53: 【補助対象期間の途中において、都知事又は都内区市町村長の指定を受けた事業所等のみ記入】 | FB53: 令和６年度 | FC53: 燃料費 | FL53: 17 | FM53: =FM$32 -> 39500 | FN53: ①交付要綱別表２第４欄に定める補助基準額を基準額（Ａ）とする。 | FO53: 指定を受けた日の属する月に〇を記入 | FP53: 【補助対象期間の途中において、都知事又は都内区市町村長の指定を受けた事業所等のみ記入】 | FQ53: 令和６年度 | FR53: 燃料費 | GA53: 17 | GB53: =GB$32 -> 39500 | GC53: ①交付要綱別表２第４欄に定める補助基準額を基準額（Ａ）とする。 | GD53: 指定を受けた日の属する月に〇を記入 | GE53: 【補助対象期間の途中において、都知事又は都内区市町村長の指定を受けた事業所等のみ記入】 | GF53: 令和６年度 | GG53: 燃料費 | GP53: 17 | GQ53: =GQ$32 -> 39500 | GR53: ①交付要綱別表２第４欄に定める補助基準額を基準額（Ａ）とする。 | GS53: 指定を受けた日の属する月に〇を記入 | GT53: 【補助対象期間の途中において、都知事又は都内区市町村長の指定を受けた事業所等のみ記入】 | GU53: 令和６年度 | GV53: 燃料費 | HE53: 17 | HF53: =HF$32 -> 39500 | HG53: ①交付要綱別表２第４欄に定める補助基準額を基準額（Ａ）とする。 | HH53: 指定を受けた日の属する月に〇を記入 | HI53: 【補助対象期間の途中において、都知事又は都内区市町村長の指定を受けた事業所等のみ記入】 | HJ53: 令和６年度 | HK53: 燃料費 | HT53: 17 | HU53: =HU$32 -> 39500 | HV53: ①交付要綱別表２第４欄に定める補助基準額を基準額（Ａ）とする。 | HW53: 指定を受けた日の属する月に〇を記入 | HX53: 【補助対象期間の途中において、都知事又は都内区市町村長の指定を受けた事業所等のみ記入】 | HY53: 令和６年度 | HZ53: 燃料費 | II53: 17 | IJ53: =IJ$32 -> 39500 | IK53: ①交付要綱別表２第４欄に定める補助基準額を基準額（Ａ）とする。 | IL53: 指定を受けた日の属する月に〇を記入 | IM53: 【補助対象期間の途中において、都知事又は都内区市町村長の指定を受けた事業所等のみ記入】 | IN53: 令和６年度 | IO53: 燃料費 | IX53: 17 | IY53: =IY$32 -> 39500 | IZ53: ①交付要綱別表２第４欄に定める補助基準額を基準額（Ａ）とする。 | JA53: 指定を受けた日の属する月に〇を記入 | JB53: 【補助対象期間の途中において、都知事又は都内区市町村長の指定を受けた事業所等のみ記入】 | JC53: 令和６年度 | JD53: 燃料費 | JM53: 17 | JN53: =JN$32 -> 39500 | JO53: ①交付要綱別表２第４欄に定める補助基準額を基準額（Ａ）とする。 | JP53: 指定を受けた日の属する月に〇を記入 | JQ53: 【補助対象期間の途中において、都知事又は都内区市町村長の指定を受けた事業所等のみ記入】 | JR53: 令和６年度 | JS53: 燃料費 | KB53: 17 | KC53: =KC$32 -> 39500 | KD53: ①交付要綱別表２第４欄に定める補助基準額を基準額（Ａ）とする。 | KE53: 指定を受けた日の属する月に〇を記入 | KF53: 【補助対象期間の途中において、都知事又は都内区市町村長の指定を受けた事業所等のみ記入】 | KG53: 令和６年度 | KH53: 燃料費 | KQ53: 17 | KR53: =KR$32 -> 39500 | KS53: ①交付要綱別表２第４欄に定める補助基準額を基準額（Ａ）とする。 | KT53: 指定を受けた日の属する月に〇を記入 | KU53: 【補助対象期間の途中において、都知事又は都内区市町村長の指定を受けた事業所等のみ記入】 | KV53: 令和６年度 | KW53: 燃料費 | LF53: 17 | LG53: =LG$32 -> 39500 | LH53: ①交付要綱別表２第４欄に定める補助基準額を基準額（Ａ）とする。 | LI53: 指定を受けた日の属する月に〇を記入 | LJ53: 【補助対象期間の途中において、都知事又は都内区市町村長の指定を受けた事業所等のみ記入】 | LK53: 令和６年度 | LL53: 燃料費 | LU53: 17 | LV53: =LV$32 -> 39500 | LW53: ①交付要綱別表２第４欄に定める補助基準額を基準額（Ａ）とする。 | LX53: 指定を受けた日の属する月に〇を記入 | LY53: 【補助対象期間の途中において、都知事又は都内区市町村長の指定を受けた事業所等のみ記入】 | LZ53: 令和６年度 | MA53: 燃料費 | MJ53: 17 | MK53: =MK$32 -> 39500 | ML53: ①交付要綱別表２第４欄に定める補助基準額を基準額（Ａ）とする。 | MM53: 指定を受けた日の属する月に〇を記入 | MN53: 【補助対象期間の途中において、都知事又は都内区市町村長の指定を受けた事業所等のみ記入】 | MO53: 令和６年度 | MP53: 燃料費 | MY53: 17 | MZ53: =MZ$32 -> 39500 | NA53: ①交付要綱別表２第４欄に定める補助基準額を基準額（Ａ）とする。 | NB53: 指定を受けた日の属する月に〇を記入 | NC53: 【補助対象期間の途中において、都知事又は都内区市町村長の指定を受けた事業所等のみ記入】 | ND53: 令和６年度 | NE53: 燃料費 | NN53: 17 | NO53: =NO$32 -> 39500 | NP53: ①交付要綱別表２第４欄に定める補助基準額を基準額（Ａ）とする。 | NQ53: 指定を受けた日の属する月に〇を記入 | NR53: 【補助対象期間の途中において、都知事又は都内区市町村長の指定を受けた事業所等のみ記入】 | NS53: 令和６年度 | NT53: 燃料費 | OC53: 17 | OD53: =OD$32 -> 39500 | OE53: ①交付要綱別表２第４欄に定める補助基準額を基準額（Ａ）とする。 | OF53: 指定を受けた日の属する月に〇を記入 | OG53: 【補助対象期間の途中において、都知事又は都内区市町村長の指定を受けた事業所等のみ記入】 | OH53: 令和６年度 | OI53: 燃料費 | OR53: 17 | OS53: =OS$32 -> 39500 | OT53: ①交付要綱別表２第４欄に定める補助基準額を基準額（Ａ）とする。 | OU53: 指定を受けた日の属する月に〇を記入 | OV53: 【補助対象期間の途中において、都知事又は都内区市町村長の指定を受けた事業所等のみ記入】 | OW53: 令和６年度 | OX53: 燃料費 | PG53: 17 | PH53: =PH$32 -> 39500 | PI53: ①交付要綱別表２第４欄に定める補助基準額を基準額（Ａ）とする。 | PJ53: 指定を受けた日の属する月に〇を記入 | PK53: 【補助対象期間の途中において、都知事又は都内区市町村長の指定を受けた事業所等のみ記入】 | PL53: 令和６年度 | PM53: 燃料費 | PV53: 17 | PW53: =PW$32 -> 39500 | PX53: ①交付要綱別表２第４欄に定める補助基準額を基準額（Ａ）とする。 | PY53: 指定を受けた日の属する月に〇を記入 | PZ53: 【補助対象期間の途中において、都知事又は都内区市町村長の指定を受けた事業所等のみ記入】 | QA53: 令和６年度 | QB53: 燃料費
C54: 18 | D54: =D$32 -> 39500 | E54: ①交付要綱別表２第４欄に定める補助基準額を基準額（Ａ）とする。 | F54: 指定を受けた日の属する月に〇を記入 | G54: 【補助対象期間の途中において、都知事又は都内区市町村長の指定を受けた事業所等のみ記入】 | H54: 令和６年度 | I54: 燃料費 | R54: 18 | S54: =S$32 -> 39500 | T54: ①交付要綱別表２第４欄に定める補助基準額を基準額（Ａ）とする。 | U54: 指定を受けた日の属する月に〇を記入 | V54: 【補助対象期間の途中において、都知事又は都内区市町村長の指定を受けた事業所等のみ記入】 | W54: 令和６年度 | X54: 燃料費 | AG54: 18 | AH54: =AH$32 -> 39500 | AI54: ①交付要綱別表２第４欄に定める補助基準額を基準額（Ａ）とする。 | AJ54: 指定を受けた日の属する月に〇を記入 | AK54: 【補助対象期間の途中において、都知事又は都内区市町村長の指定を受けた事業所等のみ記入】 | AL54: 令和６年度 | AM54: 燃料費 | AV54: 18 | AW54: =AW$32 -> 39500 | AX54: ①交付要綱別表２第４欄に定める補助基準額を基準額（Ａ）とする。 | AY54: 指定を受けた日の属する月に〇を記入 | AZ54: 【補助対象期間の途中において、都知事又は都内区市町村長の指定を受けた事業所等のみ記入】 | BA54: 令和６年度 | BB54: 燃料費 | BK54: 18 | BL54: =BL$32 -> 39500 | BM54: ①交付要綱別表２第４欄に定める補助基準額を基準額（Ａ）とする。 | BN54: 指定を受けた日の属する月に〇を記入 | BO54: 【補助対象期間の途中において、都知事又は都内区市町村長の指定を受けた事業所等のみ記入】 | BP54: 令和６年度 | BQ54: 燃料費 | BZ54: 18 | CA54: =CA$32 -> 39500 | CB54: ①交付要綱別表２第４欄に定める補助基準額を基準額（Ａ）とする。 | CC54: 指定を受けた日の属する月に〇を記入 | CD54: 【補助対象期間の途中において、都知事又は都内区市町村長の指定を受けた事業所等のみ記入】 | CE54: 令和６年度 | CF54: 燃料費 | CO54: 18 | CP54: =CP$32 -> 39500 | CQ54: ①交付要綱別表２第４欄に定める補助基準額を基準額（Ａ）とする。 | CR54: 指定を受けた日の属する月に〇を記入 | CS54: 【補助対象期間の途中において、都知事又は都内区市町村長の指定を受けた事業所等のみ記入】 | CT54: 令和６年度 | CU54: 燃料費 | DD54: 18 | DE54: =DE$32 -> 39500 | DF54: ①交付要綱別表２第４欄に定める補助基準額を基準額（Ａ）とする。 | DG54: 指定を受けた日の属する月に〇を記入 | DH54: 【補助対象期間の途中において、都知事又は都内区市町村長の指定を受けた事業所等のみ記入】 | DI54: 令和６年度 | DJ54: 燃料費 | DS54: 18 | DT54: =DT$32 -> 39500 | DU54: ①交付要綱別表２第４欄に定める補助基準額を基準額（Ａ）とする。 | DV54: 指定を受けた日の属する月に〇を記入 | DW54: 【補助対象期間の途中において、都知事又は都内区市町村長の指定を受けた事業所等のみ記入】 | DX54: 令和６年度 | DY54: 燃料費 | EH54: 18 | EI54: =EI$32 -> 39500 | EJ54: ①交付要綱別表２第４欄に定める補助基準額を基準額（Ａ）とする。 | EK54: 指定を受けた日の属する月に〇を記入 | EL54: 【補助対象期間の途中において、都知事又は都内区市町村長の指定を受けた事業所等のみ記入】 | EM54: 令和６年度 | EN54: 燃料費 | EW54: 18 | EX54: =EX$32 -> 39500 | EY54: ①交付要綱別表２第４欄に定める補助基準額を基準額（Ａ）とする。 | EZ54: 指定を受けた日の属する月に〇を記入 | FA54: 【補助対象期間の途中において、都知事又は都内区市町村長の指定を受けた事業所等のみ記入】 | FB54: 令和６年度 | FC54: 燃料費 | FL54: 18 | FM54: =FM$32 -> 39500 | FN54: ①交付要綱別表２第４欄に定める補助基準額を基準額（Ａ）とする。 | FO54: 指定を受けた日の属する月に〇を記入 | FP54: 【補助対象期間の途中において、都知事又は都内区市町村長の指定を受けた事業所等のみ記入】 | FQ54: 令和６年度 | FR54: 燃料費 | GA54: 18 | GB54: =GB$32 -> 39500 | GC54: ①交付要綱別表２第４欄に定める補助基準額を基準額（Ａ）とする。 | GD54: 指定を受けた日の属する月に〇を記入 | GE54: 【補助対象期間の途中において、都知事又は都内区市町村長の指定を受けた事業所等のみ記入】 | GF54: 令和６年度 | GG54: 燃料費 | GP54: 18 | GQ54: =GQ$32 -> 39500 | GR54: ①交付要綱別表２第４欄に定める補助基準額を基準額（Ａ）とする。 | GS54: 指定を受けた日の属する月に〇を記入 | GT54: 【補助対象期間の途中において、都知事又は都内区市町村長の指定を受けた事業所等のみ記入】 | GU54: 令和６年度 | GV54: 燃料費 | HE54: 18 | HF54: =HF$32 -> 39500 | HG54: ①交付要綱別表２第４欄に定める補助基準額を基準額（Ａ）とする。 | HH54: 指定を受けた日の属する月に〇を記入 | HI54: 【補助対象期間の途中において、都知事又は都内区市町村長の指定を受けた事業所等のみ記入】 | HJ54: 令和６年度 | HK54: 燃料費 | HT54: 18 | HU54: =HU$32 -> 39500 | HV54: ①交付要綱別表２第４欄に定める補助基準額を基準額（Ａ）とする。 | HW54: 指定を受けた日の属する月に〇を記入 | HX54: 【補助対象期間の途中において、都知事又は都内区市町村長の指定を受けた事業所等のみ記入】 | HY54: 令和６年度 | HZ54: 燃料費 | II54: 18 | IJ54: =IJ$32 -> 39500 | IK54: ①交付要綱別表２第４欄に定める補助基準額を基準額（Ａ）とする。 | IL54: 指定を受けた日の属する月に〇を記入 | IM54: 【補助対象期間の途中において、都知事又は都内区市町村長の指定を受けた事業所等のみ記入】 | IN54: 令和６年度 | IO54: 燃料費 | IX54: 18 | IY54: =IY$32 -> 39500 | IZ54: ①交付要綱別表２第４欄に定める補助基準額を基準額（Ａ）とする。 | JA54: 指定を受けた日の属する月に〇を記入 | JB54: 【補助対象期間の途中において、都知事又は都内区市町村長の指定を受けた事業所等のみ記入】 | JC54: 令和６年度 | JD54: 燃料費 | JM54: 18 | JN54: =JN$32 -> 39500 | JO54: ①交付要綱別表２第４欄に定める補助基準額を基準額（Ａ）とする。 | JP54: 指定を受けた日の属する月に〇を記入 | JQ54: 【補助対象期間の途中において、都知事又は都内区市町村長の指定を受けた事業所等のみ記入】 | JR54: 令和６年度 | JS54: 燃料費 | KB54: 18 | KC54: =KC$32 -> 39500 | KD54: ①交付要綱別表２第４欄に定める補助基準額を基準額（Ａ）とする。 | KE54: 指定を受けた日の属する月に〇を記入 | KF54: 【補助対象期間の途中において、都知事又は都内区市町村長の指定を受けた事業所等のみ記入】 | KG54: 令和６年度 | KH54: 燃料費 | KQ54: 18 | KR54: =KR$32 -> 39500 | KS54: ①交付要綱別表２第４欄に定める補助基準額を基準額（Ａ）とする。 | KT54: 指定を受けた日の属する月に〇を記入 | KU54: 【補助対象期間の途中において、都知事又は都内区市町村長の指定を受けた事業所等のみ記入】 | KV54: 令和６年度 | KW54: 燃料費 | LF54: 18 | LG54: =LG$32 -> 39500 | LH54: ①交付要綱別表２第４欄に定める補助基準額を基準額（Ａ）とする。 | LI54: 指定を受けた日の属する月に〇を記入 | LJ54: 【補助対象期間の途中において、都知事又は都内区市町村長の指定を受けた事業所等のみ記入】 | LK54: 令和６年度 | LL54: 燃料費 | LU54: 18 | LV54: =LV$32 -> 39500 | LW54: ①交付要綱別表２第４欄に定める補助基準額を基準額（Ａ）とする。 | LX54: 指定を受けた日の属する月に〇を記入 | LY54: 【補助対象期間の途中において、都知事又は都内区市町村長の指定を受けた事業所等のみ記入】 | LZ54: 令和６年度 | MA54: 燃料費 | MJ54: 18 | MK54: =MK$32 -> 39500 | ML54: ①交付要綱別表２第４欄に定める補助基準額を基準額（Ａ）とする。 | MM54: 指定を受けた日の属する月に〇を記入 | MN54: 【補助対象期間の途中において、都知事又は都内区市町村長の指定を受けた事業所等のみ記入】 | MO54: 令和６年度 | MP54: 燃料費 | MY54: 18 | MZ54: =MZ$32 -> 39500 | NA54: ①交付要綱別表２第４欄に定める補助基準額を基準額（Ａ）とする。 | NB54: 指定を受けた日の属する月に〇を記入 | NC54: 【補助対象期間の途中において、都知事又は都内区市町村長の指定を受けた事業所等のみ記入】 | ND54: 令和６年度 | NE54: 燃料費 | NN54: 18 | NO54: =NO$32 -> 39500 | NP54: ①交付要綱別表２第４欄に定める補助基準額を基準額（Ａ）とする。 | NQ54: 指定を受けた日の属する月に〇を記入 | NR54: 【補助対象期間の途中において、都知事又は都内区市町村長の指定を受けた事業所等のみ記入】 | NS54: 令和６年度 | NT54: 燃料費 | OC54: 18 | OD54: =OD$32 -> 39500 | OE54: ①交付要綱別表２第４欄に定める補助基準額を基準額（Ａ）とする。 | OF54: 指定を受けた日の属する月に〇を記入 | OG54: 【補助対象期間の途中において、都知事又は都内区市町村長の指定を受けた事業所等のみ記入】 | OH54: 令和６年度 | OI54: 燃料費 | OR54: 18 | OS54: =OS$32 -> 39500 | OT54: ①交付要綱別表２第４欄に定める補助基準額を基準額（Ａ）とする。 | OU54: 指定を受けた日の属する月に〇を記入 | OV54: 【補助対象期間の途中において、都知事又は都内区市町村長の指定を受けた事業所等のみ記入】 | OW54: 令和６年度 | OX54: 燃料費 | PG54: 18 | PH54: =PH$32 -> 39500 | PI54: ①交付要綱別表２第４欄に定める補助基準額を基準額（Ａ）とする。 | PJ54: 指定を受けた日の属する月に〇を記入 | PK54: 【補助対象期間の途中において、都知事又は都内区市町村長の指定を受けた事業所等のみ記入】 | PL54: 令和６年度 | PM54: 燃料費 | PV54: 18 | PW54: =PW$32 -> 39500 | PX54: ①交付要綱別表２第４欄に定める補助基準額を基準額（Ａ）とする。 | PY54: 指定を受けた日の属する月に〇を記入 | PZ54: 【補助対象期間の途中において、都知事又は都内区市町村長の指定を受けた事業所等のみ記入】 | QA54: 令和６年度 | QB54: 燃料費
C55: 19 | D55: =D$32 -> 39500 | E55: ①交付要綱別表２第４欄に定める補助基準額を基準額（Ａ）とする。 | F55: 指定を受けた日の属する月に〇を記入 | G55: 【補助対象期間の途中において、都知事又は都内区市町村長の指定を受けた事業所等のみ記入】 | H55: 令和６年度 | I55: 燃料費 | R55: 19 | S55: =S$32 -> 39500 | T55: ①交付要綱別表２第４欄に定める補助基準額を基準額（Ａ）とする。 | U55: 指定を受けた日の属する月に〇を記入 | V55: 【補助対象期間の途中において、都知事又は都内区市町村長の指定を受けた事業所等のみ記入】 | W55: 令和６年度 | X55: 燃料費 | AG55: 19 | AH55: =AH$32 -> 39500 | AI55: ①交付要綱別表２第４欄に定める補助基準額を基準額（Ａ）とする。 | AJ55: 指定を受けた日の属する月に〇を記入 | AK55: 【補助対象期間の途中において、都知事又は都内区市町村長の指定を受けた事業所等のみ記入】 | AL55: 令和６年度 | AM55: 燃料費 | AV55: 19 | AW55: =AW$32 -> 39500 | AX55: ①交付要綱別表２第４欄に定める補助基準額を基準額（Ａ）とする。 | AY55: 指定を受けた日の属する月に〇を記入 | AZ55: 【補助対象期間の途中において、都知事又は都内区市町村長の指定を受けた事業所等のみ記入】 | BA55: 令和６年度 | BB55: 燃料費 | BK55: 19 | BL55: =BL$32 -> 39500 | BM55: ①交付要綱別表２第４欄に定める補助基準額を基準額（Ａ）とする。 | BN55: 指定を受けた日の属する月に〇を記入 | BO55: 【補助対象期間の途中において、都知事又は都内区市町村長の指定を受けた事業所等のみ記入】 | BP55: 令和６年度 | BQ55: 燃料費 | BZ55: 19 | CA55: =CA$32 -> 39500 | CB55: ①交付要綱別表２第４欄に定める補助基準額を基準額（Ａ）とする。 | CC55: 指定を受けた日の属する月に〇を記入 | CD55: 【補助対象期間の途中において、都知事又は都内区市町村長の指定を受けた事業所等のみ記入】 | CE55: 令和６年度 | CF55: 燃料費 | CO55: 19 | CP55: =CP$32 -> 39500 | CQ55: ①交付要綱別表２第４欄に定める補助基準額を基準額（Ａ）とする。 | CR55: 指定を受けた日の属する月に〇を記入 | CS55: 【補助対象期間の途中において、都知事又は都内区市町村長の指定を受けた事業所等のみ記入】 | CT55: 令和６年度 | CU55: 燃料費 | DD55: 19 | DE55: =DE$32 -> 39500 | DF55: ①交付要綱別表２第４欄に定める補助基準額を基準額（Ａ）とする。 | DG55: 指定を受けた日の属する月に〇を記入 | DH55: 【補助対象期間の途中において、都知事又は都内区市町村長の指定を受けた事業所等のみ記入】 | DI55: 令和６年度 | DJ55: 燃料費 | DS55: 19 | DT55: =DT$32 -> 39500 | DU55: ①交付要綱別表２第４欄に定める補助基準額を基準額（Ａ）とする。 | DV55: 指定を受けた日の属する月に〇を記入 | DW55: 【補助対象期間の途中において、都知事又は都内区市町村長の指定を受けた事業所等のみ記入】 | DX55: 令和６年度 | DY55: 燃料費 | EH55: 19 | EI55: =EI$32 -> 39500 | EJ55: ①交付要綱別表２第４欄に定める補助基準額を基準額（Ａ）とする。 | EK55: 指定を受けた日の属する月に〇を記入 | EL55: 【補助対象期間の途中において、都知事又は都内区市町村長の指定を受けた事業所等のみ記入】 | EM55: 令和６年度 | EN55: 燃料費 | EW55: 19 | EX55: =EX$32 -> 39500 | EY55: ①交付要綱別表２第４欄に定める補助基準額を基準額（Ａ）とする。 | EZ55: 指定を受けた日の属する月に〇を記入 | FA55: 【補助対象期間の途中において、都知事又は都内区市町村長の指定を受けた事業所等のみ記入】 | FB55: 令和６年度 | FC55: 燃料費 | FL55: 19 | FM55: =FM$32 -> 39500 | FN55: ①交付要綱別表２第４欄に定める補助基準額を基準額（Ａ）とする。 | FO55: 指定を受けた日の属する月に〇を記入 | FP55: 【補助対象期間の途中において、都知事又は都内区市町村長の指定を受けた事業所等のみ記入】 | FQ55: 令和６年度 | FR55: 燃料費 | GA55: 19 | GB55: =GB$32 -> 39500 | GC55: ①交付要綱別表２第４欄に定める補助基準額を基準額（Ａ）とする。 | GD55: 指定を受けた日の属する月に〇を記入 | GE55: 【補助対象期間の途中において、都知事又は都内区市町村長の指定を受けた事業所等のみ記入】 | GF55: 令和６年度 | GG55: 燃料費 | GP55: 19 | GQ55: =GQ$32 -> 39500 | GR55: ①交付要綱別表２第４欄に定める補助基準額を基準額（Ａ）とする。 | GS55: 指定を受けた日の属する月に〇を記入 | GT55: 【補助対象期間の途中において、都知事又は都内区市町村長の指定を受けた事業所等のみ記入】 | GU55: 令和６年度 | GV55: 燃料費 | HE55: 19 | HF55: =HF$32 -> 39500 | HG55: ①交付要綱別表２第４欄に定める補助基準額を基準額（Ａ）とする。 | HH55: 指定を受けた日の属する月に〇を記入 | HI55: 【補助対象期間の途中において、都知事又は都内区市町村長の指定を受けた事業所等のみ記入】 | HJ55: 令和６年度 | HK55: 燃料費 | HT55: 19 | HU55: =HU$32 -> 39500 | HV55: ①交付要綱別表２第４欄に定める補助基準額を基準額（Ａ）とする。 | HW55: 指定を受けた日の属する月に〇を記入 | HX55: 【補助対象期間の途中において、都知事又は都内区市町村長の指定を受けた事業所等のみ記入】 | HY55: 令和６年度 | HZ55: 燃料費 | II55: 19 | IJ55: =IJ$32 -> 39500 | IK55: ①交付要綱別表２第４欄に定める補助基準額を基準額（Ａ）とする。 | IL55: 指定を受けた日の属する月に〇を記入 | IM55: 【補助対象期間の途中において、都知事又は都内区市町村長の指定を受けた事業所等のみ記入】 | IN55: 令和６年度 | IO55: 燃料費 | IX55: 19 | IY55: =IY$32 -> 39500 | IZ55: ①交付要綱別表２第４欄に定める補助基準額を基準額（Ａ）とする。 | JA55: 指定を受けた日の属する月に〇を記入 | JB55: 【補助対象期間の途中において、都知事又は都内区市町村長の指定を受けた事業所等のみ記入】 | JC55: 令和６年度 | JD55: 燃料費 | JM55: 19 | JN55: =JN$32 -> 39500 | JO55: ①交付要綱別表２第４欄に定める補助基準額を基準額（Ａ）とする。 | JP55: 指定を受けた日の属する月に〇を記入 | JQ55: 【補助対象期間の途中において、都知事又は都内区市町村長の指定を受けた事業所等のみ記入】 | JR55: 令和６年度 | JS55: 燃料費 | KB55: 19 | KC55: =KC$32 -> 39500 | KD55: ①交付要綱別表２第４欄に定める補助基準額を基準額（Ａ）とする。 | KE55: 指定を受けた日の属する月に〇を記入 | KF55: 【補助対象期間の途中において、都知事又は都内区市町村長の指定を受けた事業所等のみ記入】 | KG55: 令和６年度 | KH55: 燃料費 | KQ55: 19 | KR55: =KR$32 -> 39500 | KS55: ①交付要綱別表２第４欄に定める補助基準額を基準額（Ａ）とする。 | KT55: 指定を受けた日の属する月に〇を記入 | KU55: 【補助対象期間の途中において、都知事又は都内区市町村長の指定を受けた事業所等のみ記入】 | KV55: 令和６年度 | KW55: 燃料費 | LF55: 19 | LG55: =LG$32 -> 39500 | LH55: ①交付要綱別表２第４欄に定める補助基準額を基準額（Ａ）とする。 | LI55: 指定を受けた日の属する月に〇を記入 | LJ55: 【補助対象期間の途中において、都知事又は都内区市町村長の指定を受けた事業所等のみ記入】 | LK55: 令和６年度 | LL55: 燃料費 | LU55: 19 | LV55: =LV$32 -> 39500 | LW55: ①交付要綱別表２第４欄に定める補助基準額を基準額（Ａ）とする。 | LX55: 指定を受けた日の属する月に〇を記入 | LY55: 【補助対象期間の途中において、都知事又は都内区市町村長の指定を受けた事業所等のみ記入】 | LZ55: 令和６年度 | MA55: 燃料費 | MJ55: 19 | MK55: =MK$32 -> 39500 | ML55: ①交付要綱別表２第４欄に定める補助基準額を基準額（Ａ）とする。 | MM55: 指定を受けた日の属する月に〇を記入 | MN55: 【補助対象期間の途中において、都知事又は都内区市町村長の指定を受けた事業所等のみ記入】 | MO55: 令和６年度 | MP55: 燃料費 | MY55: 19 | MZ55: =MZ$32 -> 39500 | NA55: ①交付要綱別表２第４欄に定める補助基準額を基準額（Ａ）とする。 | NB55: 指定を受けた日の属する月に〇を記入 | NC55: 【補助対象期間の途中において、都知事又は都内区市町村長の指定を受けた事業所等のみ記入】 | ND55: 令和６年度 | NE55: 燃料費 | NN55: 19 | NO55: =NO$32 -> 39500 | NP55: ①交付要綱別表２第４欄に定める補助基準額を基準額（Ａ）とする。 | NQ55: 指定を受けた日の属する月に〇を記入 | NR55: 【補助対象期間の途中において、都知事又は都内区市町村長の指定を受けた事業所等のみ記入】 | NS55: 令和６年度 | NT55: 燃料費 | OC55: 19 | OD55: =OD$32 -> 39500 | OE55: ①交付要綱別表２第４欄に定める補助基準額を基準額（Ａ）とする。 | OF55: 指定を受けた日の属する月に〇を記入 | OG55: 【補助対象期間の途中において、都知事又は都内区市町村長の指定を受けた事業所等のみ記入】 | OH55: 令和６年度 | OI55: 燃料費 | OR55: 19 | OS55: =OS$32 -> 39500 | OT55: ①交付要綱別表２第４欄に定める補助基準額を基準額（Ａ）とする。 | OU55: 指定を受けた日の属する月に〇を記入 | OV55: 【補助対象期間の途中において、都知事又は都内区市町村長の指定を受けた事業所等のみ記入】 | OW55: 令和６年度 | OX55: 燃料費 | PG55: 19 | PH55: =PH$32 -> 39500 | PI55: ①交付要綱別表２第４欄に定める補助基準額を基準額（Ａ）とする。 | PJ55: 指定を受けた日の属する月に〇を記入 | PK55: 【補助対象期間の途中において、都知事又は都内区市町村長の指定を受けた事業所等のみ記入】 | PL55: 令和６年度 | PM55: 燃料費 | PV55: 19 | PW55: =PW$32 -> 39500 | PX55: ①交付要綱別表２第４欄に定める補助基準額を基準額（Ａ）とする。 | PY55: 指定を受けた日の属する月に〇を記入 | PZ55: 【補助対象期間の途中において、都知事又は都内区市町村長の指定を受けた事業所等のみ記入】 | QA55: 令和６年度 | QB55: 燃料費
C56: 20 | D56: =D$32 -> 39500 | E56: ①交付要綱別表２第４欄に定める補助基準額を基準額（Ａ）とする。 | F56: 指定を受けた日の属する月に〇を記入 | G56: 【補助対象期間の途中において、都知事又は都内区市町村長の指定を受けた事業所等のみ記入】 | H56: 令和６年度 | I56: 燃料費 | R56: 20 | S56: =S$32 -> 39500 | T56: ①交付要綱別表２第４欄に定める補助基準額を基準額（Ａ）とする。 | U56: 指定を受けた日の属する月に〇を記入 | V56: 【補助対象期間の途中において、都知事又は都内区市町村長の指定を受けた事業所等のみ記入】 | W56: 令和６年度 | X56: 燃料費 | AG56: 20 | AH56: =AH$32 -> 39500 | AI56: ①交付要綱別表２第４欄に定める補助基準額を基準額（Ａ）とする。 | AJ56: 指定を受けた日の属する月に〇を記入 | AK56: 【補助対象期間の途中において、都知事又は都内区市町村長の指定を受けた事業所等のみ記入】 | AL56: 令和６年度 | AM56: 燃料費 | AV56: 20 | AW56: =AW$32 -> 39500 | AX56: ①交付要綱別表２第４欄に定める補助基準額を基準額（Ａ）とする。 | AY56: 指定を受けた日の属する月に〇を記入 | AZ56: 【補助対象期間の途中において、都知事又は都内区市町村長の指定を受けた事業所等のみ記入】 | BA56: 令和６年度 | BB56: 燃料費 | BK56: 20 | BL56: =BL$32 -> 39500 | BM56: ①交付要綱別表２第４欄に定める補助基準額を基準額（Ａ）とする。 | BN56: 指定を受けた日の属する月に〇を記入 | BO56: 【補助対象期間の途中において、都知事又は都内区市町村長の指定を受けた事業所等のみ記入】 | BP56: 令和６年度 | BQ56: 燃料費 | BZ56: 20 | CA56: =CA$32 -> 39500 | CB56: ①交付要綱別表２第４欄に定める補助基準額を基準額（Ａ）とする。 | CC56: 指定を受けた日の属する月に〇を記入 | CD56: 【補助対象期間の途中において、都知事又は都内区市町村長の指定を受けた事業所等のみ記入】 | CE56: 令和６年度 | CF56: 燃料費 | CO56: 20 | CP56: =CP$32 -> 39500 | CQ56: ①交付要綱別表２第４欄に定める補助基準額を基準額（Ａ）とする。 | CR56: 指定を受けた日の属する月に〇を記入 | CS56: 【補助対象期間の途中において、都知事又は都内区市町村長の指定を受けた事業所等のみ記入】 | CT56: 令和６年度 | CU56: 燃料費 | DD56: 20 | DE56: =DE$32 -> 39500 | DF56: ①交付要綱別表２第４欄に定める補助基準額を基準額（Ａ）とする。 | DG56: 指定を受けた日の属する月に〇を記入 | DH56: 【補助対象期間の途中において、都知事又は都内区市町村長の指定を受けた事業所等のみ記入】 | DI56: 令和６年度 | DJ56: 燃料費 | DS56: 20 | DT56: =DT$32 -> 39500 | DU56: ①交付要綱別表２第４欄に定める補助基準額を基準額（Ａ）とする。 | DV56: 指定を受けた日の属する月に〇を記入 | DW56: 【補助対象期間の途中において、都知事又は都内区市町村長の指定を受けた事業所等のみ記入】 | DX56: 令和６年度 | DY56: 燃料費 | EH56: 20 | EI56: =EI$32 -> 39500 | EJ56: ①交付要綱別表２第４欄に定める補助基準額を基準額（Ａ）とする。 | EK56: 指定を受けた日の属する月に〇を記入 | EL56: 【補助対象期間の途中において、都知事又は都内区市町村長の指定を受けた事業所等のみ記入】 | EM56: 令和６年度 | EN56: 燃料費 | EW56: 20 | EX56: =EX$32 -> 39500 | EY56: ①交付要綱別表２第４欄に定める補助基準額を基準額（Ａ）とする。 | EZ56: 指定を受けた日の属する月に〇を記入 | FA56: 【補助対象期間の途中において、都知事又は都内区市町村長の指定を受けた事業所等のみ記入】 | FB56: 令和６年度 | FC56: 燃料費 | FL56: 20 | FM56: =FM$32 -> 39500 | FN56: ①交付要綱別表２第４欄に定める補助基準額を基準額（Ａ）とする。 | FO56: 指定を受けた日の属する月に〇を記入 | FP56: 【補助対象期間の途中において、都知事又は都内区市町村長の指定を受けた事業所等のみ記入】 | FQ56: 令和６年度 | FR56: 燃料費 | GA56: 20 | GB56: =GB$32 -> 39500 | GC56: ①交付要綱別表２第４欄に定める補助基準額を基準額（Ａ）とする。 | GD56: 指定を受けた日の属する月に〇を記入 | GE56: 【補助対象期間の途中において、都知事又は都内区市町村長の指定を受けた事業所等のみ記入】 | GF56: 令和６年度 | GG56: 燃料費 | GP56: 20 | GQ56: =GQ$32 -> 39500 | GR56: ①交付要綱別表２第４欄に定める補助基準額を基準額（Ａ）とする。 | GS56: 指定を受けた日の属する月に〇を記入 | GT56: 【補助対象期間の途中において、都知事又は都内区市町村長の指定を受けた事業所等のみ記入】 | GU56: 令和６年度 | GV56: 燃料費 | HE56: 20 | HF56: =HF$32 -> 39500 | HG56: ①交付要綱別表２第４欄に定める補助基準額を基準額（Ａ）とする。 | HH56: 指定を受けた日の属する月に〇を記入 | HI56: 【補助対象期間の途中において、都知事又は都内区市町村長の指定を受けた事業所等のみ記入】 | HJ56: 令和６年度 | HK56: 燃料費 | HT56: 20 | HU56: =HU$32 -> 39500 | HV56: ①交付要綱別表２第４欄に定める補助基準額を基準額（Ａ）とする。 | HW56: 指定を受けた日の属する月に〇を記入 | HX56: 【補助対象期間の途中において、都知事又は都内区市町村長の指定を受けた事業所等のみ記入】 | HY56: 令和６年度 | HZ56: 燃料費 | II56: 20 | IJ56: =IJ$32 -> 39500 | IK56: ①交付要綱別表２第４欄に定める補助基準額を基準額（Ａ）とする。 | IL56: 指定を受けた日の属する月に〇を記入 | IM56: 【補助対象期間の途中において、都知事又は都内区市町村長の指定を受けた事業所等のみ記入】 | IN56: 令和６年度 | IO56: 燃料費 | IX56: 20 | IY56: =IY$32 -> 39500 | IZ56: ①交付要綱別表２第４欄に定める補助基準額を基準額（Ａ）とする。 | JA56: 指定を受けた日の属する月に〇を記入 | JB56: 【補助対象期間の途中において、都知事又は都内区市町村長の指定を受けた事業所等のみ記入】 | JC56: 令和６年度 | JD56: 燃料費 | JM56: 20 | JN56: =JN$32 -> 39500 | JO56: ①交付要綱別表２第４欄に定める補助基準額を基準額（Ａ）とする。 | JP56: 指定を受けた日の属する月に〇を記入 | JQ56: 【補助対象期間の途中において、都知事又は都内区市町村長の指定を受けた事業所等のみ記入】 | JR56: 令和６年度 | JS56: 燃料費 | KB56: 20 | KC56: =KC$32 -> 39500 | KD56: ①交付要綱別表２第４欄に定める補助基準額を基準額（Ａ）とする。 | KE56: 指定を受けた日の属する月に〇を記入 | KF56: 【補助対象期間の途中において、都知事又は都内区市町村長の指定を受けた事業所等のみ記入】 | KG56: 令和６年度 | KH56: 燃料費 | KQ56: 20 | KR56: =KR$32 -> 39500 | KS56: ①交付要綱別表２第４欄に定める補助基準額を基準額（Ａ）とする。 | KT56: 指定を受けた日の属する月に〇を記入 | KU56: 【補助対象期間の途中において、都知事又は都内区市町村長の指定を受けた事業所等のみ記入】 | KV56: 令和６年度 | KW56: 燃料費 | LF56: 20 | LG56: =LG$32 -> 39500 | LH56: ①交付要綱別表２第４欄に定める補助基準額を基準額（Ａ）とする。 | LI56: 指定を受けた日の属する月に〇を記入 | LJ56: 【補助対象期間の途中において、都知事又は都内区市町村長の指定を受けた事業所等のみ記入】 | LK56: 令和６年度 | LL56: 燃料費 | LU56: 20 | LV56: =LV$32 -> 39500 | LW56: ①交付要綱別表２第４欄に定める補助基準額を基準額（Ａ）とする。 | LX56: 指定を受けた日の属する月に〇を記入 | LY56: 【補助対象期間の途中において、都知事又は都内区市町村長の指定を受けた事業所等のみ記入】 | LZ56: 令和６年度 | MA56: 燃料費 | MJ56: 20 | MK56: =MK$32 -> 39500 | ML56: ①交付要綱別表２第４欄に定める補助基準額を基準額（Ａ）とする。 | MM56: 指定を受けた日の属する月に〇を記入 | MN56: 【補助対象期間の途中において、都知事又は都内区市町村長の指定を受けた事業所等のみ記入】 | MO56: 令和６年度 | MP56: 燃料費 | MY56: 20 | MZ56: =MZ$32 -> 39500 | NA56: ①交付要綱別表２第４欄に定める補助基準額を基準額（Ａ）とする。 | NB56: 指定を受けた日の属する月に〇を記入 | NC56: 【補助対象期間の途中において、都知事又は都内区市町村長の指定を受けた事業所等のみ記入】 | ND56: 令和６年度 | NE56: 燃料費 | NN56: 20 | NO56: =NO$32 -> 39500 | NP56: ①交付要綱別表２第４欄に定める補助基準額を基準額（Ａ）とする。 | NQ56: 指定を受けた日の属する月に〇を記入 | NR56: 【補助対象期間の途中において、都知事又は都内区市町村長の指定を受けた事業所等のみ記入】 | NS56: 令和６年度 | NT56: 燃料費 | OC56: 20 | OD56: =OD$32 -> 39500 | OE56: ①交付要綱別表２第４欄に定める補助基準額を基準額（Ａ）とする。 | OF56: 指定を受けた日の属する月に〇を記入 | OG56: 【補助対象期間の途中において、都知事又は都内区市町村長の指定を受けた事業所等のみ記入】 | OH56: 令和６年度 | OI56: 燃料費 | OR56: 20 | OS56: =OS$32 -> 39500 | OT56: ①交付要綱別表２第４欄に定める補助基準額を基準額（Ａ）とする。 | OU56: 指定を受けた日の属する月に〇を記入 | OV56: 【補助対象期間の途中において、都知事又は都内区市町村長の指定を受けた事業所等のみ記入】 | OW56: 令和６年度 | OX56: 燃料費 | PG56: 20 | PH56: =PH$32 -> 39500 | PI56: ①交付要綱別表２第４欄に定める補助基準額を基準額（Ａ）とする。 | PJ56: 指定を受けた日の属する月に〇を記入 | PK56: 【補助対象期間の途中において、都知事又は都内区市町村長の指定を受けた事業所等のみ記入】 | PL56: 令和６年度 | PM56: 燃料費 | PV56: 20 | PW56: =PW$32 -> 39500 | PX56: ①交付要綱別表２第４欄に定める補助基準額を基準額（Ａ）とする。 | PY56: 指定を受けた日の属する月に〇を記入 | PZ56: 【補助対象期間の途中において、都知事又は都内区市町村長の指定を受けた事業所等のみ記入】 | QA56: 令和６年度 | QB56: 燃料費
C57: 21 | D57: =D$32 -> 39500 | E57: ①交付要綱別表２第４欄に定める補助基準額を基準額（Ａ）とする。 | F57: 指定を受けた日の属する月に〇を記入 | G57: 【補助対象期間の途中において、都知事又は都内区市町村長の指定を受けた事業所等のみ記入】 | H57: 令和６年度 | I57: 燃料費 | R57: 21 | S57: =S$32 -> 39500 | T57: ①交付要綱別表２第４欄に定める補助基準額を基準額（Ａ）とする。 | U57: 指定を受けた日の属する月に〇を記入 | V57: 【補助対象期間の途中において、都知事又は都内区市町村長の指定を受けた事業所等のみ記入】 | W57: 令和６年度 | X57: 燃料費 | AG57: 21 | AH57: =AH$32 -> 39500 | AI57: ①交付要綱別表２第４欄に定める補助基準額を基準額（Ａ）とする。 | AJ57: 指定を受けた日の属する月に〇を記入 | AK57: 【補助対象期間の途中において、都知事又は都内区市町村長の指定を受けた事業所等のみ記入】 | AL57: 令和６年度 | AM57: 燃料費 | AV57: 21 | AW57: =AW$32 -> 39500 | AX57: ①交付要綱別表２第４欄に定める補助基準額を基準額（Ａ）とする。 | AY57: 指定を受けた日の属する月に〇を記入 | AZ57: 【補助対象期間の途中において、都知事又は都内区市町村長の指定を受けた事業所等のみ記入】 | BA57: 令和６年度 | BB57: 燃料費 | BK57: 21 | BL57: =BL$32 -> 39500 | BM57: ①交付要綱別表２第４欄に定める補助基準額を基準額（Ａ）とする。 | BN57: 指定を受けた日の属する月に〇を記入 | BO57: 【補助対象期間の途中において、都知事又は都内区市町村長の指定を受けた事業所等のみ記入】 | BP57: 令和６年度 | BQ57: 燃料費 | BZ57: 21 | CA57: =CA$32 -> 39500 | CB57: ①交付要綱別表２第４欄に定める補助基準額を基準額（Ａ）とする。 | CC57: 指定を受けた日の属する月に〇を記入 | CD57: 【補助対象期間の途中において、都知事又は都内区市町村長の指定を受けた事業所等のみ記入】 | CE57: 令和６年度 | CF57: 燃料費 | CO57: 21 | CP57: =CP$32 -> 39500 | CQ57: ①交付要綱別表２第４欄に定める補助基準額を基準額（Ａ）とする。 | CR57: 指定を受けた日の属する月に〇を記入 | CS57: 【補助対象期間の途中において、都知事又は都内区市町村長の指定を受けた事業所等のみ記入】 | CT57: 令和６年度 | CU57: 燃料費 | DD57: 21 | DE57: =DE$32 -> 39500 | DF57: ①交付要綱別表２第４欄に定める補助基準額を基準額（Ａ）とする。 | DG57: 指定を受けた日の属する月に〇を記入 | DH57: 【補助対象期間の途中において、都知事又は都内区市町村長の指定を受けた事業所等のみ記入】 | DI57: 令和６年度 | DJ57: 燃料費 | DS57: 21 | DT57: =DT$32 -> 39500 | DU57: ①交付要綱別表２第４欄に定める補助基準額を基準額（Ａ）とする。 | DV57: 指定を受けた日の属する月に〇を記入 | DW57: 【補助対象期間の途中において、都知事又は都内区市町村長の指定を受けた事業所等のみ記入】 | DX57: 令和６年度 | DY57: 燃料費 | EH57: 21 | EI57: =EI$32 -> 39500 | EJ57: ①交付要綱別表２第４欄に定める補助基準額を基準額（Ａ）とする。 | EK57: 指定を受けた日の属する月に〇を記入 | EL57: 【補助対象期間の途中において、都知事又は都内区市町村長の指定を受けた事業所等のみ記入】 | EM57: 令和６年度 | EN57: 燃料費 | EW57: 21 | EX57: =EX$32 -> 39500 | EY57: ①交付要綱別表２第４欄に定める補助基準額を基準額（Ａ）とする。 | EZ57: 指定を受けた日の属する月に〇を記入 | FA57: 【補助対象期間の途中において、都知事又は都内区市町村長の指定を受けた事業所等のみ記入】 | FB57: 令和６年度 | FC57: 燃料費 | FL57: 21 | FM57: =FM$32 -> 39500 | FN57: ①交付要綱別表２第４欄に定める補助基準額を基準額（Ａ）とする。 | FO57: 指定を受けた日の属する月に〇を記入 | FP57: 【補助対象期間の途中において、都知事又は都内区市町村長の指定を受けた事業所等のみ記入】 | FQ57: 令和６年度 | FR57: 燃料費 | GA57: 21 | GB57: =GB$32 -> 39500 | GC57: ①交付要綱別表２第４欄に定める補助基準額を基準額（Ａ）とする。 | GD57: 指定を受けた日の属する月に〇を記入 | GE57: 【補助対象期間の途中において、都知事又は都内区市町村長の指定を受けた事業所等のみ記入】 | GF57: 令和６年度 | GG57: 燃料費 | GP57: 21 | GQ57: =GQ$32 -> 39500 | GR57: ①交付要綱別表２第４欄に定める補助基準額を基準額（Ａ）とする。 | GS57: 指定を受けた日の属する月に〇を記入 | GT57: 【補助対象期間の途中において、都知事又は都内区市町村長の指定を受けた事業所等のみ記入】 | GU57: 令和６年度 | GV57: 燃料費 | HE57: 21 | HF57: =HF$32 -> 39500 | HG57: ①交付要綱別表２第４欄に定める補助基準額を基準額（Ａ）とする。 | HH57: 指定を受けた日の属する月に〇を記入 | HI57: 【補助対象期間の途中において、都知事又は都内区市町村長の指定を受けた事業所等のみ記入】 | HJ57: 令和６年度 | HK57: 燃料費 | HT57: 21 | HU57: =HU$32 -> 39500 | HV57: ①交付要綱別表２第４欄に定める補助基準額を基準額（Ａ）とする。 | HW57: 指定を受けた日の属する月に〇を記入 | HX57: 【補助対象期間の途中において、都知事又は都内区市町村長の指定を受けた事業所等のみ記入】 | HY57: 令和６年度 | HZ57: 燃料費 | II57: 21 | IJ57: =IJ$32 -> 39500 | IK57: ①交付要綱別表２第４欄に定める補助基準額を基準額（Ａ）とする。 | IL57: 指定を受けた日の属する月に〇を記入 | IM57: 【補助対象期間の途中において、都知事又は都内区市町村長の指定を受けた事業所等のみ記入】 | IN57: 令和６年度 | IO57: 燃料費 | IX57: 21 | IY57: =IY$32 -> 39500 | IZ57: ①交付要綱別表２第４欄に定める補助基準額を基準額（Ａ）とする。 | JA57: 指定を受けた日の属する月に〇を記入 | JB57: 【補助対象期間の途中において、都知事又は都内区市町村長の指定を受けた事業所等のみ記入】 | JC57: 令和６年度 | JD57: 燃料費 | JM57: 21 | JN57: =JN$32 -> 39500 | JO57: ①交付要綱別表２第４欄に定める補助基準額を基準額（Ａ）とする。 | JP57: 指定を受けた日の属する月に〇を記入 | JQ57: 【補助対象期間の途中において、都知事又は都内区市町村長の指定を受けた事業所等のみ記入】 | JR57: 令和６年度 | JS57: 燃料費 | KB57: 21 | KC57: =KC$32 -> 39500 | KD57: ①交付要綱別表２第４欄に定める補助基準額を基準額（Ａ）とする。 | KE57: 指定を受けた日の属する月に〇を記入 | KF57: 【補助対象期間の途中において、都知事又は都内区市町村長の指定を受けた事業所等のみ記入】 | KG57: 令和６年度 | KH57: 燃料費 | KQ57: 21 | KR57: =KR$32 -> 39500 | KS57: ①交付要綱別表２第４欄に定める補助基準額を基準額（Ａ）とする。 | KT57: 指定を受けた日の属する月に〇を記入 | KU57: 【補助対象期間の途中において、都知事又は都内区市町村長の指定を受けた事業所等のみ記入】 | KV57: 令和６年度 | KW57: 燃料費 | LF57: 21 | LG57: =LG$32 -> 39500 | LH57: ①交付要綱別表２第４欄に定める補助基準額を基準額（Ａ）とする。 | LI57: 指定を受けた日の属する月に〇を記入 | LJ57: 【補助対象期間の途中において、都知事又は都内区市町村長の指定を受けた事業所等のみ記入】 | LK57: 令和６年度 | LL57: 燃料費 | LU57: 21 | LV57: =LV$32 -> 39500 | LW57: ①交付要綱別表２第４欄に定める補助基準額を基準額（Ａ）とする。 | LX57: 指定を受けた日の属する月に〇を記入 | LY57: 【補助対象期間の途中において、都知事又は都内区市町村長の指定を受けた事業所等のみ記入】 | LZ57: 令和６年度 | MA57: 燃料費 | MJ57: 21 | MK57: =MK$32 -> 39500 | ML57: ①交付要綱別表２第４欄に定める補助基準額を基準額（Ａ）とする。 | MM57: 指定を受けた日の属する月に〇を記入 | MN57: 【補助対象期間の途中において、都知事又は都内区市町村長の指定を受けた事業所等のみ記入】 | MO57: 令和６年度 | MP57: 燃料費 | MY57: 21 | MZ57: =MZ$32 -> 39500 | NA57: ①交付要綱別表２第４欄に定める補助基準額を基準額（Ａ）とする。 | NB57: 指定を受けた日の属する月に〇を記入 | NC57: 【補助対象期間の途中において、都知事又は都内区市町村長の指定を受けた事業所等のみ記入】 | ND57: 令和６年度 | NE57: 燃料費 | NN57: 21 | NO57: =NO$32 -> 39500 | NP57: ①交付要綱別表２第４欄に定める補助基準額を基準額（Ａ）とする。 | NQ57: 指定を受けた日の属する月に〇を記入 | NR57: 【補助対象期間の途中において、都知事又は都内区市町村長の指定を受けた事業所等のみ記入】 | NS57: 令和６年度 | NT57: 燃料費 | OC57: 21 | OD57: =OD$32 -> 39500 | OE57: ①交付要綱別表２第４欄に定める補助基準額を基準額（Ａ）とする。 | OF57: 指定を受けた日の属する月に〇を記入 | OG57: 【補助対象期間の途中において、都知事又は都内区市町村長の指定を受けた事業所等のみ記入】 | OH57: 令和６年度 | OI57: 燃料費 | OR57: 21 | OS57: =OS$32 -> 39500 | OT57: ①交付要綱別表２第４欄に定める補助基準額を基準額（Ａ）とする。 | OU57: 指定を受けた日の属する月に〇を記入 | OV57: 【補助対象期間の途中において、都知事又は都内区市町村長の指定を受けた事業所等のみ記入】 | OW57: 令和６年度 | OX57: 燃料費 | PG57: 21 | PH57: =PH$32 -> 39500 | PI57: ①交付要綱別表２第４欄に定める補助基準額を基準額（Ａ）とする。 | PJ57: 指定を受けた日の属する月に〇を記入 | PK57: 【補助対象期間の途中において、都知事又は都内区市町村長の指定を受けた事業所等のみ記入】 | PL57: 令和６年度 | PM57: 燃料費 | PV57: 21 | PW57: =PW$32 -> 39500 | PX57: ①交付要綱別表２第４欄に定める補助基準額を基準額（Ａ）とする。 | PY57: 指定を受けた日の属する月に〇を記入 | PZ57: 【補助対象期間の途中において、都知事又は都内区市町村長の指定を受けた事業所等のみ記入】 | QA57: 令和６年度 | QB57: 燃料費
C58: 22 | D58: =D$35 -> 15800 | E58: ①交付要綱別表２第４欄に定める補助基準額を基準額（Ａ）とする。 | F58: 指定を受けた日の属する月に〇を記入 | G58: 【補助対象期間の途中において、都知事又は都内区市町村長の指定を受けた事業所等のみ記入】 | H58: 令和６年度 | I58: 燃料費 | R58: 22 | S58: =S$35 -> 15800 | T58: ①交付要綱別表２第４欄に定める補助基準額を基準額（Ａ）とする。 | U58: 指定を受けた日の属する月に〇を記入 | V58: 【補助対象期間の途中において、都知事又は都内区市町村長の指定を受けた事業所等のみ記入】 | W58: 令和６年度 | X58: 燃料費 | AG58: 22 | AH58: =AH$35 -> 15800 | AI58: ①交付要綱別表２第４欄に定める補助基準額を基準額（Ａ）とする。 | AJ58: 指定を受けた日の属する月に〇を記入 | AK58: 【補助対象期間の途中において、都知事又は都内区市町村長の指定を受けた事業所等のみ記入】 | AL58: 令和６年度 | AM58: 燃料費 | AV58: 22 | AW58: =AW$35 -> 15800 | AX58: ①交付要綱別表２第４欄に定める補助基準額を基準額（Ａ）とする。 | AY58: 指定を受けた日の属する月に〇を記入 | AZ58: 【補助対象期間の途中において、都知事又は都内区市町村長の指定を受けた事業所等のみ記入】 | BA58: 令和６年度 | BB58: 燃料費 | BK58: 22 | BL58: =BL$35 -> 15800 | BM58: ①交付要綱別表２第４欄に定める補助基準額を基準額（Ａ）とする。 | BN58: 指定を受けた日の属する月に〇を記入 | BO58: 【補助対象期間の途中において、都知事又は都内区市町村長の指定を受けた事業所等のみ記入】 | BP58: 令和６年度 | BQ58: 燃料費 | BZ58: 22 | CA58: =CA$35 -> 15800 | CB58: ①交付要綱別表２第４欄に定める補助基準額を基準額（Ａ）とする。 | CC58: 指定を受けた日の属する月に〇を記入 | CD58: 【補助対象期間の途中において、都知事又は都内区市町村長の指定を受けた事業所等のみ記入】 | CE58: 令和６年度 | CF58: 燃料費 | CO58: 22 | CP58: =CP$35 -> 15800 | CQ58: ①交付要綱別表２第４欄に定める補助基準額を基準額（Ａ）とする。 | CR58: 指定を受けた日の属する月に〇を記入 | CS58: 【補助対象期間の途中において、都知事又は都内区市町村長の指定を受けた事業所等のみ記入】 | CT58: 令和６年度 | CU58: 燃料費 | DD58: 22 | DE58: =DE$35 -> 15800 | DF58: ①交付要綱別表２第４欄に定める補助基準額を基準額（Ａ）とする。 | DG58: 指定を受けた日の属する月に〇を記入 | DH58: 【補助対象期間の途中において、都知事又は都内区市町村長の指定を受けた事業所等のみ記入】 | DI58: 令和６年度 | DJ58: 燃料費 | DS58: 22 | DT58: =DT$35 -> 15800 | DU58: ①交付要綱別表２第４欄に定める補助基準額を基準額（Ａ）とする。 | DV58: 指定を受けた日の属する月に〇を記入 | DW58: 【補助対象期間の途中において、都知事又は都内区市町村長の指定を受けた事業所等のみ記入】 | DX58: 令和６年度 | DY58: 燃料費 | EH58: 22 | EI58: =EI$35 -> 15800 | EJ58: ①交付要綱別表２第４欄に定める補助基準額を基準額（Ａ）とする。 | EK58: 指定を受けた日の属する月に〇を記入 | EL58: 【補助対象期間の途中において、都知事又は都内区市町村長の指定を受けた事業所等のみ記入】 | EM58: 令和６年度 | EN58: 燃料費 | EW58: 22 | EX58: =EX$35 -> 15800 | EY58: ①交付要綱別表２第４欄に定める補助基準額を基準額（Ａ）とする。 | EZ58: 指定を受けた日の属する月に〇を記入 | FA58: 【補助対象期間の途中において、都知事又は都内区市町村長の指定を受けた事業所等のみ記入】 | FB58: 令和６年度 | FC58: 燃料費 | FL58: 22 | FM58: =FM$35 -> 15800 | FN58: ①交付要綱別表２第４欄に定める補助基準額を基準額（Ａ）とする。 | FO58: 指定を受けた日の属する月に〇を記入 | FP58: 【補助対象期間の途中において、都知事又は都内区市町村長の指定を受けた事業所等のみ記入】 | FQ58: 令和６年度 | FR58: 燃料費 | GA58: 22 | GB58: =GB$35 -> 15800 | GC58: ①交付要綱別表２第４欄に定める補助基準額を基準額（Ａ）とする。 | GD58: 指定を受けた日の属する月に〇を記入 | GE58: 【補助対象期間の途中において、都知事又は都内区市町村長の指定を受けた事業所等のみ記入】 | GF58: 令和６年度 | GG58: 燃料費 | GP58: 22 | GQ58: =GQ$35 -> 15800 | GR58: ①交付要綱別表２第４欄に定める補助基準額を基準額（Ａ）とする。 | GS58: 指定を受けた日の属する月に〇を記入 | GT58: 【補助対象期間の途中において、都知事又は都内区市町村長の指定を受けた事業所等のみ記入】 | GU58: 令和６年度 | GV58: 燃料費 | HE58: 22 | HF58: =HF$35 -> 15800 | HG58: ①交付要綱別表２第４欄に定める補助基準額を基準額（Ａ）とする。 | HH58: 指定を受けた日の属する月に〇を記入 | HI58: 【補助対象期間の途中において、都知事又は都内区市町村長の指定を受けた事業所等のみ記入】 | HJ58: 令和６年度 | HK58: 燃料費 | HT58: 22 | HU58: =HU$35 -> 15800 | HV58: ①交付要綱別表２第４欄に定める補助基準額を基準額（Ａ）とする。 | HW58: 指定を受けた日の属する月に〇を記入 | HX58: 【補助対象期間の途中において、都知事又は都内区市町村長の指定を受けた事業所等のみ記入】 | HY58: 令和６年度 | HZ58: 燃料費 | II58: 22 | IJ58: =IJ$35 -> 15800 | IK58: ①交付要綱別表２第４欄に定める補助基準額を基準額（Ａ）とする。 | IL58: 指定を受けた日の属する月に〇を記入 | IM58: 【補助対象期間の途中において、都知事又は都内区市町村長の指定を受けた事業所等のみ記入】 | IN58: 令和６年度 | IO58: 燃料費 | IX58: 22 | IY58: =IY$35 -> 15800 | IZ58: ①交付要綱別表２第４欄に定める補助基準額を基準額（Ａ）とする。 | JA58: 指定を受けた日の属する月に〇を記入 | JB58: 【補助対象期間の途中において、都知事又は都内区市町村長の指定を受けた事業所等のみ記入】 | JC58: 令和６年度 | JD58: 燃料費 | JM58: 22 | JN58: =JN$35 -> 15800 | JO58: ①交付要綱別表２第４欄に定める補助基準額を基準額（Ａ）とする。 | JP58: 指定を受けた日の属する月に〇を記入 | JQ58: 【補助対象期間の途中において、都知事又は都内区市町村長の指定を受けた事業所等のみ記入】 | JR58: 令和６年度 | JS58: 燃料費 | KB58: 22 | KC58: =KC$35 -> 15800 | KD58: ①交付要綱別表２第４欄に定める補助基準額を基準額（Ａ）とする。 | KE58: 指定を受けた日の属する月に〇を記入 | KF58: 【補助対象期間の途中において、都知事又は都内区市町村長の指定を受けた事業所等のみ記入】 | KG58: 令和６年度 | KH58: 燃料費 | KQ58: 22 | KR58: =KR$35 -> 15800 | KS58: ①交付要綱別表２第４欄に定める補助基準額を基準額（Ａ）とする。 | KT58: 指定を受けた日の属する月に〇を記入 | KU58: 【補助対象期間の途中において、都知事又は都内区市町村長の指定を受けた事業所等のみ記入】 | KV58: 令和６年度 | KW58: 燃料費 | LF58: 22 | LG58: =LG$35 -> 15800 | LH58: ①交付要綱別表２第４欄に定める補助基準額を基準額（Ａ）とする。 | LI58: 指定を受けた日の属する月に〇を記入 | LJ58: 【補助対象期間の途中において、都知事又は都内区市町村長の指定を受けた事業所等のみ記入】 | LK58: 令和６年度 | LL58: 燃料費 | LU58: 22 | LV58: =LV$35 -> 15800 | LW58: ①交付要綱別表２第４欄に定める補助基準額を基準額（Ａ）とする。 | LX58: 指定を受けた日の属する月に〇を記入 | LY58: 【補助対象期間の途中において、都知事又は都内区市町村長の指定を受けた事業所等のみ記入】 | LZ58: 令和６年度 | MA58: 燃料費 | MJ58: 22 | MK58: =MK$35 -> 15800 | ML58: ①交付要綱別表２第４欄に定める補助基準額を基準額（Ａ）とする。 | MM58: 指定を受けた日の属する月に〇を記入 | MN58: 【補助対象期間の途中において、都知事又は都内区市町村長の指定を受けた事業所等のみ記入】 | MO58: 令和６年度 | MP58: 燃料費 | MY58: 22 | MZ58: =MZ$35 -> 15800 | NA58: ①交付要綱別表２第４欄に定める補助基準額を基準額（Ａ）とする。 | NB58: 指定を受けた日の属する月に〇を記入 | NC58: 【補助対象期間の途中において、都知事又は都内区市町村長の指定を受けた事業所等のみ記入】 | ND58: 令和６年度 | NE58: 燃料費 | NN58: 22 | NO58: =NO$35 -> 15800 | NP58: ①交付要綱別表２第４欄に定める補助基準額を基準額（Ａ）とする。 | NQ58: 指定を受けた日の属する月に〇を記入 | NR58: 【補助対象期間の途中において、都知事又は都内区市町村長の指定を受けた事業所等のみ記入】 | NS58: 令和６年度 | NT58: 燃料費 | OC58: 22 | OD58: =OD$35 -> 15800 | OE58: ①交付要綱別表２第４欄に定める補助基準額を基準額（Ａ）とする。 | OF58: 指定を受けた日の属する月に〇を記入 | OG58: 【補助対象期間の途中において、都知事又は都内区市町村長の指定を受けた事業所等のみ記入】 | OH58: 令和６年度 | OI58: 燃料費 | OR58: 22 | OS58: =OS$35 -> 15800 | OT58: ①交付要綱別表２第４欄に定める補助基準額を基準額（Ａ）とする。 | OU58: 指定を受けた日の属する月に〇を記入 | OV58: 【補助対象期間の途中において、都知事又は都内区市町村長の指定を受けた事業所等のみ記入】 | OW58: 令和６年度 | OX58: 燃料費 | PG58: 22 | PH58: =PH$35 -> 15800 | PI58: ①交付要綱別表２第４欄に定める補助基準額を基準額（Ａ）とする。 | PJ58: 指定を受けた日の属する月に〇を記入 | PK58: 【補助対象期間の途中において、都知事又は都内区市町村長の指定を受けた事業所等のみ記入】 | PL58: 令和６年度 | PM58: 燃料費 | PV58: 22 | PW58: =PW$35 -> 15800 | PX58: ①交付要綱別表２第４欄に定める補助基準額を基準額（Ａ）とする。 | PY58: 指定を受けた日の属する月に〇を記入 | PZ58: 【補助対象期間の途中において、都知事又は都内区市町村長の指定を受けた事業所等のみ記入】 | QA58: 令和６年度 | QB58: 燃料費
C59: 23 | D59: =D$35 -> 15800 | E59: ①交付要綱別表２第４欄に定める補助基準額を基準額（Ａ）とする。 | F59: 指定を受けた日の属する月に〇を記入 | G59: 【補助対象期間の途中において、都知事又は都内区市町村長の指定を受けた事業所等のみ記入】 | H59: 令和６年度 | I59: 燃料費 | R59: 23 | S59: =S$35 -> 15800 | T59: ①交付要綱別表２第４欄に定める補助基準額を基準額（Ａ）とする。 | U59: 指定を受けた日の属する月に〇を記入 | V59: 【補助対象期間の途中において、都知事又は都内区市町村長の指定を受けた事業所等のみ記入】 | W59: 令和６年度 | X59: 燃料費 | AG59: 23 | AH59: =AH$35 -> 15800 | AI59: ①交付要綱別表２第４欄に定める補助基準額を基準額（Ａ）とする。 | AJ59: 指定を受けた日の属する月に〇を記入 | AK59: 【補助対象期間の途中において、都知事又は都内区市町村長の指定を受けた事業所等のみ記入】 | AL59: 令和６年度 | AM59: 燃料費 | AV59: 23 | AW59: =AW$35 -> 15800 | AX59: ①交付要綱別表２第４欄に定める補助基準額を基準額（Ａ）とする。 | AY59: 指定を受けた日の属する月に〇を記入 | AZ59: 【補助対象期間の途中において、都知事又は都内区市町村長の指定を受けた事業所等のみ記入】 | BA59: 令和６年度 | BB59: 燃料費 | BK59: 23 | BL59: =BL$35 -> 15800 | BM59: ①交付要綱別表２第４欄に定める補助基準額を基準額（Ａ）とする。 | BN59: 指定を受けた日の属する月に〇を記入 | BO59: 【補助対象期間の途中において、都知事又は都内区市町村長の指定を受けた事業所等のみ記入】 | BP59: 令和６年度 | BQ59: 燃料費 | BZ59: 23 | CA59: =CA$35 -> 15800 | CB59: ①交付要綱別表２第４欄に定める補助基準額を基準額（Ａ）とする。 | CC59: 指定を受けた日の属する月に〇を記入 | CD59: 【補助対象期間の途中において、都知事又は都内区市町村長の指定を受けた事業所等のみ記入】 | CE59: 令和６年度 | CF59: 燃料費 | CO59: 23 | CP59: =CP$35 -> 15800 | CQ59: ①交付要綱別表２第４欄に定める補助基準額を基準額（Ａ）とする。 | CR59: 指定を受けた日の属する月に〇を記入 | CS59: 【補助対象期間の途中において、都知事又は都内区市町村長の指定を受けた事業所等のみ記入】 | CT59: 令和６年度 | CU59: 燃料費 | DD59: 23 | DE59: =DE$35 -> 15800 | DF59: ①交付要綱別表２第４欄に定める補助基準額を基準額（Ａ）とする。 | DG59: 指定を受けた日の属する月に〇を記入 | DH59: 【補助対象期間の途中において、都知事又は都内区市町村長の指定を受けた事業所等のみ記入】 | DI59: 令和６年度 | DJ59: 燃料費 | DS59: 23 | DT59: =DT$35 -> 15800 | DU59: ①交付要綱別表２第４欄に定める補助基準額を基準額（Ａ）とする。 | DV59: 指定を受けた日の属する月に〇を記入 | DW59: 【補助対象期間の途中において、都知事又は都内区市町村長の指定を受けた事業所等のみ記入】 | DX59: 令和６年度 | DY59: 燃料費 | EH59: 23 | EI59: =EI$35 -> 15800 | EJ59: ①交付要綱別表２第４欄に定める補助基準額を基準額（Ａ）とする。 | EK59: 指定を受けた日の属する月に〇を記入 | EL59: 【補助対象期間の途中において、都知事又は都内区市町村長の指定を受けた事業所等のみ記入】 | EM59: 令和６年度 | EN59: 燃料費 | EW59: 23 | EX59: =EX$35 -> 15800 | EY59: ①交付要綱別表２第４欄に定める補助基準額を基準額（Ａ）とする。 | EZ59: 指定を受けた日の属する月に〇を記入 | FA59: 【補助対象期間の途中において、都知事又は都内区市町村長の指定を受けた事業所等のみ記入】 | FB59: 令和６年度 | FC59: 燃料費 | FL59: 23 | FM59: =FM$35 -> 15800 | FN59: ①交付要綱別表２第４欄に定める補助基準額を基準額（Ａ）とする。 | FO59: 指定を受けた日の属する月に〇を記入 | FP59: 【補助対象期間の途中において、都知事又は都内区市町村長の指定を受けた事業所等のみ記入】 | FQ59: 令和６年度 | FR59: 燃料費 | GA59: 23 | GB59: =GB$35 -> 15800 | GC59: ①交付要綱別表２第４欄に定める補助基準額を基準額（Ａ）とする。 | GD59: 指定を受けた日の属する月に〇を記入 | GE59: 【補助対象期間の途中において、都知事又は都内区市町村長の指定を受けた事業所等のみ記入】 | GF59: 令和６年度 | GG59: 燃料費 | GP59: 23 | GQ59: =GQ$35 -> 15800 | GR59: ①交付要綱別表２第４欄に定める補助基準額を基準額（Ａ）とする。 | GS59: 指定を受けた日の属する月に〇を記入 | GT59: 【補助対象期間の途中において、都知事又は都内区市町村長の指定を受けた事業所等のみ記入】 | GU59: 令和６年度 | GV59: 燃料費 | HE59: 23 | HF59: =HF$35 -> 15800 | HG59: ①交付要綱別表２第４欄に定める補助基準額を基準額（Ａ）とする。 | HH59: 指定を受けた日の属する月に〇を記入 | HI59: 【補助対象期間の途中において、都知事又は都内区市町村長の指定を受けた事業所等のみ記入】 | HJ59: 令和６年度 | HK59: 燃料費 | HT59: 23 | HU59: =HU$35 -> 15800 | HV59: ①交付要綱別表２第４欄に定める補助基準額を基準額（Ａ）とする。 | HW59: 指定を受けた日の属する月に〇を記入 | HX59: 【補助対象期間の途中において、都知事又は都内区市町村長の指定を受けた事業所等のみ記入】 | HY59: 令和６年度 | HZ59: 燃料費 | II59: 23 | IJ59: =IJ$35 -> 15800 | IK59: ①交付要綱別表２第４欄に定める補助基準額を基準額（Ａ）とする。 | IL59: 指定を受けた日の属する月に〇を記入 | IM59: 【補助対象期間の途中において、都知事又は都内区市町村長の指定を受けた事業所等のみ記入】 | IN59: 令和６年度 | IO59: 燃料費 | IX59: 23 | IY59: =IY$35 -> 15800 | IZ59: ①交付要綱別表２第４欄に定める補助基準額を基準額（Ａ）とする。 | JA59: 指定を受けた日の属する月に〇を記入 | JB59: 【補助対象期間の途中において、都知事又は都内区市町村長の指定を受けた事業所等のみ記入】 | JC59: 令和６年度 | JD59: 燃料費 | JM59: 23 | JN59: =JN$35 -> 15800 | JO59: ①交付要綱別表２第４欄に定める補助基準額を基準額（Ａ）とする。 | JP59: 指定を受けた日の属する月に〇を記入 | JQ59: 【補助対象期間の途中において、都知事又は都内区市町村長の指定を受けた事業所等のみ記入】 | JR59: 令和６年度 | JS59: 燃料費 | KB59: 23 | KC59: =KC$35 -> 15800 | KD59: ①交付要綱別表２第４欄に定める補助基準額を基準額（Ａ）とする。 | KE59: 指定を受けた日の属する月に〇を記入 | KF59: 【補助対象期間の途中において、都知事又は都内区市町村長の指定を受けた事業所等のみ記入】 | KG59: 令和６年度 | KH59: 燃料費 | KQ59: 23 | KR59: =KR$35 -> 15800 | KS59: ①交付要綱別表２第４欄に定める補助基準額を基準額（Ａ）とする。 | KT59: 指定を受けた日の属する月に〇を記入 | KU59: 【補助対象期間の途中において、都知事又は都内区市町村長の指定を受けた事業所等のみ記入】 | KV59: 令和６年度 | KW59: 燃料費 | LF59: 23 | LG59: =LG$35 -> 15800 | LH59: ①交付要綱別表２第４欄に定める補助基準額を基準額（Ａ）とする。 | LI59: 指定を受けた日の属する月に〇を記入 | LJ59: 【補助対象期間の途中において、都知事又は都内区市町村長の指定を受けた事業所等のみ記入】 | LK59: 令和６年度 | LL59: 燃料費 | LU59: 23 | LV59: =LV$35 -> 15800 | LW59: ①交付要綱別表２第４欄に定める補助基準額を基準額（Ａ）とする。 | LX59: 指定を受けた日の属する月に〇を記入 | LY59: 【補助対象期間の途中において、都知事又は都内区市町村長の指定を受けた事業所等のみ記入】 | LZ59: 令和６年度 | MA59: 燃料費 | MJ59: 23 | MK59: =MK$35 -> 15800 | ML59: ①交付要綱別表２第４欄に定める補助基準額を基準額（Ａ）とする。 | MM59: 指定を受けた日の属する月に〇を記入 | MN59: 【補助対象期間の途中において、都知事又は都内区市町村長の指定を受けた事業所等のみ記入】 | MO59: 令和６年度 | MP59: 燃料費 | MY59: 23 | MZ59: =MZ$35 -> 15800 | NA59: ①交付要綱別表２第４欄に定める補助基準額を基準額（Ａ）とする。 | NB59: 指定を受けた日の属する月に〇を記入 | NC59: 【補助対象期間の途中において、都知事又は都内区市町村長の指定を受けた事業所等のみ記入】 | ND59: 令和６年度 | NE59: 燃料費 | NN59: 23 | NO59: =NO$35 -> 15800 | NP59: ①交付要綱別表２第４欄に定める補助基準額を基準額（Ａ）とする。 | NQ59: 指定を受けた日の属する月に〇を記入 | NR59: 【補助対象期間の途中において、都知事又は都内区市町村長の指定を受けた事業所等のみ記入】 | NS59: 令和６年度 | NT59: 燃料費 | OC59: 23 | OD59: =OD$35 -> 15800 | OE59: ①交付要綱別表２第４欄に定める補助基準額を基準額（Ａ）とする。 | OF59: 指定を受けた日の属する月に〇を記入 | OG59: 【補助対象期間の途中において、都知事又は都内区市町村長の指定を受けた事業所等のみ記入】 | OH59: 令和６年度 | OI59: 燃料費 | OR59: 23 | OS59: =OS$35 -> 15800 | OT59: ①交付要綱別表２第４欄に定める補助基準額を基準額（Ａ）とする。 | OU59: 指定を受けた日の属する月に〇を記入 | OV59: 【補助対象期間の途中において、都知事又は都内区市町村長の指定を受けた事業所等のみ記入】 | OW59: 令和６年度 | OX59: 燃料費 | PG59: 23 | PH59: =PH$35 -> 15800 | PI59: ①交付要綱別表２第４欄に定める補助基準額を基準額（Ａ）とする。 | PJ59: 指定を受けた日の属する月に〇を記入 | PK59: 【補助対象期間の途中において、都知事又は都内区市町村長の指定を受けた事業所等のみ記入】 | PL59: 令和６年度 | PM59: 燃料費 | PV59: 23 | PW59: =PW$35 -> 15800 | PX59: ①交付要綱別表２第４欄に定める補助基準額を基準額（Ａ）とする。 | PY59: 指定を受けた日の属する月に〇を記入 | PZ59: 【補助対象期間の途中において、都知事又は都内区市町村長の指定を受けた事業所等のみ記入】 | QA59: 令和６年度 | QB59: 燃料費
C60: 24 | D60: =D$35 -> 15800 | E60: ①交付要綱別表２第４欄に定める補助基準額を基準額（Ａ）とする。 | F60: 指定を受けた日の属する月に〇を記入 | G60: 【補助対象期間の途中において、都知事又は都内区市町村長の指定を受けた事業所等のみ記入】 | H60: 令和６年度 | I60: 燃料費 | R60: 24 | S60: =S$35 -> 15800 | T60: ①交付要綱別表２第４欄に定める補助基準額を基準額（Ａ）とする。 | U60: 指定を受けた日の属する月に〇を記入 | V60: 【補助対象期間の途中において、都知事又は都内区市町村長の指定を受けた事業所等のみ記入】 | W60: 令和６年度 | X60: 燃料費 | AG60: 24 | AH60: =AH$35 -> 15800 | AI60: ①交付要綱別表２第４欄に定める補助基準額を基準額（Ａ）とする。 | AJ60: 指定を受けた日の属する月に〇を記入 | AK60: 【補助対象期間の途中において、都知事又は都内区市町村長の指定を受けた事業所等のみ記入】 | AL60: 令和６年度 | AM60: 燃料費 | AV60: 24 | AW60: =AW$35 -> 15800 | AX60: ①交付要綱別表２第４欄に定める補助基準額を基準額（Ａ）とする。 | AY60: 指定を受けた日の属する月に〇を記入 | AZ60: 【補助対象期間の途中において、都知事又は都内区市町村長の指定を受けた事業所等のみ記入】 | BA60: 令和６年度 | BB60: 燃料費 | BK60: 24 | BL60: =BL$35 -> 15800 | BM60: ①交付要綱別表２第４欄に定める補助基準額を基準額（Ａ）とする。 | BN60: 指定を受けた日の属する月に〇を記入 | BO60: 【補助対象期間の途中において、都知事又は都内区市町村長の指定を受けた事業所等のみ記入】 | BP60: 令和６年度 | BQ60: 燃料費 | BZ60: 24 | CA60: =CA$35 -> 15800 | CB60: ①交付要綱別表２第４欄に定める補助基準額を基準額（Ａ）とする。 | CC60: 指定を受けた日の属する月に〇を記入 | CD60: 【補助対象期間の途中において、都知事又は都内区市町村長の指定を受けた事業所等のみ記入】 | CE60: 令和６年度 | CF60: 燃料費 | CO60: 24 | CP60: =CP$35 -> 15800 | CQ60: ①交付要綱別表２第４欄に定める補助基準額を基準額（Ａ）とする。 | CR60: 指定を受けた日の属する月に〇を記入 | CS60: 【補助対象期間の途中において、都知事又は都内区市町村長の指定を受けた事業所等のみ記入】 | CT60: 令和６年度 | CU60: 燃料費 | DD60: 24 | DE60: =DE$35 -> 15800 | DF60: ①交付要綱別表２第４欄に定める補助基準額を基準額（Ａ）とする。 | DG60: 指定を受けた日の属する月に〇を記入 | DH60: 【補助対象期間の途中において、都知事又は都内区市町村長の指定を受けた事業所等のみ記入】 | DI60: 令和６年度 | DJ60: 燃料費 | DS60: 24 | DT60: =DT$35 -> 15800 | DU60: ①交付要綱別表２第４欄に定める補助基準額を基準額（Ａ）とする。 | DV60: 指定を受けた日の属する月に〇を記入 | DW60: 【補助対象期間の途中において、都知事又は都内区市町村長の指定を受けた事業所等のみ記入】 | DX60: 令和６年度 | DY60: 燃料費 | EH60: 24 | EI60: =EI$35 -> 15800 | EJ60: ①交付要綱別表２第４欄に定める補助基準額を基準額（Ａ）とする。 | EK60: 指定を受けた日の属する月に〇を記入 | EL60: 【補助対象期間の途中において、都知事又は都内区市町村長の指定を受けた事業所等のみ記入】 | EM60: 令和６年度 | EN60: 燃料費 | EW60: 24 | EX60: =EX$35 -> 15800 | EY60: ①交付要綱別表２第４欄に定める補助基準額を基準額（Ａ）とする。 | EZ60: 指定を受けた日の属する月に〇を記入 | FA60: 【補助対象期間の途中において、都知事又は都内区市町村長の指定を受けた事業所等のみ記入】 | FB60: 令和６年度 | FC60: 燃料費 | FL60: 24 | FM60: =FM$35 -> 15800 | FN60: ①交付要綱別表２第４欄に定める補助基準額を基準額（Ａ）とする。 | FO60: 指定を受けた日の属する月に〇を記入 | FP60: 【補助対象期間の途中において、都知事又は都内区市町村長の指定を受けた事業所等のみ記入】 | FQ60: 令和６年度 | FR60: 燃料費 | GA60: 24 | GB60: =GB$35 -> 15800 | GC60: ①交付要綱別表２第４欄に定める補助基準額を基準額（Ａ）とする。 | GD60: 指定を受けた日の属する月に〇を記入 | GE60: 【補助対象期間の途中において、都知事又は都内区市町村長の指定を受けた事業所等のみ記入】 | GF60: 令和６年度 | GG60: 燃料費 | GP60: 24 | GQ60: =GQ$35 -> 15800 | GR60: ①交付要綱別表２第４欄に定める補助基準額を基準額（Ａ）とする。 | GS60: 指定を受けた日の属する月に〇を記入 | GT60: 【補助対象期間の途中において、都知事又は都内区市町村長の指定を受けた事業所等のみ記入】 | GU60: 令和６年度 | GV60: 燃料費 | HE60: 24 | HF60: =HF$35 -> 15800 | HG60: ①交付要綱別表２第４欄に定める補助基準額を基準額（Ａ）とする。 | HH60: 指定を受けた日の属する月に〇を記入 | HI60: 【補助対象期間の途中において、都知事又は都内区市町村長の指定を受けた事業所等のみ記入】 | HJ60: 令和６年度 | HK60: 燃料費 | HT60: 24 | HU60: =HU$35 -> 15800 | HV60: ①交付要綱別表２第４欄に定める補助基準額を基準額（Ａ）とする。 | HW60: 指定を受けた日の属する月に〇を記入 | HX60: 【補助対象期間の途中において、都知事又は都内区市町村長の指定を受けた事業所等のみ記入】 | HY60: 令和６年度 | HZ60: 燃料費 | II60: 24 | IJ60: =IJ$35 -> 15800 | IK60: ①交付要綱別表２第４欄に定める補助基準額を基準額（Ａ）とする。 | IL60: 指定を受けた日の属する月に〇を記入 | IM60: 【補助対象期間の途中において、都知事又は都内区市町村長の指定を受けた事業所等のみ記入】 | IN60: 令和６年度 | IO60: 燃料費 | IX60: 24 | IY60: =IY$35 -> 15800 | IZ60: ①交付要綱別表２第４欄に定める補助基準額を基準額（Ａ）とする。 | JA60: 指定を受けた日の属する月に〇を記入 | JB60: 【補助対象期間の途中において、都知事又は都内区市町村長の指定を受けた事業所等のみ記入】 | JC60: 令和６年度 | JD60: 燃料費 | JM60: 24 | JN60: =JN$35 -> 15800 | JO60: ①交付要綱別表２第４欄に定める補助基準額を基準額（Ａ）とする。 | JP60: 指定を受けた日の属する月に〇を記入 | JQ60: 【補助対象期間の途中において、都知事又は都内区市町村長の指定を受けた事業所等のみ記入】 | JR60: 令和６年度 | JS60: 燃料費 | KB60: 24 | KC60: =KC$35 -> 15800 | KD60: ①交付要綱別表２第４欄に定める補助基準額を基準額（Ａ）とする。 | KE60: 指定を受けた日の属する月に〇を記入 | KF60: 【補助対象期間の途中において、都知事又は都内区市町村長の指定を受けた事業所等のみ記入】 | KG60: 令和６年度 | KH60: 燃料費 | KQ60: 24 | KR60: =KR$35 -> 15800 | KS60: ①交付要綱別表２第４欄に定める補助基準額を基準額（Ａ）とする。 | KT60: 指定を受けた日の属する月に〇を記入 | KU60: 【補助対象期間の途中において、都知事又は都内区市町村長の指定を受けた事業所等のみ記入】 | KV60: 令和６年度 | KW60: 燃料費 | LF60: 24 | LG60: =LG$35 -> 15800 | LH60: ①交付要綱別表２第４欄に定める補助基準額を基準額（Ａ）とする。 | LI60: 指定を受けた日の属する月に〇を記入 | LJ60: 【補助対象期間の途中において、都知事又は都内区市町村長の指定を受けた事業所等のみ記入】 | LK60: 令和６年度 | LL60: 燃料費 | LU60: 24 | LV60: =LV$35 -> 15800 | LW60: ①交付要綱別表２第４欄に定める補助基準額を基準額（Ａ）とする。 | LX60: 指定を受けた日の属する月に〇を記入 | LY60: 【補助対象期間の途中において、都知事又は都内区市町村長の指定を受けた事業所等のみ記入】 | LZ60: 令和６年度 | MA60: 燃料費 | MJ60: 24 | MK60: =MK$35 -> 15800 | ML60: ①交付要綱別表２第４欄に定める補助基準額を基準額（Ａ）とする。 | MM60: 指定を受けた日の属する月に〇を記入 | MN60: 【補助対象期間の途中において、都知事又は都内区市町村長の指定を受けた事業所等のみ記入】 | MO60: 令和６年度 | MP60: 燃料費 | MY60: 24 | MZ60: =MZ$35 -> 15800 | NA60: ①交付要綱別表２第４欄に定める補助基準額を基準額（Ａ）とする。 | NB60: 指定を受けた日の属する月に〇を記入 | NC60: 【補助対象期間の途中において、都知事又は都内区市町村長の指定を受けた事業所等のみ記入】 | ND60: 令和６年度 | NE60: 燃料費 | NN60: 24 | NO60: =NO$35 -> 15800 | NP60: ①交付要綱別表２第４欄に定める補助基準額を基準額（Ａ）とする。 | NQ60: 指定を受けた日の属する月に〇を記入 | NR60: 【補助対象期間の途中において、都知事又は都内区市町村長の指定を受けた事業所等のみ記入】 | NS60: 令和６年度 | NT60: 燃料費 | OC60: 24 | OD60: =OD$35 -> 15800 | OE60: ①交付要綱別表２第４欄に定める補助基準額を基準額（Ａ）とする。 | OF60: 指定を受けた日の属する月に〇を記入 | OG60: 【補助対象期間の途中において、都知事又は都内区市町村長の指定を受けた事業所等のみ記入】 | OH60: 令和６年度 | OI60: 燃料費 | OR60: 24 | OS60: =OS$35 -> 15800 | OT60: ①交付要綱別表２第４欄に定める補助基準額を基準額（Ａ）とする。 | OU60: 指定を受けた日の属する月に〇を記入 | OV60: 【補助対象期間の途中において、都知事又は都内区市町村長の指定を受けた事業所等のみ記入】 | OW60: 令和６年度 | OX60: 燃料費 | PG60: 24 | PH60: =PH$35 -> 15800 | PI60: ①交付要綱別表２第４欄に定める補助基準額を基準額（Ａ）とする。 | PJ60: 指定を受けた日の属する月に〇を記入 | PK60: 【補助対象期間の途中において、都知事又は都内区市町村長の指定を受けた事業所等のみ記入】 | PL60: 令和６年度 | PM60: 燃料費 | PV60: 24 | PW60: =PW$35 -> 15800 | PX60: ①交付要綱別表２第４欄に定める補助基準額を基準額（Ａ）とする。 | PY60: 指定を受けた日の属する月に〇を記入 | PZ60: 【補助対象期間の途中において、都知事又は都内区市町村長の指定を受けた事業所等のみ記入】 | QA60: 令和６年度 | QB60: 燃料費
C61: 25 | D61: =D$35 -> 15800 | E61: ①交付要綱別表２第４欄に定める補助基準額を基準額（Ａ）とする。 | F61: 指定を受けた日の属する月に〇を記入 | G61: 【補助対象期間の途中において、都知事又は都内区市町村長の指定を受けた事業所等のみ記入】 | H61: 令和６年度 | I61: 燃料費 | R61: 25 | S61: =S$35 -> 15800 | T61: ①交付要綱別表２第４欄に定める補助基準額を基準額（Ａ）とする。 | U61: 指定を受けた日の属する月に〇を記入 | V61: 【補助対象期間の途中において、都知事又は都内区市町村長の指定を受けた事業所等のみ記入】 | W61: 令和６年度 | X61: 燃料費 | AG61: 25 | AH61: =AH$35 -> 15800 | AI61: ①交付要綱別表２第４欄に定める補助基準額を基準額（Ａ）とする。 | AJ61: 指定を受けた日の属する月に〇を記入 | AK61: 【補助対象期間の途中において、都知事又は都内区市町村長の指定を受けた事業所等のみ記入】 | AL61: 令和６年度 | AM61: 燃料費 | AV61: 25 | AW61: =AW$35 -> 15800 | AX61: ①交付要綱別表２第４欄に定める補助基準額を基準額（Ａ）とする。 | AY61: 指定を受けた日の属する月に〇を記入 | AZ61: 【補助対象期間の途中において、都知事又は都内区市町村長の指定を受けた事業所等のみ記入】 | BA61: 令和６年度 | BB61: 燃料費 | BK61: 25 | BL61: =BL$35 -> 15800 | BM61: ①交付要綱別表２第４欄に定める補助基準額を基準額（Ａ）とする。 | BN61: 指定を受けた日の属する月に〇を記入 | BO61: 【補助対象期間の途中において、都知事又は都内区市町村長の指定を受けた事業所等のみ記入】 | BP61: 令和６年度 | BQ61: 燃料費 | BZ61: 25 | CA61: =CA$35 -> 15800 | CB61: ①交付要綱別表２第４欄に定める補助基準額を基準額（Ａ）とする。 | CC61: 指定を受けた日の属する月に〇を記入 | CD61: 【補助対象期間の途中において、都知事又は都内区市町村長の指定を受けた事業所等のみ記入】 | CE61: 令和６年度 | CF61: 燃料費 | CO61: 25 | CP61: =CP$35 -> 15800 | CQ61: ①交付要綱別表２第４欄に定める補助基準額を基準額（Ａ）とする。 | CR61: 指定を受けた日の属する月に〇を記入 | CS61: 【補助対象期間の途中において、都知事又は都内区市町村長の指定を受けた事業所等のみ記入】 | CT61: 令和６年度 | CU61: 燃料費 | DD61: 25 | DE61: =DE$35 -> 15800 | DF61: ①交付要綱別表２第４欄に定める補助基準額を基準額（Ａ）とする。 | DG61: 指定を受けた日の属する月に〇を記入 | DH61: 【補助対象期間の途中において、都知事又は都内区市町村長の指定を受けた事業所等のみ記入】 | DI61: 令和６年度 | DJ61: 燃料費 | DS61: 25 | DT61: =DT$35 -> 15800 | DU61: ①交付要綱別表２第４欄に定める補助基準額を基準額（Ａ）とする。 | DV61: 指定を受けた日の属する月に〇を記入 | DW61: 【補助対象期間の途中において、都知事又は都内区市町村長の指定を受けた事業所等のみ記入】 | DX61: 令和６年度 | DY61: 燃料費 | EH61: 25 | EI61: =EI$35 -> 15800 | EJ61: ①交付要綱別表２第４欄に定める補助基準額を基準額（Ａ）とする。 | EK61: 指定を受けた日の属する月に〇を記入 | EL61: 【補助対象期間の途中において、都知事又は都内区市町村長の指定を受けた事業所等のみ記入】 | EM61: 令和６年度 | EN61: 燃料費 | EW61: 25 | EX61: =EX$35 -> 15800 | EY61: ①交付要綱別表２第４欄に定める補助基準額を基準額（Ａ）とする。 | EZ61: 指定を受けた日の属する月に〇を記入 | FA61: 【補助対象期間の途中において、都知事又は都内区市町村長の指定を受けた事業所等のみ記入】 | FB61: 令和６年度 | FC61: 燃料費 | FL61: 25 | FM61: =FM$35 -> 15800 | FN61: ①交付要綱別表２第４欄に定める補助基準額を基準額（Ａ）とする。 | FO61: 指定を受けた日の属する月に〇を記入 | FP61: 【補助対象期間の途中において、都知事又は都内区市町村長の指定を受けた事業所等のみ記入】 | FQ61: 令和６年度 | FR61: 燃料費 | GA61: 25 | GB61: =GB$35 -> 15800 | GC61: ①交付要綱別表２第４欄に定める補助基準額を基準額（Ａ）とする。 | GD61: 指定を受けた日の属する月に〇を記入 | GE61: 【補助対象期間の途中において、都知事又は都内区市町村長の指定を受けた事業所等のみ記入】 | GF61: 令和６年度 | GG61: 燃料費 | GP61: 25 | GQ61: =GQ$35 -> 15800 | GR61: ①交付要綱別表２第４欄に定める補助基準額を基準額（Ａ）とする。 | GS61: 指定を受けた日の属する月に〇を記入 | GT61: 【補助対象期間の途中において、都知事又は都内区市町村長の指定を受けた事業所等のみ記入】 | GU61: 令和６年度 | GV61: 燃料費 | HE61: 25 | HF61: =HF$35 -> 15800 | HG61: ①交付要綱別表２第４欄に定める補助基準額を基準額（Ａ）とする。 | HH61: 指定を受けた日の属する月に〇を記入 | HI61: 【補助対象期間の途中において、都知事又は都内区市町村長の指定を受けた事業所等のみ記入】 | HJ61: 令和６年度 | HK61: 燃料費 | HT61: 25 | HU61: =HU$35 -> 15800 | HV61: ①交付要綱別表２第４欄に定める補助基準額を基準額（Ａ）とする。 | HW61: 指定を受けた日の属する月に〇を記入 | HX61: 【補助対象期間の途中において、都知事又は都内区市町村長の指定を受けた事業所等のみ記入】 | HY61: 令和６年度 | HZ61: 燃料費 | II61: 25 | IJ61: =IJ$35 -> 15800 | IK61: ①交付要綱別表２第４欄に定める補助基準額を基準額（Ａ）とする。 | IL61: 指定を受けた日の属する月に〇を記入 | IM61: 【補助対象期間の途中において、都知事又は都内区市町村長の指定を受けた事業所等のみ記入】 | IN61: 令和６年度 | IO61: 燃料費 | IX61: 25 | IY61: =IY$35 -> 15800 | IZ61: ①交付要綱別表２第４欄に定める補助基準額を基準額（Ａ）とする。 | JA61: 指定を受けた日の属する月に〇を記入 | JB61: 【補助対象期間の途中において、都知事又は都内区市町村長の指定を受けた事業所等のみ記入】 | JC61: 令和６年度 | JD61: 燃料費 | JM61: 25 | JN61: =JN$35 -> 15800 | JO61: ①交付要綱別表２第４欄に定める補助基準額を基準額（Ａ）とする。 | JP61: 指定を受けた日の属する月に〇を記入 | JQ61: 【補助対象期間の途中において、都知事又は都内区市町村長の指定を受けた事業所等のみ記入】 | JR61: 令和６年度 | JS61: 燃料費 | KB61: 25 | KC61: =KC$35 -> 15800 | KD61: ①交付要綱別表２第４欄に定める補助基準額を基準額（Ａ）とする。 | KE61: 指定を受けた日の属する月に〇を記入 | KF61: 【補助対象期間の途中において、都知事又は都内区市町村長の指定を受けた事業所等のみ記入】 | KG61: 令和６年度 | KH61: 燃料費 | KQ61: 25 | KR61: =KR$35 -> 15800 | KS61: ①交付要綱別表２第４欄に定める補助基準額を基準額（Ａ）とする。 | KT61: 指定を受けた日の属する月に〇を記入 | KU61: 【補助対象期間の途中において、都知事又は都内区市町村長の指定を受けた事業所等のみ記入】 | KV61: 令和６年度 | KW61: 燃料費 | LF61: 25 | LG61: =LG$35 -> 15800 | LH61: ①交付要綱別表２第４欄に定める補助基準額を基準額（Ａ）とする。 | LI61: 指定を受けた日の属する月に〇を記入 | LJ61: 【補助対象期間の途中において、都知事又は都内区市町村長の指定を受けた事業所等のみ記入】 | LK61: 令和６年度 | LL61: 燃料費 | LU61: 25 | LV61: =LV$35 -> 15800 | LW61: ①交付要綱別表２第４欄に定める補助基準額を基準額（Ａ）とする。 | LX61: 指定を受けた日の属する月に〇を記入 | LY61: 【補助対象期間の途中において、都知事又は都内区市町村長の指定を受けた事業所等のみ記入】 | LZ61: 令和６年度 | MA61: 燃料費 | MJ61: 25 | MK61: =MK$35 -> 15800 | ML61: ①交付要綱別表２第４欄に定める補助基準額を基準額（Ａ）とする。 | MM61: 指定を受けた日の属する月に〇を記入 | MN61: 【補助対象期間の途中において、都知事又は都内区市町村長の指定を受けた事業所等のみ記入】 | MO61: 令和６年度 | MP61: 燃料費 | MY61: 25 | MZ61: =MZ$35 -> 15800 | NA61: ①交付要綱別表２第４欄に定める補助基準額を基準額（Ａ）とする。 | NB61: 指定を受けた日の属する月に〇を記入 | NC61: 【補助対象期間の途中において、都知事又は都内区市町村長の指定を受けた事業所等のみ記入】 | ND61: 令和６年度 | NE61: 燃料費 | NN61: 25 | NO61: =NO$35 -> 15800 | NP61: ①交付要綱別表２第４欄に定める補助基準額を基準額（Ａ）とする。 | NQ61: 指定を受けた日の属する月に〇を記入 | NR61: 【補助対象期間の途中において、都知事又は都内区市町村長の指定を受けた事業所等のみ記入】 | NS61: 令和６年度 | NT61: 燃料費 | OC61: 25 | OD61: =OD$35 -> 15800 | OE61: ①交付要綱別表２第４欄に定める補助基準額を基準額（Ａ）とする。 | OF61: 指定を受けた日の属する月に〇を記入 | OG61: 【補助対象期間の途中において、都知事又は都内区市町村長の指定を受けた事業所等のみ記入】 | OH61: 令和６年度 | OI61: 燃料費 | OR61: 25 | OS61: =OS$35 -> 15800 | OT61: ①交付要綱別表２第４欄に定める補助基準額を基準額（Ａ）とする。 | OU61: 指定を受けた日の属する月に〇を記入 | OV61: 【補助対象期間の途中において、都知事又は都内区市町村長の指定を受けた事業所等のみ記入】 | OW61: 令和６年度 | OX61: 燃料費 | PG61: 25 | PH61: =PH$35 -> 15800 | PI61: ①交付要綱別表２第４欄に定める補助基準額を基準額（Ａ）とする。 | PJ61: 指定を受けた日の属する月に〇を記入 | PK61: 【補助対象期間の途中において、都知事又は都内区市町村長の指定を受けた事業所等のみ記入】 | PL61: 令和６年度 | PM61: 燃料費 | PV61: 25 | PW61: =PW$35 -> 15800 | PX61: ①交付要綱別表２第４欄に定める補助基準額を基準額（Ａ）とする。 | PY61: 指定を受けた日の属する月に〇を記入 | PZ61: 【補助対象期間の途中において、都知事又は都内区市町村長の指定を受けた事業所等のみ記入】 | QA61: 令和６年度 | QB61: 燃料費
C62: 26 | D62: =D$35 -> 15800 | E62: ①交付要綱別表２第４欄に定める補助基準額を基準額（Ａ）とする。 | F62: 指定を受けた日の属する月に〇を記入 | G62: 【補助対象期間の途中において、都知事又は都内区市町村長の指定を受けた事業所等のみ記入】 | H62: 令和６年度 | I62: 燃料費 | R62: 26 | S62: =S$35 -> 15800 | T62: ①交付要綱別表２第４欄に定める補助基準額を基準額（Ａ）とする。 | U62: 指定を受けた日の属する月に〇を記入 | V62: 【補助対象期間の途中において、都知事又は都内区市町村長の指定を受けた事業所等のみ記入】 | W62: 令和６年度 | X62: 燃料費 | AG62: 26 | AH62: =AH$35 -> 15800 | AI62: ①交付要綱別表２第４欄に定める補助基準額を基準額（Ａ）とする。 | AJ62: 指定を受けた日の属する月に〇を記入 | AK62: 【補助対象期間の途中において、都知事又は都内区市町村長の指定を受けた事業所等のみ記入】 | AL62: 令和６年度 | AM62: 燃料費 | AV62: 26 | AW62: =AW$35 -> 15800 | AX62: ①交付要綱別表２第４欄に定める補助基準額を基準額（Ａ）とする。 | AY62: 指定を受けた日の属する月に〇を記入 | AZ62: 【補助対象期間の途中において、都知事又は都内区市町村長の指定を受けた事業所等のみ記入】 | BA62: 令和６年度 | BB62: 燃料費 | BK62: 26 | BL62: =BL$35 -> 15800 | BM62: ①交付要綱別表２第４欄に定める補助基準額を基準額（Ａ）とする。 | BN62: 指定を受けた日の属する月に〇を記入 | BO62: 【補助対象期間の途中において、都知事又は都内区市町村長の指定を受けた事業所等のみ記入】 | BP62: 令和６年度 | BQ62: 燃料費 | BZ62: 26 | CA62: =CA$35 -> 15800 | CB62: ①交付要綱別表２第４欄に定める補助基準額を基準額（Ａ）とする。 | CC62: 指定を受けた日の属する月に〇を記入 | CD62: 【補助対象期間の途中において、都知事又は都内区市町村長の指定を受けた事業所等のみ記入】 | CE62: 令和６年度 | CF62: 燃料費 | CO62: 26 | CP62: =CP$35 -> 15800 | CQ62: ①交付要綱別表２第４欄に定める補助基準額を基準額（Ａ）とする。 | CR62: 指定を受けた日の属する月に〇を記入 | CS62: 【補助対象期間の途中において、都知事又は都内区市町村長の指定を受けた事業所等のみ記入】 | CT62: 令和６年度 | CU62: 燃料費 | DD62: 26 | DE62: =DE$35 -> 15800 | DF62: ①交付要綱別表２第４欄に定める補助基準額を基準額（Ａ）とする。 | DG62: 指定を受けた日の属する月に〇を記入 | DH62: 【補助対象期間の途中において、都知事又は都内区市町村長の指定を受けた事業所等のみ記入】 | DI62: 令和６年度 | DJ62: 燃料費 | DS62: 26 | DT62: =DT$35 -> 15800 | DU62: ①交付要綱別表２第４欄に定める補助基準額を基準額（Ａ）とする。 | DV62: 指定を受けた日の属する月に〇を記入 | DW62: 【補助対象期間の途中において、都知事又は都内区市町村長の指定を受けた事業所等のみ記入】 | DX62: 令和６年度 | DY62: 燃料費 | EH62: 26 | EI62: =EI$35 -> 15800 | EJ62: ①交付要綱別表２第４欄に定める補助基準額を基準額（Ａ）とする。 | EK62: 指定を受けた日の属する月に〇を記入 | EL62: 【補助対象期間の途中において、都知事又は都内区市町村長の指定を受けた事業所等のみ記入】 | EM62: 令和６年度 | EN62: 燃料費 | EW62: 26 | EX62: =EX$35 -> 15800 | EY62: ①交付要綱別表２第４欄に定める補助基準額を基準額（Ａ）とする。 | EZ62: 指定を受けた日の属する月に〇を記入 | FA62: 【補助対象期間の途中において、都知事又は都内区市町村長の指定を受けた事業所等のみ記入】 | FB62: 令和６年度 | FC62: 燃料費 | FL62: 26 | FM62: =FM$35 -> 15800 | FN62: ①交付要綱別表２第４欄に定める補助基準額を基準額（Ａ）とする。 | FO62: 指定を受けた日の属する月に〇を記入 | FP62: 【補助対象期間の途中において、都知事又は都内区市町村長の指定を受けた事業所等のみ記入】 | FQ62: 令和６年度 | FR62: 燃料費 | GA62: 26 | GB62: =GB$35 -> 15800 | GC62: ①交付要綱別表２第４欄に定める補助基準額を基準額（Ａ）とする。 | GD62: 指定を受けた日の属する月に〇を記入 | GE62: 【補助対象期間の途中において、都知事又は都内区市町村長の指定を受けた事業所等のみ記入】 | GF62: 令和６年度 | GG62: 燃料費 | GP62: 26 | GQ62: =GQ$35 -> 15800 | GR62: ①交付要綱別表２第４欄に定める補助基準額を基準額（Ａ）とする。 | GS62: 指定を受けた日の属する月に〇を記入 | GT62: 【補助対象期間の途中において、都知事又は都内区市町村長の指定を受けた事業所等のみ記入】 | GU62: 令和６年度 | GV62: 燃料費 | HE62: 26 | HF62: =HF$35 -> 15800 | HG62: ①交付要綱別表２第４欄に定める補助基準額を基準額（Ａ）とする。 | HH62: 指定を受けた日の属する月に〇を記入 | HI62: 【補助対象期間の途中において、都知事又は都内区市町村長の指定を受けた事業所等のみ記入】 | HJ62: 令和６年度 | HK62: 燃料費 | HT62: 26 | HU62: =HU$35 -> 15800 | HV62: ①交付要綱別表２第４欄に定める補助基準額を基準額（Ａ）とする。 | HW62: 指定を受けた日の属する月に〇を記入 | HX62: 【補助対象期間の途中において、都知事又は都内区市町村長の指定を受けた事業所等のみ記入】 | HY62: 令和６年度 | HZ62: 燃料費 | II62: 26 | IJ62: =IJ$35 -> 15800 | IK62: ①交付要綱別表２第４欄に定める補助基準額を基準額（Ａ）とする。 | IL62: 指定を受けた日の属する月に〇を記入 | IM62: 【補助対象期間の途中において、都知事又は都内区市町村長の指定を受けた事業所等のみ記入】 | IN62: 令和６年度 | IO62: 燃料費 | IX62: 26 | IY62: =IY$35 -> 15800 | IZ62: ①交付要綱別表２第４欄に定める補助基準額を基準額（Ａ）とする。 | JA62: 指定を受けた日の属する月に〇を記入 | JB62: 【補助対象期間の途中において、都知事又は都内区市町村長の指定を受けた事業所等のみ記入】 | JC62: 令和６年度 | JD62: 燃料費 | JM62: 26 | JN62: =JN$35 -> 15800 | JO62: ①交付要綱別表２第４欄に定める補助基準額を基準額（Ａ）とする。 | JP62: 指定を受けた日の属する月に〇を記入 | JQ62: 【補助対象期間の途中において、都知事又は都内区市町村長の指定を受けた事業所等のみ記入】 | JR62: 令和６年度 | JS62: 燃料費 | KB62: 26 | KC62: =KC$35 -> 15800 | KD62: ①交付要綱別表２第４欄に定める補助基準額を基準額（Ａ）とする。 | KE62: 指定を受けた日の属する月に〇を記入 | KF62: 【補助対象期間の途中において、都知事又は都内区市町村長の指定を受けた事業所等のみ記入】 | KG62: 令和６年度 | KH62: 燃料費 | KQ62: 26 | KR62: =KR$35 -> 15800 | KS62: ①交付要綱別表２第４欄に定める補助基準額を基準額（Ａ）とする。 | KT62: 指定を受けた日の属する月に〇を記入 | KU62: 【補助対象期間の途中において、都知事又は都内区市町村長の指定を受けた事業所等のみ記入】 | KV62: 令和６年度 | KW62: 燃料費 | LF62: 26 | LG62: =LG$35 -> 15800 | LH62: ①交付要綱別表２第４欄に定める補助基準額を基準額（Ａ）とする。 | LI62: 指定を受けた日の属する月に〇を記入 | LJ62: 【補助対象期間の途中において、都知事又は都内区市町村長の指定を受けた事業所等のみ記入】 | LK62: 令和６年度 | LL62: 燃料費 | LU62: 26 | LV62: =LV$35 -> 15800 | LW62: ①交付要綱別表２第４欄に定める補助基準額を基準額（Ａ）とする。 | LX62: 指定を受けた日の属する月に〇を記入 | LY62: 【補助対象期間の途中において、都知事又は都内区市町村長の指定を受けた事業所等のみ記入】 | LZ62: 令和６年度 | MA62: 燃料費 | MJ62: 26 | MK62: =MK$35 -> 15800 | ML62: ①交付要綱別表２第４欄に定める補助基準額を基準額（Ａ）とする。 | MM62: 指定を受けた日の属する月に〇を記入 | MN62: 【補助対象期間の途中において、都知事又は都内区市町村長の指定を受けた事業所等のみ記入】 | MO62: 令和６年度 | MP62: 燃料費 | MY62: 26 | MZ62: =MZ$35 -> 15800 | NA62: ①交付要綱別表２第４欄に定める補助基準額を基準額（Ａ）とする。 | NB62: 指定を受けた日の属する月に〇を記入 | NC62: 【補助対象期間の途中において、都知事又は都内区市町村長の指定を受けた事業所等のみ記入】 | ND62: 令和６年度 | NE62: 燃料費 | NN62: 26 | NO62: =NO$35 -> 15800 | NP62: ①交付要綱別表２第４欄に定める補助基準額を基準額（Ａ）とする。 | NQ62: 指定を受けた日の属する月に〇を記入 | NR62: 【補助対象期間の途中において、都知事又は都内区市町村長の指定を受けた事業所等のみ記入】 | NS62: 令和６年度 | NT62: 燃料費 | OC62: 26 | OD62: =OD$35 -> 15800 | OE62: ①交付要綱別表２第４欄に定める補助基準額を基準額（Ａ）とする。 | OF62: 指定を受けた日の属する月に〇を記入 | OG62: 【補助対象期間の途中において、都知事又は都内区市町村長の指定を受けた事業所等のみ記入】 | OH62: 令和６年度 | OI62: 燃料費 | OR62: 26 | OS62: =OS$35 -> 15800 | OT62: ①交付要綱別表２第４欄に定める補助基準額を基準額（Ａ）とする。 | OU62: 指定を受けた日の属する月に〇を記入 | OV62: 【補助対象期間の途中において、都知事又は都内区市町村長の指定を受けた事業所等のみ記入】 | OW62: 令和６年度 | OX62: 燃料費 | PG62: 26 | PH62: =PH$35 -> 15800 | PI62: ①交付要綱別表２第４欄に定める補助基準額を基準額（Ａ）とする。 | PJ62: 指定を受けた日の属する月に〇を記入 | PK62: 【補助対象期間の途中において、都知事又は都内区市町村長の指定を受けた事業所等のみ記入】 | PL62: 令和６年度 | PM62: 燃料費 | PV62: 26 | PW62: =PW$35 -> 15800 | PX62: ①交付要綱別表２第４欄に定める補助基準額を基準額（Ａ）とする。 | PY62: 指定を受けた日の属する月に〇を記入 | PZ62: 【補助対象期間の途中において、都知事又は都内区市町村長の指定を受けた事業所等のみ記入】 | QA62: 令和６年度 | QB62: 燃料費
H64: 番号 | I64: =VLOOKUP(M$5,G$65:I$90,3,FALSE) -> #N/A | W64: 番号 | X64: =VLOOKUP(AB$5,V$65:X$90,3,FALSE) -> #N/A | AL64: 番号 | AM64: =VLOOKUP(AQ$5,AK$65:AM$90,3,FALSE) -> #N/A | BA64: 番号 | BB64: =VLOOKUP(BF$5,AZ$65:BB$90,3,FALSE) -> #N/A | BP64: 番号 | BQ64: =VLOOKUP(BU$5,BO$65:BQ$90,3,FALSE) -> #N/A | CE64: 番号 | CF64: =VLOOKUP(CJ$5,CD$65:CF$90,3,FALSE) -> #N/A | CT64: 番号 | CU64: =VLOOKUP(CY$5,CS$65:CU$90,3,FALSE) -> #N/A | DI64: 番号 | DJ64: =VLOOKUP(DN$5,DH$65:DJ$90,3,FALSE) -> #N/A | DX64: 番号 | DY64: =VLOOKUP(EC$5,DW$65:DY$90,3,FALSE) -> #N/A | EM64: 番号 | EN64: =VLOOKUP(ER$5,EL$65:EN$90,3,FALSE) -> #N/A | FB64: 番号 | FC64: =VLOOKUP(FG$5,FA$65:FC$90,3,FALSE) -> #N/A | FQ64: 番号 | FR64: =VLOOKUP(FV$5,FP$65:FR$90,3,FALSE) -> #N/A | GF64: 番号 | GG64: =VLOOKUP(GK$5,GE$65:GG$90,3,FALSE) -> #N/A | GU64: 番号 | GV64: =VLOOKUP(GZ$5,GT$65:GV$90,3,FALSE) -> #N/A | HJ64: 番号 | HK64: =VLOOKUP(HO$5,HI$65:HK$90,3,FALSE) -> #N/A | HY64: 番号 | HZ64: =VLOOKUP(ID$5,HX$65:HZ$90,3,FALSE) -> #N/A | IN64: 番号 | IO64: =VLOOKUP(IS$5,IM$65:IO$90,3,FALSE) -> #N/A | JC64: 番号 | JD64: =VLOOKUP(JH$5,JB$65:JD$90,3,FALSE) -> #N/A | JR64: 番号 | JS64: =VLOOKUP(JW$5,JQ$65:JS$90,3,FALSE) -> #N/A | KG64: 番号 | KH64: =VLOOKUP(KL$5,KF$65:KH$90,3,FALSE) -> #N/A | KV64: 番号 | KW64: =VLOOKUP(LA$5,KU$65:KW$90,3,FALSE) -> #N/A | LK64: 番号 | LL64: =VLOOKUP(LP$5,LJ$65:LL$90,3,FALSE) -> #N/A | LZ64: 番号 | MA64: =VLOOKUP(ME$5,LY$65:MA$90,3,FALSE) -> #N/A | MO64: 番号 | MP64: =VLOOKUP(MT$5,MN$65:MP$90,3,FALSE) -> #N/A | ND64: 番号 | NE64: =VLOOKUP(NI$5,NC$65:NE$90,3,FALSE) -> #N/A | NS64: 番号 | NT64: =VLOOKUP(NX$5,NR$65:NT$90,3,FALSE) -> #N/A | OH64: 番号 | OI64: =VLOOKUP(OM$5,OG$65:OI$90,3,FALSE) -> #N/A | OW64: 番号 | OX64: =VLOOKUP(PB$5,OV$65:OX$90,3,FALSE) -> #N/A | PL64: 番号 | PM64: =VLOOKUP(PQ$5,PK$65:PM$90,3,FALSE) -> #N/A | QA64: 番号 | QB64: =VLOOKUP(QF$5,PZ$65:QB$90,3,FALSE) -> #N/A
E65: 入所系 | G65: 障害者支援施設 | I65: 1 | T65: 入所系 | V65: 障害者支援施設 | X65: 1 | AI65: 入所系 | AK65: 障害者支援施設 | AM65: 1 | AX65: 入所系 | AZ65: 障害者支援施設 | BB65: 1 | BM65: 入所系 | BO65: 障害者支援施設 | BQ65: 1 | CB65: 入所系 | CD65: 障害者支援施設 | CF65: 1 | CQ65: 入所系 | CS65: 障害者支援施設 | CU65: 1 | DF65: 入所系 | DH65: 障害者支援施設 | DJ65: 1 | DU65: 入所系 | DW65: 障害者支援施設 | DY65: 1 | EJ65: 入所系 | EL65: 障害者支援施設 | EN65: 1 | EY65: 入所系 | FA65: 障害者支援施設 | FC65: 1 | FN65: 入所系 | FP65: 障害者支援施設 | FR65: 1 | GC65: 入所系 | GE65: 障害者支援施設 | GG65: 1 | GR65: 入所系 | GT65: 障害者支援施設 | GV65: 1 | HG65: 入所系 | HI65: 障害者支援施設 | HK65: 1 | HV65: 入所系 | HX65: 障害者支援施設 | HZ65: 1 | IK65: 入所系 | IM65: 障害者支援施設 | IO65: 1 | IZ65: 入所系 | JB65: 障害者支援施設 | JD65: 1 | JO65: 入所系 | JQ65: 障害者支援施設 | JS65: 1 | KD65: 入所系 | KF65: 障害者支援施設 | KH65: 1 | KS65: 入所系 | KU65: 障害者支援施設 | KW65: 1 | LH65: 入所系 | LJ65: 障害者支援施設 | LL65: 1 | LW65: 入所系 | LY65: 障害者支援施設 | MA65: 1 | ML65: 入所系 | MN65: 障害者支援施設 | MP65: 1 | NA65: 入所系 | NC65: 障害者支援施設 | NE65: 1 | NP65: 入所系 | NR65: 障害者支援施設 | NT65: 1 | OE65: 入所系 | OG65: 障害者支援施設 | OI65: 1 | OT65: 入所系 | OV65: 障害者支援施設 | OX65: 1 | PI65: 入所系 | PK65: 障害者支援施設 | PM65: 1 | PX65: 入所系 | PZ65: 障害者支援施設 | QB65: 1
G66: 福祉型障害児入所施設 | I66: 2 | V66: 福祉型障害児入所施設 | X66: 2 | AK66: 福祉型障害児入所施設 | AM66: 2 | AZ66: 福祉型障害児入所施設 | BB66: 2 | BO66: 福祉型障害児入所施設 | BQ66: 2 | CD66: 福祉型障害児入所施設 | CF66: 2 | CS66: 福祉型障害児入所施設 | CU66: 2 | DH66: 福祉型障害児入所施設 | DJ66: 2 | DW66: 福祉型障害児入所施設 | DY66: 2 | EL66: 福祉型障害児入所施設 | EN66: 2 | FA66: 福祉型障害児入所施設 | FC66: 2 | FP66: 福祉型障害児入所施設 | FR66: 2 | GE66: 福祉型障害児入所施設 | GG66: 2 | GT66: 福祉型障害児入所施設 | GV66: 2 | HI66: 福祉型障害児入所施設 | HK66: 2 | HX66: 福祉型障害児入所施設 | HZ66: 2 | IM66: 福祉型障害児入所施設 | IO66: 2 | JB66: 福祉型障害児入所施設 | JD66: 2 | JQ66: 福祉型障害児入所施設 | JS66: 2 | KF66: 福祉型障害児入所施設 | KH66: 2 | KU66: 福祉型障害児入所施設 | KW66: 2 | LJ66: 福祉型障害児入所施設 | LL66: 2 | LY66: 福祉型障害児入所施設 | MA66: 2 | MN66: 福祉型障害児入所施設 | MP66: 2 | NC66: 福祉型障害児入所施設 | NE66: 2 | NR66: 福祉型障害児入所施設 | NT66: 2 | OG66: 福祉型障害児入所施設 | OI66: 2 | OV66: 福祉型障害児入所施設 | OX66: 2 | PK66: 福祉型障害児入所施設 | PM66: 2 | PZ66: 福祉型障害児入所施設 | QB66: 2
G67: 医療型障害児入所施設 | I67: 3 | V67: 医療型障害児入所施設 | X67: 3 | AK67: 医療型障害児入所施設 | AM67: 3 | AZ67: 医療型障害児入所施設 | BB67: 3 | BO67: 医療型障害児入所施設 | BQ67: 3 | CD67: 医療型障害児入所施設 | CF67: 3 | CS67: 医療型障害児入所施設 | CU67: 3 | DH67: 医療型障害児入所施設 | DJ67: 3 | DW67: 医療型障害児入所施設 | DY67: 3 | EL67: 医療型障害児入所施設 | EN67: 3 | FA67: 医療型障害児入所施設 | FC67: 3 | FP67: 医療型障害児入所施設 | FR67: 3 | GE67: 医療型障害児入所施設 | GG67: 3 | GT67: 医療型障害児入所施設 | GV67: 3 | HI67: 医療型障害児入所施設 | HK67: 3 | HX67: 医療型障害児入所施設 | HZ67: 3 | IM67: 医療型障害児入所施設 | IO67: 3 | JB67: 医療型障害児入所施設 | JD67: 3 | JQ67: 医療型障害児入所施設 | JS67: 3 | KF67: 医療型障害児入所施設 | KH67: 3 | KU67: 医療型障害児入所施設 | KW67: 3 | LJ67: 医療型障害児入所施設 | LL67: 3 | LY67: 医療型障害児入所施設 | MA67: 3 | MN67: 医療型障害児入所施設 | MP67: 3 | NC67: 医療型障害児入所施設 | NE67: 3 | NR67: 医療型障害児入所施設 | NT67: 3 | OG67: 医療型障害児入所施設 | OI67: 3 | OV67: 医療型障害児入所施設 | OX67: 3 | PK67: 医療型障害児入所施設 | PM67: 3 | PZ67: 医療型障害児入所施設 | QB67: 3
G68: 都外施設 | I68: 4 | V68: 都外施設 | X68: 4 | AK68: 都外施設 | AM68: 4 | AZ68: 都外施設 | BB68: 4 | BO68: 都外施設 | BQ68: 4 | CD68: 都外施設 | CF68: 4 | CS68: 都外施設 | CU68: 4 | DH68: 都外施設 | DJ68: 4 | DW68: 都外施設 | DY68: 4 | EL68: 都外施設 | EN68: 4 | FA68: 都外施設 | FC68: 4 | FP68: 都外施設 | FR68: 4 | GE68: 都外施設 | GG68: 4 | GT68: 都外施設 | GV68: 4 | HI68: 都外施設 | HK68: 4 | HX68: 都外施設 | HZ68: 4 | IM68: 都外施設 | IO68: 4 | JB68: 都外施設 | JD68: 4 | JQ68: 都外施設 | JS68: 4 | KF68: 都外施設 | KH68: 4 | KU68: 都外施設 | KW68: 4 | LJ68: 都外施設 | LL68: 4 | LY68: 都外施設 | MA68: 4 | MN68: 都外施設 | MP68: 4 | NC68: 都外施設 | NE68: 4 | NR68: 都外施設 | NT68: 4 | OG68: 都外施設 | OI68: 4 | OV68: 都外施設 | OX68: 4 | PK68: 都外施設 | PM68: 4 | PZ68: 都外施設 | QB68: 4
G69: 共同生活援助 | I69: 5 | V69: 共同生活援助 | X69: 5 | AK69: 共同生活援助 | AM69: 5 | AZ69: 共同生活援助 | BB69: 5 | BO69: 共同生活援助 | BQ69: 5 | CD69: 共同生活援助 | CF69: 5 | CS69: 共同生活援助 | CU69: 5 | DH69: 共同生活援助 | DJ69: 5 | DW69: 共同生活援助 | DY69: 5 | EL69: 共同生活援助 | EN69: 5 | FA69: 共同生活援助 | FC69: 5 | FP69: 共同生活援助 | FR69: 5 | GE69: 共同生活援助 | GG69: 5 | GT69: 共同生活援助 | GV69: 5 | HI69: 共同生活援助 | HK69: 5 | HX69: 共同生活援助 | HZ69: 5 | IM69: 共同生活援助 | IO69: 5 | JB69: 共同生活援助 | JD69: 5 | JQ69: 共同生活援助 | JS69: 5 | KF69: 共同生活援助 | KH69: 5 | KU69: 共同生活援助 | KW69: 5 | LJ69: 共同生活援助 | LL69: 5 | LY69: 共同生活援助 | MA69: 5 | MN69: 共同生活援助 | MP69: 5 | NC69: 共同生活援助 | NE69: 5 | NR69: 共同生活援助 | NT69: 5 | OG69: 共同生活援助 | OI69: 5 | OV69: 共同生活援助 | OX69: 5 | PK69: 共同生活援助 | PM69: 5 | PZ69: 共同生活援助 | QB69: 5
G70: 短期入所 | I70: 6 | V70: 短期入所 | X70: 6 | AK70: 短期入所 | AM70: 6 | AZ70: 短期入所 | BB70: 6 | BO70: 短期入所 | BQ70: 6 | CD70: 短期入所 | CF70: 6 | CS70: 短期入所 | CU70: 6 | DH70: 短期入所 | DJ70: 6 | DW70: 短期入所 | DY70: 6 | EL70: 短期入所 | EN70: 6 | FA70: 短期入所 | FC70: 6 | FP70: 短期入所 | FR70: 6 | GE70: 短期入所 | GG70: 6 | GT70: 短期入所 | GV70: 6 | HI70: 短期入所 | HK70: 6 | HX70: 短期入所 | HZ70: 6 | IM70: 短期入所 | IO70: 6 | JB70: 短期入所 | JD70: 6 | JQ70: 短期入所 | JS70: 6 | KF70: 短期入所 | KH70: 6 | KU70: 短期入所 | KW70: 6 | LJ70: 短期入所 | LL70: 6 | LY70: 短期入所 | MA70: 6 | MN70: 短期入所 | MP70: 6 | NC70: 短期入所 | NE70: 6 | NR70: 短期入所 | NT70: 6 | OG70: 短期入所 | OI70: 6 | OV70: 短期入所 | OX70: 6 | PK70: 短期入所 | PM70: 6 | PZ70: 短期入所 | QB70: 6
E71: 通所系 | G71: 生活介護 | I71: 7 | T71: 通所系 | V71: 生活介護 | X71: 7 | AI71: 通所系 | AK71: 生活介護 | AM71: 7 | AX71: 通所系 | AZ71: 生活介護 | BB71: 7 | BM71: 通所系 | BO71: 生活介護 | BQ71: 7 | CB71: 通所系 | CD71: 生活介護 | CF71: 7 | CQ71: 通所系 | CS71: 生活介護 | CU71: 7 | DF71: 通所系 | DH71: 生活介護 | DJ71: 7 | DU71: 通所系 | DW71: 生活介護 | DY71: 7 | EJ71: 通所系 | EL71: 生活介護 | EN71: 7 | EY71: 通所系 | FA71: 生活介護 | FC71: 7 | FN71: 通所系 | FP71: 生活介護 | FR71: 7 | GC71: 通所系 | GE71: 生活介護 | GG71: 7 | GR71: 通所系 | GT71: 生活介護 | GV71: 7 | HG71: 通所系 | HI71: 生活介護 | HK71: 7 | HV71: 通所系 | HX71: 生活介護 | HZ71: 7 | IK71: 通所系 | IM71: 生活介護 | IO71: 7 | IZ71: 通所系 | JB71: 生活介護 | JD71: 7 | JO71: 通所系 | JQ71: 生活介護 | JS71: 7 | KD71: 通所系 | KF71: 生活介護 | KH71: 7 | KS71: 通所系 | KU71: 生活介護 | KW71: 7 | LH71: 通所系 | LJ71: 生活介護 | LL71: 7 | LW71: 通所系 | LY71: 生活介護 | MA71: 7 | ML71: 通所系 | MN71: 生活介護 | MP71: 7 | NA71: 通所系 | NC71: 生活介護 | NE71: 7 | NP71: 通所系 | NR71: 生活介護 | NT71: 7 | OE71: 通所系 | OG71: 生活介護 | OI71: 7 | OT71: 通所系 | OV71: 生活介護 | OX71: 7 | PI71: 通所系 | PK71: 生活介護 | PM71: 7 | PX71: 通所系 | PZ71: 生活介護 | QB71: 7
G72: 宿泊型自立訓練 | I72: 8 | V72: 宿泊型自立訓練 | X72: 8 | AK72: 宿泊型自立訓練 | AM72: 8 | AZ72: 宿泊型自立訓練 | BB72: 8 | BO72: 宿泊型自立訓練 | BQ72: 8 | CD72: 宿泊型自立訓練 | CF72: 8 | CS72: 宿泊型自立訓練 | CU72: 8 | DH72: 宿泊型自立訓練 | DJ72: 8 | DW72: 宿泊型自立訓練 | DY72: 8 | EL72: 宿泊型自立訓練 | EN72: 8 | FA72: 宿泊型自立訓練 | FC72: 8 | FP72: 宿泊型自立訓練 | FR72: 8 | GE72: 宿泊型自立訓練 | GG72: 8 | GT72: 宿泊型自立訓練 | GV72: 8 | HI72: 宿泊型自立訓練 | HK72: 8 | HX72: 宿泊型自立訓練 | HZ72: 8 | IM72: 宿泊型自立訓練 | IO72: 8 | JB72: 宿泊型自立訓練 | JD72: 8 | JQ72: 宿泊型自立訓練 | JS72: 8 | KF72: 宿泊型自立訓練 | KH72: 8 | KU72: 宿泊型自立訓練 | KW72: 8 | LJ72: 宿泊型自立訓練 | LL72: 8 | LY72: 宿泊型自立訓練 | MA72: 8 | MN72: 宿泊型自立訓練 | MP72: 8 | NC72: 宿泊型自立訓練 | NE72: 8 | NR72: 宿泊型自立訓練 | NT72: 8 | OG72: 宿泊型自立訓練 | OI72: 8 | OV72: 宿泊型自立訓練 | OX72: 8 | PK72: 宿泊型自立訓練 | PM72: 8 | PZ72: 宿泊型自立訓練 | QB72: 8
G73: 自立訓練 | I73: 9 | V73: 自立訓練 | X73: 9 | AK73: 自立訓練 | AM73: 9 | AZ73: 自立訓練 | BB73: 9 | BO73: 自立訓練 | BQ73: 9 | CD73: 自立訓練 | CF73: 9 | CS73: 自立訓練 | CU73: 9 | DH73: 自立訓練 | DJ73: 9 | DW73: 自立訓練 | DY73: 9 | EL73: 自立訓練 | EN73: 9 | FA73: 自立訓練 | FC73: 9 | FP73: 自立訓練 | FR73: 9 | GE73: 自立訓練 | GG73: 9 | GT73: 自立訓練 | GV73: 9 | HI73: 自立訓練 | HK73: 9 | HX73: 自立訓練 | HZ73: 9 | IM73: 自立訓練 | IO73: 9 | JB73: 自立訓練 | JD73: 9 | JQ73: 自立訓練 | JS73: 9 | KF73: 自立訓練 | KH73: 9 | KU73: 自立訓練 | KW73: 9 | LJ73: 自立訓練 | LL73: 9 | LY73: 自立訓練 | MA73: 9 | MN73: 自立訓練 | MP73: 9 | NC73: 自立訓練 | NE73: 9 | NR73: 自立訓練 | NT73: 9 | OG73: 自立訓練 | OI73: 9 | OV73: 自立訓練 | OX73: 9 | PK73: 自立訓練 | PM73: 9 | PZ73: 自立訓練 | QB73: 9
